 Dungeon Crawl Stone Soup version 0.31-a0-233-g139696dc86 (webtiles) character file.

Game seed: 998390877698337687

60 qw the Shooter (level 4, 20/20 HPs)
             Began as a Gargoyle Hexslinger on July 8, 2023.
             Quit the game on level 3 of the Dungeon.
             The game lasted 00:59:10 (14233 turns).

qw the Shooter (Gargoyle Hexslinger)               Turns: 14233, Time: 00:59:10

Health: 20/20      AC:  9    Str: 12    XL:     4   Next: 6%
Magic:  5/5        EV: 10    Int: 13    God:
Gold:   85         SH:  0    Dex: 14    Spells: 4/5 levels left

rFire   + . .        Y - +2 sling
rCold   . . .        (no shield)
rNeg    + . .        f - +0 ring mail
rPois   inf          (no helmet)
rElec   +            (no cloak)
rCorr   .            e - +0 pair of gloves
SInv    .            (no boots)
Will    .....        (no amulet)
Stlth   +            h - ring of protection from fire
HPRegen 0.23/turn    (no ring)
MPRegen 0.09/turn

%: no passive effects
@: very slow
A: sickness immunity, AC +3, negative energy resistance 1, electricity
resistance, torment resistance 1, petrification resistance
a: no special abilities


You were on level 3 of the Dungeon.
You visited 1 branch of the dungeon, and saw 3 of its levels.

You collected 85 gold pieces.


Innate Abilities, Weirdness & Mutations

You are immune to sickness and miasma.
Your stone body is resilient. (AC +3)
You are immune to poison.
You resist negative energy. (rN+)
You are resistant to electric shocks. (rElec)
You are resistant to unholy torment.
You are immune to petrification.


   Skills:
 - Level 2.2 Fighting
 - Level 3.7 Ranged Weapons
 + Level 0.0 Armour
 - Level 1.5 Dodging
 - Level 1.0 Spellcasting
 - Level 2.6 Hexes


You had 4 spell levels left.
You knew the following spells:

 Your Spells              Type           Power      Damage    Failure   Level
a - Slow                  Hex            28%        N/A       22%         1

Your spell library contained the following spells:

 Spells                   Type           Power      Damage    Failure   Level
 Inner Flame              Hex/Fire       4%         N/A       73%         3
 Portal Projectile        Hex/Tloc       8%         N/A       73%         3
 Cause Fear               Hex            3%         N/A       91%         4

Inventory:

Hand Weapons
 Y - a +2 sling (weapon)
Armour
 e - a +0 pair of gloves (worn)
 f - a +0 ring mail (worn)
Jewellery
 h - a ring of protection from fire (left hand)
Scrolls
 a - a scroll of identify
Potions
 g - a potion of berserk rage {unknown}

Dungeon Overview and Level Annotations

Branches:
Dungeon (2/15)

Altars:


Message History

Moving in this stuff is going to be slow.
There is a collapsed entrance here.
Enter note:
Enter note:
14220 ||| Stepping randomly (stuck).
You enter the shallow water.
Moving in this stuff is going to be slow.
There is a collapsed entrance here.
Enter note:
Enter note:
14222 ||| Stepping randomly (stuck).
You enter the shallow water.
Moving in this stuff is going to be slow.
There is a collapsed entrance here.
Enter note:
Enter note:
14224 ||| Stepping randomly (stuck).
You enter the shallow water.
Moving in this stuff is going to be slow.
There is a collapsed entrance here.
Enter note:
Enter note:
14226 ||| Stepping randomly (stuck).
You enter the shallow water.
Moving in this stuff is going to be slow.
There is a collapsed entrance here.
Enter note:
Enter note:
14228 ||| Stepping randomly (stuck).
You enter the shallow water.
Moving in this stuff is going to be slow.
There is a collapsed entrance here.
Enter note:
Enter note:
14230 ||| Stepping randomly (stuck).
You enter the shallow water.
Moving in this stuff is going to be slow.
There is a collapsed entrance here.
Enter note:
Enter note:
14232 ||| Stepping randomly (stuck).
You enter the shallow water.
Moving in this stuff is going to be slow.
Zot's power touches on you...
14233 ||| RIP SEWER
14233 ||| QUITTING!
Are you sure you want to abandon this character and quit the game? (Confirm with "yes".)

###..# #.# #..#
#######.# #..#
#.......# #..#
#.###.).# #..# #.#
#.### #..# #.# #.#
#..# #.###.###
#..# ### #.##.....
#..#
#@########.##..###
###..#
#.#........(#..#
.....#
#~#.######..#..###
.....# #~#.#
#..#.....
.....#######
#~#.######..#.####
#...........
#~#...............
###.########
#~###########.####
#..# #~# #.# ##.#
#!# #.#


There were no monsters in sight!

Vanquished Creatures
  2 adders
  A dart slug (D:3)
  4 endoplasms
  2 giant cockroaches
  3 goblins
  6 hobgoblins
  7 kobolds
  4 ball pythons (D:1)
  5 bats
  2 frilled lizards
  3 rats
39 creatures vanquished.

Notes
Turn   | Place    | Note
-------+----------+-------------------------------------------
     0 | D:1      | qw the Gargoyle Hexslinger began the quest for the Orb.
     0 | D:1      | Reached XP level 1. HP: 12/12 MP: 2/2
     0 | D:1      | 0 ||| qw: Version: 0.3-a-46-gb1f654a
     0 | D:1      | 0 ||| qw: Game counter: 3472
     0 | D:1      | 0 ||| qw: Melee chars always use a shield: true
     0 | D:1      | 0 ||| qw: God list: Okawaru
     0 | D:1      | 0 ||| qw: Allow faded altars: false
     0 | D:1      | 0 ||| qw: Do Orc after clearing Dungeon:15 true
     0 | D:1      | 0 ||| qw: Do second Lair branch before Depths: true
     0 | D:1      | 0 ||| qw: Lair rune preference: random
     0 | D:1      | 0 ||| qw: Goals: Normal
     0 | D:1      | 0 ||| PLANNING D:1-11
   241 | D:1      | Reached XP level 2. HP: 16/16 MP: 3/3
   380 | D:1      | Found a faded altar of an unknown god.
   400 | D:1      | Reached skill level 3 in Ranged Weapons
   745 | D:1      | 745 ||| FLEEEEING.
   938 | D:1      | 938 ||| UPGRADING to +0 pair of gloves.
   943 | D:1      | 943 ||| READING scroll labelled PUAT RIMUOD.
   944 | D:1      | 944 ||| READING scroll labelled JOTISU BUHI.
  1045 | D:1      | 1045 ||| READING scroll labelled ASTRAM CUUCK.
  1046 | D:1      | 1046 ||| DROPPING scroll of poison.
  1098 | D:2      | Reached XP level 3. HP: 21/21 MP: 4/4
  1101 | D:2      | You fall into a shaft and drop 1 floor!
  1102 | D:3      | 1102 ||| PLANNING SEWER
  1752 | D:3      | Reached XP level 4. HP: 26/26 MP: 5/5
  1754 | D:3      | Found a glowing drain.
  1755 | D:3      | 1755 ||| UPGRADING to +0 ring mail.
  1765 | D:3      | 1765 ||| DROPPING +0 robe.
  1766 | D:3      | 1766 ||| UPGRADING to ring of protection from fire.
  1767 | D:3      | 1767 ||| READING scroll labelled ANKOLEGAMA.
  1768 | D:3      | 1768 ||| READING scroll labelled YWIMUOWKORE.
  1769 | D:3      | 1769 ||| READING 2 scrolls of identify.
  1769 | D:3      | 1769 ||| IDENTIFYING bubbling emerald potion
  1770 | D:3      | 1770 ||| DROPPING potion of lignification.
  1778 | D:3      | 1778 ||| Stepping randomly (stuck).
  1780 | D:3      | 1780 ||| Stepping randomly (stuck).
  1782 | D:3      | 1782 ||| Stepping randomly (stuck).
  1784 | D:3      | 1784 ||| Stepping randomly (stuck).
  1786 | D:3      | 1786 ||| Stepping randomly (stuck).
  1788 | D:3      | 1788 ||| Stepping randomly (stuck).
  1790 | D:3      | 1790 ||| Stepping randomly (stuck).
  1792 | D:3      | 1792 ||| Stepping randomly (stuck).
  1794 | D:3      | 1794 ||| Stepping randomly (stuck).
  1796 | D:3      | 1796 ||| Stepping randomly (stuck).
  1798 | D:3      | 1798 ||| Stepping randomly (stuck).
  1800 | D:3      | 1800 ||| Stepping randomly (stuck).
  1802 | D:3      | 1802 ||| Stepping randomly (stuck).
  1804 | D:3      | 1804 ||| Stepping randomly (stuck).
  1806 | D:3      | 1806 ||| Stepping randomly (stuck).
  1808 | D:3      | 1808 ||| Stepping randomly (stuck).
  1810 | D:3      | 1810 ||| Stepping randomly (stuck).
  1812 | D:3      | 1812 ||| Stepping randomly (stuck).
  1814 | D:3      | 1814 ||| Stepping randomly (stuck).
  1816 | D:3      | 1816 ||| Stepping randomly (stuck).
  1818 | D:3      | 1818 ||| Stepping randomly (stuck).
  1820 | D:3      | 1820 ||| Stepping randomly (stuck).
  1822 | D:3      | 1822 ||| Stepping randomly (stuck).
  1824 | D:3      | 1824 ||| Stepping randomly (stuck).
  1826 | D:3      | 1826 ||| Stepping randomly (stuck).
  1828 | D:3      | 1828 ||| Stepping randomly (stuck).
  1830 | D:3      | 1830 ||| Stepping randomly (stuck).
  1832 | D:3      | 1832 ||| Stepping randomly (stuck).
  1834 | D:3      | 1834 ||| Stepping randomly (stuck).
  1836 | D:3      | 1836 ||| Stepping randomly (stuck).
  1838 | D:3      | 1838 ||| Stepping randomly (stuck).
  1840 | D:3      | 1840 ||| Stepping randomly (stuck).
  1842 | D:3      | 1842 ||| Stepping randomly (stuck).
  1844 | D:3      | 1844 ||| Stepping randomly (stuck).
  1846 | D:3      | 1846 ||| Stepping randomly (stuck).
  1848 | D:3      | 1848 ||| Stepping randomly (stuck).
  1850 | D:3      | 1850 ||| Stepping randomly (stuck).
  1852 | D:3      | 1852 ||| Stepping randomly (stuck).
  1854 | D:3      | 1854 ||| Stepping randomly (stuck).
  1856 | D:3      | 1856 ||| Stepping randomly (stuck).
  1858 | D:3      | 1858 ||| Stepping randomly (stuck).
  1860 | D:3      | 1860 ||| Stepping randomly (stuck).
  1862 | D:3      | 1862 ||| Stepping randomly (stuck).
  1864 | D:3      | 1864 ||| Stepping randomly (stuck).
  1866 | D:3      | 1866 ||| Stepping randomly (stuck).
  1868 | D:3      | 1868 ||| Stepping randomly (stuck).
  1870 | D:3      | 1870 ||| Stepping randomly (stuck).
  1872 | D:3      | 1872 ||| Stepping randomly (stuck).
  1874 | D:3      | 1874 ||| Stepping randomly (stuck).
  1876 | D:3      | 1876 ||| Stepping randomly (stuck).
  1878 | D:3      | 1878 ||| Stepping randomly (stuck).
  1880 | D:3      | 1880 ||| Stepping randomly (stuck).
  1882 | D:3      | 1882 ||| Stepping randomly (stuck).
  1884 | D:3      | 1884 ||| Stepping randomly (stuck).
  1886 | D:3      | 1886 ||| Stepping randomly (stuck).
  1888 | D:3      | 1888 ||| Stepping randomly (stuck).
  1890 | D:3      | 1890 ||| Stepping randomly (stuck).
  1892 | D:3      | 1892 ||| Stepping randomly (stuck).
  1894 | D:3      | 1894 ||| Stepping randomly (stuck).
  1896 | D:3      | 1896 ||| Stepping randomly (stuck).
  1898 | D:3      | 1898 ||| Stepping randomly (stuck).
  1900 | D:3      | 1900 ||| Stepping randomly (stuck).
  1902 | D:3      | 1902 ||| Stepping randomly (stuck).
  1904 | D:3      | 1904 ||| Stepping randomly (stuck).
  1906 | D:3      | 1906 ||| Stepping randomly (stuck).
  1908 | D:3      | 1908 ||| Stepping randomly (stuck).
  1910 | D:3      | 1910 ||| Stepping randomly (stuck).
  1912 | D:3      | 1912 ||| Stepping randomly (stuck).
  1914 | D:3      | 1914 ||| Stepping randomly (stuck).
  1916 | D:3      | 1916 ||| Stepping randomly (stuck).
  1918 | D:3      | 1918 ||| Stepping randomly (stuck).
  1920 | D:3      | 1920 ||| Stepping randomly (stuck).
  1922 | D:3      | 1922 ||| Stepping randomly (stuck).
  1924 | D:3      | 1924 ||| Stepping randomly (stuck).
  1926 | D:3      | 1926 ||| Stepping randomly (stuck).
  1928 | D:3      | 1928 ||| Stepping randomly (stuck).
  1930 | D:3      | 1930 ||| Stepping randomly (stuck).
  1932 | D:3      | 1932 ||| Stepping randomly (stuck).
  1934 | D:3      | 1934 ||| Stepping randomly (stuck).
  1936 | D:3      | 1936 ||| Stepping randomly (stuck).
  1938 | D:3      | 1938 ||| Stepping randomly (stuck).
  1940 | D:3      | 1940 ||| Stepping randomly (stuck).
  1942 | D:3      | 1942 ||| Stepping randomly (stuck).
  1944 | D:3      | 1944 ||| Stepping randomly (stuck).
  1946 | D:3      | 1946 ||| Stepping randomly (stuck).
  1948 | D:3      | 1948 ||| Stepping randomly (stuck).
  1950 | D:3      | 1950 ||| Stepping randomly (stuck).
  1952 | D:3      | 1952 ||| Stepping randomly (stuck).
  1954 | D:3      | 1954 ||| Stepping randomly (stuck).
  1956 | D:3      | 1956 ||| Stepping randomly (stuck).
  1958 | D:3      | 1958 ||| Stepping randomly (stuck).
  1960 | D:3      | 1960 ||| Stepping randomly (stuck).
  1962 | D:3      | 1962 ||| Stepping randomly (stuck).
  1964 | D:3      | 1964 ||| Stepping randomly (stuck).
  1966 | D:3      | 1966 ||| Stepping randomly (stuck).
  1968 | D:3      | 1968 ||| Stepping randomly (stuck).
  1970 | D:3      | 1970 ||| Stepping randomly (stuck).
  1972 | D:3      | 1972 ||| Stepping randomly (stuck).
  1974 | D:3      | 1974 ||| Stepping randomly (stuck).
  1976 | D:3      | 1976 ||| Stepping randomly (stuck).
  1978 | D:3      | 1978 ||| Stepping randomly (stuck).
  1980 | D:3      | 1980 ||| Stepping randomly (stuck).
  1982 | D:3      | 1982 ||| Stepping randomly (stuck).
  1984 | D:3      | 1984 ||| Stepping randomly (stuck).
  1986 | D:3      | 1986 ||| Stepping randomly (stuck).
  1988 | D:3      | 1988 ||| Stepping randomly (stuck).
  1990 | D:3      | 1990 ||| Stepping randomly (stuck).
  1992 | D:3      | 1992 ||| Stepping randomly (stuck).
  1994 | D:3      | 1994 ||| Stepping randomly (stuck).
  1996 | D:3      | 1996 ||| Stepping randomly (stuck).
  1998 | D:3      | 1998 ||| Stepping randomly (stuck).
  2000 | D:3      | 2000 ||| Stepping randomly (stuck).
  2002 | D:3      | 2002 ||| Stepping randomly (stuck).
  2004 | D:3      | 2004 ||| Stepping randomly (stuck).
  2006 | D:3      | 2006 ||| Stepping randomly (stuck).
  2008 | D:3      | 2008 ||| Stepping randomly (stuck).
  2010 | D:3      | 2010 ||| Stepping randomly (stuck).
  2012 | D:3      | 2012 ||| Stepping randomly (stuck).
  2014 | D:3      | 2014 ||| Stepping randomly (stuck).
  2016 | D:3      | 2016 ||| Stepping randomly (stuck).
  2018 | D:3      | 2018 ||| Stepping randomly (stuck).
  2020 | D:3      | 2020 ||| Stepping randomly (stuck).
  2022 | D:3      | 2022 ||| Stepping randomly (stuck).
  2024 | D:3      | 2024 ||| Stepping randomly (stuck).
  2026 | D:3      | 2026 ||| Stepping randomly (stuck).
  2028 | D:3      | 2028 ||| Stepping randomly (stuck).
  2030 | D:3      | 2030 ||| Stepping randomly (stuck).
  2032 | D:3      | 2032 ||| Stepping randomly (stuck).
  2034 | D:3      | 2034 ||| Stepping randomly (stuck).
  2036 | D:3      | 2036 ||| Stepping randomly (stuck).
  2038 | D:3      | 2038 ||| Stepping randomly (stuck).
  2040 | D:3      | 2040 ||| Stepping randomly (stuck).
  2042 | D:3      | 2042 ||| Stepping randomly (stuck).
  2044 | D:3      | 2044 ||| Stepping randomly (stuck).
  2046 | D:3      | 2046 ||| Stepping randomly (stuck).
  2048 | D:3      | 2048 ||| Stepping randomly (stuck).
  2050 | D:3      | 2050 ||| Stepping randomly (stuck).
  2052 | D:3      | 2052 ||| Stepping randomly (stuck).
  2054 | D:3      | 2054 ||| Stepping randomly (stuck).
  2056 | D:3      | 2056 ||| Stepping randomly (stuck).
  2058 | D:3      | 2058 ||| Stepping randomly (stuck).
  2060 | D:3      | 2060 ||| Stepping randomly (stuck).
  2062 | D:3      | 2062 ||| Stepping randomly (stuck).
  2064 | D:3      | 2064 ||| Stepping randomly (stuck).
  2066 | D:3      | 2066 ||| Stepping randomly (stuck).
  2068 | D:3      | 2068 ||| Stepping randomly (stuck).
  2070 | D:3      | 2070 ||| Stepping randomly (stuck).
  2072 | D:3      | 2072 ||| Stepping randomly (stuck).
  2074 | D:3      | 2074 ||| Stepping randomly (stuck).
  2076 | D:3      | 2076 ||| Stepping randomly (stuck).
  2078 | D:3      | 2078 ||| Stepping randomly (stuck).
  2080 | D:3      | 2080 ||| Stepping randomly (stuck).
  2082 | D:3      | 2082 ||| Stepping randomly (stuck).
  2084 | D:3      | 2084 ||| Stepping randomly (stuck).
  2086 | D:3      | 2086 ||| Stepping randomly (stuck).
  2088 | D:3      | 2088 ||| Stepping randomly (stuck).
  2090 | D:3      | 2090 ||| Stepping randomly (stuck).
  2092 | D:3      | 2092 ||| Stepping randomly (stuck).
  2094 | D:3      | 2094 ||| Stepping randomly (stuck).
  2096 | D:3      | 2096 ||| Stepping randomly (stuck).
  2098 | D:3      | 2098 ||| Stepping randomly (stuck).
  2100 | D:3      | 2100 ||| Stepping randomly (stuck).
  2102 | D:3      | 2102 ||| Stepping randomly (stuck).
  2104 | D:3      | 2104 ||| Stepping randomly (stuck).
  2106 | D:3      | 2106 ||| Stepping randomly (stuck).
  2108 | D:3      | 2108 ||| Stepping randomly (stuck).
  2110 | D:3      | 2110 ||| Stepping randomly (stuck).
  2112 | D:3      | 2112 ||| Stepping randomly (stuck).
  2114 | D:3      | 2114 ||| Stepping randomly (stuck).
  2116 | D:3      | 2116 ||| Stepping randomly (stuck).
  2118 | D:3      | 2118 ||| Stepping randomly (stuck).
  2120 | D:3      | 2120 ||| Stepping randomly (stuck).
  2122 | D:3      | 2122 ||| Stepping randomly (stuck).
  2124 | D:3      | 2124 ||| Stepping randomly (stuck).
  2126 | D:3      | 2126 ||| Stepping randomly (stuck).
  2128 | D:3      | 2128 ||| Stepping randomly (stuck).
  2130 | D:3      | 2130 ||| Stepping randomly (stuck).
  2132 | D:3      | 2132 ||| Stepping randomly (stuck).
  2134 | D:3      | 2134 ||| Stepping randomly (stuck).
  2136 | D:3      | 2136 ||| Stepping randomly (stuck).
  2138 | D:3      | 2138 ||| Stepping randomly (stuck).
  2140 | D:3      | 2140 ||| Stepping randomly (stuck).
  2142 | D:3      | 2142 ||| Stepping randomly (stuck).
  2144 | D:3      | 2144 ||| Stepping randomly (stuck).
  2146 | D:3      | 2146 ||| Stepping randomly (stuck).
  2148 | D:3      | 2148 ||| Stepping randomly (stuck).
  2150 | D:3      | 2150 ||| Stepping randomly (stuck).
  2152 | D:3      | 2152 ||| Stepping randomly (stuck).
  2154 | D:3      | 2154 ||| Stepping randomly (stuck).
  2156 | D:3      | 2156 ||| Stepping randomly (stuck).
  2158 | D:3      | 2158 ||| Stepping randomly (stuck).
  2160 | D:3      | 2160 ||| Stepping randomly (stuck).
  2162 | D:3      | 2162 ||| Stepping randomly (stuck).
  2164 | D:3      | 2164 ||| Stepping randomly (stuck).
  2166 | D:3      | 2166 ||| Stepping randomly (stuck).
  2168 | D:3      | 2168 ||| Stepping randomly (stuck).
  2170 | D:3      | 2170 ||| Stepping randomly (stuck).
  2172 | D:3      | 2172 ||| Stepping randomly (stuck).
  2174 | D:3      | 2174 ||| Stepping randomly (stuck).
  2176 | D:3      | 2176 ||| Stepping randomly (stuck).
  2178 | D:3      | 2178 ||| Stepping randomly (stuck).
  2180 | D:3      | 2180 ||| Stepping randomly (stuck).
  2182 | D:3      | 2182 ||| Stepping randomly (stuck).
  2184 | D:3      | 2184 ||| Stepping randomly (stuck).
  2186 | D:3      | 2186 ||| Stepping randomly (stuck).
  2188 | D:3      | 2188 ||| Stepping randomly (stuck).
  2190 | D:3      | 2190 ||| Stepping randomly (stuck).
  2192 | D:3      | 2192 ||| Stepping randomly (stuck).
  2194 | D:3      | 2194 ||| Stepping randomly (stuck).
  2196 | D:3      | 2196 ||| Stepping randomly (stuck).
  2198 | D:3      | 2198 ||| Stepping randomly (stuck).
  2200 | D:3      | 2200 ||| Stepping randomly (stuck).
  2202 | D:3      | 2202 ||| Stepping randomly (stuck).
  2204 | D:3      | 2204 ||| Stepping randomly (stuck).
  2206 | D:3      | 2206 ||| Stepping randomly (stuck).
  2208 | D:3      | 2208 ||| Stepping randomly (stuck).
  2210 | D:3      | 2210 ||| Stepping randomly (stuck).
  2212 | D:3      | 2212 ||| Stepping randomly (stuck).
  2214 | D:3      | 2214 ||| Stepping randomly (stuck).
  2216 | D:3      | 2216 ||| Stepping randomly (stuck).
  2218 | D:3      | 2218 ||| Stepping randomly (stuck).
  2220 | D:3      | 2220 ||| Stepping randomly (stuck).
  2222 | D:3      | 2222 ||| Stepping randomly (stuck).
  2224 | D:3      | 2224 ||| Stepping randomly (stuck).
  2226 | D:3      | 2226 ||| Stepping randomly (stuck).
  2228 | D:3      | 2228 ||| Stepping randomly (stuck).
  2230 | D:3      | 2230 ||| Stepping randomly (stuck).
  2232 | D:3      | 2232 ||| Stepping randomly (stuck).
  2234 | D:3      | 2234 ||| Stepping randomly (stuck).
  2236 | D:3      | 2236 ||| Stepping randomly (stuck).
  2238 | D:3      | 2238 ||| Stepping randomly (stuck).
  2240 | D:3      | 2240 ||| Stepping randomly (stuck).
  2242 | D:3      | 2242 ||| Stepping randomly (stuck).
  2244 | D:3      | 2244 ||| Stepping randomly (stuck).
  2246 | D:3      | 2246 ||| Stepping randomly (stuck).
  2248 | D:3      | 2248 ||| Stepping randomly (stuck).
  2250 | D:3      | 2250 ||| Stepping randomly (stuck).
  2252 | D:3      | 2252 ||| Stepping randomly (stuck).
  2254 | D:3      | 2254 ||| Stepping randomly (stuck).
  2256 | D:3      | 2256 ||| Stepping randomly (stuck).
  2258 | D:3      | 2258 ||| Stepping randomly (stuck).
  2260 | D:3      | 2260 ||| Stepping randomly (stuck).
  2262 | D:3      | 2262 ||| Stepping randomly (stuck).
  2264 | D:3      | 2264 ||| Stepping randomly (stuck).
  2266 | D:3      | 2266 ||| Stepping randomly (stuck).
  2268 | D:3      | 2268 ||| Stepping randomly (stuck).
  2270 | D:3      | 2270 ||| Stepping randomly (stuck).
  2272 | D:3      | 2272 ||| Stepping randomly (stuck).
  2274 | D:3      | 2274 ||| Stepping randomly (stuck).
  2276 | D:3      | 2276 ||| Stepping randomly (stuck).
  2278 | D:3      | 2278 ||| Stepping randomly (stuck).
  2280 | D:3      | 2280 ||| Stepping randomly (stuck).
  2282 | D:3      | 2282 ||| Stepping randomly (stuck).
  2284 | D:3      | 2284 ||| Stepping randomly (stuck).
  2286 | D:3      | 2286 ||| Stepping randomly (stuck).
  2288 | D:3      | 2288 ||| Stepping randomly (stuck).
  2290 | D:3      | 2290 ||| Stepping randomly (stuck).
  2292 | D:3      | 2292 ||| Stepping randomly (stuck).
  2294 | D:3      | 2294 ||| Stepping randomly (stuck).
  2296 | D:3      | 2296 ||| Stepping randomly (stuck).
  2298 | D:3      | 2298 ||| Stepping randomly (stuck).
  2300 | D:3      | 2300 ||| Stepping randomly (stuck).
  2302 | D:3      | 2302 ||| Stepping randomly (stuck).
  2304 | D:3      | 2304 ||| Stepping randomly (stuck).
  2306 | D:3      | 2306 ||| Stepping randomly (stuck).
  2308 | D:3      | 2308 ||| Stepping randomly (stuck).
  2310 | D:3      | 2310 ||| Stepping randomly (stuck).
  2312 | D:3      | 2312 ||| Stepping randomly (stuck).
  2314 | D:3      | 2314 ||| Stepping randomly (stuck).
  2316 | D:3      | 2316 ||| Stepping randomly (stuck).
  2318 | D:3      | 2318 ||| Stepping randomly (stuck).
  2320 | D:3      | 2320 ||| Stepping randomly (stuck).
  2322 | D:3      | 2322 ||| Stepping randomly (stuck).
  2324 | D:3      | 2324 ||| Stepping randomly (stuck).
  2326 | D:3      | 2326 ||| Stepping randomly (stuck).
  2328 | D:3      | 2328 ||| Stepping randomly (stuck).
  2330 | D:3      | 2330 ||| Stepping randomly (stuck).
  2332 | D:3      | 2332 ||| Stepping randomly (stuck).
  2334 | D:3      | 2334 ||| Stepping randomly (stuck).
  2336 | D:3      | 2336 ||| Stepping randomly (stuck).
  2338 | D:3      | 2338 ||| Stepping randomly (stuck).
  2340 | D:3      | 2340 ||| Stepping randomly (stuck).
  2342 | D:3      | 2342 ||| Stepping randomly (stuck).
  2344 | D:3      | 2344 ||| Stepping randomly (stuck).
  2346 | D:3      | 2346 ||| Stepping randomly (stuck).
  2348 | D:3      | 2348 ||| Stepping randomly (stuck).
  2350 | D:3      | 2350 ||| Stepping randomly (stuck).
  2352 | D:3      | 2352 ||| Stepping randomly (stuck).
  2354 | D:3      | 2354 ||| Stepping randomly (stuck).
  2356 | D:3      | 2356 ||| Stepping randomly (stuck).
  2358 | D:3      | 2358 ||| Stepping randomly (stuck).
  2360 | D:3      | 2360 ||| Stepping randomly (stuck).
  2362 | D:3      | 2362 ||| Stepping randomly (stuck).
  2364 | D:3      | 2364 ||| Stepping randomly (stuck).
  2366 | D:3      | 2366 ||| Stepping randomly (stuck).
  2368 | D:3      | 2368 ||| Stepping randomly (stuck).
  2370 | D:3      | 2370 ||| Stepping randomly (stuck).
  2372 | D:3      | 2372 ||| Stepping randomly (stuck).
  2374 | D:3      | 2374 ||| Stepping randomly (stuck).
  2376 | D:3      | 2376 ||| Stepping randomly (stuck).
  2378 | D:3      | 2378 ||| Stepping randomly (stuck).
  2380 | D:3      | 2380 ||| Stepping randomly (stuck).
  2382 | D:3      | 2382 ||| Stepping randomly (stuck).
  2384 | D:3      | 2384 ||| Stepping randomly (stuck).
  2386 | D:3      | 2386 ||| Stepping randomly (stuck).
  2388 | D:3      | 2388 ||| Stepping randomly (stuck).
  2390 | D:3      | 2390 ||| Stepping randomly (stuck).
  2392 | D:3      | 2392 ||| Stepping randomly (stuck).
  2394 | D:3      | 2394 ||| Stepping randomly (stuck).
  2396 | D:3      | 2396 ||| Stepping randomly (stuck).
  2398 | D:3      | 2398 ||| Stepping randomly (stuck).
  2400 | D:3      | 2400 ||| Stepping randomly (stuck).
  2402 | D:3      | 2402 ||| Stepping randomly (stuck).
  2404 | D:3      | 2404 ||| Stepping randomly (stuck).
  2406 | D:3      | 2406 ||| Stepping randomly (stuck).
  2408 | D:3      | 2408 ||| Stepping randomly (stuck).
  2410 | D:3      | 2410 ||| Stepping randomly (stuck).
  2412 | D:3      | 2412 ||| Stepping randomly (stuck).
  2414 | D:3      | 2414 ||| Stepping randomly (stuck).
  2416 | D:3      | 2416 ||| Stepping randomly (stuck).
  2418 | D:3      | 2418 ||| Stepping randomly (stuck).
  2420 | D:3      | 2420 ||| Stepping randomly (stuck).
  2422 | D:3      | 2422 ||| Stepping randomly (stuck).
  2424 | D:3      | 2424 ||| Stepping randomly (stuck).
  2426 | D:3      | 2426 ||| Stepping randomly (stuck).
  2428 | D:3      | 2428 ||| Stepping randomly (stuck).
  2430 | D:3      | 2430 ||| Stepping randomly (stuck).
  2432 | D:3      | 2432 ||| Stepping randomly (stuck).
  2434 | D:3      | 2434 ||| Stepping randomly (stuck).
  2436 | D:3      | 2436 ||| Stepping randomly (stuck).
  2438 | D:3      | 2438 ||| Stepping randomly (stuck).
  2440 | D:3      | 2440 ||| Stepping randomly (stuck).
  2442 | D:3      | 2442 ||| Stepping randomly (stuck).
  2444 | D:3      | 2444 ||| Stepping randomly (stuck).
  2446 | D:3      | 2446 ||| Stepping randomly (stuck).
  2448 | D:3      | 2448 ||| Stepping randomly (stuck).
  2450 | D:3      | 2450 ||| Stepping randomly (stuck).
  2452 | D:3      | 2452 ||| Stepping randomly (stuck).
  2454 | D:3      | 2454 ||| Stepping randomly (stuck).
  2456 | D:3      | 2456 ||| Stepping randomly (stuck).
  2458 | D:3      | 2458 ||| Stepping randomly (stuck).
  2460 | D:3      | 2460 ||| Stepping randomly (stuck).
  2462 | D:3      | 2462 ||| Stepping randomly (stuck).
  2464 | D:3      | 2464 ||| Stepping randomly (stuck).
  2466 | D:3      | 2466 ||| Stepping randomly (stuck).
  2468 | D:3      | 2468 ||| Stepping randomly (stuck).
  2470 | D:3      | 2470 ||| Stepping randomly (stuck).
  2472 | D:3      | 2472 ||| Stepping randomly (stuck).
  2474 | D:3      | 2474 ||| Stepping randomly (stuck).
  2476 | D:3      | 2476 ||| Stepping randomly (stuck).
  2478 | D:3      | 2478 ||| Stepping randomly (stuck).
  2480 | D:3      | 2480 ||| Stepping randomly (stuck).
  2482 | D:3      | 2482 ||| Stepping randomly (stuck).
  2484 | D:3      | 2484 ||| Stepping randomly (stuck).
  2486 | D:3      | 2486 ||| Stepping randomly (stuck).
  2488 | D:3      | 2488 ||| Stepping randomly (stuck).
  2490 | D:3      | 2490 ||| Stepping randomly (stuck).
  2492 | D:3      | 2492 ||| Stepping randomly (stuck).
  2494 | D:3      | 2494 ||| Stepping randomly (stuck).
  2496 | D:3      | 2496 ||| Stepping randomly (stuck).
  2498 | D:3      | 2498 ||| Stepping randomly (stuck).
  2500 | D:3      | 2500 ||| Stepping randomly (stuck).
  2502 | D:3      | 2502 ||| Stepping randomly (stuck).
  2504 | D:3      | 2504 ||| Stepping randomly (stuck).
  2506 | D:3      | 2506 ||| Stepping randomly (stuck).
  2508 | D:3      | 2508 ||| Stepping randomly (stuck).
  2510 | D:3      | 2510 ||| Stepping randomly (stuck).
  2512 | D:3      | 2512 ||| Stepping randomly (stuck).
  2514 | D:3      | 2514 ||| Stepping randomly (stuck).
  2516 | D:3      | 2516 ||| Stepping randomly (stuck).
  2518 | D:3      | 2518 ||| Stepping randomly (stuck).
  2520 | D:3      | 2520 ||| Stepping randomly (stuck).
  2522 | D:3      | 2522 ||| Stepping randomly (stuck).
  2524 | D:3      | 2524 ||| Stepping randomly (stuck).
  2526 | D:3      | 2526 ||| Stepping randomly (stuck).
  2528 | D:3      | 2528 ||| Stepping randomly (stuck).
  2530 | D:3      | 2530 ||| Stepping randomly (stuck).
  2532 | D:3      | 2532 ||| Stepping randomly (stuck).
  2534 | D:3      | 2534 ||| Stepping randomly (stuck).
  2536 | D:3      | 2536 ||| Stepping randomly (stuck).
  2538 | D:3      | 2538 ||| Stepping randomly (stuck).
  2540 | D:3      | 2540 ||| Stepping randomly (stuck).
  2542 | D:3      | 2542 ||| Stepping randomly (stuck).
  2544 | D:3      | 2544 ||| Stepping randomly (stuck).
  2546 | D:3      | 2546 ||| Stepping randomly (stuck).
  2548 | D:3      | 2548 ||| Stepping randomly (stuck).
  2550 | D:3      | 2550 ||| Stepping randomly (stuck).
  2552 | D:3      | 2552 ||| Stepping randomly (stuck).
  2554 | D:3      | 2554 ||| Stepping randomly (stuck).
  2556 | D:3      | 2556 ||| Stepping randomly (stuck).
  2558 | D:3      | 2558 ||| Stepping randomly (stuck).
  2560 | D:3      | 2560 ||| Stepping randomly (stuck).
  2562 | D:3      | 2562 ||| Stepping randomly (stuck).
  2564 | D:3      | 2564 ||| Stepping randomly (stuck).
  2566 | D:3      | 2566 ||| Stepping randomly (stuck).
  2568 | D:3      | 2568 ||| Stepping randomly (stuck).
  2570 | D:3      | 2570 ||| Stepping randomly (stuck).
  2572 | D:3      | 2572 ||| Stepping randomly (stuck).
  2574 | D:3      | 2574 ||| Stepping randomly (stuck).
  2576 | D:3      | 2576 ||| Stepping randomly (stuck).
  2578 | D:3      | 2578 ||| Stepping randomly (stuck).
  2580 | D:3      | 2580 ||| Stepping randomly (stuck).
  2582 | D:3      | 2582 ||| Stepping randomly (stuck).
  2584 | D:3      | 2584 ||| Stepping randomly (stuck).
  2586 | D:3      | 2586 ||| Stepping randomly (stuck).
  2588 | D:3      | 2588 ||| Stepping randomly (stuck).
  2590 | D:3      | 2590 ||| Stepping randomly (stuck).
  2592 | D:3      | 2592 ||| Stepping randomly (stuck).
  2594 | D:3      | 2594 ||| Stepping randomly (stuck).
  2596 | D:3      | 2596 ||| Stepping randomly (stuck).
  2598 | D:3      | 2598 ||| Stepping randomly (stuck).
  2600 | D:3      | 2600 ||| Stepping randomly (stuck).
  2602 | D:3      | 2602 ||| Stepping randomly (stuck).
  2604 | D:3      | 2604 ||| Stepping randomly (stuck).
  2606 | D:3      | 2606 ||| Stepping randomly (stuck).
  2608 | D:3      | 2608 ||| Stepping randomly (stuck).
  2610 | D:3      | 2610 ||| Stepping randomly (stuck).
  2612 | D:3      | 2612 ||| Stepping randomly (stuck).
  2614 | D:3      | 2614 ||| Stepping randomly (stuck).
  2616 | D:3      | 2616 ||| Stepping randomly (stuck).
  2618 | D:3      | 2618 ||| Stepping randomly (stuck).
  2620 | D:3      | 2620 ||| Stepping randomly (stuck).
  2622 | D:3      | 2622 ||| Stepping randomly (stuck).
  2624 | D:3      | 2624 ||| Stepping randomly (stuck).
  2626 | D:3      | 2626 ||| Stepping randomly (stuck).
  2628 | D:3      | 2628 ||| Stepping randomly (stuck).
  2630 | D:3      | 2630 ||| Stepping randomly (stuck).
  2632 | D:3      | 2632 ||| Stepping randomly (stuck).
  2634 | D:3      | 2634 ||| Stepping randomly (stuck).
  2636 | D:3      | 2636 ||| Stepping randomly (stuck).
  2638 | D:3      | 2638 ||| Stepping randomly (stuck).
  2640 | D:3      | 2640 ||| Stepping randomly (stuck).
  2642 | D:3      | 2642 ||| Stepping randomly (stuck).
  2644 | D:3      | 2644 ||| Stepping randomly (stuck).
  2646 | D:3      | 2646 ||| Stepping randomly (stuck).
  2648 | D:3      | 2648 ||| Stepping randomly (stuck).
  2650 | D:3      | 2650 ||| Stepping randomly (stuck).
  2652 | D:3      | 2652 ||| Stepping randomly (stuck).
  2654 | D:3      | 2654 ||| Stepping randomly (stuck).
  2656 | D:3      | 2656 ||| Stepping randomly (stuck).
  2658 | D:3      | 2658 ||| Stepping randomly (stuck).
  2660 | D:3      | 2660 ||| Stepping randomly (stuck).
  2662 | D:3      | 2662 ||| Stepping randomly (stuck).
  2664 | D:3      | 2664 ||| Stepping randomly (stuck).
  2666 | D:3      | 2666 ||| Stepping randomly (stuck).
  2668 | D:3      | 2668 ||| Stepping randomly (stuck).
  2670 | D:3      | 2670 ||| Stepping randomly (stuck).
  2672 | D:3      | 2672 ||| Stepping randomly (stuck).
  2674 | D:3      | 2674 ||| Stepping randomly (stuck).
  2676 | D:3      | 2676 ||| Stepping randomly (stuck).
  2678 | D:3      | 2678 ||| Stepping randomly (stuck).
  2680 | D:3      | 2680 ||| Stepping randomly (stuck).
  2682 | D:3      | 2682 ||| Stepping randomly (stuck).
  2684 | D:3      | 2684 ||| Stepping randomly (stuck).
  2686 | D:3      | 2686 ||| Stepping randomly (stuck).
  2688 | D:3      | 2688 ||| Stepping randomly (stuck).
  2690 | D:3      | 2690 ||| Stepping randomly (stuck).
  2692 | D:3      | 2692 ||| Stepping randomly (stuck).
  2694 | D:3      | 2694 ||| Stepping randomly (stuck).
  2696 | D:3      | 2696 ||| Stepping randomly (stuck).
  2698 | D:3      | 2698 ||| Stepping randomly (stuck).
  2700 | D:3      | 2700 ||| Stepping randomly (stuck).
  2702 | D:3      | 2702 ||| Stepping randomly (stuck).
  2704 | D:3      | 2704 ||| Stepping randomly (stuck).
  2706 | D:3      | 2706 ||| Stepping randomly (stuck).
  2708 | D:3      | 2708 ||| Stepping randomly (stuck).
  2710 | D:3      | 2710 ||| Stepping randomly (stuck).
  2712 | D:3      | 2712 ||| Stepping randomly (stuck).
  2714 | D:3      | 2714 ||| Stepping randomly (stuck).
  2716 | D:3      | 2716 ||| Stepping randomly (stuck).
  2718 | D:3      | 2718 ||| Stepping randomly (stuck).
  2720 | D:3      | 2720 ||| Stepping randomly (stuck).
  2722 | D:3      | 2722 ||| Stepping randomly (stuck).
  2724 | D:3      | 2724 ||| Stepping randomly (stuck).
  2726 | D:3      | 2726 ||| Stepping randomly (stuck).
  2728 | D:3      | 2728 ||| Stepping randomly (stuck).
  2730 | D:3      | 2730 ||| Stepping randomly (stuck).
  2732 | D:3      | 2732 ||| Stepping randomly (stuck).
  2734 | D:3      | 2734 ||| Stepping randomly (stuck).
  2736 | D:3      | 2736 ||| Stepping randomly (stuck).
  2738 | D:3      | 2738 ||| Stepping randomly (stuck).
  2740 | D:3      | 2740 ||| Stepping randomly (stuck).
  2742 | D:3      | 2742 ||| Stepping randomly (stuck).
  2744 | D:3      | 2744 ||| Stepping randomly (stuck).
  2746 | D:3      | 2746 ||| Stepping randomly (stuck).
  2748 | D:3      | 2748 ||| Stepping randomly (stuck).
  2750 | D:3      | 2750 ||| Stepping randomly (stuck).
  2752 | D:3      | 2752 ||| Stepping randomly (stuck).
  2754 | D:3      | 2754 ||| Stepping randomly (stuck).
  2756 | D:3      | 2756 ||| Stepping randomly (stuck).
  2758 | D:3      | 2758 ||| Stepping randomly (stuck).
  2760 | D:3      | 2760 ||| Stepping randomly (stuck).
  2762 | D:3      | 2762 ||| Stepping randomly (stuck).
  2764 | D:3      | 2764 ||| Stepping randomly (stuck).
  2766 | D:3      | 2766 ||| Stepping randomly (stuck).
  2768 | D:3      | 2768 ||| Stepping randomly (stuck).
  2770 | D:3      | 2770 ||| Stepping randomly (stuck).
  2772 | D:3      | 2772 ||| Stepping randomly (stuck).
  2774 | D:3      | 2774 ||| Stepping randomly (stuck).
  2776 | D:3      | 2776 ||| Stepping randomly (stuck).
  2778 | D:3      | 2778 ||| Stepping randomly (stuck).
  2780 | D:3      | 2780 ||| Stepping randomly (stuck).
  2782 | D:3      | 2782 ||| Stepping randomly (stuck).
  2784 | D:3      | 2784 ||| Stepping randomly (stuck).
  2786 | D:3      | 2786 ||| Stepping randomly (stuck).
  2788 | D:3      | 2788 ||| Stepping randomly (stuck).
  2790 | D:3      | 2790 ||| Stepping randomly (stuck).
  2792 | D:3      | 2792 ||| Stepping randomly (stuck).
  2794 | D:3      | 2794 ||| Stepping randomly (stuck).
  2796 | D:3      | 2796 ||| Stepping randomly (stuck).
  2798 | D:3      | 2798 ||| Stepping randomly (stuck).
  2800 | D:3      | 2800 ||| Stepping randomly (stuck).
  2802 | D:3      | 2802 ||| Stepping randomly (stuck).
  2804 | D:3      | 2804 ||| Stepping randomly (stuck).
  2806 | D:3      | 2806 ||| Stepping randomly (stuck).
  2808 | D:3      | 2808 ||| Stepping randomly (stuck).
  2810 | D:3      | 2810 ||| Stepping randomly (stuck).
  2812 | D:3      | 2812 ||| Stepping randomly (stuck).
  2814 | D:3      | 2814 ||| Stepping randomly (stuck).
  2816 | D:3      | 2816 ||| Stepping randomly (stuck).
  2818 | D:3      | 2818 ||| Stepping randomly (stuck).
  2820 | D:3      | 2820 ||| Stepping randomly (stuck).
  2822 | D:3      | 2822 ||| Stepping randomly (stuck).
  2824 | D:3      | 2824 ||| Stepping randomly (stuck).
  2826 | D:3      | 2826 ||| Stepping randomly (stuck).
  2828 | D:3      | 2828 ||| Stepping randomly (stuck).
  2830 | D:3      | 2830 ||| Stepping randomly (stuck).
  2832 | D:3      | 2832 ||| Stepping randomly (stuck).
  2834 | D:3      | 2834 ||| Stepping randomly (stuck).
  2836 | D:3      | 2836 ||| Stepping randomly (stuck).
  2838 | D:3      | 2838 ||| Stepping randomly (stuck).
  2840 | D:3      | 2840 ||| Stepping randomly (stuck).
  2842 | D:3      | 2842 ||| Stepping randomly (stuck).
  2844 | D:3      | 2844 ||| Stepping randomly (stuck).
  2846 | D:3      | 2846 ||| Stepping randomly (stuck).
  2848 | D:3      | 2848 ||| Stepping randomly (stuck).
  2850 | D:3      | 2850 ||| Stepping randomly (stuck).
  2852 | D:3      | 2852 ||| Stepping randomly (stuck).
  2854 | D:3      | 2854 ||| Stepping randomly (stuck).
  2856 | D:3      | 2856 ||| Stepping randomly (stuck).
  2858 | D:3      | 2858 ||| Stepping randomly (stuck).
  2860 | D:3      | 2860 ||| Stepping randomly (stuck).
  2862 | D:3      | 2862 ||| Stepping randomly (stuck).
  2864 | D:3      | 2864 ||| Stepping randomly (stuck).
  2866 | D:3      | 2866 ||| Stepping randomly (stuck).
  2868 | D:3      | 2868 ||| Stepping randomly (stuck).
  2870 | D:3      | 2870 ||| Stepping randomly (stuck).
  2872 | D:3      | 2872 ||| Stepping randomly (stuck).
  2874 | D:3      | 2874 ||| Stepping randomly (stuck).
  2876 | D:3      | 2876 ||| Stepping randomly (stuck).
  2878 | D:3      | 2878 ||| Stepping randomly (stuck).
  2880 | D:3      | 2880 ||| Stepping randomly (stuck).
  2882 | D:3      | 2882 ||| Stepping randomly (stuck).
  2884 | D:3      | 2884 ||| Stepping randomly (stuck).
  2886 | D:3      | 2886 ||| Stepping randomly (stuck).
  2888 | D:3      | 2888 ||| Stepping randomly (stuck).
  2890 | D:3      | 2890 ||| Stepping randomly (stuck).
  2892 | D:3      | 2892 ||| Stepping randomly (stuck).
  2894 | D:3      | 2894 ||| Stepping randomly (stuck).
  2896 | D:3      | 2896 ||| Stepping randomly (stuck).
  2898 | D:3      | 2898 ||| Stepping randomly (stuck).
  2900 | D:3      | 2900 ||| Stepping randomly (stuck).
  2902 | D:3      | 2902 ||| Stepping randomly (stuck).
  2904 | D:3      | 2904 ||| Stepping randomly (stuck).
  2906 | D:3      | 2906 ||| Stepping randomly (stuck).
  2908 | D:3      | 2908 ||| Stepping randomly (stuck).
  2910 | D:3      | 2910 ||| Stepping randomly (stuck).
  2912 | D:3      | 2912 ||| Stepping randomly (stuck).
  2914 | D:3      | 2914 ||| Stepping randomly (stuck).
  2916 | D:3      | 2916 ||| Stepping randomly (stuck).
  2918 | D:3      | 2918 ||| Stepping randomly (stuck).
  2920 | D:3      | 2920 ||| Stepping randomly (stuck).
  2922 | D:3      | 2922 ||| Stepping randomly (stuck).
  2924 | D:3      | 2924 ||| Stepping randomly (stuck).
  2926 | D:3      | 2926 ||| Stepping randomly (stuck).
  2928 | D:3      | 2928 ||| Stepping randomly (stuck).
  2930 | D:3      | 2930 ||| Stepping randomly (stuck).
  2932 | D:3      | 2932 ||| Stepping randomly (stuck).
  2934 | D:3      | 2934 ||| Stepping randomly (stuck).
  2936 | D:3      | 2936 ||| Stepping randomly (stuck).
  2938 | D:3      | 2938 ||| Stepping randomly (stuck).
  2940 | D:3      | 2940 ||| Stepping randomly (stuck).
  2942 | D:3      | 2942 ||| Stepping randomly (stuck).
  2944 | D:3      | 2944 ||| Stepping randomly (stuck).
  2946 | D:3      | 2946 ||| Stepping randomly (stuck).
  2948 | D:3      | 2948 ||| Stepping randomly (stuck).
  2950 | D:3      | 2950 ||| Stepping randomly (stuck).
  2952 | D:3      | 2952 ||| Stepping randomly (stuck).
  2954 | D:3      | 2954 ||| Stepping randomly (stuck).
  2956 | D:3      | 2956 ||| Stepping randomly (stuck).
  2958 | D:3      | 2958 ||| Stepping randomly (stuck).
  2960 | D:3      | 2960 ||| Stepping randomly (stuck).
  2962 | D:3      | 2962 ||| Stepping randomly (stuck).
  2964 | D:3      | 2964 ||| Stepping randomly (stuck).
  2966 | D:3      | 2966 ||| Stepping randomly (stuck).
  2968 | D:3      | 2968 ||| Stepping randomly (stuck).
  2970 | D:3      | 2970 ||| Stepping randomly (stuck).
  2972 | D:3      | 2972 ||| Stepping randomly (stuck).
  2974 | D:3      | 2974 ||| Stepping randomly (stuck).
  2976 | D:3      | 2976 ||| Stepping randomly (stuck).
  2978 | D:3      | 2978 ||| Stepping randomly (stuck).
  2980 | D:3      | 2980 ||| Stepping randomly (stuck).
  2982 | D:3      | 2982 ||| Stepping randomly (stuck).
  2984 | D:3      | 2984 ||| Stepping randomly (stuck).
  2986 | D:3      | 2986 ||| Stepping randomly (stuck).
  2988 | D:3      | 2988 ||| Stepping randomly (stuck).
  2990 | D:3      | 2990 ||| Stepping randomly (stuck).
  2992 | D:3      | 2992 ||| Stepping randomly (stuck).
  2994 | D:3      | 2994 ||| Stepping randomly (stuck).
  2996 | D:3      | 2996 ||| Stepping randomly (stuck).
  2998 | D:3      | 2998 ||| Stepping randomly (stuck).
  3000 | D:3      | 3000 ||| Stepping randomly (stuck).
  3002 | D:3      | 3002 ||| Stepping randomly (stuck).
  3004 | D:3      | 3004 ||| Stepping randomly (stuck).
  3006 | D:3      | 3006 ||| Stepping randomly (stuck).
  3008 | D:3      | 3008 ||| Stepping randomly (stuck).
  3010 | D:3      | 3010 ||| Stepping randomly (stuck).
  3012 | D:3      | 3012 ||| Stepping randomly (stuck).
  3014 | D:3      | 3014 ||| Stepping randomly (stuck).
  3016 | D:3      | 3016 ||| Stepping randomly (stuck).
  3018 | D:3      | 3018 ||| Stepping randomly (stuck).
  3020 | D:3      | 3020 ||| Stepping randomly (stuck).
  3022 | D:3      | 3022 ||| Stepping randomly (stuck).
  3024 | D:3      | 3024 ||| Stepping randomly (stuck).
  3026 | D:3      | 3026 ||| Stepping randomly (stuck).
  3028 | D:3      | 3028 ||| Stepping randomly (stuck).
  3030 | D:3      | 3030 ||| Stepping randomly (stuck).
  3032 | D:3      | 3032 ||| Stepping randomly (stuck).
  3034 | D:3      | 3034 ||| Stepping randomly (stuck).
  3036 | D:3      | 3036 ||| Stepping randomly (stuck).
  3038 | D:3      | 3038 ||| Stepping randomly (stuck).
  3040 | D:3      | 3040 ||| Stepping randomly (stuck).
  3042 | D:3      | 3042 ||| Stepping randomly (stuck).
  3044 | D:3      | 3044 ||| Stepping randomly (stuck).
  3046 | D:3      | 3046 ||| Stepping randomly (stuck).
  3048 | D:3      | 3048 ||| Stepping randomly (stuck).
  3050 | D:3      | 3050 ||| Stepping randomly (stuck).
  3052 | D:3      | 3052 ||| Stepping randomly (stuck).
  3054 | D:3      | 3054 ||| Stepping randomly (stuck).
  3056 | D:3      | 3056 ||| Stepping randomly (stuck).
  3058 | D:3      | 3058 ||| Stepping randomly (stuck).
  3060 | D:3      | 3060 ||| Stepping randomly (stuck).
  3062 | D:3      | 3062 ||| Stepping randomly (stuck).
  3064 | D:3      | 3064 ||| Stepping randomly (stuck).
  3066 | D:3      | 3066 ||| Stepping randomly (stuck).
  3068 | D:3      | 3068 ||| Stepping randomly (stuck).
  3070 | D:3      | 3070 ||| Stepping randomly (stuck).
  3072 | D:3      | 3072 ||| Stepping randomly (stuck).
  3074 | D:3      | 3074 ||| Stepping randomly (stuck).
  3076 | D:3      | 3076 ||| Stepping randomly (stuck).
  3078 | D:3      | 3078 ||| Stepping randomly (stuck).
  3080 | D:3      | 3080 ||| Stepping randomly (stuck).
  3082 | D:3      | 3082 ||| Stepping randomly (stuck).
  3084 | D:3      | 3084 ||| Stepping randomly (stuck).
  3086 | D:3      | 3086 ||| Stepping randomly (stuck).
  3088 | D:3      | 3088 ||| Stepping randomly (stuck).
  3090 | D:3      | 3090 ||| Stepping randomly (stuck).
  3092 | D:3      | 3092 ||| Stepping randomly (stuck).
  3094 | D:3      | 3094 ||| Stepping randomly (stuck).
  3096 | D:3      | 3096 ||| Stepping randomly (stuck).
  3098 | D:3      | 3098 ||| Stepping randomly (stuck).
  3100 | D:3      | 3100 ||| Stepping randomly (stuck).
  3102 | D:3      | 3102 ||| Stepping randomly (stuck).
  3104 | D:3      | 3104 ||| Stepping randomly (stuck).
  3106 | D:3      | 3106 ||| Stepping randomly (stuck).
  3108 | D:3      | 3108 ||| Stepping randomly (stuck).
  3110 | D:3      | 3110 ||| Stepping randomly (stuck).
  3112 | D:3      | 3112 ||| Stepping randomly (stuck).
  3114 | D:3      | 3114 ||| Stepping randomly (stuck).
  3116 | D:3      | 3116 ||| Stepping randomly (stuck).
  3118 | D:3      | 3118 ||| Stepping randomly (stuck).
  3120 | D:3      | 3120 ||| Stepping randomly (stuck).
  3122 | D:3      | 3122 ||| Stepping randomly (stuck).
  3124 | D:3      | 3124 ||| Stepping randomly (stuck).
  3126 | D:3      | 3126 ||| Stepping randomly (stuck).
  3128 | D:3      | 3128 ||| Stepping randomly (stuck).
  3130 | D:3      | 3130 ||| Stepping randomly (stuck).
  3132 | D:3      | 3132 ||| Stepping randomly (stuck).
  3134 | D:3      | 3134 ||| Stepping randomly (stuck).
  3136 | D:3      | 3136 ||| Stepping randomly (stuck).
  3138 | D:3      | 3138 ||| Stepping randomly (stuck).
  3140 | D:3      | 3140 ||| Stepping randomly (stuck).
  3142 | D:3      | 3142 ||| Stepping randomly (stuck).
  3144 | D:3      | 3144 ||| Stepping randomly (stuck).
  3146 | D:3      | 3146 ||| Stepping randomly (stuck).
  3148 | D:3      | 3148 ||| Stepping randomly (stuck).
  3150 | D:3      | 3150 ||| Stepping randomly (stuck).
  3152 | D:3      | 3152 ||| Stepping randomly (stuck).
  3154 | D:3      | 3154 ||| Stepping randomly (stuck).
  3156 | D:3      | 3156 ||| Stepping randomly (stuck).
  3158 | D:3      | 3158 ||| Stepping randomly (stuck).
  3160 | D:3      | 3160 ||| Stepping randomly (stuck).
  3162 | D:3      | 3162 ||| Stepping randomly (stuck).
  3164 | D:3      | 3164 ||| Stepping randomly (stuck).
  3166 | D:3      | 3166 ||| Stepping randomly (stuck).
  3168 | D:3      | 3168 ||| Stepping randomly (stuck).
  3170 | D:3      | 3170 ||| Stepping randomly (stuck).
  3172 | D:3      | 3172 ||| Stepping randomly (stuck).
  3174 | D:3      | 3174 ||| Stepping randomly (stuck).
  3176 | D:3      | 3176 ||| Stepping randomly (stuck).
  3178 | D:3      | 3178 ||| Stepping randomly (stuck).
  3180 | D:3      | 3180 ||| Stepping randomly (stuck).
  3182 | D:3      | 3182 ||| Stepping randomly (stuck).
  3184 | D:3      | 3184 ||| Stepping randomly (stuck).
  3186 | D:3      | 3186 ||| Stepping randomly (stuck).
  3188 | D:3      | 3188 ||| Stepping randomly (stuck).
  3190 | D:3      | 3190 ||| Stepping randomly (stuck).
  3192 | D:3      | 3192 ||| Stepping randomly (stuck).
  3194 | D:3      | 3194 ||| Stepping randomly (stuck).
  3196 | D:3      | 3196 ||| Stepping randomly (stuck).
  3198 | D:3      | 3198 ||| Stepping randomly (stuck).
  3200 | D:3      | 3200 ||| Stepping randomly (stuck).
  3202 | D:3      | 3202 ||| Stepping randomly (stuck).
  3204 | D:3      | 3204 ||| Stepping randomly (stuck).
  3206 | D:3      | 3206 ||| Stepping randomly (stuck).
  3208 | D:3      | 3208 ||| Stepping randomly (stuck).
  3210 | D:3      | 3210 ||| Stepping randomly (stuck).
  3212 | D:3      | 3212 ||| Stepping randomly (stuck).
  3214 | D:3      | 3214 ||| Stepping randomly (stuck).
  3216 | D:3      | 3216 ||| Stepping randomly (stuck).
  3218 | D:3      | 3218 ||| Stepping randomly (stuck).
  3220 | D:3      | 3220 ||| Stepping randomly (stuck).
  3222 | D:3      | 3222 ||| Stepping randomly (stuck).
  3224 | D:3      | 3224 ||| Stepping randomly (stuck).
  3226 | D:3      | 3226 ||| Stepping randomly (stuck).
  3228 | D:3      | 3228 ||| Stepping randomly (stuck).
  3230 | D:3      | 3230 ||| Stepping randomly (stuck).
  3232 | D:3      | 3232 ||| Stepping randomly (stuck).
  3234 | D:3      | 3234 ||| Stepping randomly (stuck).
  3236 | D:3      | 3236 ||| Stepping randomly (stuck).
  3238 | D:3      | 3238 ||| Stepping randomly (stuck).
  3240 | D:3      | 3240 ||| Stepping randomly (stuck).
  3242 | D:3      | 3242 ||| Stepping randomly (stuck).
  3244 | D:3      | 3244 ||| Stepping randomly (stuck).
  3246 | D:3      | 3246 ||| Stepping randomly (stuck).
  3248 | D:3      | 3248 ||| Stepping randomly (stuck).
  3250 | D:3      | 3250 ||| Stepping randomly (stuck).
  3252 | D:3      | 3252 ||| Stepping randomly (stuck).
  3254 | D:3      | 3254 ||| Stepping randomly (stuck).
  3256 | D:3      | 3256 ||| Stepping randomly (stuck).
  3258 | D:3      | 3258 ||| Stepping randomly (stuck).
  3260 | D:3      | 3260 ||| Stepping randomly (stuck).
  3262 | D:3      | 3262 ||| Stepping randomly (stuck).
  3264 | D:3      | 3264 ||| Stepping randomly (stuck).
  3266 | D:3      | 3266 ||| Stepping randomly (stuck).
  3268 | D:3      | 3268 ||| Stepping randomly (stuck).
  3270 | D:3      | 3270 ||| Stepping randomly (stuck).
  3272 | D:3      | 3272 ||| Stepping randomly (stuck).
  3274 | D:3      | 3274 ||| Stepping randomly (stuck).
  3276 | D:3      | 3276 ||| Stepping randomly (stuck).
  3278 | D:3      | 3278 ||| Stepping randomly (stuck).
  3280 | D:3      | 3280 ||| Stepping randomly (stuck).
  3282 | D:3      | 3282 ||| Stepping randomly (stuck).
  3284 | D:3      | 3284 ||| Stepping randomly (stuck).
  3286 | D:3      | 3286 ||| Stepping randomly (stuck).
  3288 | D:3      | 3288 ||| Stepping randomly (stuck).
  3290 | D:3      | 3290 ||| Stepping randomly (stuck).
  3292 | D:3      | 3292 ||| Stepping randomly (stuck).
  3294 | D:3      | 3294 ||| Stepping randomly (stuck).
  3296 | D:3      | 3296 ||| Stepping randomly (stuck).
  3298 | D:3      | 3298 ||| Stepping randomly (stuck).
  3300 | D:3      | 3300 ||| Stepping randomly (stuck).
  3302 | D:3      | 3302 ||| Stepping randomly (stuck).
  3304 | D:3      | 3304 ||| Stepping randomly (stuck).
  3306 | D:3      | 3306 ||| Stepping randomly (stuck).
  3308 | D:3      | 3308 ||| Stepping randomly (stuck).
  3310 | D:3      | 3310 ||| Stepping randomly (stuck).
  3312 | D:3      | 3312 ||| Stepping randomly (stuck).
  3314 | D:3      | 3314 ||| Stepping randomly (stuck).
  3316 | D:3      | 3316 ||| Stepping randomly (stuck).
  3318 | D:3      | 3318 ||| Stepping randomly (stuck).
  3320 | D:3      | 3320 ||| Stepping randomly (stuck).
  3322 | D:3      | 3322 ||| Stepping randomly (stuck).
  3324 | D:3      | 3324 ||| Stepping randomly (stuck).
  3326 | D:3      | 3326 ||| Stepping randomly (stuck).
  3328 | D:3      | 3328 ||| Stepping randomly (stuck).
  3330 | D:3      | 3330 ||| Stepping randomly (stuck).
  3332 | D:3      | 3332 ||| Stepping randomly (stuck).
  3334 | D:3      | 3334 ||| Stepping randomly (stuck).
  3336 | D:3      | 3336 ||| Stepping randomly (stuck).
  3338 | D:3      | 3338 ||| Stepping randomly (stuck).
  3340 | D:3      | 3340 ||| Stepping randomly (stuck).
  3342 | D:3      | 3342 ||| Stepping randomly (stuck).
  3344 | D:3      | 3344 ||| Stepping randomly (stuck).
  3346 | D:3      | 3346 ||| Stepping randomly (stuck).
  3348 | D:3      | 3348 ||| Stepping randomly (stuck).
  3350 | D:3      | 3350 ||| Stepping randomly (stuck).
  3352 | D:3      | 3352 ||| Stepping randomly (stuck).
  3354 | D:3      | 3354 ||| Stepping randomly (stuck).
  3356 | D:3      | 3356 ||| Stepping randomly (stuck).
  3358 | D:3      | 3358 ||| Stepping randomly (stuck).
  3360 | D:3      | 3360 ||| Stepping randomly (stuck).
  3362 | D:3      | 3362 ||| Stepping randomly (stuck).
  3364 | D:3      | 3364 ||| Stepping randomly (stuck).
  3366 | D:3      | 3366 ||| Stepping randomly (stuck).
  3368 | D:3      | 3368 ||| Stepping randomly (stuck).
  3370 | D:3      | 3370 ||| Stepping randomly (stuck).
  3372 | D:3      | 3372 ||| Stepping randomly (stuck).
  3374 | D:3      | 3374 ||| Stepping randomly (stuck).
  3376 | D:3      | 3376 ||| Stepping randomly (stuck).
  3378 | D:3      | 3378 ||| Stepping randomly (stuck).
  3380 | D:3      | 3380 ||| Stepping randomly (stuck).
  3382 | D:3      | 3382 ||| Stepping randomly (stuck).
  3384 | D:3      | 3384 ||| Stepping randomly (stuck).
  3386 | D:3      | 3386 ||| Stepping randomly (stuck).
  3388 | D:3      | 3388 ||| Stepping randomly (stuck).
  3390 | D:3      | 3390 ||| Stepping randomly (stuck).
  3392 | D:3      | 3392 ||| Stepping randomly (stuck).
  3394 | D:3      | 3394 ||| Stepping randomly (stuck).
  3396 | D:3      | 3396 ||| Stepping randomly (stuck).
  3398 | D:3      | 3398 ||| Stepping randomly (stuck).
  3400 | D:3      | 3400 ||| Stepping randomly (stuck).
  3402 | D:3      | 3402 ||| Stepping randomly (stuck).
  3404 | D:3      | 3404 ||| Stepping randomly (stuck).
  3406 | D:3      | 3406 ||| Stepping randomly (stuck).
  3408 | D:3      | 3408 ||| Stepping randomly (stuck).
  3410 | D:3      | 3410 ||| Stepping randomly (stuck).
  3412 | D:3      | 3412 ||| Stepping randomly (stuck).
  3414 | D:3      | 3414 ||| Stepping randomly (stuck).
  3416 | D:3      | 3416 ||| Stepping randomly (stuck).
  3418 | D:3      | 3418 ||| Stepping randomly (stuck).
  3420 | D:3      | 3420 ||| Stepping randomly (stuck).
  3422 | D:3      | 3422 ||| Stepping randomly (stuck).
  3424 | D:3      | 3424 ||| Stepping randomly (stuck).
  3426 | D:3      | 3426 ||| Stepping randomly (stuck).
  3428 | D:3      | 3428 ||| Stepping randomly (stuck).
  3430 | D:3      | 3430 ||| Stepping randomly (stuck).
  3432 | D:3      | 3432 ||| Stepping randomly (stuck).
  3434 | D:3      | 3434 ||| Stepping randomly (stuck).
  3436 | D:3      | 3436 ||| Stepping randomly (stuck).
  3438 | D:3      | 3438 ||| Stepping randomly (stuck).
  3440 | D:3      | 3440 ||| Stepping randomly (stuck).
  3442 | D:3      | 3442 ||| Stepping randomly (stuck).
  3444 | D:3      | 3444 ||| Stepping randomly (stuck).
  3446 | D:3      | 3446 ||| Stepping randomly (stuck).
  3448 | D:3      | 3448 ||| Stepping randomly (stuck).
  3450 | D:3      | 3450 ||| Stepping randomly (stuck).
  3452 | D:3      | 3452 ||| Stepping randomly (stuck).
  3454 | D:3      | 3454 ||| Stepping randomly (stuck).
  3456 | D:3      | 3456 ||| Stepping randomly (stuck).
  3458 | D:3      | 3458 ||| Stepping randomly (stuck).
  3460 | D:3      | 3460 ||| Stepping randomly (stuck).
  3462 | D:3      | 3462 ||| Stepping randomly (stuck).
  3464 | D:3      | 3464 ||| Stepping randomly (stuck).
  3466 | D:3      | 3466 ||| Stepping randomly (stuck).
  3468 | D:3      | 3468 ||| Stepping randomly (stuck).
  3470 | D:3      | 3470 ||| Stepping randomly (stuck).
  3472 | D:3      | 3472 ||| Stepping randomly (stuck).
  3474 | D:3      | 3474 ||| Stepping randomly (stuck).
  3476 | D:3      | 3476 ||| Stepping randomly (stuck).
  3478 | D:3      | 3478 ||| Stepping randomly (stuck).
  3480 | D:3      | 3480 ||| Stepping randomly (stuck).
  3482 | D:3      | 3482 ||| Stepping randomly (stuck).
  3484 | D:3      | 3484 ||| Stepping randomly (stuck).
  3486 | D:3      | 3486 ||| Stepping randomly (stuck).
  3488 | D:3      | 3488 ||| Stepping randomly (stuck).
  3490 | D:3      | 3490 ||| Stepping randomly (stuck).
  3492 | D:3      | 3492 ||| Stepping randomly (stuck).
  3494 | D:3      | 3494 ||| Stepping randomly (stuck).
  3496 | D:3      | 3496 ||| Stepping randomly (stuck).
  3498 | D:3      | 3498 ||| Stepping randomly (stuck).
  3500 | D:3      | 3500 ||| Stepping randomly (stuck).
  3502 | D:3      | 3502 ||| Stepping randomly (stuck).
  3504 | D:3      | 3504 ||| Stepping randomly (stuck).
  3506 | D:3      | 3506 ||| Stepping randomly (stuck).
  3508 | D:3      | 3508 ||| Stepping randomly (stuck).
  3510 | D:3      | 3510 ||| Stepping randomly (stuck).
  3512 | D:3      | 3512 ||| Stepping randomly (stuck).
  3514 | D:3      | 3514 ||| Stepping randomly (stuck).
  3516 | D:3      | 3516 ||| Stepping randomly (stuck).
  3518 | D:3      | 3518 ||| Stepping randomly (stuck).
  3520 | D:3      | 3520 ||| Stepping randomly (stuck).
  3522 | D:3      | 3522 ||| Stepping randomly (stuck).
  3524 | D:3      | 3524 ||| Stepping randomly (stuck).
  3526 | D:3      | 3526 ||| Stepping randomly (stuck).
  3528 | D:3      | 3528 ||| Stepping randomly (stuck).
  3530 | D:3      | 3530 ||| Stepping randomly (stuck).
  3532 | D:3      | 3532 ||| Stepping randomly (stuck).
  3534 | D:3      | 3534 ||| Stepping randomly (stuck).
  3536 | D:3      | 3536 ||| Stepping randomly (stuck).
  3538 | D:3      | 3538 ||| Stepping randomly (stuck).
  3540 | D:3      | 3540 ||| Stepping randomly (stuck).
  3542 | D:3      | 3542 ||| Stepping randomly (stuck).
  3544 | D:3      | 3544 ||| Stepping randomly (stuck).
  3546 | D:3      | 3546 ||| Stepping randomly (stuck).
  3548 | D:3      | 3548 ||| Stepping randomly (stuck).
  3550 | D:3      | 3550 ||| Stepping randomly (stuck).
  3552 | D:3      | 3552 ||| Stepping randomly (stuck).
  3554 | D:3      | 3554 ||| Stepping randomly (stuck).
  3556 | D:3      | 3556 ||| Stepping randomly (stuck).
  3558 | D:3      | 3558 ||| Stepping randomly (stuck).
  3560 | D:3      | 3560 ||| Stepping randomly (stuck).
  3562 | D:3      | 3562 ||| Stepping randomly (stuck).
  3564 | D:3      | 3564 ||| Stepping randomly (stuck).
  3566 | D:3      | 3566 ||| Stepping randomly (stuck).
  3568 | D:3      | 3568 ||| Stepping randomly (stuck).
  3570 | D:3      | 3570 ||| Stepping randomly (stuck).
  3572 | D:3      | 3572 ||| Stepping randomly (stuck).
  3574 | D:3      | 3574 ||| Stepping randomly (stuck).
  3576 | D:3      | 3576 ||| Stepping randomly (stuck).
  3578 | D:3      | 3578 ||| Stepping randomly (stuck).
  3580 | D:3      | 3580 ||| Stepping randomly (stuck).
  3582 | D:3      | 3582 ||| Stepping randomly (stuck).
  3584 | D:3      | 3584 ||| Stepping randomly (stuck).
  3586 | D:3      | 3586 ||| Stepping randomly (stuck).
  3588 | D:3      | 3588 ||| Stepping randomly (stuck).
  3590 | D:3      | 3590 ||| Stepping randomly (stuck).
  3592 | D:3      | 3592 ||| Stepping randomly (stuck).
  3594 | D:3      | 3594 ||| Stepping randomly (stuck).
  3596 | D:3      | 3596 ||| Stepping randomly (stuck).
  3598 | D:3      | 3598 ||| Stepping randomly (stuck).
  3600 | D:3      | 3600 ||| Stepping randomly (stuck).
  3602 | D:3      | 3602 ||| Stepping randomly (stuck).
  3604 | D:3      | 3604 ||| Stepping randomly (stuck).
  3606 | D:3      | 3606 ||| Stepping randomly (stuck).
  3608 | D:3      | 3608 ||| Stepping randomly (stuck).
  3610 | D:3      | 3610 ||| Stepping randomly (stuck).
  3612 | D:3      | 3612 ||| Stepping randomly (stuck).
  3614 | D:3      | 3614 ||| Stepping randomly (stuck).
  3616 | D:3      | 3616 ||| Stepping randomly (stuck).
  3618 | D:3      | 3618 ||| Stepping randomly (stuck).
  3620 | D:3      | 3620 ||| Stepping randomly (stuck).
  3622 | D:3      | 3622 ||| Stepping randomly (stuck).
  3624 | D:3      | 3624 ||| Stepping randomly (stuck).
  3626 | D:3      | 3626 ||| Stepping randomly (stuck).
  3628 | D:3      | 3628 ||| Stepping randomly (stuck).
  3630 | D:3      | 3630 ||| Stepping randomly (stuck).
  3632 | D:3      | 3632 ||| Stepping randomly (stuck).
  3634 | D:3      | 3634 ||| Stepping randomly (stuck).
  3636 | D:3      | 3636 ||| Stepping randomly (stuck).
  3638 | D:3      | 3638 ||| Stepping randomly (stuck).
  3640 | D:3      | 3640 ||| Stepping randomly (stuck).
  3642 | D:3      | 3642 ||| Stepping randomly (stuck).
  3644 | D:3      | 3644 ||| Stepping randomly (stuck).
  3646 | D:3      | 3646 ||| Stepping randomly (stuck).
  3648 | D:3      | 3648 ||| Stepping randomly (stuck).
  3650 | D:3      | 3650 ||| Stepping randomly (stuck).
  3652 | D:3      | 3652 ||| Stepping randomly (stuck).
  3654 | D:3      | 3654 ||| Stepping randomly (stuck).
  3656 | D:3      | 3656 ||| Stepping randomly (stuck).
  3658 | D:3      | 3658 ||| Stepping randomly (stuck).
  3660 | D:3      | 3660 ||| Stepping randomly (stuck).
  3662 | D:3      | 3662 ||| Stepping randomly (stuck).
  3664 | D:3      | 3664 ||| Stepping randomly (stuck).
  3666 | D:3      | 3666 ||| Stepping randomly (stuck).
  3668 | D:3      | 3668 ||| Stepping randomly (stuck).
  3670 | D:3      | 3670 ||| Stepping randomly (stuck).
  3672 | D:3      | 3672 ||| Stepping randomly (stuck).
  3674 | D:3      | 3674 ||| Stepping randomly (stuck).
  3676 | D:3      | 3676 ||| Stepping randomly (stuck).
  3678 | D:3      | 3678 ||| Stepping randomly (stuck).
  3680 | D:3      | 3680 ||| Stepping randomly (stuck).
  3682 | D:3      | 3682 ||| Stepping randomly (stuck).
  3684 | D:3      | 3684 ||| Stepping randomly (stuck).
  3686 | D:3      | 3686 ||| Stepping randomly (stuck).
  3688 | D:3      | 3688 ||| Stepping randomly (stuck).
  3690 | D:3      | 3690 ||| Stepping randomly (stuck).
  3692 | D:3      | 3692 ||| Stepping randomly (stuck).
  3694 | D:3      | 3694 ||| Stepping randomly (stuck).
  3696 | D:3      | 3696 ||| Stepping randomly (stuck).
  3698 | D:3      | 3698 ||| Stepping randomly (stuck).
  3700 | D:3      | 3700 ||| Stepping randomly (stuck).
  3702 | D:3      | 3702 ||| Stepping randomly (stuck).
  3704 | D:3      | 3704 ||| Stepping randomly (stuck).
  3706 | D:3      | 3706 ||| Stepping randomly (stuck).
  3708 | D:3      | 3708 ||| Stepping randomly (stuck).
  3710 | D:3      | 3710 ||| Stepping randomly (stuck).
  3712 | D:3      | 3712 ||| Stepping randomly (stuck).
  3714 | D:3      | 3714 ||| Stepping randomly (stuck).
  3716 | D:3      | 3716 ||| Stepping randomly (stuck).
  3718 | D:3      | 3718 ||| Stepping randomly (stuck).
  3720 | D:3      | 3720 ||| Stepping randomly (stuck).
  3722 | D:3      | 3722 ||| Stepping randomly (stuck).
  3724 | D:3      | 3724 ||| Stepping randomly (stuck).
  3726 | D:3      | 3726 ||| Stepping randomly (stuck).
  3728 | D:3      | 3728 ||| Stepping randomly (stuck).
  3730 | D:3      | 3730 ||| Stepping randomly (stuck).
  3732 | D:3      | 3732 ||| Stepping randomly (stuck).
  3734 | D:3      | 3734 ||| Stepping randomly (stuck).
  3736 | D:3      | 3736 ||| Stepping randomly (stuck).
  3738 | D:3      | 3738 ||| Stepping randomly (stuck).
  3740 | D:3      | 3740 ||| Stepping randomly (stuck).
  3742 | D:3      | 3742 ||| Stepping randomly (stuck).
  3744 | D:3      | 3744 ||| Stepping randomly (stuck).
  3746 | D:3      | 3746 ||| Stepping randomly (stuck).
  3748 | D:3      | 3748 ||| Stepping randomly (stuck).
  3750 | D:3      | 3750 ||| Stepping randomly (stuck).
  3752 | D:3      | 3752 ||| Stepping randomly (stuck).
  3754 | D:3      | 3754 ||| Stepping randomly (stuck).
  3756 | D:3      | 3756 ||| Stepping randomly (stuck).
  3758 | D:3      | 3758 ||| Stepping randomly (stuck).
  3760 | D:3      | 3760 ||| Stepping randomly (stuck).
  3762 | D:3      | 3762 ||| Stepping randomly (stuck).
  3764 | D:3      | 3764 ||| Stepping randomly (stuck).
  3766 | D:3      | 3766 ||| Stepping randomly (stuck).
  3768 | D:3      | 3768 ||| Stepping randomly (stuck).
  3770 | D:3      | 3770 ||| Stepping randomly (stuck).
  3772 | D:3      | 3772 ||| Stepping randomly (stuck).
  3774 | D:3      | 3774 ||| Stepping randomly (stuck).
  3776 | D:3      | 3776 ||| Stepping randomly (stuck).
  3778 | D:3      | 3778 ||| Stepping randomly (stuck).
  3780 | D:3      | 3780 ||| Stepping randomly (stuck).
  3782 | D:3      | 3782 ||| Stepping randomly (stuck).
  3784 | D:3      | 3784 ||| Stepping randomly (stuck).
  3786 | D:3      | 3786 ||| Stepping randomly (stuck).
  3788 | D:3      | 3788 ||| Stepping randomly (stuck).
  3790 | D:3      | 3790 ||| Stepping randomly (stuck).
  3792 | D:3      | 3792 ||| Stepping randomly (stuck).
  3794 | D:3      | 3794 ||| Stepping randomly (stuck).
  3796 | D:3      | 3796 ||| Stepping randomly (stuck).
  3798 | D:3      | 3798 ||| Stepping randomly (stuck).
  3800 | D:3      | 3800 ||| Stepping randomly (stuck).
  3802 | D:3      | 3802 ||| Stepping randomly (stuck).
  3804 | D:3      | 3804 ||| Stepping randomly (stuck).
  3806 | D:3      | 3806 ||| Stepping randomly (stuck).
  3808 | D:3      | 3808 ||| Stepping randomly (stuck).
  3810 | D:3      | 3810 ||| Stepping randomly (stuck).
  3812 | D:3      | 3812 ||| Stepping randomly (stuck).
  3814 | D:3      | 3814 ||| Stepping randomly (stuck).
  3816 | D:3      | 3816 ||| Stepping randomly (stuck).
  3818 | D:3      | 3818 ||| Stepping randomly (stuck).
  3820 | D:3      | 3820 ||| Stepping randomly (stuck).
  3822 | D:3      | 3822 ||| Stepping randomly (stuck).
  3824 | D:3      | 3824 ||| Stepping randomly (stuck).
  3826 | D:3      | 3826 ||| Stepping randomly (stuck).
  3828 | D:3      | 3828 ||| Stepping randomly (stuck).
  3830 | D:3      | 3830 ||| Stepping randomly (stuck).
  3832 | D:3      | 3832 ||| Stepping randomly (stuck).
  3834 | D:3      | 3834 ||| Stepping randomly (stuck).
  3836 | D:3      | 3836 ||| Stepping randomly (stuck).
  3838 | D:3      | 3838 ||| Stepping randomly (stuck).
  3840 | D:3      | 3840 ||| Stepping randomly (stuck).
  3842 | D:3      | 3842 ||| Stepping randomly (stuck).
  3844 | D:3      | 3844 ||| Stepping randomly (stuck).
  3846 | D:3      | 3846 ||| Stepping randomly (stuck).
  3848 | D:3      | 3848 ||| Stepping randomly (stuck).
  3850 | D:3      | 3850 ||| Stepping randomly (stuck).
  3852 | D:3      | 3852 ||| Stepping randomly (stuck).
  3854 | D:3      | 3854 ||| Stepping randomly (stuck).
  3856 | D:3      | 3856 ||| Stepping randomly (stuck).
  3858 | D:3      | 3858 ||| Stepping randomly (stuck).
  3860 | D:3      | 3860 ||| Stepping randomly (stuck).
  3862 | D:3      | 3862 ||| Stepping randomly (stuck).
  3864 | D:3      | 3864 ||| Stepping randomly (stuck).
  3866 | D:3      | 3866 ||| Stepping randomly (stuck).
  3868 | D:3      | 3868 ||| Stepping randomly (stuck).
  3870 | D:3      | 3870 ||| Stepping randomly (stuck).
  3872 | D:3      | 3872 ||| Stepping randomly (stuck).
  3874 | D:3      | 3874 ||| Stepping randomly (stuck).
  3876 | D:3      | 3876 ||| Stepping randomly (stuck).
  3878 | D:3      | 3878 ||| Stepping randomly (stuck).
  3880 | D:3      | 3880 ||| Stepping randomly (stuck).
  3882 | D:3      | 3882 ||| Stepping randomly (stuck).
  3884 | D:3      | 3884 ||| Stepping randomly (stuck).
  3886 | D:3      | 3886 ||| Stepping randomly (stuck).
  3888 | D:3      | 3888 ||| Stepping randomly (stuck).
  3890 | D:3      | 3890 ||| Stepping randomly (stuck).
  3892 | D:3      | 3892 ||| Stepping randomly (stuck).
  3894 | D:3      | 3894 ||| Stepping randomly (stuck).
  3896 | D:3      | 3896 ||| Stepping randomly (stuck).
  3898 | D:3      | 3898 ||| Stepping randomly (stuck).
  3900 | D:3      | 3900 ||| Stepping randomly (stuck).
  3902 | D:3      | 3902 ||| Stepping randomly (stuck).
  3904 | D:3      | 3904 ||| Stepping randomly (stuck).
  3906 | D:3      | 3906 ||| Stepping randomly (stuck).
  3908 | D:3      | 3908 ||| Stepping randomly (stuck).
  3910 | D:3      | 3910 ||| Stepping randomly (stuck).
  3912 | D:3      | 3912 ||| Stepping randomly (stuck).
  3914 | D:3      | 3914 ||| Stepping randomly (stuck).
  3916 | D:3      | 3916 ||| Stepping randomly (stuck).
  3918 | D:3      | 3918 ||| Stepping randomly (stuck).
  3920 | D:3      | 3920 ||| Stepping randomly (stuck).
  3922 | D:3      | 3922 ||| Stepping randomly (stuck).
  3924 | D:3      | 3924 ||| Stepping randomly (stuck).
  3926 | D:3      | 3926 ||| Stepping randomly (stuck).
  3928 | D:3      | 3928 ||| Stepping randomly (stuck).
  3930 | D:3      | 3930 ||| Stepping randomly (stuck).
  3932 | D:3      | 3932 ||| Stepping randomly (stuck).
  3934 | D:3      | 3934 ||| Stepping randomly (stuck).
  3936 | D:3      | 3936 ||| Stepping randomly (stuck).
  3938 | D:3      | 3938 ||| Stepping randomly (stuck).
  3940 | D:3      | 3940 ||| Stepping randomly (stuck).
  3942 | D:3      | 3942 ||| Stepping randomly (stuck).
  3944 | D:3      | 3944 ||| Stepping randomly (stuck).
  3946 | D:3      | 3946 ||| Stepping randomly (stuck).
  3948 | D:3      | 3948 ||| Stepping randomly (stuck).
  3950 | D:3      | 3950 ||| Stepping randomly (stuck).
  3952 | D:3      | 3952 ||| Stepping randomly (stuck).
  3954 | D:3      | 3954 ||| Stepping randomly (stuck).
  3956 | D:3      | 3956 ||| Stepping randomly (stuck).
  3958 | D:3      | 3958 ||| Stepping randomly (stuck).
  3960 | D:3      | 3960 ||| Stepping randomly (stuck).
  3962 | D:3      | 3962 ||| Stepping randomly (stuck).
  3964 | D:3      | 3964 ||| Stepping randomly (stuck).
  3966 | D:3      | 3966 ||| Stepping randomly (stuck).
  3968 | D:3      | 3968 ||| Stepping randomly (stuck).
  3970 | D:3      | 3970 ||| Stepping randomly (stuck).
  3972 | D:3      | 3972 ||| Stepping randomly (stuck).
  3974 | D:3      | 3974 ||| Stepping randomly (stuck).
  3976 | D:3      | 3976 ||| Stepping randomly (stuck).
  3978 | D:3      | 3978 ||| Stepping randomly (stuck).
  3980 | D:3      | 3980 ||| Stepping randomly (stuck).
  3982 | D:3      | 3982 ||| Stepping randomly (stuck).
  3984 | D:3      | 3984 ||| Stepping randomly (stuck).
  3986 | D:3      | 3986 ||| Stepping randomly (stuck).
  3988 | D:3      | 3988 ||| Stepping randomly (stuck).
  3990 | D:3      | 3990 ||| Stepping randomly (stuck).
  3992 | D:3      | 3992 ||| Stepping randomly (stuck).
  3994 | D:3      | 3994 ||| Stepping randomly (stuck).
  3996 | D:3      | 3996 ||| Stepping randomly (stuck).
  3998 | D:3      | 3998 ||| Stepping randomly (stuck).
  4000 | D:3      | 4000 ||| Stepping randomly (stuck).
  4002 | D:3      | 4002 ||| Stepping randomly (stuck).
  4004 | D:3      | 4004 ||| Stepping randomly (stuck).
  4006 | D:3      | 4006 ||| Stepping randomly (stuck).
  4008 | D:3      | 4008 ||| Stepping randomly (stuck).
  4010 | D:3      | 4010 ||| Stepping randomly (stuck).
  4012 | D:3      | 4012 ||| Stepping randomly (stuck).
  4014 | D:3      | 4014 ||| Stepping randomly (stuck).
  4016 | D:3      | 4016 ||| Stepping randomly (stuck).
  4018 | D:3      | 4018 ||| Stepping randomly (stuck).
  4020 | D:3      | 4020 ||| Stepping randomly (stuck).
  4022 | D:3      | 4022 ||| Stepping randomly (stuck).
  4024 | D:3      | 4024 ||| Stepping randomly (stuck).
  4026 | D:3      | 4026 ||| Stepping randomly (stuck).
  4028 | D:3      | 4028 ||| Stepping randomly (stuck).
  4030 | D:3      | 4030 ||| Stepping randomly (stuck).
  4032 | D:3      | 4032 ||| Stepping randomly (stuck).
  4034 | D:3      | 4034 ||| Stepping randomly (stuck).
  4036 | D:3      | 4036 ||| Stepping randomly (stuck).
  4038 | D:3      | 4038 ||| Stepping randomly (stuck).
  4040 | D:3      | 4040 ||| Stepping randomly (stuck).
  4042 | D:3      | 4042 ||| Stepping randomly (stuck).
  4044 | D:3      | 4044 ||| Stepping randomly (stuck).
  4046 | D:3      | 4046 ||| Stepping randomly (stuck).
  4048 | D:3      | 4048 ||| Stepping randomly (stuck).
  4050 | D:3      | 4050 ||| Stepping randomly (stuck).
  4052 | D:3      | 4052 ||| Stepping randomly (stuck).
  4054 | D:3      | 4054 ||| Stepping randomly (stuck).
  4056 | D:3      | 4056 ||| Stepping randomly (stuck).
  4058 | D:3      | 4058 ||| Stepping randomly (stuck).
  4060 | D:3      | 4060 ||| Stepping randomly (stuck).
  4062 | D:3      | 4062 ||| Stepping randomly (stuck).
  4064 | D:3      | 4064 ||| Stepping randomly (stuck).
  4066 | D:3      | 4066 ||| Stepping randomly (stuck).
  4068 | D:3      | 4068 ||| Stepping randomly (stuck).
  4070 | D:3      | 4070 ||| Stepping randomly (stuck).
  4072 | D:3      | 4072 ||| Stepping randomly (stuck).
  4074 | D:3      | 4074 ||| Stepping randomly (stuck).
  4076 | D:3      | 4076 ||| Stepping randomly (stuck).
  4078 | D:3      | 4078 ||| Stepping randomly (stuck).
  4080 | D:3      | 4080 ||| Stepping randomly (stuck).
  4082 | D:3      | 4082 ||| Stepping randomly (stuck).
  4084 | D:3      | 4084 ||| Stepping randomly (stuck).
  4086 | D:3      | 4086 ||| Stepping randomly (stuck).
  4088 | D:3      | 4088 ||| Stepping randomly (stuck).
  4090 | D:3      | 4090 ||| Stepping randomly (stuck).
  4092 | D:3      | 4092 ||| Stepping randomly (stuck).
  4094 | D:3      | 4094 ||| Stepping randomly (stuck).
  4096 | D:3      | 4096 ||| Stepping randomly (stuck).
  4098 | D:3      | 4098 ||| Stepping randomly (stuck).
  4100 | D:3      | 4100 ||| Stepping randomly (stuck).
  4102 | D:3      | 4102 ||| Stepping randomly (stuck).
  4104 | D:3      | 4104 ||| Stepping randomly (stuck).
  4106 | D:3      | 4106 ||| Stepping randomly (stuck).
  4108 | D:3      | 4108 ||| Stepping randomly (stuck).
  4110 | D:3      | 4110 ||| Stepping randomly (stuck).
  4112 | D:3      | 4112 ||| Stepping randomly (stuck).
  4114 | D:3      | 4114 ||| Stepping randomly (stuck).
  4116 | D:3      | 4116 ||| Stepping randomly (stuck).
  4118 | D:3      | 4118 ||| Stepping randomly (stuck).
  4120 | D:3      | 4120 ||| Stepping randomly (stuck).
  4122 | D:3      | 4122 ||| Stepping randomly (stuck).
  4124 | D:3      | 4124 ||| Stepping randomly (stuck).
  4126 | D:3      | 4126 ||| Stepping randomly (stuck).
  4128 | D:3      | 4128 ||| Stepping randomly (stuck).
  4130 | D:3      | 4130 ||| Stepping randomly (stuck).
  4132 | D:3      | 4132 ||| Stepping randomly (stuck).
  4134 | D:3      | 4134 ||| Stepping randomly (stuck).
  4136 | D:3      | 4136 ||| Stepping randomly (stuck).
  4138 | D:3      | 4138 ||| Stepping randomly (stuck).
  4140 | D:3      | 4140 ||| Stepping randomly (stuck).
  4142 | D:3      | 4142 ||| Stepping randomly (stuck).
  4144 | D:3      | 4144 ||| Stepping randomly (stuck).
  4146 | D:3      | 4146 ||| Stepping randomly (stuck).
  4148 | D:3      | 4148 ||| Stepping randomly (stuck).
  4150 | D:3      | 4150 ||| Stepping randomly (stuck).
  4152 | D:3      | 4152 ||| Stepping randomly (stuck).
  4154 | D:3      | 4154 ||| Stepping randomly (stuck).
  4156 | D:3      | 4156 ||| Stepping randomly (stuck).
  4158 | D:3      | 4158 ||| Stepping randomly (stuck).
  4160 | D:3      | 4160 ||| Stepping randomly (stuck).
  4162 | D:3      | 4162 ||| Stepping randomly (stuck).
  4164 | D:3      | 4164 ||| Stepping randomly (stuck).
  4166 | D:3      | 4166 ||| Stepping randomly (stuck).
  4168 | D:3      | 4168 ||| Stepping randomly (stuck).
  4170 | D:3      | 4170 ||| Stepping randomly (stuck).
  4172 | D:3      | 4172 ||| Stepping randomly (stuck).
  4174 | D:3      | 4174 ||| Stepping randomly (stuck).
  4176 | D:3      | 4176 ||| Stepping randomly (stuck).
  4178 | D:3      | 4178 ||| Stepping randomly (stuck).
  4180 | D:3      | 4180 ||| Stepping randomly (stuck).
  4182 | D:3      | 4182 ||| Stepping randomly (stuck).
  4184 | D:3      | 4184 ||| Stepping randomly (stuck).
  4186 | D:3      | 4186 ||| Stepping randomly (stuck).
  4188 | D:3      | 4188 ||| Stepping randomly (stuck).
  4190 | D:3      | 4190 ||| Stepping randomly (stuck).
  4192 | D:3      | 4192 ||| Stepping randomly (stuck).
  4194 | D:3      | 4194 ||| Stepping randomly (stuck).
  4196 | D:3      | 4196 ||| Stepping randomly (stuck).
  4198 | D:3      | 4198 ||| Stepping randomly (stuck).
  4200 | D:3      | 4200 ||| Stepping randomly (stuck).
  4202 | D:3      | 4202 ||| Stepping randomly (stuck).
  4204 | D:3      | 4204 ||| Stepping randomly (stuck).
  4206 | D:3      | 4206 ||| Stepping randomly (stuck).
  4208 | D:3      | 4208 ||| Stepping randomly (stuck).
  4210 | D:3      | 4210 ||| Stepping randomly (stuck).
  4212 | D:3      | 4212 ||| Stepping randomly (stuck).
  4214 | D:3      | 4214 ||| Stepping randomly (stuck).
  4216 | D:3      | 4216 ||| Stepping randomly (stuck).
  4218 | D:3      | 4218 ||| Stepping randomly (stuck).
  4220 | D:3      | 4220 ||| Stepping randomly (stuck).
  4222 | D:3      | 4222 ||| Stepping randomly (stuck).
  4224 | D:3      | 4224 ||| Stepping randomly (stuck).
  4226 | D:3      | 4226 ||| Stepping randomly (stuck).
  4228 | D:3      | 4228 ||| Stepping randomly (stuck).
  4230 | D:3      | 4230 ||| Stepping randomly (stuck).
  4232 | D:3      | 4232 ||| Stepping randomly (stuck).
  4234 | D:3      | 4234 ||| Stepping randomly (stuck).
  4236 | D:3      | 4236 ||| Stepping randomly (stuck).
  4238 | D:3      | 4238 ||| Stepping randomly (stuck).
  4240 | D:3      | 4240 ||| Stepping randomly (stuck).
  4242 | D:3      | 4242 ||| Stepping randomly (stuck).
  4244 | D:3      | 4244 ||| Stepping randomly (stuck).
  4246 | D:3      | 4246 ||| Stepping randomly (stuck).
  4248 | D:3      | 4248 ||| Stepping randomly (stuck).
  4250 | D:3      | 4250 ||| Stepping randomly (stuck).
  4252 | D:3      | 4252 ||| Stepping randomly (stuck).
  4254 | D:3      | 4254 ||| Stepping randomly (stuck).
  4256 | D:3      | 4256 ||| Stepping randomly (stuck).
  4258 | D:3      | 4258 ||| Stepping randomly (stuck).
  4260 | D:3      | 4260 ||| Stepping randomly (stuck).
  4262 | D:3      | 4262 ||| Stepping randomly (stuck).
  4264 | D:3      | 4264 ||| Stepping randomly (stuck).
  4266 | D:3      | 4266 ||| Stepping randomly (stuck).
  4268 | D:3      | 4268 ||| Stepping randomly (stuck).
  4270 | D:3      | 4270 ||| Stepping randomly (stuck).
  4272 | D:3      | 4272 ||| Stepping randomly (stuck).
  4274 | D:3      | 4274 ||| Stepping randomly (stuck).
  4276 | D:3      | 4276 ||| Stepping randomly (stuck).
  4278 | D:3      | 4278 ||| Stepping randomly (stuck).
  4280 | D:3      | 4280 ||| Stepping randomly (stuck).
  4282 | D:3      | 4282 ||| Stepping randomly (stuck).
  4284 | D:3      | 4284 ||| Stepping randomly (stuck).
  4286 | D:3      | 4286 ||| Stepping randomly (stuck).
  4288 | D:3      | 4288 ||| Stepping randomly (stuck).
  4290 | D:3      | 4290 ||| Stepping randomly (stuck).
  4292 | D:3      | 4292 ||| Stepping randomly (stuck).
  4294 | D:3      | 4294 ||| Stepping randomly (stuck).
  4296 | D:3      | 4296 ||| Stepping randomly (stuck).
  4298 | D:3      | 4298 ||| Stepping randomly (stuck).
  4300 | D:3      | 4300 ||| Stepping randomly (stuck).
  4302 | D:3      | 4302 ||| Stepping randomly (stuck).
  4304 | D:3      | 4304 ||| Stepping randomly (stuck).
  4306 | D:3      | 4306 ||| Stepping randomly (stuck).
  4308 | D:3      | 4308 ||| Stepping randomly (stuck).
  4310 | D:3      | 4310 ||| Stepping randomly (stuck).
  4312 | D:3      | 4312 ||| Stepping randomly (stuck).
  4314 | D:3      | 4314 ||| Stepping randomly (stuck).
  4316 | D:3      | 4316 ||| Stepping randomly (stuck).
  4318 | D:3      | 4318 ||| Stepping randomly (stuck).
  4320 | D:3      | 4320 ||| Stepping randomly (stuck).
  4322 | D:3      | 4322 ||| Stepping randomly (stuck).
  4324 | D:3      | 4324 ||| Stepping randomly (stuck).
  4326 | D:3      | 4326 ||| Stepping randomly (stuck).
  4328 | D:3      | 4328 ||| Stepping randomly (stuck).
  4330 | D:3      | 4330 ||| Stepping randomly (stuck).
  4332 | D:3      | 4332 ||| Stepping randomly (stuck).
  4334 | D:3      | 4334 ||| Stepping randomly (stuck).
  4336 | D:3      | 4336 ||| Stepping randomly (stuck).
  4338 | D:3      | 4338 ||| Stepping randomly (stuck).
  4340 | D:3      | 4340 ||| Stepping randomly (stuck).
  4342 | D:3      | 4342 ||| Stepping randomly (stuck).
  4344 | D:3      | 4344 ||| Stepping randomly (stuck).
  4346 | D:3      | 4346 ||| Stepping randomly (stuck).
  4348 | D:3      | 4348 ||| Stepping randomly (stuck).
  4350 | D:3      | 4350 ||| Stepping randomly (stuck).
  4352 | D:3      | 4352 ||| Stepping randomly (stuck).
  4354 | D:3      | 4354 ||| Stepping randomly (stuck).
  4356 | D:3      | 4356 ||| Stepping randomly (stuck).
  4358 | D:3      | 4358 ||| Stepping randomly (stuck).
  4360 | D:3      | 4360 ||| Stepping randomly (stuck).
  4362 | D:3      | 4362 ||| Stepping randomly (stuck).
  4364 | D:3      | 4364 ||| Stepping randomly (stuck).
  4366 | D:3      | 4366 ||| Stepping randomly (stuck).
  4368 | D:3      | 4368 ||| Stepping randomly (stuck).
  4370 | D:3      | 4370 ||| Stepping randomly (stuck).
  4372 | D:3      | 4372 ||| Stepping randomly (stuck).
  4374 | D:3      | 4374 ||| Stepping randomly (stuck).
  4376 | D:3      | 4376 ||| Stepping randomly (stuck).
  4378 | D:3      | 4378 ||| Stepping randomly (stuck).
  4380 | D:3      | 4380 ||| Stepping randomly (stuck).
  4382 | D:3      | 4382 ||| Stepping randomly (stuck).
  4384 | D:3      | 4384 ||| Stepping randomly (stuck).
  4386 | D:3      | 4386 ||| Stepping randomly (stuck).
  4388 | D:3      | 4388 ||| Stepping randomly (stuck).
  4390 | D:3      | 4390 ||| Stepping randomly (stuck).
  4392 | D:3      | 4392 ||| Stepping randomly (stuck).
  4394 | D:3      | 4394 ||| Stepping randomly (stuck).
  4396 | D:3      | 4396 ||| Stepping randomly (stuck).
  4398 | D:3      | 4398 ||| Stepping randomly (stuck).
  4400 | D:3      | 4400 ||| Stepping randomly (stuck).
  4402 | D:3      | 4402 ||| Stepping randomly (stuck).
  4404 | D:3      | 4404 ||| Stepping randomly (stuck).
  4406 | D:3      | 4406 ||| Stepping randomly (stuck).
  4408 | D:3      | 4408 ||| Stepping randomly (stuck).
  4410 | D:3      | 4410 ||| Stepping randomly (stuck).
  4412 | D:3      | 4412 ||| Stepping randomly (stuck).
  4414 | D:3      | 4414 ||| Stepping randomly (stuck).
  4416 | D:3      | 4416 ||| Stepping randomly (stuck).
  4418 | D:3      | 4418 ||| Stepping randomly (stuck).
  4420 | D:3      | 4420 ||| Stepping randomly (stuck).
  4422 | D:3      | 4422 ||| Stepping randomly (stuck).
  4424 | D:3      | 4424 ||| Stepping randomly (stuck).
  4426 | D:3      | 4426 ||| Stepping randomly (stuck).
  4428 | D:3      | 4428 ||| Stepping randomly (stuck).
  4430 | D:3      | 4430 ||| Stepping randomly (stuck).
  4432 | D:3      | 4432 ||| Stepping randomly (stuck).
  4434 | D:3      | 4434 ||| Stepping randomly (stuck).
  4436 | D:3      | 4436 ||| Stepping randomly (stuck).
  4438 | D:3      | 4438 ||| Stepping randomly (stuck).
  4440 | D:3      | 4440 ||| Stepping randomly (stuck).
  4442 | D:3      | 4442 ||| Stepping randomly (stuck).
  4444 | D:3      | 4444 ||| Stepping randomly (stuck).
  4446 | D:3      | 4446 ||| Stepping randomly (stuck).
  4448 | D:3      | 4448 ||| Stepping randomly (stuck).
  4450 | D:3      | 4450 ||| Stepping randomly (stuck).
  4452 | D:3      | 4452 ||| Stepping randomly (stuck).
  4454 | D:3      | 4454 ||| Stepping randomly (stuck).
  4456 | D:3      | 4456 ||| Stepping randomly (stuck).
  4458 | D:3      | 4458 ||| Stepping randomly (stuck).
  4460 | D:3      | 4460 ||| Stepping randomly (stuck).
  4462 | D:3      | 4462 ||| Stepping randomly (stuck).
  4464 | D:3      | 4464 ||| Stepping randomly (stuck).
  4466 | D:3      | 4466 ||| Stepping randomly (stuck).
  4468 | D:3      | 4468 ||| Stepping randomly (stuck).
  4470 | D:3      | 4470 ||| Stepping randomly (stuck).
  4472 | D:3      | 4472 ||| Stepping randomly (stuck).
  4474 | D:3      | 4474 ||| Stepping randomly (stuck).
  4476 | D:3      | 4476 ||| Stepping randomly (stuck).
  4478 | D:3      | 4478 ||| Stepping randomly (stuck).
  4480 | D:3      | 4480 ||| Stepping randomly (stuck).
  4482 | D:3      | 4482 ||| Stepping randomly (stuck).
  4484 | D:3      | 4484 ||| Stepping randomly (stuck).
  4486 | D:3      | 4486 ||| Stepping randomly (stuck).
  4488 | D:3      | 4488 ||| Stepping randomly (stuck).
  4490 | D:3      | 4490 ||| Stepping randomly (stuck).
  4492 | D:3      | 4492 ||| Stepping randomly (stuck).
  4494 | D:3      | 4494 ||| Stepping randomly (stuck).
  4496 | D:3      | 4496 ||| Stepping randomly (stuck).
  4498 | D:3      | 4498 ||| Stepping randomly (stuck).
  4500 | D:3      | 4500 ||| Stepping randomly (stuck).
  4502 | D:3      | 4502 ||| Stepping randomly (stuck).
  4504 | D:3      | 4504 ||| Stepping randomly (stuck).
  4506 | D:3      | 4506 ||| Stepping randomly (stuck).
  4508 | D:3      | 4508 ||| Stepping randomly (stuck).
  4510 | D:3      | 4510 ||| Stepping randomly (stuck).
  4512 | D:3      | 4512 ||| Stepping randomly (stuck).
  4514 | D:3      | 4514 ||| Stepping randomly (stuck).
  4516 | D:3      | 4516 ||| Stepping randomly (stuck).
  4518 | D:3      | 4518 ||| Stepping randomly (stuck).
  4520 | D:3      | 4520 ||| Stepping randomly (stuck).
  4522 | D:3      | 4522 ||| Stepping randomly (stuck).
  4524 | D:3      | 4524 ||| Stepping randomly (stuck).
  4526 | D:3      | 4526 ||| Stepping randomly (stuck).
  4528 | D:3      | 4528 ||| Stepping randomly (stuck).
  4530 | D:3      | 4530 ||| Stepping randomly (stuck).
  4532 | D:3      | 4532 ||| Stepping randomly (stuck).
  4534 | D:3      | 4534 ||| Stepping randomly (stuck).
  4536 | D:3      | 4536 ||| Stepping randomly (stuck).
  4538 | D:3      | 4538 ||| Stepping randomly (stuck).
  4540 | D:3      | 4540 ||| Stepping randomly (stuck).
  4542 | D:3      | 4542 ||| Stepping randomly (stuck).
  4544 | D:3      | 4544 ||| Stepping randomly (stuck).
  4546 | D:3      | 4546 ||| Stepping randomly (stuck).
  4548 | D:3      | 4548 ||| Stepping randomly (stuck).
  4550 | D:3      | 4550 ||| Stepping randomly (stuck).
  4552 | D:3      | 4552 ||| Stepping randomly (stuck).
  4554 | D:3      | 4554 ||| Stepping randomly (stuck).
  4556 | D:3      | 4556 ||| Stepping randomly (stuck).
  4558 | D:3      | 4558 ||| Stepping randomly (stuck).
  4560 | D:3      | 4560 ||| Stepping randomly (stuck).
  4562 | D:3      | 4562 ||| Stepping randomly (stuck).
  4564 | D:3      | 4564 ||| Stepping randomly (stuck).
  4566 | D:3      | 4566 ||| Stepping randomly (stuck).
  4568 | D:3      | 4568 ||| Stepping randomly (stuck).
  4570 | D:3      | 4570 ||| Stepping randomly (stuck).
  4572 | D:3      | 4572 ||| Stepping randomly (stuck).
  4574 | D:3      | 4574 ||| Stepping randomly (stuck).
  4576 | D:3      | 4576 ||| Stepping randomly (stuck).
  4578 | D:3      | 4578 ||| Stepping randomly (stuck).
  4580 | D:3      | 4580 ||| Stepping randomly (stuck).
  4582 | D:3      | 4582 ||| Stepping randomly (stuck).
  4584 | D:3      | 4584 ||| Stepping randomly (stuck).
  4586 | D:3      | 4586 ||| Stepping randomly (stuck).
  4588 | D:3      | 4588 ||| Stepping randomly (stuck).
  4590 | D:3      | 4590 ||| Stepping randomly (stuck).
  4592 | D:3      | 4592 ||| Stepping randomly (stuck).
  4594 | D:3      | 4594 ||| Stepping randomly (stuck).
  4596 | D:3      | 4596 ||| Stepping randomly (stuck).
  4598 | D:3      | 4598 ||| Stepping randomly (stuck).
  4600 | D:3      | 4600 ||| Stepping randomly (stuck).
  4602 | D:3      | 4602 ||| Stepping randomly (stuck).
  4604 | D:3      | 4604 ||| Stepping randomly (stuck).
  4606 | D:3      | 4606 ||| Stepping randomly (stuck).
  4608 | D:3      | 4608 ||| Stepping randomly (stuck).
  4610 | D:3      | 4610 ||| Stepping randomly (stuck).
  4612 | D:3      | 4612 ||| Stepping randomly (stuck).
  4614 | D:3      | 4614 ||| Stepping randomly (stuck).
  4616 | D:3      | 4616 ||| Stepping randomly (stuck).
  4618 | D:3      | 4618 ||| Stepping randomly (stuck).
  4620 | D:3      | 4620 ||| Stepping randomly (stuck).
  4622 | D:3      | 4622 ||| Stepping randomly (stuck).
  4624 | D:3      | 4624 ||| Stepping randomly (stuck).
  4626 | D:3      | 4626 ||| Stepping randomly (stuck).
  4628 | D:3      | 4628 ||| Stepping randomly (stuck).
  4630 | D:3      | 4630 ||| Stepping randomly (stuck).
  4632 | D:3      | 4632 ||| Stepping randomly (stuck).
  4634 | D:3      | 4634 ||| Stepping randomly (stuck).
  4636 | D:3      | 4636 ||| Stepping randomly (stuck).
  4638 | D:3      | 4638 ||| Stepping randomly (stuck).
  4640 | D:3      | 4640 ||| Stepping randomly (stuck).
  4642 | D:3      | 4642 ||| Stepping randomly (stuck).
  4644 | D:3      | 4644 ||| Stepping randomly (stuck).
  4646 | D:3      | 4646 ||| Stepping randomly (stuck).
  4648 | D:3      | 4648 ||| Stepping randomly (stuck).
  4650 | D:3      | 4650 ||| Stepping randomly (stuck).
  4652 | D:3      | 4652 ||| Stepping randomly (stuck).
  4654 | D:3      | 4654 ||| Stepping randomly (stuck).
  4656 | D:3      | 4656 ||| Stepping randomly (stuck).
  4658 | D:3      | 4658 ||| Stepping randomly (stuck).
  4660 | D:3      | 4660 ||| Stepping randomly (stuck).
  4662 | D:3      | 4662 ||| Stepping randomly (stuck).
  4664 | D:3      | 4664 ||| Stepping randomly (stuck).
  4666 | D:3      | 4666 ||| Stepping randomly (stuck).
  4668 | D:3      | 4668 ||| Stepping randomly (stuck).
  4670 | D:3      | 4670 ||| Stepping randomly (stuck).
  4672 | D:3      | 4672 ||| Stepping randomly (stuck).
  4674 | D:3      | 4674 ||| Stepping randomly (stuck).
  4676 | D:3      | 4676 ||| Stepping randomly (stuck).
  4678 | D:3      | 4678 ||| Stepping randomly (stuck).
  4680 | D:3      | 4680 ||| Stepping randomly (stuck).
  4682 | D:3      | 4682 ||| Stepping randomly (stuck).
  4684 | D:3      | 4684 ||| Stepping randomly (stuck).
  4686 | D:3      | 4686 ||| Stepping randomly (stuck).
  4688 | D:3      | 4688 ||| Stepping randomly (stuck).
  4690 | D:3      | 4690 ||| Stepping randomly (stuck).
  4692 | D:3      | 4692 ||| Stepping randomly (stuck).
  4694 | D:3      | 4694 ||| Stepping randomly (stuck).
  4696 | D:3      | 4696 ||| Stepping randomly (stuck).
  4698 | D:3      | 4698 ||| Stepping randomly (stuck).
  4700 | D:3      | 4700 ||| Stepping randomly (stuck).
  4702 | D:3      | 4702 ||| Stepping randomly (stuck).
  4704 | D:3      | 4704 ||| Stepping randomly (stuck).
  4706 | D:3      | 4706 ||| Stepping randomly (stuck).
  4708 | D:3      | 4708 ||| Stepping randomly (stuck).
  4710 | D:3      | 4710 ||| Stepping randomly (stuck).
  4712 | D:3      | 4712 ||| Stepping randomly (stuck).
  4714 | D:3      | 4714 ||| Stepping randomly (stuck).
  4716 | D:3      | 4716 ||| Stepping randomly (stuck).
  4718 | D:3      | 4718 ||| Stepping randomly (stuck).
  4720 | D:3      | 4720 ||| Stepping randomly (stuck).
  4722 | D:3      | 4722 ||| Stepping randomly (stuck).
  4724 | D:3      | 4724 ||| Stepping randomly (stuck).
  4726 | D:3      | 4726 ||| Stepping randomly (stuck).
  4728 | D:3      | 4728 ||| Stepping randomly (stuck).
  4730 | D:3      | 4730 ||| Stepping randomly (stuck).
  4732 | D:3      | 4732 ||| Stepping randomly (stuck).
  4734 | D:3      | 4734 ||| Stepping randomly (stuck).
  4736 | D:3      | 4736 ||| Stepping randomly (stuck).
  4738 | D:3      | 4738 ||| Stepping randomly (stuck).
  4740 | D:3      | 4740 ||| Stepping randomly (stuck).
  4742 | D:3      | 4742 ||| Stepping randomly (stuck).
  4744 | D:3      | 4744 ||| Stepping randomly (stuck).
  4746 | D:3      | 4746 ||| Stepping randomly (stuck).
  4748 | D:3      | 4748 ||| Stepping randomly (stuck).
  4750 | D:3      | 4750 ||| Stepping randomly (stuck).
  4752 | D:3      | 4752 ||| Stepping randomly (stuck).
  4754 | D:3      | 4754 ||| Stepping randomly (stuck).
  4756 | D:3      | 4756 ||| Stepping randomly (stuck).
  4758 | D:3      | 4758 ||| Stepping randomly (stuck).
  4760 | D:3      | 4760 ||| Stepping randomly (stuck).
  4762 | D:3      | 4762 ||| Stepping randomly (stuck).
  4764 | D:3      | 4764 ||| Stepping randomly (stuck).
  4766 | D:3      | 4766 ||| Stepping randomly (stuck).
  4768 | D:3      | 4768 ||| Stepping randomly (stuck).
  4770 | D:3      | 4770 ||| Stepping randomly (stuck).
  4772 | D:3      | 4772 ||| Stepping randomly (stuck).
  4774 | D:3      | 4774 ||| Stepping randomly (stuck).
  4776 | D:3      | 4776 ||| Stepping randomly (stuck).
  4778 | D:3      | 4778 ||| Stepping randomly (stuck).
  4780 | D:3      | 4780 ||| Stepping randomly (stuck).
  4782 | D:3      | 4782 ||| Stepping randomly (stuck).
  4784 | D:3      | 4784 ||| Stepping randomly (stuck).
  4786 | D:3      | 4786 ||| Stepping randomly (stuck).
  4788 | D:3      | 4788 ||| Stepping randomly (stuck).
  4790 | D:3      | 4790 ||| Stepping randomly (stuck).
  4792 | D:3      | 4792 ||| Stepping randomly (stuck).
  4794 | D:3      | 4794 ||| Stepping randomly (stuck).
  4796 | D:3      | 4796 ||| Stepping randomly (stuck).
  4798 | D:3      | 4798 ||| Stepping randomly (stuck).
  4800 | D:3      | 4800 ||| Stepping randomly (stuck).
  4802 | D:3      | 4802 ||| Stepping randomly (stuck).
  4804 | D:3      | 4804 ||| Stepping randomly (stuck).
  4806 | D:3      | 4806 ||| Stepping randomly (stuck).
  4808 | D:3      | 4808 ||| Stepping randomly (stuck).
  4810 | D:3      | 4810 ||| Stepping randomly (stuck).
  4812 | D:3      | 4812 ||| Stepping randomly (stuck).
  4814 | D:3      | 4814 ||| Stepping randomly (stuck).
  4816 | D:3      | 4816 ||| Stepping randomly (stuck).
  4818 | D:3      | 4818 ||| Stepping randomly (stuck).
  4820 | D:3      | 4820 ||| Stepping randomly (stuck).
  4822 | D:3      | 4822 ||| Stepping randomly (stuck).
  4824 | D:3      | 4824 ||| Stepping randomly (stuck).
  4826 | D:3      | 4826 ||| Stepping randomly (stuck).
  4828 | D:3      | 4828 ||| Stepping randomly (stuck).
  4830 | D:3      | 4830 ||| Stepping randomly (stuck).
  4832 | D:3      | 4832 ||| Stepping randomly (stuck).
  4834 | D:3      | 4834 ||| Stepping randomly (stuck).
  4836 | D:3      | 4836 ||| Stepping randomly (stuck).
  4838 | D:3      | 4838 ||| Stepping randomly (stuck).
  4840 | D:3      | 4840 ||| Stepping randomly (stuck).
  4842 | D:3      | 4842 ||| Stepping randomly (stuck).
  4844 | D:3      | 4844 ||| Stepping randomly (stuck).
  4846 | D:3      | 4846 ||| Stepping randomly (stuck).
  4848 | D:3      | 4848 ||| Stepping randomly (stuck).
  4850 | D:3      | 4850 ||| Stepping randomly (stuck).
  4852 | D:3      | 4852 ||| Stepping randomly (stuck).
  4854 | D:3      | 4854 ||| Stepping randomly (stuck).
  4856 | D:3      | 4856 ||| Stepping randomly (stuck).
  4858 | D:3      | 4858 ||| Stepping randomly (stuck).
  4860 | D:3      | 4860 ||| Stepping randomly (stuck).
  4862 | D:3      | 4862 ||| Stepping randomly (stuck).
  4864 | D:3      | 4864 ||| Stepping randomly (stuck).
  4866 | D:3      | 4866 ||| Stepping randomly (stuck).
  4868 | D:3      | 4868 ||| Stepping randomly (stuck).
  4870 | D:3      | 4870 ||| Stepping randomly (stuck).
  4872 | D:3      | 4872 ||| Stepping randomly (stuck).
  4874 | D:3      | 4874 ||| Stepping randomly (stuck).
  4876 | D:3      | 4876 ||| Stepping randomly (stuck).
  4878 | D:3      | 4878 ||| Stepping randomly (stuck).
  4880 | D:3      | 4880 ||| Stepping randomly (stuck).
  4882 | D:3      | 4882 ||| Stepping randomly (stuck).
  4884 | D:3      | 4884 ||| Stepping randomly (stuck).
  4886 | D:3      | 4886 ||| Stepping randomly (stuck).
  4888 | D:3      | 4888 ||| Stepping randomly (stuck).
  4890 | D:3      | 4890 ||| Stepping randomly (stuck).
  4892 | D:3      | 4892 ||| Stepping randomly (stuck).
  4894 | D:3      | 4894 ||| Stepping randomly (stuck).
  4896 | D:3      | 4896 ||| Stepping randomly (stuck).
  4898 | D:3      | 4898 ||| Stepping randomly (stuck).
  4900 | D:3      | 4900 ||| Stepping randomly (stuck).
  4902 | D:3      | 4902 ||| Stepping randomly (stuck).
  4904 | D:3      | 4904 ||| Stepping randomly (stuck).
  4906 | D:3      | 4906 ||| Stepping randomly (stuck).
  4908 | D:3      | 4908 ||| Stepping randomly (stuck).
  4910 | D:3      | 4910 ||| Stepping randomly (stuck).
  4912 | D:3      | 4912 ||| Stepping randomly (stuck).
  4914 | D:3      | 4914 ||| Stepping randomly (stuck).
  4916 | D:3      | 4916 ||| Stepping randomly (stuck).
  4918 | D:3      | 4918 ||| Stepping randomly (stuck).
  4920 | D:3      | 4920 ||| Stepping randomly (stuck).
  4922 | D:3      | 4922 ||| Stepping randomly (stuck).
  4924 | D:3      | 4924 ||| Stepping randomly (stuck).
  4926 | D:3      | 4926 ||| Stepping randomly (stuck).
  4928 | D:3      | 4928 ||| Stepping randomly (stuck).
  4930 | D:3      | 4930 ||| Stepping randomly (stuck).
  4932 | D:3      | 4932 ||| Stepping randomly (stuck).
  4934 | D:3      | 4934 ||| Stepping randomly (stuck).
  4936 | D:3      | 4936 ||| Stepping randomly (stuck).
  4938 | D:3      | 4938 ||| Stepping randomly (stuck).
  4940 | D:3      | 4940 ||| Stepping randomly (stuck).
  4942 | D:3      | 4942 ||| Stepping randomly (stuck).
  4944 | D:3      | 4944 ||| Stepping randomly (stuck).
  4946 | D:3      | 4946 ||| Stepping randomly (stuck).
  4948 | D:3      | 4948 ||| Stepping randomly (stuck).
  4950 | D:3      | 4950 ||| Stepping randomly (stuck).
  4952 | D:3      | 4952 ||| Stepping randomly (stuck).
  4954 | D:3      | 4954 ||| Stepping randomly (stuck).
  4956 | D:3      | 4956 ||| Stepping randomly (stuck).
  4958 | D:3      | 4958 ||| Stepping randomly (stuck).
  4960 | D:3      | 4960 ||| Stepping randomly (stuck).
  4962 | D:3      | 4962 ||| Stepping randomly (stuck).
  4964 | D:3      | 4964 ||| Stepping randomly (stuck).
  4966 | D:3      | 4966 ||| Stepping randomly (stuck).
  4968 | D:3      | 4968 ||| Stepping randomly (stuck).
  4970 | D:3      | 4970 ||| Stepping randomly (stuck).
  4972 | D:3      | 4972 ||| Stepping randomly (stuck).
  4974 | D:3      | 4974 ||| Stepping randomly (stuck).
  4976 | D:3      | 4976 ||| Stepping randomly (stuck).
  4978 | D:3      | 4978 ||| Stepping randomly (stuck).
  4980 | D:3      | 4980 ||| Stepping randomly (stuck).
  4982 | D:3      | 4982 ||| Stepping randomly (stuck).
  4984 | D:3      | 4984 ||| Stepping randomly (stuck).
  4986 | D:3      | 4986 ||| Stepping randomly (stuck).
  4988 | D:3      | 4988 ||| Stepping randomly (stuck).
  4990 | D:3      | 4990 ||| Stepping randomly (stuck).
  4992 | D:3      | 4992 ||| Stepping randomly (stuck).
  4994 | D:3      | 4994 ||| Stepping randomly (stuck).
  4996 | D:3      | 4996 ||| Stepping randomly (stuck).
  4998 | D:3      | 4998 ||| Stepping randomly (stuck).
  5000 | D:3      | 5000 ||| Stepping randomly (stuck).
  5002 | D:3      | 5002 ||| Stepping randomly (stuck).
  5004 | D:3      | 5004 ||| Stepping randomly (stuck).
  5006 | D:3      | 5006 ||| Stepping randomly (stuck).
  5008 | D:3      | 5008 ||| Stepping randomly (stuck).
  5010 | D:3      | 5010 ||| Stepping randomly (stuck).
  5012 | D:3      | 5012 ||| Stepping randomly (stuck).
  5014 | D:3      | 5014 ||| Stepping randomly (stuck).
  5016 | D:3      | 5016 ||| Stepping randomly (stuck).
  5018 | D:3      | 5018 ||| Stepping randomly (stuck).
  5020 | D:3      | 5020 ||| Stepping randomly (stuck).
  5022 | D:3      | 5022 ||| Stepping randomly (stuck).
  5024 | D:3      | 5024 ||| Stepping randomly (stuck).
  5026 | D:3      | 5026 ||| Stepping randomly (stuck).
  5028 | D:3      | 5028 ||| Stepping randomly (stuck).
  5030 | D:3      | 5030 ||| Stepping randomly (stuck).
  5032 | D:3      | 5032 ||| Stepping randomly (stuck).
  5034 | D:3      | 5034 ||| Stepping randomly (stuck).
  5036 | D:3      | 5036 ||| Stepping randomly (stuck).
  5038 | D:3      | 5038 ||| Stepping randomly (stuck).
  5040 | D:3      | 5040 ||| Stepping randomly (stuck).
  5042 | D:3      | 5042 ||| Stepping randomly (stuck).
  5044 | D:3      | 5044 ||| Stepping randomly (stuck).
  5046 | D:3      | 5046 ||| Stepping randomly (stuck).
  5048 | D:3      | 5048 ||| Stepping randomly (stuck).
  5050 | D:3      | 5050 ||| Stepping randomly (stuck).
  5052 | D:3      | 5052 ||| Stepping randomly (stuck).
  5054 | D:3      | 5054 ||| Stepping randomly (stuck).
  5056 | D:3      | 5056 ||| Stepping randomly (stuck).
  5058 | D:3      | 5058 ||| Stepping randomly (stuck).
  5060 | D:3      | 5060 ||| Stepping randomly (stuck).
  5062 | D:3      | 5062 ||| Stepping randomly (stuck).
  5064 | D:3      | 5064 ||| Stepping randomly (stuck).
  5066 | D:3      | 5066 ||| Stepping randomly (stuck).
  5068 | D:3      | 5068 ||| Stepping randomly (stuck).
  5070 | D:3      | 5070 ||| Stepping randomly (stuck).
  5072 | D:3      | 5072 ||| Stepping randomly (stuck).
  5074 | D:3      | 5074 ||| Stepping randomly (stuck).
  5076 | D:3      | 5076 ||| Stepping randomly (stuck).
  5078 | D:3      | 5078 ||| Stepping randomly (stuck).
  5080 | D:3      | 5080 ||| Stepping randomly (stuck).
  5082 | D:3      | 5082 ||| Stepping randomly (stuck).
  5084 | D:3      | 5084 ||| Stepping randomly (stuck).
  5086 | D:3      | 5086 ||| Stepping randomly (stuck).
  5088 | D:3      | 5088 ||| Stepping randomly (stuck).
  5090 | D:3      | 5090 ||| Stepping randomly (stuck).
  5092 | D:3      | 5092 ||| Stepping randomly (stuck).
  5094 | D:3      | 5094 ||| Stepping randomly (stuck).
  5096 | D:3      | 5096 ||| Stepping randomly (stuck).
  5098 | D:3      | 5098 ||| Stepping randomly (stuck).
  5100 | D:3      | 5100 ||| Stepping randomly (stuck).
  5102 | D:3      | 5102 ||| Stepping randomly (stuck).
  5104 | D:3      | 5104 ||| Stepping randomly (stuck).
  5106 | D:3      | 5106 ||| Stepping randomly (stuck).
  5108 | D:3      | 5108 ||| Stepping randomly (stuck).
  5110 | D:3      | 5110 ||| Stepping randomly (stuck).
  5112 | D:3      | 5112 ||| Stepping randomly (stuck).
  5114 | D:3      | 5114 ||| Stepping randomly (stuck).
  5116 | D:3      | 5116 ||| Stepping randomly (stuck).
  5118 | D:3      | 5118 ||| Stepping randomly (stuck).
  5120 | D:3      | 5120 ||| Stepping randomly (stuck).
  5122 | D:3      | 5122 ||| Stepping randomly (stuck).
  5124 | D:3      | 5124 ||| Stepping randomly (stuck).
  5126 | D:3      | 5126 ||| Stepping randomly (stuck).
  5128 | D:3      | 5128 ||| Stepping randomly (stuck).
  5130 | D:3      | 5130 ||| Stepping randomly (stuck).
  5132 | D:3      | 5132 ||| Stepping randomly (stuck).
  5134 | D:3      | 5134 ||| Stepping randomly (stuck).
  5136 | D:3      | 5136 ||| Stepping randomly (stuck).
  5138 | D:3      | 5138 ||| Stepping randomly (stuck).
  5140 | D:3      | 5140 ||| Stepping randomly (stuck).
  5142 | D:3      | 5142 ||| Stepping randomly (stuck).
  5144 | D:3      | 5144 ||| Stepping randomly (stuck).
  5146 | D:3      | 5146 ||| Stepping randomly (stuck).
  5148 | D:3      | 5148 ||| Stepping randomly (stuck).
  5150 | D:3      | 5150 ||| Stepping randomly (stuck).
  5152 | D:3      | 5152 ||| Stepping randomly (stuck).
  5154 | D:3      | 5154 ||| Stepping randomly (stuck).
  5156 | D:3      | 5156 ||| Stepping randomly (stuck).
  5158 | D:3      | 5158 ||| Stepping randomly (stuck).
  5160 | D:3      | 5160 ||| Stepping randomly (stuck).
  5162 | D:3      | 5162 ||| Stepping randomly (stuck).
  5164 | D:3      | 5164 ||| Stepping randomly (stuck).
  5166 | D:3      | 5166 ||| Stepping randomly (stuck).
  5168 | D:3      | 5168 ||| Stepping randomly (stuck).
  5170 | D:3      | 5170 ||| Stepping randomly (stuck).
  5172 | D:3      | 5172 ||| Stepping randomly (stuck).
  5174 | D:3      | 5174 ||| Stepping randomly (stuck).
  5176 | D:3      | 5176 ||| Stepping randomly (stuck).
  5178 | D:3      | 5178 ||| Stepping randomly (stuck).
  5180 | D:3      | 5180 ||| Stepping randomly (stuck).
  5182 | D:3      | 5182 ||| Stepping randomly (stuck).
  5184 | D:3      | 5184 ||| Stepping randomly (stuck).
  5186 | D:3      | 5186 ||| Stepping randomly (stuck).
  5188 | D:3      | 5188 ||| Stepping randomly (stuck).
  5190 | D:3      | 5190 ||| Stepping randomly (stuck).
  5192 | D:3      | 5192 ||| Stepping randomly (stuck).
  5194 | D:3      | 5194 ||| Stepping randomly (stuck).
  5196 | D:3      | 5196 ||| Stepping randomly (stuck).
  5198 | D:3      | 5198 ||| Stepping randomly (stuck).
  5200 | D:3      | 5200 ||| Stepping randomly (stuck).
  5202 | D:3      | 5202 ||| Stepping randomly (stuck).
  5204 | D:3      | 5204 ||| Stepping randomly (stuck).
  5206 | D:3      | 5206 ||| Stepping randomly (stuck).
  5208 | D:3      | 5208 ||| Stepping randomly (stuck).
  5210 | D:3      | 5210 ||| Stepping randomly (stuck).
  5212 | D:3      | 5212 ||| Stepping randomly (stuck).
  5214 | D:3      | 5214 ||| Stepping randomly (stuck).
  5216 | D:3      | 5216 ||| Stepping randomly (stuck).
  5218 | D:3      | 5218 ||| Stepping randomly (stuck).
  5220 | D:3      | 5220 ||| Stepping randomly (stuck).
  5222 | D:3      | 5222 ||| Stepping randomly (stuck).
  5224 | D:3      | 5224 ||| Stepping randomly (stuck).
  5226 | D:3      | 5226 ||| Stepping randomly (stuck).
  5228 | D:3      | 5228 ||| Stepping randomly (stuck).
  5230 | D:3      | 5230 ||| Stepping randomly (stuck).
  5232 | D:3      | 5232 ||| Stepping randomly (stuck).
  5234 | D:3      | 5234 ||| Stepping randomly (stuck).
  5236 | D:3      | 5236 ||| Stepping randomly (stuck).
  5238 | D:3      | 5238 ||| Stepping randomly (stuck).
  5240 | D:3      | 5240 ||| Stepping randomly (stuck).
  5242 | D:3      | 5242 ||| Stepping randomly (stuck).
  5244 | D:3      | 5244 ||| Stepping randomly (stuck).
  5246 | D:3      | 5246 ||| Stepping randomly (stuck).
  5248 | D:3      | 5248 ||| Stepping randomly (stuck).
  5250 | D:3      | 5250 ||| Stepping randomly (stuck).
  5252 | D:3      | 5252 ||| Stepping randomly (stuck).
  5254 | D:3      | 5254 ||| Stepping randomly (stuck).
  5256 | D:3      | 5256 ||| Stepping randomly (stuck).
  5258 | D:3      | 5258 ||| Stepping randomly (stuck).
  5260 | D:3      | 5260 ||| Stepping randomly (stuck).
  5262 | D:3      | 5262 ||| Stepping randomly (stuck).
  5264 | D:3      | 5264 ||| Stepping randomly (stuck).
  5266 | D:3      | 5266 ||| Stepping randomly (stuck).
  5268 | D:3      | 5268 ||| Stepping randomly (stuck).
  5270 | D:3      | 5270 ||| Stepping randomly (stuck).
  5272 | D:3      | 5272 ||| Stepping randomly (stuck).
  5274 | D:3      | 5274 ||| Stepping randomly (stuck).
  5276 | D:3      | 5276 ||| Stepping randomly (stuck).
  5278 | D:3      | 5278 ||| Stepping randomly (stuck).
  5280 | D:3      | 5280 ||| Stepping randomly (stuck).
  5282 | D:3      | 5282 ||| Stepping randomly (stuck).
  5284 | D:3      | 5284 ||| Stepping randomly (stuck).
  5286 | D:3      | 5286 ||| Stepping randomly (stuck).
  5288 | D:3      | 5288 ||| Stepping randomly (stuck).
  5290 | D:3      | 5290 ||| Stepping randomly (stuck).
  5292 | D:3      | 5292 ||| Stepping randomly (stuck).
  5294 | D:3      | 5294 ||| Stepping randomly (stuck).
  5296 | D:3      | 5296 ||| Stepping randomly (stuck).
  5298 | D:3      | 5298 ||| Stepping randomly (stuck).
  5300 | D:3      | 5300 ||| Stepping randomly (stuck).
  5302 | D:3      | 5302 ||| Stepping randomly (stuck).
  5304 | D:3      | 5304 ||| Stepping randomly (stuck).
  5306 | D:3      | 5306 ||| Stepping randomly (stuck).
  5308 | D:3      | 5308 ||| Stepping randomly (stuck).
  5310 | D:3      | 5310 ||| Stepping randomly (stuck).
  5312 | D:3      | 5312 ||| Stepping randomly (stuck).
  5314 | D:3      | 5314 ||| Stepping randomly (stuck).
  5316 | D:3      | 5316 ||| Stepping randomly (stuck).
  5318 | D:3      | 5318 ||| Stepping randomly (stuck).
  5320 | D:3      | 5320 ||| Stepping randomly (stuck).
  5322 | D:3      | 5322 ||| Stepping randomly (stuck).
  5324 | D:3      | 5324 ||| Stepping randomly (stuck).
  5326 | D:3      | 5326 ||| Stepping randomly (stuck).
  5328 | D:3      | 5328 ||| Stepping randomly (stuck).
  5330 | D:3      | 5330 ||| Stepping randomly (stuck).
  5332 | D:3      | 5332 ||| Stepping randomly (stuck).
  5334 | D:3      | 5334 ||| Stepping randomly (stuck).
  5336 | D:3      | 5336 ||| Stepping randomly (stuck).
  5338 | D:3      | 5338 ||| Stepping randomly (stuck).
  5340 | D:3      | 5340 ||| Stepping randomly (stuck).
  5342 | D:3      | 5342 ||| Stepping randomly (stuck).
  5344 | D:3      | 5344 ||| Stepping randomly (stuck).
  5346 | D:3      | 5346 ||| Stepping randomly (stuck).
  5348 | D:3      | 5348 ||| Stepping randomly (stuck).
  5350 | D:3      | 5350 ||| Stepping randomly (stuck).
  5352 | D:3      | 5352 ||| Stepping randomly (stuck).
  5354 | D:3      | 5354 ||| Stepping randomly (stuck).
  5356 | D:3      | 5356 ||| Stepping randomly (stuck).
  5358 | D:3      | 5358 ||| Stepping randomly (stuck).
  5360 | D:3      | 5360 ||| Stepping randomly (stuck).
  5362 | D:3      | 5362 ||| Stepping randomly (stuck).
  5364 | D:3      | 5364 ||| Stepping randomly (stuck).
  5366 | D:3      | 5366 ||| Stepping randomly (stuck).
  5368 | D:3      | 5368 ||| Stepping randomly (stuck).
  5370 | D:3      | 5370 ||| Stepping randomly (stuck).
  5372 | D:3      | 5372 ||| Stepping randomly (stuck).
  5374 | D:3      | 5374 ||| Stepping randomly (stuck).
  5376 | D:3      | 5376 ||| Stepping randomly (stuck).
  5378 | D:3      | 5378 ||| Stepping randomly (stuck).
  5380 | D:3      | 5380 ||| Stepping randomly (stuck).
  5382 | D:3      | 5382 ||| Stepping randomly (stuck).
  5384 | D:3      | 5384 ||| Stepping randomly (stuck).
  5386 | D:3      | 5386 ||| Stepping randomly (stuck).
  5388 | D:3      | 5388 ||| Stepping randomly (stuck).
  5390 | D:3      | 5390 ||| Stepping randomly (stuck).
  5392 | D:3      | 5392 ||| Stepping randomly (stuck).
  5394 | D:3      | 5394 ||| Stepping randomly (stuck).
  5396 | D:3      | 5396 ||| Stepping randomly (stuck).
  5398 | D:3      | 5398 ||| Stepping randomly (stuck).
  5400 | D:3      | 5400 ||| Stepping randomly (stuck).
  5402 | D:3      | 5402 ||| Stepping randomly (stuck).
  5404 | D:3      | 5404 ||| Stepping randomly (stuck).
  5406 | D:3      | 5406 ||| Stepping randomly (stuck).
  5408 | D:3      | 5408 ||| Stepping randomly (stuck).
  5410 | D:3      | 5410 ||| Stepping randomly (stuck).
  5412 | D:3      | 5412 ||| Stepping randomly (stuck).
  5414 | D:3      | 5414 ||| Stepping randomly (stuck).
  5416 | D:3      | 5416 ||| Stepping randomly (stuck).
  5418 | D:3      | 5418 ||| Stepping randomly (stuck).
  5420 | D:3      | 5420 ||| Stepping randomly (stuck).
  5422 | D:3      | 5422 ||| Stepping randomly (stuck).
  5424 | D:3      | 5424 ||| Stepping randomly (stuck).
  5426 | D:3      | 5426 ||| Stepping randomly (stuck).
  5428 | D:3      | 5428 ||| Stepping randomly (stuck).
  5430 | D:3      | 5430 ||| Stepping randomly (stuck).
  5432 | D:3      | 5432 ||| Stepping randomly (stuck).
  5434 | D:3      | 5434 ||| Stepping randomly (stuck).
  5436 | D:3      | 5436 ||| Stepping randomly (stuck).
  5438 | D:3      | 5438 ||| Stepping randomly (stuck).
  5440 | D:3      | 5440 ||| Stepping randomly (stuck).
  5442 | D:3      | 5442 ||| Stepping randomly (stuck).
  5444 | D:3      | 5444 ||| Stepping randomly (stuck).
  5446 | D:3      | 5446 ||| Stepping randomly (stuck).
  5448 | D:3      | 5448 ||| Stepping randomly (stuck).
  5450 | D:3      | 5450 ||| Stepping randomly (stuck).
  5452 | D:3      | 5452 ||| Stepping randomly (stuck).
  5454 | D:3      | 5454 ||| Stepping randomly (stuck).
  5456 | D:3      | 5456 ||| Stepping randomly (stuck).
  5458 | D:3      | 5458 ||| Stepping randomly (stuck).
  5460 | D:3      | 5460 ||| Stepping randomly (stuck).
  5462 | D:3      | 5462 ||| Stepping randomly (stuck).
  5464 | D:3      | 5464 ||| Stepping randomly (stuck).
  5466 | D:3      | 5466 ||| Stepping randomly (stuck).
  5468 | D:3      | 5468 ||| Stepping randomly (stuck).
  5470 | D:3      | 5470 ||| Stepping randomly (stuck).
  5472 | D:3      | 5472 ||| Stepping randomly (stuck).
  5474 | D:3      | 5474 ||| Stepping randomly (stuck).
  5476 | D:3      | 5476 ||| Stepping randomly (stuck).
  5478 | D:3      | 5478 ||| Stepping randomly (stuck).
  5480 | D:3      | 5480 ||| Stepping randomly (stuck).
  5482 | D:3      | 5482 ||| Stepping randomly (stuck).
  5484 | D:3      | 5484 ||| Stepping randomly (stuck).
  5486 | D:3      | 5486 ||| Stepping randomly (stuck).
  5488 | D:3      | 5488 ||| Stepping randomly (stuck).
  5490 | D:3      | 5490 ||| Stepping randomly (stuck).
  5492 | D:3      | 5492 ||| Stepping randomly (stuck).
  5494 | D:3      | 5494 ||| Stepping randomly (stuck).
  5496 | D:3      | 5496 ||| Stepping randomly (stuck).
  5498 | D:3      | 5498 ||| Stepping randomly (stuck).
  5500 | D:3      | 5500 ||| Stepping randomly (stuck).
  5502 | D:3      | 5502 ||| Stepping randomly (stuck).
  5504 | D:3      | 5504 ||| Stepping randomly (stuck).
  5506 | D:3      | 5506 ||| Stepping randomly (stuck).
  5508 | D:3      | 5508 ||| Stepping randomly (stuck).
  5510 | D:3      | 5510 ||| Stepping randomly (stuck).
  5512 | D:3      | 5512 ||| Stepping randomly (stuck).
  5514 | D:3      | 5514 ||| Stepping randomly (stuck).
  5516 | D:3      | 5516 ||| Stepping randomly (stuck).
  5518 | D:3      | 5518 ||| Stepping randomly (stuck).
  5520 | D:3      | 5520 ||| Stepping randomly (stuck).
  5522 | D:3      | 5522 ||| Stepping randomly (stuck).
  5524 | D:3      | 5524 ||| Stepping randomly (stuck).
  5526 | D:3      | 5526 ||| Stepping randomly (stuck).
  5528 | D:3      | 5528 ||| Stepping randomly (stuck).
  5530 | D:3      | 5530 ||| Stepping randomly (stuck).
  5532 | D:3      | 5532 ||| Stepping randomly (stuck).
  5534 | D:3      | 5534 ||| Stepping randomly (stuck).
  5536 | D:3      | 5536 ||| Stepping randomly (stuck).
  5538 | D:3      | 5538 ||| Stepping randomly (stuck).
  5540 | D:3      | 5540 ||| Stepping randomly (stuck).
  5542 | D:3      | 5542 ||| Stepping randomly (stuck).
  5544 | D:3      | 5544 ||| Stepping randomly (stuck).
  5546 | D:3      | 5546 ||| Stepping randomly (stuck).
  5548 | D:3      | 5548 ||| Stepping randomly (stuck).
  5550 | D:3      | 5550 ||| Stepping randomly (stuck).
  5552 | D:3      | 5552 ||| Stepping randomly (stuck).
  5554 | D:3      | 5554 ||| Stepping randomly (stuck).
  5556 | D:3      | 5556 ||| Stepping randomly (stuck).
  5558 | D:3      | 5558 ||| Stepping randomly (stuck).
  5560 | D:3      | 5560 ||| Stepping randomly (stuck).
  5562 | D:3      | 5562 ||| Stepping randomly (stuck).
  5564 | D:3      | 5564 ||| Stepping randomly (stuck).
  5566 | D:3      | 5566 ||| Stepping randomly (stuck).
  5568 | D:3      | 5568 ||| Stepping randomly (stuck).
  5570 | D:3      | 5570 ||| Stepping randomly (stuck).
  5572 | D:3      | 5572 ||| Stepping randomly (stuck).
  5574 | D:3      | 5574 ||| Stepping randomly (stuck).
  5576 | D:3      | 5576 ||| Stepping randomly (stuck).
  5578 | D:3      | 5578 ||| Stepping randomly (stuck).
  5580 | D:3      | 5580 ||| Stepping randomly (stuck).
  5582 | D:3      | 5582 ||| Stepping randomly (stuck).
  5584 | D:3      | 5584 ||| Stepping randomly (stuck).
  5586 | D:3      | 5586 ||| Stepping randomly (stuck).
  5588 | D:3      | 5588 ||| Stepping randomly (stuck).
  5590 | D:3      | 5590 ||| Stepping randomly (stuck).
  5592 | D:3      | 5592 ||| Stepping randomly (stuck).
  5594 | D:3      | 5594 ||| Stepping randomly (stuck).
  5596 | D:3      | 5596 ||| Stepping randomly (stuck).
  5598 | D:3      | 5598 ||| Stepping randomly (stuck).
  5600 | D:3      | 5600 ||| Stepping randomly (stuck).
  5602 | D:3      | 5602 ||| Stepping randomly (stuck).
  5604 | D:3      | 5604 ||| Stepping randomly (stuck).
  5606 | D:3      | 5606 ||| Stepping randomly (stuck).
  5608 | D:3      | 5608 ||| Stepping randomly (stuck).
  5610 | D:3      | 5610 ||| Stepping randomly (stuck).
  5612 | D:3      | 5612 ||| Stepping randomly (stuck).
  5614 | D:3      | 5614 ||| Stepping randomly (stuck).
  5616 | D:3      | 5616 ||| Stepping randomly (stuck).
  5618 | D:3      | 5618 ||| Stepping randomly (stuck).
  5620 | D:3      | 5620 ||| Stepping randomly (stuck).
  5622 | D:3      | 5622 ||| Stepping randomly (stuck).
  5624 | D:3      | 5624 ||| Stepping randomly (stuck).
  5626 | D:3      | 5626 ||| Stepping randomly (stuck).
  5628 | D:3      | 5628 ||| Stepping randomly (stuck).
  5630 | D:3      | 5630 ||| Stepping randomly (stuck).
  5632 | D:3      | 5632 ||| Stepping randomly (stuck).
  5634 | D:3      | 5634 ||| Stepping randomly (stuck).
  5636 | D:3      | 5636 ||| Stepping randomly (stuck).
  5638 | D:3      | 5638 ||| Stepping randomly (stuck).
  5640 | D:3      | 5640 ||| Stepping randomly (stuck).
  5642 | D:3      | 5642 ||| Stepping randomly (stuck).
  5644 | D:3      | 5644 ||| Stepping randomly (stuck).
  5646 | D:3      | 5646 ||| Stepping randomly (stuck).
  5648 | D:3      | 5648 ||| Stepping randomly (stuck).
  5650 | D:3      | 5650 ||| Stepping randomly (stuck).
  5652 | D:3      | 5652 ||| Stepping randomly (stuck).
  5654 | D:3      | 5654 ||| Stepping randomly (stuck).
  5656 | D:3      | 5656 ||| Stepping randomly (stuck).
  5658 | D:3      | 5658 ||| Stepping randomly (stuck).
  5660 | D:3      | 5660 ||| Stepping randomly (stuck).
  5662 | D:3      | 5662 ||| Stepping randomly (stuck).
  5664 | D:3      | 5664 ||| Stepping randomly (stuck).
  5666 | D:3      | 5666 ||| Stepping randomly (stuck).
  5668 | D:3      | 5668 ||| Stepping randomly (stuck).
  5670 | D:3      | 5670 ||| Stepping randomly (stuck).
  5672 | D:3      | 5672 ||| Stepping randomly (stuck).
  5674 | D:3      | 5674 ||| Stepping randomly (stuck).
  5676 | D:3      | 5676 ||| Stepping randomly (stuck).
  5678 | D:3      | 5678 ||| Stepping randomly (stuck).
  5680 | D:3      | 5680 ||| Stepping randomly (stuck).
  5682 | D:3      | 5682 ||| Stepping randomly (stuck).
  5684 | D:3      | 5684 ||| Stepping randomly (stuck).
  5686 | D:3      | 5686 ||| Stepping randomly (stuck).
  5688 | D:3      | 5688 ||| Stepping randomly (stuck).
  5690 | D:3      | 5690 ||| Stepping randomly (stuck).
  5692 | D:3      | 5692 ||| Stepping randomly (stuck).
  5694 | D:3      | 5694 ||| Stepping randomly (stuck).
  5696 | D:3      | 5696 ||| Stepping randomly (stuck).
  5698 | D:3      | 5698 ||| Stepping randomly (stuck).
  5700 | D:3      | 5700 ||| Stepping randomly (stuck).
  5702 | D:3      | 5702 ||| Stepping randomly (stuck).
  5704 | D:3      | 5704 ||| Stepping randomly (stuck).
  5706 | D:3      | 5706 ||| Stepping randomly (stuck).
  5708 | D:3      | 5708 ||| Stepping randomly (stuck).
  5710 | D:3      | 5710 ||| Stepping randomly (stuck).
  5712 | D:3      | 5712 ||| Stepping randomly (stuck).
  5714 | D:3      | 5714 ||| Stepping randomly (stuck).
  5716 | D:3      | 5716 ||| Stepping randomly (stuck).
  5718 | D:3      | 5718 ||| Stepping randomly (stuck).
  5720 | D:3      | 5720 ||| Stepping randomly (stuck).
  5722 | D:3      | 5722 ||| Stepping randomly (stuck).
  5724 | D:3      | 5724 ||| Stepping randomly (stuck).
  5726 | D:3      | 5726 ||| Stepping randomly (stuck).
  5728 | D:3      | 5728 ||| Stepping randomly (stuck).
  5730 | D:3      | 5730 ||| Stepping randomly (stuck).
  5732 | D:3      | 5732 ||| Stepping randomly (stuck).
  5734 | D:3      | 5734 ||| Stepping randomly (stuck).
  5736 | D:3      | 5736 ||| Stepping randomly (stuck).
  5738 | D:3      | 5738 ||| Stepping randomly (stuck).
  5740 | D:3      | 5740 ||| Stepping randomly (stuck).
  5742 | D:3      | 5742 ||| Stepping randomly (stuck).
  5744 | D:3      | 5744 ||| Stepping randomly (stuck).
  5746 | D:3      | 5746 ||| Stepping randomly (stuck).
  5748 | D:3      | 5748 ||| Stepping randomly (stuck).
  5750 | D:3      | 5750 ||| Stepping randomly (stuck).
  5752 | D:3      | 5752 ||| Stepping randomly (stuck).
  5754 | D:3      | 5754 ||| Stepping randomly (stuck).
  5756 | D:3      | 5756 ||| Stepping randomly (stuck).
  5758 | D:3      | 5758 ||| Stepping randomly (stuck).
  5760 | D:3      | 5760 ||| Stepping randomly (stuck).
  5762 | D:3      | 5762 ||| Stepping randomly (stuck).
  5764 | D:3      | 5764 ||| Stepping randomly (stuck).
  5766 | D:3      | 5766 ||| Stepping randomly (stuck).
  5768 | D:3      | 5768 ||| Stepping randomly (stuck).
  5770 | D:3      | 5770 ||| Stepping randomly (stuck).
  5772 | D:3      | 5772 ||| Stepping randomly (stuck).
  5774 | D:3      | 5774 ||| Stepping randomly (stuck).
  5776 | D:3      | 5776 ||| Stepping randomly (stuck).
  5778 | D:3      | 5778 ||| Stepping randomly (stuck).
  5780 | D:3      | 5780 ||| Stepping randomly (stuck).
  5782 | D:3      | 5782 ||| Stepping randomly (stuck).
  5784 | D:3      | 5784 ||| Stepping randomly (stuck).
  5786 | D:3      | 5786 ||| Stepping randomly (stuck).
  5788 | D:3      | 5788 ||| Stepping randomly (stuck).
  5790 | D:3      | 5790 ||| Stepping randomly (stuck).
  5792 | D:3      | 5792 ||| Stepping randomly (stuck).
  5794 | D:3      | 5794 ||| Stepping randomly (stuck).
  5796 | D:3      | 5796 ||| Stepping randomly (stuck).
  5798 | D:3      | 5798 ||| Stepping randomly (stuck).
  5800 | D:3      | 5800 ||| Stepping randomly (stuck).
  5802 | D:3      | 5802 ||| Stepping randomly (stuck).
  5804 | D:3      | 5804 ||| Stepping randomly (stuck).
  5806 | D:3      | 5806 ||| Stepping randomly (stuck).
  5808 | D:3      | 5808 ||| Stepping randomly (stuck).
  5810 | D:3      | 5810 ||| Stepping randomly (stuck).
  5812 | D:3      | 5812 ||| Stepping randomly (stuck).
  5814 | D:3      | 5814 ||| Stepping randomly (stuck).
  5816 | D:3      | 5816 ||| Stepping randomly (stuck).
  5818 | D:3      | 5818 ||| Stepping randomly (stuck).
  5820 | D:3      | 5820 ||| Stepping randomly (stuck).
  5822 | D:3      | 5822 ||| Stepping randomly (stuck).
  5824 | D:3      | 5824 ||| Stepping randomly (stuck).
  5826 | D:3      | 5826 ||| Stepping randomly (stuck).
  5828 | D:3      | 5828 ||| Stepping randomly (stuck).
  5830 | D:3      | 5830 ||| Stepping randomly (stuck).
  5832 | D:3      | 5832 ||| Stepping randomly (stuck).
  5834 | D:3      | 5834 ||| Stepping randomly (stuck).
  5836 | D:3      | 5836 ||| Stepping randomly (stuck).
  5838 | D:3      | 5838 ||| Stepping randomly (stuck).
  5840 | D:3      | 5840 ||| Stepping randomly (stuck).
  5842 | D:3      | 5842 ||| Stepping randomly (stuck).
  5844 | D:3      | 5844 ||| Stepping randomly (stuck).
  5846 | D:3      | 5846 ||| Stepping randomly (stuck).
  5848 | D:3      | 5848 ||| Stepping randomly (stuck).
  5850 | D:3      | 5850 ||| Stepping randomly (stuck).
  5852 | D:3      | 5852 ||| Stepping randomly (stuck).
  5854 | D:3      | 5854 ||| Stepping randomly (stuck).
  5856 | D:3      | 5856 ||| Stepping randomly (stuck).
  5858 | D:3      | 5858 ||| Stepping randomly (stuck).
  5860 | D:3      | 5860 ||| Stepping randomly (stuck).
  5862 | D:3      | 5862 ||| Stepping randomly (stuck).
  5864 | D:3      | 5864 ||| Stepping randomly (stuck).
  5866 | D:3      | 5866 ||| Stepping randomly (stuck).
  5868 | D:3      | 5868 ||| Stepping randomly (stuck).
  5870 | D:3      | 5870 ||| Stepping randomly (stuck).
  5872 | D:3      | 5872 ||| Stepping randomly (stuck).
  5874 | D:3      | 5874 ||| Stepping randomly (stuck).
  5876 | D:3      | 5876 ||| Stepping randomly (stuck).
  5878 | D:3      | 5878 ||| Stepping randomly (stuck).
  5880 | D:3      | 5880 ||| Stepping randomly (stuck).
  5882 | D:3      | 5882 ||| Stepping randomly (stuck).
  5884 | D:3      | 5884 ||| Stepping randomly (stuck).
  5886 | D:3      | 5886 ||| Stepping randomly (stuck).
  5888 | D:3      | 5888 ||| Stepping randomly (stuck).
  5890 | D:3      | 5890 ||| Stepping randomly (stuck).
  5892 | D:3      | 5892 ||| Stepping randomly (stuck).
  5894 | D:3      | 5894 ||| Stepping randomly (stuck).
  5896 | D:3      | 5896 ||| Stepping randomly (stuck).
  5898 | D:3      | 5898 ||| Stepping randomly (stuck).
  5900 | D:3      | 5900 ||| Stepping randomly (stuck).
  5902 | D:3      | 5902 ||| Stepping randomly (stuck).
  5904 | D:3      | 5904 ||| Stepping randomly (stuck).
  5906 | D:3      | 5906 ||| Stepping randomly (stuck).
  5908 | D:3      | 5908 ||| Stepping randomly (stuck).
  5910 | D:3      | 5910 ||| Stepping randomly (stuck).
  5912 | D:3      | 5912 ||| Stepping randomly (stuck).
  5914 | D:3      | 5914 ||| Stepping randomly (stuck).
  5916 | D:3      | 5916 ||| Stepping randomly (stuck).
  5918 | D:3      | 5918 ||| Stepping randomly (stuck).
  5920 | D:3      | 5920 ||| Stepping randomly (stuck).
  5922 | D:3      | 5922 ||| Stepping randomly (stuck).
  5924 | D:3      | 5924 ||| Stepping randomly (stuck).
  5926 | D:3      | 5926 ||| Stepping randomly (stuck).
  5928 | D:3      | 5928 ||| Stepping randomly (stuck).
  5930 | D:3      | 5930 ||| Stepping randomly (stuck).
  5932 | D:3      | 5932 ||| Stepping randomly (stuck).
  5934 | D:3      | 5934 ||| Stepping randomly (stuck).
  5936 | D:3      | 5936 ||| Stepping randomly (stuck).
  5938 | D:3      | 5938 ||| Stepping randomly (stuck).
  5940 | D:3      | 5940 ||| Stepping randomly (stuck).
  5942 | D:3      | 5942 ||| Stepping randomly (stuck).
  5944 | D:3      | 5944 ||| Stepping randomly (stuck).
  5946 | D:3      | 5946 ||| Stepping randomly (stuck).
  5948 | D:3      | 5948 ||| Stepping randomly (stuck).
  5950 | D:3      | 5950 ||| Stepping randomly (stuck).
  5952 | D:3      | 5952 ||| Stepping randomly (stuck).
  5954 | D:3      | 5954 ||| Stepping randomly (stuck).
  5956 | D:3      | 5956 ||| Stepping randomly (stuck).
  5958 | D:3      | 5958 ||| Stepping randomly (stuck).
  5960 | D:3      | 5960 ||| Stepping randomly (stuck).
  5962 | D:3      | 5962 ||| Stepping randomly (stuck).
  5964 | D:3      | 5964 ||| Stepping randomly (stuck).
  5966 | D:3      | 5966 ||| Stepping randomly (stuck).
  5968 | D:3      | 5968 ||| Stepping randomly (stuck).
  5970 | D:3      | 5970 ||| Stepping randomly (stuck).
  5972 | D:3      | 5972 ||| Stepping randomly (stuck).
  5974 | D:3      | 5974 ||| Stepping randomly (stuck).
  5976 | D:3      | 5976 ||| Stepping randomly (stuck).
  5978 | D:3      | 5978 ||| Stepping randomly (stuck).
  5980 | D:3      | 5980 ||| Stepping randomly (stuck).
  5982 | D:3      | 5982 ||| Stepping randomly (stuck).
  5984 | D:3      | 5984 ||| Stepping randomly (stuck).
  5986 | D:3      | 5986 ||| Stepping randomly (stuck).
  5988 | D:3      | 5988 ||| Stepping randomly (stuck).
  5990 | D:3      | 5990 ||| Stepping randomly (stuck).
  5992 | D:3      | 5992 ||| Stepping randomly (stuck).
  5994 | D:3      | 5994 ||| Stepping randomly (stuck).
  5996 | D:3      | 5996 ||| Stepping randomly (stuck).
  5998 | D:3      | 5998 ||| Stepping randomly (stuck).
  6000 | D:3      | 6000 ||| Stepping randomly (stuck).
  6002 | D:3      | 6002 ||| Stepping randomly (stuck).
  6004 | D:3      | 6004 ||| Stepping randomly (stuck).
  6006 | D:3      | 6006 ||| Stepping randomly (stuck).
  6008 | D:3      | 6008 ||| Stepping randomly (stuck).
  6010 | D:3      | 6010 ||| Stepping randomly (stuck).
  6012 | D:3      | 6012 ||| Stepping randomly (stuck).
  6014 | D:3      | 6014 ||| Stepping randomly (stuck).
  6016 | D:3      | 6016 ||| Stepping randomly (stuck).
  6018 | D:3      | 6018 ||| Stepping randomly (stuck).
  6020 | D:3      | 6020 ||| Stepping randomly (stuck).
  6022 | D:3      | 6022 ||| Stepping randomly (stuck).
  6024 | D:3      | 6024 ||| Stepping randomly (stuck).
  6026 | D:3      | 6026 ||| Stepping randomly (stuck).
  6028 | D:3      | 6028 ||| Stepping randomly (stuck).
  6030 | D:3      | 6030 ||| Stepping randomly (stuck).
  6032 | D:3      | 6032 ||| Stepping randomly (stuck).
  6034 | D:3      | 6034 ||| Stepping randomly (stuck).
  6036 | D:3      | 6036 ||| Stepping randomly (stuck).
  6038 | D:3      | 6038 ||| Stepping randomly (stuck).
  6040 | D:3      | 6040 ||| Stepping randomly (stuck).
  6042 | D:3      | 6042 ||| Stepping randomly (stuck).
  6044 | D:3      | 6044 ||| Stepping randomly (stuck).
  6046 | D:3      | 6046 ||| Stepping randomly (stuck).
  6048 | D:3      | 6048 ||| Stepping randomly (stuck).
  6050 | D:3      | 6050 ||| Stepping randomly (stuck).
  6052 | D:3      | 6052 ||| Stepping randomly (stuck).
  6054 | D:3      | 6054 ||| Stepping randomly (stuck).
  6056 | D:3      | 6056 ||| Stepping randomly (stuck).
  6058 | D:3      | 6058 ||| Stepping randomly (stuck).
  6060 | D:3      | 6060 ||| Stepping randomly (stuck).
  6062 | D:3      | 6062 ||| Stepping randomly (stuck).
  6064 | D:3      | 6064 ||| Stepping randomly (stuck).
  6066 | D:3      | 6066 ||| Stepping randomly (stuck).
  6068 | D:3      | 6068 ||| Stepping randomly (stuck).
  6070 | D:3      | 6070 ||| Stepping randomly (stuck).
  6072 | D:3      | 6072 ||| Stepping randomly (stuck).
  6074 | D:3      | 6074 ||| Stepping randomly (stuck).
  6076 | D:3      | 6076 ||| Stepping randomly (stuck).
  6078 | D:3      | 6078 ||| Stepping randomly (stuck).
  6080 | D:3      | 6080 ||| Stepping randomly (stuck).
  6082 | D:3      | 6082 ||| Stepping randomly (stuck).
  6084 | D:3      | 6084 ||| Stepping randomly (stuck).
  6086 | D:3      | 6086 ||| Stepping randomly (stuck).
  6088 | D:3      | 6088 ||| Stepping randomly (stuck).
  6090 | D:3      | 6090 ||| Stepping randomly (stuck).
  6092 | D:3      | 6092 ||| Stepping randomly (stuck).
  6094 | D:3      | 6094 ||| Stepping randomly (stuck).
  6096 | D:3      | 6096 ||| Stepping randomly (stuck).
  6098 | D:3      | 6098 ||| Stepping randomly (stuck).
  6100 | D:3      | 6100 ||| Stepping randomly (stuck).
  6102 | D:3      | 6102 ||| Stepping randomly (stuck).
  6104 | D:3      | 6104 ||| Stepping randomly (stuck).
  6106 | D:3      | 6106 ||| Stepping randomly (stuck).
  6108 | D:3      | 6108 ||| Stepping randomly (stuck).
  6110 | D:3      | 6110 ||| Stepping randomly (stuck).
  6112 | D:3      | 6112 ||| Stepping randomly (stuck).
  6114 | D:3      | 6114 ||| Stepping randomly (stuck).
  6116 | D:3      | 6116 ||| Stepping randomly (stuck).
  6118 | D:3      | 6118 ||| Stepping randomly (stuck).
  6120 | D:3      | 6120 ||| Stepping randomly (stuck).
  6122 | D:3      | 6122 ||| Stepping randomly (stuck).
  6124 | D:3      | 6124 ||| Stepping randomly (stuck).
  6126 | D:3      | 6126 ||| Stepping randomly (stuck).
  6128 | D:3      | 6128 ||| Stepping randomly (stuck).
  6130 | D:3      | 6130 ||| Stepping randomly (stuck).
  6132 | D:3      | 6132 ||| Stepping randomly (stuck).
  6134 | D:3      | 6134 ||| Stepping randomly (stuck).
  6136 | D:3      | 6136 ||| Stepping randomly (stuck).
  6138 | D:3      | 6138 ||| Stepping randomly (stuck).
  6140 | D:3      | 6140 ||| Stepping randomly (stuck).
  6142 | D:3      | 6142 ||| Stepping randomly (stuck).
  6144 | D:3      | 6144 ||| Stepping randomly (stuck).
  6146 | D:3      | 6146 ||| Stepping randomly (stuck).
  6148 | D:3      | 6148 ||| Stepping randomly (stuck).
  6150 | D:3      | 6150 ||| Stepping randomly (stuck).
  6152 | D:3      | 6152 ||| Stepping randomly (stuck).
  6154 | D:3      | 6154 ||| Stepping randomly (stuck).
  6156 | D:3      | 6156 ||| Stepping randomly (stuck).
  6158 | D:3      | 6158 ||| Stepping randomly (stuck).
  6160 | D:3      | 6160 ||| Stepping randomly (stuck).
  6162 | D:3      | 6162 ||| Stepping randomly (stuck).
  6164 | D:3      | 6164 ||| Stepping randomly (stuck).
  6166 | D:3      | 6166 ||| Stepping randomly (stuck).
  6168 | D:3      | 6168 ||| Stepping randomly (stuck).
  6170 | D:3      | 6170 ||| Stepping randomly (stuck).
  6172 | D:3      | 6172 ||| Stepping randomly (stuck).
  6174 | D:3      | 6174 ||| Stepping randomly (stuck).
  6176 | D:3      | 6176 ||| Stepping randomly (stuck).
  6178 | D:3      | 6178 ||| Stepping randomly (stuck).
  6180 | D:3      | 6180 ||| Stepping randomly (stuck).
  6182 | D:3      | 6182 ||| Stepping randomly (stuck).
  6184 | D:3      | 6184 ||| Stepping randomly (stuck).
  6186 | D:3      | 6186 ||| Stepping randomly (stuck).
  6188 | D:3      | 6188 ||| Stepping randomly (stuck).
  6190 | D:3      | 6190 ||| Stepping randomly (stuck).
  6192 | D:3      | 6192 ||| Stepping randomly (stuck).
  6194 | D:3      | 6194 ||| Stepping randomly (stuck).
  6196 | D:3      | 6196 ||| Stepping randomly (stuck).
  6198 | D:3      | 6198 ||| Stepping randomly (stuck).
  6200 | D:3      | 6200 ||| Stepping randomly (stuck).
  6202 | D:3      | 6202 ||| Stepping randomly (stuck).
  6204 | D:3      | 6204 ||| Stepping randomly (stuck).
  6206 | D:3      | 6206 ||| Stepping randomly (stuck).
  6208 | D:3      | 6208 ||| Stepping randomly (stuck).
  6210 | D:3      | 6210 ||| Stepping randomly (stuck).
  6212 | D:3      | 6212 ||| Stepping randomly (stuck).
  6214 | D:3      | 6214 ||| Stepping randomly (stuck).
  6216 | D:3      | 6216 ||| Stepping randomly (stuck).
  6218 | D:3      | 6218 ||| Stepping randomly (stuck).
  6220 | D:3      | 6220 ||| Stepping randomly (stuck).
  6222 | D:3      | 6222 ||| Stepping randomly (stuck).
  6224 | D:3      | 6224 ||| Stepping randomly (stuck).
  6226 | D:3      | 6226 ||| Stepping randomly (stuck).
  6228 | D:3      | 6228 ||| Stepping randomly (stuck).
  6230 | D:3      | 6230 ||| Stepping randomly (stuck).
  6232 | D:3      | 6232 ||| Stepping randomly (stuck).
  6234 | D:3      | 6234 ||| Stepping randomly (stuck).
  6236 | D:3      | 6236 ||| Stepping randomly (stuck).
  6238 | D:3      | 6238 ||| Stepping randomly (stuck).
  6240 | D:3      | 6240 ||| Stepping randomly (stuck).
  6242 | D:3      | 6242 ||| Stepping randomly (stuck).
  6244 | D:3      | 6244 ||| Stepping randomly (stuck).
  6246 | D:3      | 6246 ||| Stepping randomly (stuck).
  6248 | D:3      | 6248 ||| Stepping randomly (stuck).
  6250 | D:3      | 6250 ||| Stepping randomly (stuck).
  6252 | D:3      | 6252 ||| Stepping randomly (stuck).
  6254 | D:3      | 6254 ||| Stepping randomly (stuck).
  6256 | D:3      | 6256 ||| Stepping randomly (stuck).
  6258 | D:3      | 6258 ||| Stepping randomly (stuck).
  6260 | D:3      | 6260 ||| Stepping randomly (stuck).
  6262 | D:3      | 6262 ||| Stepping randomly (stuck).
  6264 | D:3      | 6264 ||| Stepping randomly (stuck).
  6266 | D:3      | 6266 ||| Stepping randomly (stuck).
  6268 | D:3      | 6268 ||| Stepping randomly (stuck).
  6270 | D:3      | 6270 ||| Stepping randomly (stuck).
  6272 | D:3      | 6272 ||| Stepping randomly (stuck).
  6274 | D:3      | 6274 ||| Stepping randomly (stuck).
  6276 | D:3      | 6276 ||| Stepping randomly (stuck).
  6278 | D:3      | 6278 ||| Stepping randomly (stuck).
  6280 | D:3      | 6280 ||| Stepping randomly (stuck).
  6282 | D:3      | 6282 ||| Stepping randomly (stuck).
  6284 | D:3      | 6284 ||| Stepping randomly (stuck).
  6286 | D:3      | 6286 ||| Stepping randomly (stuck).
  6288 | D:3      | 6288 ||| Stepping randomly (stuck).
  6290 | D:3      | 6290 ||| Stepping randomly (stuck).
  6292 | D:3      | 6292 ||| Stepping randomly (stuck).
  6294 | D:3      | 6294 ||| Stepping randomly (stuck).
  6296 | D:3      | 6296 ||| Stepping randomly (stuck).
  6298 | D:3      | 6298 ||| Stepping randomly (stuck).
  6300 | D:3      | 6300 ||| Stepping randomly (stuck).
  6302 | D:3      | 6302 ||| Stepping randomly (stuck).
  6304 | D:3      | 6304 ||| Stepping randomly (stuck).
  6306 | D:3      | 6306 ||| Stepping randomly (stuck).
  6308 | D:3      | 6308 ||| Stepping randomly (stuck).
  6310 | D:3      | 6310 ||| Stepping randomly (stuck).
  6312 | D:3      | 6312 ||| Stepping randomly (stuck).
  6314 | D:3      | 6314 ||| Stepping randomly (stuck).
  6316 | D:3      | 6316 ||| Stepping randomly (stuck).
  6318 | D:3      | 6318 ||| Stepping randomly (stuck).
  6320 | D:3      | 6320 ||| Stepping randomly (stuck).
  6322 | D:3      | 6322 ||| Stepping randomly (stuck).
  6324 | D:3      | 6324 ||| Stepping randomly (stuck).
  6326 | D:3      | 6326 ||| Stepping randomly (stuck).
  6328 | D:3      | 6328 ||| Stepping randomly (stuck).
  6330 | D:3      | 6330 ||| Stepping randomly (stuck).
  6332 | D:3      | 6332 ||| Stepping randomly (stuck).
  6334 | D:3      | 6334 ||| Stepping randomly (stuck).
  6336 | D:3      | 6336 ||| Stepping randomly (stuck).
  6338 | D:3      | 6338 ||| Stepping randomly (stuck).
  6340 | D:3      | 6340 ||| Stepping randomly (stuck).
  6342 | D:3      | 6342 ||| Stepping randomly (stuck).
  6344 | D:3      | 6344 ||| Stepping randomly (stuck).
  6346 | D:3      | 6346 ||| Stepping randomly (stuck).
  6348 | D:3      | 6348 ||| Stepping randomly (stuck).
  6350 | D:3      | 6350 ||| Stepping randomly (stuck).
  6352 | D:3      | 6352 ||| Stepping randomly (stuck).
  6354 | D:3      | 6354 ||| Stepping randomly (stuck).
  6356 | D:3      | 6356 ||| Stepping randomly (stuck).
  6358 | D:3      | 6358 ||| Stepping randomly (stuck).
  6360 | D:3      | 6360 ||| Stepping randomly (stuck).
  6362 | D:3      | 6362 ||| Stepping randomly (stuck).
  6364 | D:3      | 6364 ||| Stepping randomly (stuck).
  6366 | D:3      | 6366 ||| Stepping randomly (stuck).
  6368 | D:3      | 6368 ||| Stepping randomly (stuck).
  6370 | D:3      | 6370 ||| Stepping randomly (stuck).
  6372 | D:3      | 6372 ||| Stepping randomly (stuck).
  6374 | D:3      | 6374 ||| Stepping randomly (stuck).
  6376 | D:3      | 6376 ||| Stepping randomly (stuck).
  6378 | D:3      | 6378 ||| Stepping randomly (stuck).
  6380 | D:3      | 6380 ||| Stepping randomly (stuck).
  6382 | D:3      | 6382 ||| Stepping randomly (stuck).
  6384 | D:3      | 6384 ||| Stepping randomly (stuck).
  6386 | D:3      | 6386 ||| Stepping randomly (stuck).
  6388 | D:3      | 6388 ||| Stepping randomly (stuck).
  6390 | D:3      | 6390 ||| Stepping randomly (stuck).
  6392 | D:3      | 6392 ||| Stepping randomly (stuck).
  6394 | D:3      | 6394 ||| Stepping randomly (stuck).
  6396 | D:3      | 6396 ||| Stepping randomly (stuck).
  6398 | D:3      | 6398 ||| Stepping randomly (stuck).
  6400 | D:3      | 6400 ||| Stepping randomly (stuck).
  6402 | D:3      | 6402 ||| Stepping randomly (stuck).
  6404 | D:3      | 6404 ||| Stepping randomly (stuck).
  6406 | D:3      | 6406 ||| Stepping randomly (stuck).
  6408 | D:3      | 6408 ||| Stepping randomly (stuck).
  6410 | D:3      | 6410 ||| Stepping randomly (stuck).
  6412 | D:3      | 6412 ||| Stepping randomly (stuck).
  6414 | D:3      | 6414 ||| Stepping randomly (stuck).
  6416 | D:3      | 6416 ||| Stepping randomly (stuck).
  6418 | D:3      | 6418 ||| Stepping randomly (stuck).
  6420 | D:3      | 6420 ||| Stepping randomly (stuck).
  6422 | D:3      | 6422 ||| Stepping randomly (stuck).
  6424 | D:3      | 6424 ||| Stepping randomly (stuck).
  6426 | D:3      | 6426 ||| Stepping randomly (stuck).
  6428 | D:3      | 6428 ||| Stepping randomly (stuck).
  6430 | D:3      | 6430 ||| Stepping randomly (stuck).
  6432 | D:3      | 6432 ||| Stepping randomly (stuck).
  6434 | D:3      | 6434 ||| Stepping randomly (stuck).
  6436 | D:3      | 6436 ||| Stepping randomly (stuck).
  6438 | D:3      | 6438 ||| Stepping randomly (stuck).
  6440 | D:3      | 6440 ||| Stepping randomly (stuck).
  6442 | D:3      | 6442 ||| Stepping randomly (stuck).
  6444 | D:3      | 6444 ||| Stepping randomly (stuck).
  6446 | D:3      | 6446 ||| Stepping randomly (stuck).
  6448 | D:3      | 6448 ||| Stepping randomly (stuck).
  6450 | D:3      | 6450 ||| Stepping randomly (stuck).
  6452 | D:3      | 6452 ||| Stepping randomly (stuck).
  6454 | D:3      | 6454 ||| Stepping randomly (stuck).
  6456 | D:3      | 6456 ||| Stepping randomly (stuck).
  6458 | D:3      | 6458 ||| Stepping randomly (stuck).
  6460 | D:3      | 6460 ||| Stepping randomly (stuck).
  6462 | D:3      | 6462 ||| Stepping randomly (stuck).
  6464 | D:3      | 6464 ||| Stepping randomly (stuck).
  6466 | D:3      | 6466 ||| Stepping randomly (stuck).
  6468 | D:3      | 6468 ||| Stepping randomly (stuck).
  6470 | D:3      | 6470 ||| Stepping randomly (stuck).
  6472 | D:3      | 6472 ||| Stepping randomly (stuck).
  6474 | D:3      | 6474 ||| Stepping randomly (stuck).
  6476 | D:3      | 6476 ||| Stepping randomly (stuck).
  6478 | D:3      | 6478 ||| Stepping randomly (stuck).
  6480 | D:3      | 6480 ||| Stepping randomly (stuck).
  6482 | D:3      | 6482 ||| Stepping randomly (stuck).
  6484 | D:3      | 6484 ||| Stepping randomly (stuck).
  6486 | D:3      | 6486 ||| Stepping randomly (stuck).
  6488 | D:3      | 6488 ||| Stepping randomly (stuck).
  6490 | D:3      | 6490 ||| Stepping randomly (stuck).
  6492 | D:3      | 6492 ||| Stepping randomly (stuck).
  6494 | D:3      | 6494 ||| Stepping randomly (stuck).
  6496 | D:3      | 6496 ||| Stepping randomly (stuck).
  6498 | D:3      | 6498 ||| Stepping randomly (stuck).
  6500 | D:3      | 6500 ||| Stepping randomly (stuck).
  6502 | D:3      | 6502 ||| Stepping randomly (stuck).
  6504 | D:3      | 6504 ||| Stepping randomly (stuck).
  6506 | D:3      | 6506 ||| Stepping randomly (stuck).
  6508 | D:3      | 6508 ||| Stepping randomly (stuck).
  6510 | D:3      | 6510 ||| Stepping randomly (stuck).
  6512 | D:3      | 6512 ||| Stepping randomly (stuck).
  6514 | D:3      | 6514 ||| Stepping randomly (stuck).
  6516 | D:3      | 6516 ||| Stepping randomly (stuck).
  6518 | D:3      | 6518 ||| Stepping randomly (stuck).
  6520 | D:3      | 6520 ||| Stepping randomly (stuck).
  6522 | D:3      | 6522 ||| Stepping randomly (stuck).
  6524 | D:3      | 6524 ||| Stepping randomly (stuck).
  6526 | D:3      | 6526 ||| Stepping randomly (stuck).
  6528 | D:3      | 6528 ||| Stepping randomly (stuck).
  6530 | D:3      | 6530 ||| Stepping randomly (stuck).
  6532 | D:3      | 6532 ||| Stepping randomly (stuck).
  6534 | D:3      | 6534 ||| Stepping randomly (stuck).
  6536 | D:3      | 6536 ||| Stepping randomly (stuck).
  6538 | D:3      | 6538 ||| Stepping randomly (stuck).
  6540 | D:3      | 6540 ||| Stepping randomly (stuck).
  6542 | D:3      | 6542 ||| Stepping randomly (stuck).
  6544 | D:3      | 6544 ||| Stepping randomly (stuck).
  6546 | D:3      | 6546 ||| Stepping randomly (stuck).
  6548 | D:3      | 6548 ||| Stepping randomly (stuck).
  6550 | D:3      | 6550 ||| Stepping randomly (stuck).
  6552 | D:3      | 6552 ||| Stepping randomly (stuck).
  6554 | D:3      | 6554 ||| Stepping randomly (stuck).
  6556 | D:3      | 6556 ||| Stepping randomly (stuck).
  6558 | D:3      | 6558 ||| Stepping randomly (stuck).
  6560 | D:3      | 6560 ||| Stepping randomly (stuck).
  6562 | D:3      | 6562 ||| Stepping randomly (stuck).
  6564 | D:3      | 6564 ||| Stepping randomly (stuck).
  6566 | D:3      | 6566 ||| Stepping randomly (stuck).
  6568 | D:3      | 6568 ||| Stepping randomly (stuck).
  6570 | D:3      | 6570 ||| Stepping randomly (stuck).
  6572 | D:3      | 6572 ||| Stepping randomly (stuck).
  6574 | D:3      | 6574 ||| Stepping randomly (stuck).
  6576 | D:3      | 6576 ||| Stepping randomly (stuck).
  6578 | D:3      | 6578 ||| Stepping randomly (stuck).
  6580 | D:3      | 6580 ||| Stepping randomly (stuck).
  6582 | D:3      | 6582 ||| Stepping randomly (stuck).
  6584 | D:3      | 6584 ||| Stepping randomly (stuck).
  6586 | D:3      | 6586 ||| Stepping randomly (stuck).
  6588 | D:3      | 6588 ||| Stepping randomly (stuck).
  6590 | D:3      | 6590 ||| Stepping randomly (stuck).
  6592 | D:3      | 6592 ||| Stepping randomly (stuck).
  6594 | D:3      | 6594 ||| Stepping randomly (stuck).
  6596 | D:3      | 6596 ||| Stepping randomly (stuck).
  6598 | D:3      | 6598 ||| Stepping randomly (stuck).
  6600 | D:3      | 6600 ||| Stepping randomly (stuck).
  6602 | D:3      | 6602 ||| Stepping randomly (stuck).
  6604 | D:3      | 6604 ||| Stepping randomly (stuck).
  6606 | D:3      | 6606 ||| Stepping randomly (stuck).
  6608 | D:3      | 6608 ||| Stepping randomly (stuck).
  6610 | D:3      | 6610 ||| Stepping randomly (stuck).
  6612 | D:3      | 6612 ||| Stepping randomly (stuck).
  6614 | D:3      | 6614 ||| Stepping randomly (stuck).
  6616 | D:3      | 6616 ||| Stepping randomly (stuck).
  6618 | D:3      | 6618 ||| Stepping randomly (stuck).
  6620 | D:3      | 6620 ||| Stepping randomly (stuck).
  6622 | D:3      | 6622 ||| Stepping randomly (stuck).
  6624 | D:3      | 6624 ||| Stepping randomly (stuck).
  6626 | D:3      | 6626 ||| Stepping randomly (stuck).
  6628 | D:3      | 6628 ||| Stepping randomly (stuck).
  6630 | D:3      | 6630 ||| Stepping randomly (stuck).
  6632 | D:3      | 6632 ||| Stepping randomly (stuck).
  6634 | D:3      | 6634 ||| Stepping randomly (stuck).
  6636 | D:3      | 6636 ||| Stepping randomly (stuck).
  6638 | D:3      | 6638 ||| Stepping randomly (stuck).
  6640 | D:3      | 6640 ||| Stepping randomly (stuck).
  6642 | D:3      | 6642 ||| Stepping randomly (stuck).
  6644 | D:3      | 6644 ||| Stepping randomly (stuck).
  6646 | D:3      | 6646 ||| Stepping randomly (stuck).
  6648 | D:3      | 6648 ||| Stepping randomly (stuck).
  6650 | D:3      | 6650 ||| Stepping randomly (stuck).
  6652 | D:3      | 6652 ||| Stepping randomly (stuck).
  6654 | D:3      | 6654 ||| Stepping randomly (stuck).
  6656 | D:3      | 6656 ||| Stepping randomly (stuck).
  6658 | D:3      | 6658 ||| Stepping randomly (stuck).
  6660 | D:3      | 6660 ||| Stepping randomly (stuck).
  6662 | D:3      | 6662 ||| Stepping randomly (stuck).
  6664 | D:3      | 6664 ||| Stepping randomly (stuck).
  6666 | D:3      | 6666 ||| Stepping randomly (stuck).
  6668 | D:3      | 6668 ||| Stepping randomly (stuck).
  6670 | D:3      | 6670 ||| Stepping randomly (stuck).
  6672 | D:3      | 6672 ||| Stepping randomly (stuck).
  6674 | D:3      | 6674 ||| Stepping randomly (stuck).
  6676 | D:3      | 6676 ||| Stepping randomly (stuck).
  6678 | D:3      | 6678 ||| Stepping randomly (stuck).
  6680 | D:3      | 6680 ||| Stepping randomly (stuck).
  6682 | D:3      | 6682 ||| Stepping randomly (stuck).
  6684 | D:3      | 6684 ||| Stepping randomly (stuck).
  6686 | D:3      | 6686 ||| Stepping randomly (stuck).
  6688 | D:3      | 6688 ||| Stepping randomly (stuck).
  6690 | D:3      | 6690 ||| Stepping randomly (stuck).
  6692 | D:3      | 6692 ||| Stepping randomly (stuck).
  6694 | D:3      | 6694 ||| Stepping randomly (stuck).
  6696 | D:3      | 6696 ||| Stepping randomly (stuck).
  6698 | D:3      | 6698 ||| Stepping randomly (stuck).
  6700 | D:3      | 6700 ||| Stepping randomly (stuck).
  6702 | D:3      | 6702 ||| Stepping randomly (stuck).
  6704 | D:3      | 6704 ||| Stepping randomly (stuck).
  6706 | D:3      | 6706 ||| Stepping randomly (stuck).
  6708 | D:3      | 6708 ||| Stepping randomly (stuck).
  6710 | D:3      | 6710 ||| Stepping randomly (stuck).
  6712 | D:3      | 6712 ||| Stepping randomly (stuck).
  6714 | D:3      | 6714 ||| Stepping randomly (stuck).
  6716 | D:3      | 6716 ||| Stepping randomly (stuck).
  6718 | D:3      | 6718 ||| Stepping randomly (stuck).
  6720 | D:3      | 6720 ||| Stepping randomly (stuck).
  6722 | D:3      | 6722 ||| Stepping randomly (stuck).
  6724 | D:3      | 6724 ||| Stepping randomly (stuck).
  6726 | D:3      | 6726 ||| Stepping randomly (stuck).
  6728 | D:3      | 6728 ||| Stepping randomly (stuck).
  6730 | D:3      | 6730 ||| Stepping randomly (stuck).
  6732 | D:3      | 6732 ||| Stepping randomly (stuck).
  6734 | D:3      | 6734 ||| Stepping randomly (stuck).
  6736 | D:3      | 6736 ||| Stepping randomly (stuck).
  6738 | D:3      | 6738 ||| Stepping randomly (stuck).
  6740 | D:3      | 6740 ||| Stepping randomly (stuck).
  6742 | D:3      | 6742 ||| Stepping randomly (stuck).
  6744 | D:3      | 6744 ||| Stepping randomly (stuck).
  6746 | D:3      | 6746 ||| Stepping randomly (stuck).
  6748 | D:3      | 6748 ||| Stepping randomly (stuck).
  6750 | D:3      | 6750 ||| Stepping randomly (stuck).
  6752 | D:3      | 6752 ||| Stepping randomly (stuck).
  6754 | D:3      | 6754 ||| Stepping randomly (stuck).
  6756 | D:3      | 6756 ||| Stepping randomly (stuck).
  6758 | D:3      | 6758 ||| Stepping randomly (stuck).
  6760 | D:3      | 6760 ||| Stepping randomly (stuck).
  6762 | D:3      | 6762 ||| Stepping randomly (stuck).
  6764 | D:3      | 6764 ||| Stepping randomly (stuck).
  6766 | D:3      | 6766 ||| Stepping randomly (stuck).
  6768 | D:3      | 6768 ||| Stepping randomly (stuck).
  6770 | D:3      | 6770 ||| Stepping randomly (stuck).
  6772 | D:3      | 6772 ||| Stepping randomly (stuck).
  6774 | D:3      | 6774 ||| Stepping randomly (stuck).
  6776 | D:3      | 6776 ||| Stepping randomly (stuck).
  6778 | D:3      | 6778 ||| Stepping randomly (stuck).
  6780 | D:3      | 6780 ||| Stepping randomly (stuck).
  6782 | D:3      | 6782 ||| Stepping randomly (stuck).
  6784 | D:3      | 6784 ||| Stepping randomly (stuck).
  6786 | D:3      | 6786 ||| Stepping randomly (stuck).
  6788 | D:3      | 6788 ||| Stepping randomly (stuck).
  6790 | D:3      | 6790 ||| Stepping randomly (stuck).
  6792 | D:3      | 6792 ||| Stepping randomly (stuck).
  6794 | D:3      | 6794 ||| Stepping randomly (stuck).
  6796 | D:3      | 6796 ||| Stepping randomly (stuck).
  6798 | D:3      | 6798 ||| Stepping randomly (stuck).
  6800 | D:3      | 6800 ||| Stepping randomly (stuck).
  6802 | D:3      | 6802 ||| Stepping randomly (stuck).
  6804 | D:3      | 6804 ||| Stepping randomly (stuck).
  6806 | D:3      | 6806 ||| Stepping randomly (stuck).
  6808 | D:3      | 6808 ||| Stepping randomly (stuck).
  6810 | D:3      | 6810 ||| Stepping randomly (stuck).
  6812 | D:3      | 6812 ||| Stepping randomly (stuck).
  6814 | D:3      | 6814 ||| Stepping randomly (stuck).
  6816 | D:3      | 6816 ||| Stepping randomly (stuck).
  6818 | D:3      | 6818 ||| Stepping randomly (stuck).
  6820 | D:3      | 6820 ||| Stepping randomly (stuck).
  6822 | D:3      | 6822 ||| Stepping randomly (stuck).
  6824 | D:3      | 6824 ||| Stepping randomly (stuck).
  6826 | D:3      | 6826 ||| Stepping randomly (stuck).
  6828 | D:3      | 6828 ||| Stepping randomly (stuck).
  6830 | D:3      | 6830 ||| Stepping randomly (stuck).
  6832 | D:3      | 6832 ||| Stepping randomly (stuck).
  6834 | D:3      | 6834 ||| Stepping randomly (stuck).
  6836 | D:3      | 6836 ||| Stepping randomly (stuck).
  6838 | D:3      | 6838 ||| Stepping randomly (stuck).
  6840 | D:3      | 6840 ||| Stepping randomly (stuck).
  6842 | D:3      | 6842 ||| Stepping randomly (stuck).
  6844 | D:3      | 6844 ||| Stepping randomly (stuck).
  6846 | D:3      | 6846 ||| Stepping randomly (stuck).
  6848 | D:3      | 6848 ||| Stepping randomly (stuck).
  6850 | D:3      | 6850 ||| Stepping randomly (stuck).
  6852 | D:3      | 6852 ||| Stepping randomly (stuck).
  6854 | D:3      | 6854 ||| Stepping randomly (stuck).
  6856 | D:3      | 6856 ||| Stepping randomly (stuck).
  6858 | D:3      | 6858 ||| Stepping randomly (stuck).
  6860 | D:3      | 6860 ||| Stepping randomly (stuck).
  6862 | D:3      | 6862 ||| Stepping randomly (stuck).
  6864 | D:3      | 6864 ||| Stepping randomly (stuck).
  6866 | D:3      | 6866 ||| Stepping randomly (stuck).
  6868 | D:3      | 6868 ||| Stepping randomly (stuck).
  6870 | D:3      | 6870 ||| Stepping randomly (stuck).
  6872 | D:3      | 6872 ||| Stepping randomly (stuck).
  6874 | D:3      | 6874 ||| Stepping randomly (stuck).
  6876 | D:3      | 6876 ||| Stepping randomly (stuck).
  6878 | D:3      | 6878 ||| Stepping randomly (stuck).
  6880 | D:3      | 6880 ||| Stepping randomly (stuck).
  6882 | D:3      | 6882 ||| Stepping randomly (stuck).
  6884 | D:3      | 6884 ||| Stepping randomly (stuck).
  6886 | D:3      | 6886 ||| Stepping randomly (stuck).
  6888 | D:3      | 6888 ||| Stepping randomly (stuck).
  6890 | D:3      | 6890 ||| Stepping randomly (stuck).
  6892 | D:3      | 6892 ||| Stepping randomly (stuck).
  6894 | D:3      | 6894 ||| Stepping randomly (stuck).
  6896 | D:3      | 6896 ||| Stepping randomly (stuck).
  6898 | D:3      | 6898 ||| Stepping randomly (stuck).
  6900 | D:3      | 6900 ||| Stepping randomly (stuck).
  6902 | D:3      | 6902 ||| Stepping randomly (stuck).
  6904 | D:3      | 6904 ||| Stepping randomly (stuck).
  6906 | D:3      | 6906 ||| Stepping randomly (stuck).
  6908 | D:3      | 6908 ||| Stepping randomly (stuck).
  6910 | D:3      | 6910 ||| Stepping randomly (stuck).
  6912 | D:3      | 6912 ||| Stepping randomly (stuck).
  6914 | D:3      | 6914 ||| Stepping randomly (stuck).
  6916 | D:3      | 6916 ||| Stepping randomly (stuck).
  6918 | D:3      | 6918 ||| Stepping randomly (stuck).
  6920 | D:3      | 6920 ||| Stepping randomly (stuck).
  6922 | D:3      | 6922 ||| Stepping randomly (stuck).
  6924 | D:3      | 6924 ||| Stepping randomly (stuck).
  6926 | D:3      | 6926 ||| Stepping randomly (stuck).
  6928 | D:3      | 6928 ||| Stepping randomly (stuck).
  6930 | D:3      | 6930 ||| Stepping randomly (stuck).
  6932 | D:3      | 6932 ||| Stepping randomly (stuck).
  6934 | D:3      | 6934 ||| Stepping randomly (stuck).
  6936 | D:3      | 6936 ||| Stepping randomly (stuck).
  6938 | D:3      | 6938 ||| Stepping randomly (stuck).
  6940 | D:3      | 6940 ||| Stepping randomly (stuck).
  6942 | D:3      | 6942 ||| Stepping randomly (stuck).
  6944 | D:3      | 6944 ||| Stepping randomly (stuck).
  6946 | D:3      | 6946 ||| Stepping randomly (stuck).
  6948 | D:3      | 6948 ||| Stepping randomly (stuck).
  6950 | D:3      | 6950 ||| Stepping randomly (stuck).
  6952 | D:3      | 6952 ||| Stepping randomly (stuck).
  6954 | D:3      | 6954 ||| Stepping randomly (stuck).
  6956 | D:3      | 6956 ||| Stepping randomly (stuck).
  6958 | D:3      | 6958 ||| Stepping randomly (stuck).
  6960 | D:3      | 6960 ||| Stepping randomly (stuck).
  6962 | D:3      | 6962 ||| Stepping randomly (stuck).
  6964 | D:3      | 6964 ||| Stepping randomly (stuck).
  6966 | D:3      | 6966 ||| Stepping randomly (stuck).
  6968 | D:3      | 6968 ||| Stepping randomly (stuck).
  6970 | D:3      | 6970 ||| Stepping randomly (stuck).
  6972 | D:3      | 6972 ||| Stepping randomly (stuck).
  6974 | D:3      | 6974 ||| Stepping randomly (stuck).
  6976 | D:3      | 6976 ||| Stepping randomly (stuck).
  6978 | D:3      | 6978 ||| Stepping randomly (stuck).
  6980 | D:3      | 6980 ||| Stepping randomly (stuck).
  6982 | D:3      | 6982 ||| Stepping randomly (stuck).
  6984 | D:3      | 6984 ||| Stepping randomly (stuck).
  6986 | D:3      | 6986 ||| Stepping randomly (stuck).
  6988 | D:3      | 6988 ||| Stepping randomly (stuck).
  6990 | D:3      | 6990 ||| Stepping randomly (stuck).
  6992 | D:3      | 6992 ||| Stepping randomly (stuck).
  6994 | D:3      | 6994 ||| Stepping randomly (stuck).
  6996 | D:3      | 6996 ||| Stepping randomly (stuck).
  6998 | D:3      | 6998 ||| Stepping randomly (stuck).
  7000 | D:3      | 7000 ||| Stepping randomly (stuck).
  7002 | D:3      | 7002 ||| Stepping randomly (stuck).
  7004 | D:3      | 7004 ||| Stepping randomly (stuck).
  7006 | D:3      | 7006 ||| Stepping randomly (stuck).
  7008 | D:3      | 7008 ||| Stepping randomly (stuck).
  7010 | D:3      | 7010 ||| Stepping randomly (stuck).
  7012 | D:3      | 7012 ||| Stepping randomly (stuck).
  7014 | D:3      | 7014 ||| Stepping randomly (stuck).
  7016 | D:3      | 7016 ||| Stepping randomly (stuck).
  7018 | D:3      | 7018 ||| Stepping randomly (stuck).
  7020 | D:3      | 7020 ||| Stepping randomly (stuck).
  7022 | D:3      | 7022 ||| Stepping randomly (stuck).
  7024 | D:3      | 7024 ||| Stepping randomly (stuck).
  7026 | D:3      | 7026 ||| Stepping randomly (stuck).
  7028 | D:3      | 7028 ||| Stepping randomly (stuck).
  7030 | D:3      | 7030 ||| Stepping randomly (stuck).
  7032 | D:3      | 7032 ||| Stepping randomly (stuck).
  7034 | D:3      | 7034 ||| Stepping randomly (stuck).
  7036 | D:3      | 7036 ||| Stepping randomly (stuck).
  7038 | D:3      | 7038 ||| Stepping randomly (stuck).
  7040 | D:3      | 7040 ||| Stepping randomly (stuck).
  7042 | D:3      | 7042 ||| Stepping randomly (stuck).
  7044 | D:3      | 7044 ||| Stepping randomly (stuck).
  7046 | D:3      | 7046 ||| Stepping randomly (stuck).
  7048 | D:3      | 7048 ||| Stepping randomly (stuck).
  7050 | D:3      | 7050 ||| Stepping randomly (stuck).
  7052 | D:3      | 7052 ||| Stepping randomly (stuck).
  7054 | D:3      | 7054 ||| Stepping randomly (stuck).
  7056 | D:3      | 7056 ||| Stepping randomly (stuck).
  7058 | D:3      | 7058 ||| Stepping randomly (stuck).
  7060 | D:3      | 7060 ||| Stepping randomly (stuck).
  7062 | D:3      | 7062 ||| Stepping randomly (stuck).
  7064 | D:3      | 7064 ||| Stepping randomly (stuck).
  7066 | D:3      | 7066 ||| Stepping randomly (stuck).
  7068 | D:3      | 7068 ||| Stepping randomly (stuck).
  7070 | D:3      | 7070 ||| Stepping randomly (stuck).
  7072 | D:3      | 7072 ||| Stepping randomly (stuck).
  7074 | D:3      | 7074 ||| Stepping randomly (stuck).
  7076 | D:3      | 7076 ||| Stepping randomly (stuck).
  7078 | D:3      | 7078 ||| Stepping randomly (stuck).
  7080 | D:3      | 7080 ||| Stepping randomly (stuck).
  7082 | D:3      | 7082 ||| Stepping randomly (stuck).
  7084 | D:3      | 7084 ||| Stepping randomly (stuck).
  7086 | D:3      | 7086 ||| Stepping randomly (stuck).
  7088 | D:3      | 7088 ||| Stepping randomly (stuck).
  7090 | D:3      | 7090 ||| Stepping randomly (stuck).
  7092 | D:3      | 7092 ||| Stepping randomly (stuck).
  7094 | D:3      | 7094 ||| Stepping randomly (stuck).
  7096 | D:3      | 7096 ||| Stepping randomly (stuck).
  7098 | D:3      | 7098 ||| Stepping randomly (stuck).
  7100 | D:3      | 7100 ||| Stepping randomly (stuck).
  7102 | D:3      | 7102 ||| Stepping randomly (stuck).
  7104 | D:3      | 7104 ||| Stepping randomly (stuck).
  7106 | D:3      | 7106 ||| Stepping randomly (stuck).
  7108 | D:3      | 7108 ||| Stepping randomly (stuck).
  7110 | D:3      | 7110 ||| Stepping randomly (stuck).
  7112 | D:3      | 7112 ||| Stepping randomly (stuck).
  7114 | D:3      | 7114 ||| Stepping randomly (stuck).
  7116 | D:3      | 7116 ||| Stepping randomly (stuck).
  7118 | D:3      | 7118 ||| Stepping randomly (stuck).
  7120 | D:3      | 7120 ||| Stepping randomly (stuck).
  7122 | D:3      | 7122 ||| Stepping randomly (stuck).
  7124 | D:3      | 7124 ||| Stepping randomly (stuck).
  7126 | D:3      | 7126 ||| Stepping randomly (stuck).
  7128 | D:3      | 7128 ||| Stepping randomly (stuck).
  7130 | D:3      | 7130 ||| Stepping randomly (stuck).
  7132 | D:3      | 7132 ||| Stepping randomly (stuck).
  7134 | D:3      | 7134 ||| Stepping randomly (stuck).
  7136 | D:3      | 7136 ||| Stepping randomly (stuck).
  7138 | D:3      | 7138 ||| Stepping randomly (stuck).
  7140 | D:3      | 7140 ||| Stepping randomly (stuck).
  7142 | D:3      | 7142 ||| Stepping randomly (stuck).
  7144 | D:3      | 7144 ||| Stepping randomly (stuck).
  7146 | D:3      | 7146 ||| Stepping randomly (stuck).
  7148 | D:3      | 7148 ||| Stepping randomly (stuck).
  7150 | D:3      | 7150 ||| Stepping randomly (stuck).
  7152 | D:3      | 7152 ||| Stepping randomly (stuck).
  7154 | D:3      | 7154 ||| Stepping randomly (stuck).
  7156 | D:3      | 7156 ||| Stepping randomly (stuck).
  7158 | D:3      | 7158 ||| Stepping randomly (stuck).
  7160 | D:3      | 7160 ||| Stepping randomly (stuck).
  7162 | D:3      | 7162 ||| Stepping randomly (stuck).
  7164 | D:3      | 7164 ||| Stepping randomly (stuck).
  7166 | D:3      | 7166 ||| Stepping randomly (stuck).
  7168 | D:3      | 7168 ||| Stepping randomly (stuck).
  7170 | D:3      | 7170 ||| Stepping randomly (stuck).
  7172 | D:3      | 7172 ||| Stepping randomly (stuck).
  7174 | D:3      | 7174 ||| Stepping randomly (stuck).
  7176 | D:3      | 7176 ||| Stepping randomly (stuck).
  7178 | D:3      | 7178 ||| Stepping randomly (stuck).
  7180 | D:3      | 7180 ||| Stepping randomly (stuck).
  7182 | D:3      | 7182 ||| Stepping randomly (stuck).
  7184 | D:3      | 7184 ||| Stepping randomly (stuck).
  7186 | D:3      | 7186 ||| Stepping randomly (stuck).
  7188 | D:3      | 7188 ||| Stepping randomly (stuck).
  7190 | D:3      | 7190 ||| Stepping randomly (stuck).
  7192 | D:3      | 7192 ||| Stepping randomly (stuck).
  7194 | D:3      | 7194 ||| Stepping randomly (stuck).
  7196 | D:3      | 7196 ||| Stepping randomly (stuck).
  7198 | D:3      | 7198 ||| Stepping randomly (stuck).
  7200 | D:3      | 7200 ||| Stepping randomly (stuck).
  7202 | D:3      | 7202 ||| Stepping randomly (stuck).
  7204 | D:3      | 7204 ||| Stepping randomly (stuck).
  7206 | D:3      | 7206 ||| Stepping randomly (stuck).
  7208 | D:3      | 7208 ||| Stepping randomly (stuck).
  7210 | D:3      | 7210 ||| Stepping randomly (stuck).
  7212 | D:3      | 7212 ||| Stepping randomly (stuck).
  7214 | D:3      | 7214 ||| Stepping randomly (stuck).
  7216 | D:3      | 7216 ||| Stepping randomly (stuck).
  7218 | D:3      | 7218 ||| Stepping randomly (stuck).
  7220 | D:3      | 7220 ||| Stepping randomly (stuck).
  7222 | D:3      | 7222 ||| Stepping randomly (stuck).
  7224 | D:3      | 7224 ||| Stepping randomly (stuck).
  7226 | D:3      | 7226 ||| Stepping randomly (stuck).
  7228 | D:3      | 7228 ||| Stepping randomly (stuck).
  7230 | D:3      | 7230 ||| Stepping randomly (stuck).
  7232 | D:3      | 7232 ||| Stepping randomly (stuck).
  7234 | D:3      | 7234 ||| Stepping randomly (stuck).
  7236 | D:3      | 7236 ||| Stepping randomly (stuck).
  7238 | D:3      | 7238 ||| Stepping randomly (stuck).
  7240 | D:3      | 7240 ||| Stepping randomly (stuck).
  7242 | D:3      | 7242 ||| Stepping randomly (stuck).
  7244 | D:3      | 7244 ||| Stepping randomly (stuck).
  7246 | D:3      | 7246 ||| Stepping randomly (stuck).
  7248 | D:3      | 7248 ||| Stepping randomly (stuck).
  7250 | D:3      | 7250 ||| Stepping randomly (stuck).
  7252 | D:3      | 7252 ||| Stepping randomly (stuck).
  7254 | D:3      | 7254 ||| Stepping randomly (stuck).
  7256 | D:3      | 7256 ||| Stepping randomly (stuck).
  7258 | D:3      | 7258 ||| Stepping randomly (stuck).
  7260 | D:3      | 7260 ||| Stepping randomly (stuck).
  7262 | D:3      | 7262 ||| Stepping randomly (stuck).
  7264 | D:3      | 7264 ||| Stepping randomly (stuck).
  7266 | D:3      | 7266 ||| Stepping randomly (stuck).
  7268 | D:3      | 7268 ||| Stepping randomly (stuck).
  7270 | D:3      | 7270 ||| Stepping randomly (stuck).
  7272 | D:3      | 7272 ||| Stepping randomly (stuck).
  7274 | D:3      | 7274 ||| Stepping randomly (stuck).
  7276 | D:3      | 7276 ||| Stepping randomly (stuck).
  7278 | D:3      | 7278 ||| Stepping randomly (stuck).
  7280 | D:3      | 7280 ||| Stepping randomly (stuck).
  7282 | D:3      | 7282 ||| Stepping randomly (stuck).
  7284 | D:3      | 7284 ||| Stepping randomly (stuck).
  7286 | D:3      | 7286 ||| Stepping randomly (stuck).
  7288 | D:3      | 7288 ||| Stepping randomly (stuck).
  7290 | D:3      | 7290 ||| Stepping randomly (stuck).
  7292 | D:3      | 7292 ||| Stepping randomly (stuck).
  7294 | D:3      | 7294 ||| Stepping randomly (stuck).
  7296 | D:3      | 7296 ||| Stepping randomly (stuck).
  7298 | D:3      | 7298 ||| Stepping randomly (stuck).
  7300 | D:3      | 7300 ||| Stepping randomly (stuck).
  7302 | D:3      | 7302 ||| Stepping randomly (stuck).
  7304 | D:3      | 7304 ||| Stepping randomly (stuck).
  7306 | D:3      | 7306 ||| Stepping randomly (stuck).
  7308 | D:3      | 7308 ||| Stepping randomly (stuck).
  7310 | D:3      | 7310 ||| Stepping randomly (stuck).
  7312 | D:3      | 7312 ||| Stepping randomly (stuck).
  7314 | D:3      | 7314 ||| Stepping randomly (stuck).
  7316 | D:3      | 7316 ||| Stepping randomly (stuck).
  7318 | D:3      | 7318 ||| Stepping randomly (stuck).
  7320 | D:3      | 7320 ||| Stepping randomly (stuck).
  7322 | D:3      | 7322 ||| Stepping randomly (stuck).
  7324 | D:3      | 7324 ||| Stepping randomly (stuck).
  7326 | D:3      | 7326 ||| Stepping randomly (stuck).
  7328 | D:3      | 7328 ||| Stepping randomly (stuck).
  7330 | D:3      | 7330 ||| Stepping randomly (stuck).
  7332 | D:3      | 7332 ||| Stepping randomly (stuck).
  7334 | D:3      | 7334 ||| Stepping randomly (stuck).
  7336 | D:3      | 7336 ||| Stepping randomly (stuck).
  7338 | D:3      | 7338 ||| Stepping randomly (stuck).
  7340 | D:3      | 7340 ||| Stepping randomly (stuck).
  7342 | D:3      | 7342 ||| Stepping randomly (stuck).
  7344 | D:3      | 7344 ||| Stepping randomly (stuck).
  7346 | D:3      | 7346 ||| Stepping randomly (stuck).
  7348 | D:3      | 7348 ||| Stepping randomly (stuck).
  7350 | D:3      | 7350 ||| Stepping randomly (stuck).
  7352 | D:3      | 7352 ||| Stepping randomly (stuck).
  7354 | D:3      | 7354 ||| Stepping randomly (stuck).
  7356 | D:3      | 7356 ||| Stepping randomly (stuck).
  7358 | D:3      | 7358 ||| Stepping randomly (stuck).
  7360 | D:3      | 7360 ||| Stepping randomly (stuck).
  7362 | D:3      | 7362 ||| Stepping randomly (stuck).
  7364 | D:3      | 7364 ||| Stepping randomly (stuck).
  7366 | D:3      | 7366 ||| Stepping randomly (stuck).
  7368 | D:3      | 7368 ||| Stepping randomly (stuck).
  7370 | D:3      | 7370 ||| Stepping randomly (stuck).
  7372 | D:3      | 7372 ||| Stepping randomly (stuck).
  7374 | D:3      | 7374 ||| Stepping randomly (stuck).
  7376 | D:3      | 7376 ||| Stepping randomly (stuck).
  7378 | D:3      | 7378 ||| Stepping randomly (stuck).
  7380 | D:3      | 7380 ||| Stepping randomly (stuck).
  7382 | D:3      | 7382 ||| Stepping randomly (stuck).
  7384 | D:3      | 7384 ||| Stepping randomly (stuck).
  7386 | D:3      | 7386 ||| Stepping randomly (stuck).
  7388 | D:3      | 7388 ||| Stepping randomly (stuck).
  7390 | D:3      | 7390 ||| Stepping randomly (stuck).
  7392 | D:3      | 7392 ||| Stepping randomly (stuck).
  7394 | D:3      | 7394 ||| Stepping randomly (stuck).
  7396 | D:3      | 7396 ||| Stepping randomly (stuck).
  7398 | D:3      | 7398 ||| Stepping randomly (stuck).
  7400 | D:3      | 7400 ||| Stepping randomly (stuck).
  7402 | D:3      | 7402 ||| Stepping randomly (stuck).
  7404 | D:3      | 7404 ||| Stepping randomly (stuck).
  7406 | D:3      | 7406 ||| Stepping randomly (stuck).
  7408 | D:3      | 7408 ||| Stepping randomly (stuck).
  7410 | D:3      | 7410 ||| Stepping randomly (stuck).
  7412 | D:3      | 7412 ||| Stepping randomly (stuck).
  7414 | D:3      | 7414 ||| Stepping randomly (stuck).
  7416 | D:3      | 7416 ||| Stepping randomly (stuck).
  7418 | D:3      | 7418 ||| Stepping randomly (stuck).
  7420 | D:3      | 7420 ||| Stepping randomly (stuck).
  7422 | D:3      | 7422 ||| Stepping randomly (stuck).
  7424 | D:3      | 7424 ||| Stepping randomly (stuck).
  7426 | D:3      | 7426 ||| Stepping randomly (stuck).
  7428 | D:3      | 7428 ||| Stepping randomly (stuck).
  7430 | D:3      | 7430 ||| Stepping randomly (stuck).
  7432 | D:3      | 7432 ||| Stepping randomly (stuck).
  7434 | D:3      | 7434 ||| Stepping randomly (stuck).
  7436 | D:3      | 7436 ||| Stepping randomly (stuck).
  7438 | D:3      | 7438 ||| Stepping randomly (stuck).
  7440 | D:3      | 7440 ||| Stepping randomly (stuck).
  7442 | D:3      | 7442 ||| Stepping randomly (stuck).
  7444 | D:3      | 7444 ||| Stepping randomly (stuck).
  7446 | D:3      | 7446 ||| Stepping randomly (stuck).
  7448 | D:3      | 7448 ||| Stepping randomly (stuck).
  7450 | D:3      | 7450 ||| Stepping randomly (stuck).
  7452 | D:3      | 7452 ||| Stepping randomly (stuck).
  7454 | D:3      | 7454 ||| Stepping randomly (stuck).
  7456 | D:3      | 7456 ||| Stepping randomly (stuck).
  7458 | D:3      | 7458 ||| Stepping randomly (stuck).
  7460 | D:3      | 7460 ||| Stepping randomly (stuck).
  7462 | D:3      | 7462 ||| Stepping randomly (stuck).
  7464 | D:3      | 7464 ||| Stepping randomly (stuck).
  7466 | D:3      | 7466 ||| Stepping randomly (stuck).
  7468 | D:3      | 7468 ||| Stepping randomly (stuck).
  7470 | D:3      | 7470 ||| Stepping randomly (stuck).
  7472 | D:3      | 7472 ||| Stepping randomly (stuck).
  7474 | D:3      | 7474 ||| Stepping randomly (stuck).
  7476 | D:3      | 7476 ||| Stepping randomly (stuck).
  7478 | D:3      | 7478 ||| Stepping randomly (stuck).
  7480 | D:3      | 7480 ||| Stepping randomly (stuck).
  7482 | D:3      | 7482 ||| Stepping randomly (stuck).
  7484 | D:3      | 7484 ||| Stepping randomly (stuck).
  7486 | D:3      | 7486 ||| Stepping randomly (stuck).
  7488 | D:3      | 7488 ||| Stepping randomly (stuck).
  7490 | D:3      | 7490 ||| Stepping randomly (stuck).
  7492 | D:3      | 7492 ||| Stepping randomly (stuck).
  7494 | D:3      | 7494 ||| Stepping randomly (stuck).
  7496 | D:3      | 7496 ||| Stepping randomly (stuck).
  7498 | D:3      | 7498 ||| Stepping randomly (stuck).
  7500 | D:3      | 7500 ||| Stepping randomly (stuck).
  7502 | D:3      | 7502 ||| Stepping randomly (stuck).
  7504 | D:3      | 7504 ||| Stepping randomly (stuck).
  7506 | D:3      | 7506 ||| Stepping randomly (stuck).
  7508 | D:3      | 7508 ||| Stepping randomly (stuck).
  7510 | D:3      | 7510 ||| Stepping randomly (stuck).
  7512 | D:3      | 7512 ||| Stepping randomly (stuck).
  7514 | D:3      | 7514 ||| Stepping randomly (stuck).
  7516 | D:3      | 7516 ||| Stepping randomly (stuck).
  7518 | D:3      | 7518 ||| Stepping randomly (stuck).
  7520 | D:3      | 7520 ||| Stepping randomly (stuck).
  7522 | D:3      | 7522 ||| Stepping randomly (stuck).
  7524 | D:3      | 7524 ||| Stepping randomly (stuck).
  7526 | D:3      | 7526 ||| Stepping randomly (stuck).
  7528 | D:3      | 7528 ||| Stepping randomly (stuck).
  7530 | D:3      | 7530 ||| Stepping randomly (stuck).
  7532 | D:3      | 7532 ||| Stepping randomly (stuck).
  7534 | D:3      | 7534 ||| Stepping randomly (stuck).
  7536 | D:3      | 7536 ||| Stepping randomly (stuck).
  7538 | D:3      | 7538 ||| Stepping randomly (stuck).
  7540 | D:3      | 7540 ||| Stepping randomly (stuck).
  7542 | D:3      | 7542 ||| Stepping randomly (stuck).
  7544 | D:3      | 7544 ||| Stepping randomly (stuck).
  7546 | D:3      | 7546 ||| Stepping randomly (stuck).
  7548 | D:3      | 7548 ||| Stepping randomly (stuck).
  7550 | D:3      | 7550 ||| Stepping randomly (stuck).
  7552 | D:3      | 7552 ||| Stepping randomly (stuck).
  7554 | D:3      | 7554 ||| Stepping randomly (stuck).
  7556 | D:3      | 7556 ||| Stepping randomly (stuck).
  7558 | D:3      | 7558 ||| Stepping randomly (stuck).
  7560 | D:3      | 7560 ||| Stepping randomly (stuck).
  7562 | D:3      | 7562 ||| Stepping randomly (stuck).
  7564 | D:3      | 7564 ||| Stepping randomly (stuck).
  7566 | D:3      | 7566 ||| Stepping randomly (stuck).
  7568 | D:3      | 7568 ||| Stepping randomly (stuck).
  7570 | D:3      | 7570 ||| Stepping randomly (stuck).
  7572 | D:3      | 7572 ||| Stepping randomly (stuck).
  7574 | D:3      | 7574 ||| Stepping randomly (stuck).
  7576 | D:3      | 7576 ||| Stepping randomly (stuck).
  7578 | D:3      | 7578 ||| Stepping randomly (stuck).
  7580 | D:3      | 7580 ||| Stepping randomly (stuck).
  7582 | D:3      | 7582 ||| Stepping randomly (stuck).
  7584 | D:3      | 7584 ||| Stepping randomly (stuck).
  7586 | D:3      | 7586 ||| Stepping randomly (stuck).
  7588 | D:3      | 7588 ||| Stepping randomly (stuck).
  7590 | D:3      | 7590 ||| Stepping randomly (stuck).
  7592 | D:3      | 7592 ||| Stepping randomly (stuck).
  7594 | D:3      | 7594 ||| Stepping randomly (stuck).
  7596 | D:3      | 7596 ||| Stepping randomly (stuck).
  7598 | D:3      | 7598 ||| Stepping randomly (stuck).
  7600 | D:3      | 7600 ||| Stepping randomly (stuck).
  7602 | D:3      | 7602 ||| Stepping randomly (stuck).
  7604 | D:3      | 7604 ||| Stepping randomly (stuck).
  7606 | D:3      | 7606 ||| Stepping randomly (stuck).
  7608 | D:3      | 7608 ||| Stepping randomly (stuck).
  7610 | D:3      | 7610 ||| Stepping randomly (stuck).
  7612 | D:3      | 7612 ||| Stepping randomly (stuck).
  7614 | D:3      | 7614 ||| Stepping randomly (stuck).
  7616 | D:3      | 7616 ||| Stepping randomly (stuck).
  7618 | D:3      | 7618 ||| Stepping randomly (stuck).
  7620 | D:3      | 7620 ||| Stepping randomly (stuck).
  7622 | D:3      | 7622 ||| Stepping randomly (stuck).
  7624 | D:3      | 7624 ||| Stepping randomly (stuck).
  7626 | D:3      | 7626 ||| Stepping randomly (stuck).
  7628 | D:3      | 7628 ||| Stepping randomly (stuck).
  7630 | D:3      | 7630 ||| Stepping randomly (stuck).
  7632 | D:3      | 7632 ||| Stepping randomly (stuck).
  7634 | D:3      | 7634 ||| Stepping randomly (stuck).
  7636 | D:3      | 7636 ||| Stepping randomly (stuck).
  7638 | D:3      | 7638 ||| Stepping randomly (stuck).
  7640 | D:3      | 7640 ||| Stepping randomly (stuck).
  7642 | D:3      | 7642 ||| Stepping randomly (stuck).
  7644 | D:3      | 7644 ||| Stepping randomly (stuck).
  7646 | D:3      | 7646 ||| Stepping randomly (stuck).
  7648 | D:3      | 7648 ||| Stepping randomly (stuck).
  7650 | D:3      | 7650 ||| Stepping randomly (stuck).
  7652 | D:3      | 7652 ||| Stepping randomly (stuck).
  7654 | D:3      | 7654 ||| Stepping randomly (stuck).
  7656 | D:3      | 7656 ||| Stepping randomly (stuck).
  7658 | D:3      | 7658 ||| Stepping randomly (stuck).
  7660 | D:3      | 7660 ||| Stepping randomly (stuck).
  7662 | D:3      | 7662 ||| Stepping randomly (stuck).
  7664 | D:3      | 7664 ||| Stepping randomly (stuck).
  7666 | D:3      | 7666 ||| Stepping randomly (stuck).
  7668 | D:3      | 7668 ||| Stepping randomly (stuck).
  7670 | D:3      | 7670 ||| Stepping randomly (stuck).
  7672 | D:3      | 7672 ||| Stepping randomly (stuck).
  7674 | D:3      | 7674 ||| Stepping randomly (stuck).
  7676 | D:3      | 7676 ||| Stepping randomly (stuck).
  7678 | D:3      | 7678 ||| Stepping randomly (stuck).
  7680 | D:3      | 7680 ||| Stepping randomly (stuck).
  7682 | D:3      | 7682 ||| Stepping randomly (stuck).
  7684 | D:3      | 7684 ||| Stepping randomly (stuck).
  7686 | D:3      | 7686 ||| Stepping randomly (stuck).
  7688 | D:3      | 7688 ||| Stepping randomly (stuck).
  7690 | D:3      | 7690 ||| Stepping randomly (stuck).
  7692 | D:3      | 7692 ||| Stepping randomly (stuck).
  7694 | D:3      | 7694 ||| Stepping randomly (stuck).
  7696 | D:3      | 7696 ||| Stepping randomly (stuck).
  7698 | D:3      | 7698 ||| Stepping randomly (stuck).
  7700 | D:3      | 7700 ||| Stepping randomly (stuck).
  7702 | D:3      | 7702 ||| Stepping randomly (stuck).
  7704 | D:3      | 7704 ||| Stepping randomly (stuck).
  7706 | D:3      | 7706 ||| Stepping randomly (stuck).
  7708 | D:3      | 7708 ||| Stepping randomly (stuck).
  7710 | D:3      | 7710 ||| Stepping randomly (stuck).
  7712 | D:3      | 7712 ||| Stepping randomly (stuck).
  7714 | D:3      | 7714 ||| Stepping randomly (stuck).
  7716 | D:3      | 7716 ||| Stepping randomly (stuck).
  7718 | D:3      | 7718 ||| Stepping randomly (stuck).
  7720 | D:3      | 7720 ||| Stepping randomly (stuck).
  7722 | D:3      | 7722 ||| Stepping randomly (stuck).
  7724 | D:3      | 7724 ||| Stepping randomly (stuck).
  7726 | D:3      | 7726 ||| Stepping randomly (stuck).
  7728 | D:3      | 7728 ||| Stepping randomly (stuck).
  7730 | D:3      | 7730 ||| Stepping randomly (stuck).
  7732 | D:3      | 7732 ||| Stepping randomly (stuck).
  7734 | D:3      | 7734 ||| Stepping randomly (stuck).
  7736 | D:3      | 7736 ||| Stepping randomly (stuck).
  7738 | D:3      | 7738 ||| Stepping randomly (stuck).
  7740 | D:3      | 7740 ||| Stepping randomly (stuck).
  7742 | D:3      | 7742 ||| Stepping randomly (stuck).
  7744 | D:3      | 7744 ||| Stepping randomly (stuck).
  7746 | D:3      | 7746 ||| Stepping randomly (stuck).
  7748 | D:3      | 7748 ||| Stepping randomly (stuck).
  7750 | D:3      | 7750 ||| Stepping randomly (stuck).
  7752 | D:3      | 7752 ||| Stepping randomly (stuck).
  7754 | D:3      | 7754 ||| Stepping randomly (stuck).
  7756 | D:3      | 7756 ||| Stepping randomly (stuck).
  7758 | D:3      | 7758 ||| Stepping randomly (stuck).
  7760 | D:3      | 7760 ||| Stepping randomly (stuck).
  7762 | D:3      | 7762 ||| Stepping randomly (stuck).
  7764 | D:3      | 7764 ||| Stepping randomly (stuck).
  7766 | D:3      | 7766 ||| Stepping randomly (stuck).
  7768 | D:3      | 7768 ||| Stepping randomly (stuck).
  7770 | D:3      | 7770 ||| Stepping randomly (stuck).
  7772 | D:3      | 7772 ||| Stepping randomly (stuck).
  7774 | D:3      | 7774 ||| Stepping randomly (stuck).
  7776 | D:3      | 7776 ||| Stepping randomly (stuck).
  7778 | D:3      | 7778 ||| Stepping randomly (stuck).
  7780 | D:3      | 7780 ||| Stepping randomly (stuck).
  7782 | D:3      | 7782 ||| Stepping randomly (stuck).
  7784 | D:3      | 7784 ||| Stepping randomly (stuck).
  7786 | D:3      | 7786 ||| Stepping randomly (stuck).
  7788 | D:3      | 7788 ||| Stepping randomly (stuck).
  7790 | D:3      | 7790 ||| Stepping randomly (stuck).
  7792 | D:3      | 7792 ||| Stepping randomly (stuck).
  7794 | D:3      | 7794 ||| Stepping randomly (stuck).
  7796 | D:3      | 7796 ||| Stepping randomly (stuck).
  7798 | D:3      | 7798 ||| Stepping randomly (stuck).
  7800 | D:3      | 7800 ||| Stepping randomly (stuck).
  7802 | D:3      | 7802 ||| Stepping randomly (stuck).
  7804 | D:3      | 7804 ||| Stepping randomly (stuck).
  7806 | D:3      | 7806 ||| Stepping randomly (stuck).
  7808 | D:3      | 7808 ||| Stepping randomly (stuck).
  7810 | D:3      | 7810 ||| Stepping randomly (stuck).
  7812 | D:3      | 7812 ||| Stepping randomly (stuck).
  7814 | D:3      | 7814 ||| Stepping randomly (stuck).
  7816 | D:3      | 7816 ||| Stepping randomly (stuck).
  7818 | D:3      | 7818 ||| Stepping randomly (stuck).
  7820 | D:3      | 7820 ||| Stepping randomly (stuck).
  7822 | D:3      | 7822 ||| Stepping randomly (stuck).
  7824 | D:3      | 7824 ||| Stepping randomly (stuck).
  7826 | D:3      | 7826 ||| Stepping randomly (stuck).
  7828 | D:3      | 7828 ||| Stepping randomly (stuck).
  7830 | D:3      | 7830 ||| Stepping randomly (stuck).
  7832 | D:3      | 7832 ||| Stepping randomly (stuck).
  7834 | D:3      | 7834 ||| Stepping randomly (stuck).
  7836 | D:3      | 7836 ||| Stepping randomly (stuck).
  7838 | D:3      | 7838 ||| Stepping randomly (stuck).
  7840 | D:3      | 7840 ||| Stepping randomly (stuck).
  7842 | D:3      | 7842 ||| Stepping randomly (stuck).
  7844 | D:3      | 7844 ||| Stepping randomly (stuck).
  7846 | D:3      | 7846 ||| Stepping randomly (stuck).
  7848 | D:3      | 7848 ||| Stepping randomly (stuck).
  7850 | D:3      | 7850 ||| Stepping randomly (stuck).
  7852 | D:3      | 7852 ||| Stepping randomly (stuck).
  7854 | D:3      | 7854 ||| Stepping randomly (stuck).
  7856 | D:3      | 7856 ||| Stepping randomly (stuck).
  7858 | D:3      | 7858 ||| Stepping randomly (stuck).
  7860 | D:3      | 7860 ||| Stepping randomly (stuck).
  7862 | D:3      | 7862 ||| Stepping randomly (stuck).
  7864 | D:3      | 7864 ||| Stepping randomly (stuck).
  7866 | D:3      | 7866 ||| Stepping randomly (stuck).
  7868 | D:3      | 7868 ||| Stepping randomly (stuck).
  7870 | D:3      | 7870 ||| Stepping randomly (stuck).
  7872 | D:3      | 7872 ||| Stepping randomly (stuck).
  7874 | D:3      | 7874 ||| Stepping randomly (stuck).
  7876 | D:3      | 7876 ||| Stepping randomly (stuck).
  7878 | D:3      | 7878 ||| Stepping randomly (stuck).
  7880 | D:3      | 7880 ||| Stepping randomly (stuck).
  7882 | D:3      | 7882 ||| Stepping randomly (stuck).
  7884 | D:3      | 7884 ||| Stepping randomly (stuck).
  7886 | D:3      | 7886 ||| Stepping randomly (stuck).
  7888 | D:3      | 7888 ||| Stepping randomly (stuck).
  7890 | D:3      | 7890 ||| Stepping randomly (stuck).
  7892 | D:3      | 7892 ||| Stepping randomly (stuck).
  7894 | D:3      | 7894 ||| Stepping randomly (stuck).
  7896 | D:3      | 7896 ||| Stepping randomly (stuck).
  7898 | D:3      | 7898 ||| Stepping randomly (stuck).
  7900 | D:3      | 7900 ||| Stepping randomly (stuck).
  7902 | D:3      | 7902 ||| Stepping randomly (stuck).
  7904 | D:3      | 7904 ||| Stepping randomly (stuck).
  7906 | D:3      | 7906 ||| Stepping randomly (stuck).
  7908 | D:3      | 7908 ||| Stepping randomly (stuck).
  7910 | D:3      | 7910 ||| Stepping randomly (stuck).
  7912 | D:3      | 7912 ||| Stepping randomly (stuck).
  7914 | D:3      | 7914 ||| Stepping randomly (stuck).
  7916 | D:3      | 7916 ||| Stepping randomly (stuck).
  7918 | D:3      | 7918 ||| Stepping randomly (stuck).
  7920 | D:3      | 7920 ||| Stepping randomly (stuck).
  7922 | D:3      | 7922 ||| Stepping randomly (stuck).
  7924 | D:3      | 7924 ||| Stepping randomly (stuck).
  7926 | D:3      | 7926 ||| Stepping randomly (stuck).
  7928 | D:3      | 7928 ||| Stepping randomly (stuck).
  7930 | D:3      | 7930 ||| Stepping randomly (stuck).
  7932 | D:3      | 7932 ||| Stepping randomly (stuck).
  7934 | D:3      | 7934 ||| Stepping randomly (stuck).
  7936 | D:3      | 7936 ||| Stepping randomly (stuck).
  7938 | D:3      | 7938 ||| Stepping randomly (stuck).
  7940 | D:3      | 7940 ||| Stepping randomly (stuck).
  7942 | D:3      | 7942 ||| Stepping randomly (stuck).
  7944 | D:3      | 7944 ||| Stepping randomly (stuck).
  7946 | D:3      | 7946 ||| Stepping randomly (stuck).
  7948 | D:3      | 7948 ||| Stepping randomly (stuck).
  7950 | D:3      | 7950 ||| Stepping randomly (stuck).
  7952 | D:3      | 7952 ||| Stepping randomly (stuck).
  7954 | D:3      | 7954 ||| Stepping randomly (stuck).
  7956 | D:3      | 7956 ||| Stepping randomly (stuck).
  7958 | D:3      | 7958 ||| Stepping randomly (stuck).
  7960 | D:3      | 7960 ||| Stepping randomly (stuck).
  7962 | D:3      | 7962 ||| Stepping randomly (stuck).
  7964 | D:3      | 7964 ||| Stepping randomly (stuck).
  7966 | D:3      | 7966 ||| Stepping randomly (stuck).
  7968 | D:3      | 7968 ||| Stepping randomly (stuck).
  7970 | D:3      | 7970 ||| Stepping randomly (stuck).
  7972 | D:3      | 7972 ||| Stepping randomly (stuck).
  7974 | D:3      | 7974 ||| Stepping randomly (stuck).
  7976 | D:3      | 7976 ||| Stepping randomly (stuck).
  7978 | D:3      | 7978 ||| Stepping randomly (stuck).
  7980 | D:3      | 7980 ||| Stepping randomly (stuck).
  7982 | D:3      | 7982 ||| Stepping randomly (stuck).
  7984 | D:3      | 7984 ||| Stepping randomly (stuck).
  7986 | D:3      | 7986 ||| Stepping randomly (stuck).
  7988 | D:3      | 7988 ||| Stepping randomly (stuck).
  7990 | D:3      | 7990 ||| Stepping randomly (stuck).
  7992 | D:3      | 7992 ||| Stepping randomly (stuck).
  7994 | D:3      | 7994 ||| Stepping randomly (stuck).
  7996 | D:3      | 7996 ||| Stepping randomly (stuck).
  7998 | D:3      | 7998 ||| Stepping randomly (stuck).
  8000 | D:3      | 8000 ||| Stepping randomly (stuck).
  8002 | D:3      | 8002 ||| Stepping randomly (stuck).
  8004 | D:3      | 8004 ||| Stepping randomly (stuck).
  8006 | D:3      | 8006 ||| Stepping randomly (stuck).
  8008 | D:3      | 8008 ||| Stepping randomly (stuck).
  8010 | D:3      | 8010 ||| Stepping randomly (stuck).
  8012 | D:3      | 8012 ||| Stepping randomly (stuck).
  8014 | D:3      | 8014 ||| Stepping randomly (stuck).
  8016 | D:3      | 8016 ||| Stepping randomly (stuck).
  8018 | D:3      | 8018 ||| Stepping randomly (stuck).
  8020 | D:3      | 8020 ||| Stepping randomly (stuck).
  8022 | D:3      | 8022 ||| Stepping randomly (stuck).
  8024 | D:3      | 8024 ||| Stepping randomly (stuck).
  8026 | D:3      | 8026 ||| Stepping randomly (stuck).
  8028 | D:3      | 8028 ||| Stepping randomly (stuck).
  8030 | D:3      | 8030 ||| Stepping randomly (stuck).
  8032 | D:3      | 8032 ||| Stepping randomly (stuck).
  8034 | D:3      | 8034 ||| Stepping randomly (stuck).
  8036 | D:3      | 8036 ||| Stepping randomly (stuck).
  8038 | D:3      | 8038 ||| Stepping randomly (stuck).
  8040 | D:3      | 8040 ||| Stepping randomly (stuck).
  8042 | D:3      | 8042 ||| Stepping randomly (stuck).
  8044 | D:3      | 8044 ||| Stepping randomly (stuck).
  8046 | D:3      | 8046 ||| Stepping randomly (stuck).
  8048 | D:3      | 8048 ||| Stepping randomly (stuck).
  8050 | D:3      | 8050 ||| Stepping randomly (stuck).
  8052 | D:3      | 8052 ||| Stepping randomly (stuck).
  8054 | D:3      | 8054 ||| Stepping randomly (stuck).
  8056 | D:3      | 8056 ||| Stepping randomly (stuck).
  8058 | D:3      | 8058 ||| Stepping randomly (stuck).
  8060 | D:3      | 8060 ||| Stepping randomly (stuck).
  8062 | D:3      | 8062 ||| Stepping randomly (stuck).
  8064 | D:3      | 8064 ||| Stepping randomly (stuck).
  8066 | D:3      | 8066 ||| Stepping randomly (stuck).
  8068 | D:3      | 8068 ||| Stepping randomly (stuck).
  8070 | D:3      | 8070 ||| Stepping randomly (stuck).
  8072 | D:3      | 8072 ||| Stepping randomly (stuck).
  8074 | D:3      | 8074 ||| Stepping randomly (stuck).
  8076 | D:3      | 8076 ||| Stepping randomly (stuck).
  8078 | D:3      | 8078 ||| Stepping randomly (stuck).
  8080 | D:3      | 8080 ||| Stepping randomly (stuck).
  8082 | D:3      | 8082 ||| Stepping randomly (stuck).
  8084 | D:3      | 8084 ||| Stepping randomly (stuck).
  8086 | D:3      | 8086 ||| Stepping randomly (stuck).
  8088 | D:3      | 8088 ||| Stepping randomly (stuck).
  8090 | D:3      | 8090 ||| Stepping randomly (stuck).
  8092 | D:3      | 8092 ||| Stepping randomly (stuck).
  8094 | D:3      | 8094 ||| Stepping randomly (stuck).
  8096 | D:3      | 8096 ||| Stepping randomly (stuck).
  8098 | D:3      | 8098 ||| Stepping randomly (stuck).
  8100 | D:3      | 8100 ||| Stepping randomly (stuck).
  8102 | D:3      | 8102 ||| Stepping randomly (stuck).
  8104 | D:3      | 8104 ||| Stepping randomly (stuck).
  8106 | D:3      | 8106 ||| Stepping randomly (stuck).
  8108 | D:3      | 8108 ||| Stepping randomly (stuck).
  8110 | D:3      | 8110 ||| Stepping randomly (stuck).
  8112 | D:3      | 8112 ||| Stepping randomly (stuck).
  8114 | D:3      | 8114 ||| Stepping randomly (stuck).
  8116 | D:3      | 8116 ||| Stepping randomly (stuck).
  8118 | D:3      | 8118 ||| Stepping randomly (stuck).
  8120 | D:3      | 8120 ||| Stepping randomly (stuck).
  8122 | D:3      | 8122 ||| Stepping randomly (stuck).
  8124 | D:3      | 8124 ||| Stepping randomly (stuck).
  8126 | D:3      | 8126 ||| Stepping randomly (stuck).
  8128 | D:3      | 8128 ||| Stepping randomly (stuck).
  8130 | D:3      | 8130 ||| Stepping randomly (stuck).
  8132 | D:3      | 8132 ||| Stepping randomly (stuck).
  8134 | D:3      | 8134 ||| Stepping randomly (stuck).
  8136 | D:3      | 8136 ||| Stepping randomly (stuck).
  8138 | D:3      | 8138 ||| Stepping randomly (stuck).
  8140 | D:3      | 8140 ||| Stepping randomly (stuck).
  8142 | D:3      | 8142 ||| Stepping randomly (stuck).
  8144 | D:3      | 8144 ||| Stepping randomly (stuck).
  8146 | D:3      | 8146 ||| Stepping randomly (stuck).
  8148 | D:3      | 8148 ||| Stepping randomly (stuck).
  8150 | D:3      | 8150 ||| Stepping randomly (stuck).
  8152 | D:3      | 8152 ||| Stepping randomly (stuck).
  8154 | D:3      | 8154 ||| Stepping randomly (stuck).
  8156 | D:3      | 8156 ||| Stepping randomly (stuck).
  8158 | D:3      | 8158 ||| Stepping randomly (stuck).
  8160 | D:3      | 8160 ||| Stepping randomly (stuck).
  8162 | D:3      | 8162 ||| Stepping randomly (stuck).
  8164 | D:3      | 8164 ||| Stepping randomly (stuck).
  8166 | D:3      | 8166 ||| Stepping randomly (stuck).
  8168 | D:3      | 8168 ||| Stepping randomly (stuck).
  8170 | D:3      | 8170 ||| Stepping randomly (stuck).
  8172 | D:3      | 8172 ||| Stepping randomly (stuck).
  8174 | D:3      | 8174 ||| Stepping randomly (stuck).
  8176 | D:3      | 8176 ||| Stepping randomly (stuck).
  8178 | D:3      | 8178 ||| Stepping randomly (stuck).
  8180 | D:3      | 8180 ||| Stepping randomly (stuck).
  8182 | D:3      | 8182 ||| Stepping randomly (stuck).
  8184 | D:3      | 8184 ||| Stepping randomly (stuck).
  8186 | D:3      | 8186 ||| Stepping randomly (stuck).
  8188 | D:3      | 8188 ||| Stepping randomly (stuck).
  8190 | D:3      | 8190 ||| Stepping randomly (stuck).
  8192 | D:3      | 8192 ||| Stepping randomly (stuck).
  8194 | D:3      | 8194 ||| Stepping randomly (stuck).
  8196 | D:3      | 8196 ||| Stepping randomly (stuck).
  8198 | D:3      | 8198 ||| Stepping randomly (stuck).
  8200 | D:3      | 8200 ||| Stepping randomly (stuck).
  8202 | D:3      | 8202 ||| Stepping randomly (stuck).
  8204 | D:3      | 8204 ||| Stepping randomly (stuck).
  8206 | D:3      | 8206 ||| Stepping randomly (stuck).
  8208 | D:3      | 8208 ||| Stepping randomly (stuck).
  8210 | D:3      | 8210 ||| Stepping randomly (stuck).
  8212 | D:3      | 8212 ||| Stepping randomly (stuck).
  8214 | D:3      | 8214 ||| Stepping randomly (stuck).
  8216 | D:3      | 8216 ||| Stepping randomly (stuck).
  8218 | D:3      | 8218 ||| Stepping randomly (stuck).
  8220 | D:3      | 8220 ||| Stepping randomly (stuck).
  8222 | D:3      | 8222 ||| Stepping randomly (stuck).
  8224 | D:3      | 8224 ||| Stepping randomly (stuck).
  8226 | D:3      | 8226 ||| Stepping randomly (stuck).
  8228 | D:3      | 8228 ||| Stepping randomly (stuck).
  8230 | D:3      | 8230 ||| Stepping randomly (stuck).
  8232 | D:3      | 8232 ||| Stepping randomly (stuck).
  8234 | D:3      | 8234 ||| Stepping randomly (stuck).
  8236 | D:3      | 8236 ||| Stepping randomly (stuck).
  8238 | D:3      | 8238 ||| Stepping randomly (stuck).
  8240 | D:3      | 8240 ||| Stepping randomly (stuck).
  8242 | D:3      | 8242 ||| Stepping randomly (stuck).
  8244 | D:3      | 8244 ||| Stepping randomly (stuck).
  8246 | D:3      | 8246 ||| Stepping randomly (stuck).
  8248 | D:3      | 8248 ||| Stepping randomly (stuck).
  8250 | D:3      | 8250 ||| Stepping randomly (stuck).
  8252 | D:3      | 8252 ||| Stepping randomly (stuck).
  8254 | D:3      | 8254 ||| Stepping randomly (stuck).
  8256 | D:3      | 8256 ||| Stepping randomly (stuck).
  8258 | D:3      | 8258 ||| Stepping randomly (stuck).
  8260 | D:3      | 8260 ||| Stepping randomly (stuck).
  8262 | D:3      | 8262 ||| Stepping randomly (stuck).
  8264 | D:3      | 8264 ||| Stepping randomly (stuck).
  8266 | D:3      | 8266 ||| Stepping randomly (stuck).
  8268 | D:3      | 8268 ||| Stepping randomly (stuck).
  8270 | D:3      | 8270 ||| Stepping randomly (stuck).
  8272 | D:3      | 8272 ||| Stepping randomly (stuck).
  8274 | D:3      | 8274 ||| Stepping randomly (stuck).
  8276 | D:3      | 8276 ||| Stepping randomly (stuck).
  8278 | D:3      | 8278 ||| Stepping randomly (stuck).
  8280 | D:3      | 8280 ||| Stepping randomly (stuck).
  8282 | D:3      | 8282 ||| Stepping randomly (stuck).
  8284 | D:3      | 8284 ||| Stepping randomly (stuck).
  8286 | D:3      | 8286 ||| Stepping randomly (stuck).
  8288 | D:3      | 8288 ||| Stepping randomly (stuck).
  8290 | D:3      | 8290 ||| Stepping randomly (stuck).
  8292 | D:3      | 8292 ||| Stepping randomly (stuck).
  8294 | D:3      | 8294 ||| Stepping randomly (stuck).
  8296 | D:3      | 8296 ||| Stepping randomly (stuck).
  8298 | D:3      | 8298 ||| Stepping randomly (stuck).
  8300 | D:3      | 8300 ||| Stepping randomly (stuck).
  8302 | D:3      | 8302 ||| Stepping randomly (stuck).
  8304 | D:3      | 8304 ||| Stepping randomly (stuck).
  8306 | D:3      | 8306 ||| Stepping randomly (stuck).
  8308 | D:3      | 8308 ||| Stepping randomly (stuck).
  8310 | D:3      | 8310 ||| Stepping randomly (stuck).
  8312 | D:3      | 8312 ||| Stepping randomly (stuck).
  8314 | D:3      | 8314 ||| Stepping randomly (stuck).
  8316 | D:3      | 8316 ||| Stepping randomly (stuck).
  8318 | D:3      | 8318 ||| Stepping randomly (stuck).
  8320 | D:3      | 8320 ||| Stepping randomly (stuck).
  8322 | D:3      | 8322 ||| Stepping randomly (stuck).
  8324 | D:3      | 8324 ||| Stepping randomly (stuck).
  8326 | D:3      | 8326 ||| Stepping randomly (stuck).
  8328 | D:3      | 8328 ||| Stepping randomly (stuck).
  8330 | D:3      | 8330 ||| Stepping randomly (stuck).
  8332 | D:3      | 8332 ||| Stepping randomly (stuck).
  8334 | D:3      | 8334 ||| Stepping randomly (stuck).
  8336 | D:3      | 8336 ||| Stepping randomly (stuck).
  8338 | D:3      | 8338 ||| Stepping randomly (stuck).
  8340 | D:3      | 8340 ||| Stepping randomly (stuck).
  8342 | D:3      | 8342 ||| Stepping randomly (stuck).
  8344 | D:3      | 8344 ||| Stepping randomly (stuck).
  8346 | D:3      | 8346 ||| Stepping randomly (stuck).
  8348 | D:3      | 8348 ||| Stepping randomly (stuck).
  8350 | D:3      | 8350 ||| Stepping randomly (stuck).
  8352 | D:3      | 8352 ||| Stepping randomly (stuck).
  8354 | D:3      | 8354 ||| Stepping randomly (stuck).
  8356 | D:3      | 8356 ||| Stepping randomly (stuck).
  8358 | D:3      | 8358 ||| Stepping randomly (stuck).
  8360 | D:3      | 8360 ||| Stepping randomly (stuck).
  8362 | D:3      | 8362 ||| Stepping randomly (stuck).
  8364 | D:3      | 8364 ||| Stepping randomly (stuck).
  8366 | D:3      | 8366 ||| Stepping randomly (stuck).
  8368 | D:3      | 8368 ||| Stepping randomly (stuck).
  8370 | D:3      | 8370 ||| Stepping randomly (stuck).
  8372 | D:3      | 8372 ||| Stepping randomly (stuck).
  8374 | D:3      | 8374 ||| Stepping randomly (stuck).
  8376 | D:3      | 8376 ||| Stepping randomly (stuck).
  8378 | D:3      | 8378 ||| Stepping randomly (stuck).
  8380 | D:3      | 8380 ||| Stepping randomly (stuck).
  8382 | D:3      | 8382 ||| Stepping randomly (stuck).
  8384 | D:3      | 8384 ||| Stepping randomly (stuck).
  8386 | D:3      | 8386 ||| Stepping randomly (stuck).
  8388 | D:3      | 8388 ||| Stepping randomly (stuck).
  8390 | D:3      | 8390 ||| Stepping randomly (stuck).
  8392 | D:3      | 8392 ||| Stepping randomly (stuck).
  8394 | D:3      | 8394 ||| Stepping randomly (stuck).
  8396 | D:3      | 8396 ||| Stepping randomly (stuck).
  8398 | D:3      | 8398 ||| Stepping randomly (stuck).
  8400 | D:3      | 8400 ||| Stepping randomly (stuck).
  8402 | D:3      | 8402 ||| Stepping randomly (stuck).
  8404 | D:3      | 8404 ||| Stepping randomly (stuck).
  8406 | D:3      | 8406 ||| Stepping randomly (stuck).
  8408 | D:3      | 8408 ||| Stepping randomly (stuck).
  8410 | D:3      | 8410 ||| Stepping randomly (stuck).
  8412 | D:3      | 8412 ||| Stepping randomly (stuck).
  8414 | D:3      | 8414 ||| Stepping randomly (stuck).
  8416 | D:3      | 8416 ||| Stepping randomly (stuck).
  8418 | D:3      | 8418 ||| Stepping randomly (stuck).
  8420 | D:3      | 8420 ||| Stepping randomly (stuck).
  8422 | D:3      | 8422 ||| Stepping randomly (stuck).
  8424 | D:3      | 8424 ||| Stepping randomly (stuck).
  8426 | D:3      | 8426 ||| Stepping randomly (stuck).
  8428 | D:3      | 8428 ||| Stepping randomly (stuck).
  8430 | D:3      | 8430 ||| Stepping randomly (stuck).
  8432 | D:3      | 8432 ||| Stepping randomly (stuck).
  8434 | D:3      | 8434 ||| Stepping randomly (stuck).
  8436 | D:3      | 8436 ||| Stepping randomly (stuck).
  8438 | D:3      | 8438 ||| Stepping randomly (stuck).
  8440 | D:3      | 8440 ||| Stepping randomly (stuck).
  8442 | D:3      | 8442 ||| Stepping randomly (stuck).
  8444 | D:3      | 8444 ||| Stepping randomly (stuck).
  8446 | D:3      | 8446 ||| Stepping randomly (stuck).
  8448 | D:3      | 8448 ||| Stepping randomly (stuck).
  8450 | D:3      | 8450 ||| Stepping randomly (stuck).
  8452 | D:3      | 8452 ||| Stepping randomly (stuck).
  8454 | D:3      | 8454 ||| Stepping randomly (stuck).
  8456 | D:3      | 8456 ||| Stepping randomly (stuck).
  8458 | D:3      | 8458 ||| Stepping randomly (stuck).
  8460 | D:3      | 8460 ||| Stepping randomly (stuck).
  8462 | D:3      | 8462 ||| Stepping randomly (stuck).
  8464 | D:3      | 8464 ||| Stepping randomly (stuck).
  8466 | D:3      | 8466 ||| Stepping randomly (stuck).
  8468 | D:3      | 8468 ||| Stepping randomly (stuck).
  8470 | D:3      | 8470 ||| Stepping randomly (stuck).
  8472 | D:3      | 8472 ||| Stepping randomly (stuck).
  8474 | D:3      | 8474 ||| Stepping randomly (stuck).
  8476 | D:3      | 8476 ||| Stepping randomly (stuck).
  8478 | D:3      | 8478 ||| Stepping randomly (stuck).
  8480 | D:3      | 8480 ||| Stepping randomly (stuck).
  8482 | D:3      | 8482 ||| Stepping randomly (stuck).
  8484 | D:3      | 8484 ||| Stepping randomly (stuck).
  8486 | D:3      | 8486 ||| Stepping randomly (stuck).
  8488 | D:3      | 8488 ||| Stepping randomly (stuck).
  8490 | D:3      | 8490 ||| Stepping randomly (stuck).
  8492 | D:3      | 8492 ||| Stepping randomly (stuck).
  8494 | D:3      | 8494 ||| Stepping randomly (stuck).
  8496 | D:3      | 8496 ||| Stepping randomly (stuck).
  8498 | D:3      | 8498 ||| Stepping randomly (stuck).
  8500 | D:3      | 8500 ||| Stepping randomly (stuck).
  8502 | D:3      | 8502 ||| Stepping randomly (stuck).
  8504 | D:3      | 8504 ||| Stepping randomly (stuck).
  8506 | D:3      | 8506 ||| Stepping randomly (stuck).
  8508 | D:3      | 8508 ||| Stepping randomly (stuck).
  8510 | D:3      | 8510 ||| Stepping randomly (stuck).
  8512 | D:3      | 8512 ||| Stepping randomly (stuck).
  8514 | D:3      | 8514 ||| Stepping randomly (stuck).
  8516 | D:3      | 8516 ||| Stepping randomly (stuck).
  8518 | D:3      | 8518 ||| Stepping randomly (stuck).
  8520 | D:3      | 8520 ||| Stepping randomly (stuck).
  8522 | D:3      | 8522 ||| Stepping randomly (stuck).
  8524 | D:3      | 8524 ||| Stepping randomly (stuck).
  8526 | D:3      | 8526 ||| Stepping randomly (stuck).
  8528 | D:3      | 8528 ||| Stepping randomly (stuck).
  8530 | D:3      | 8530 ||| Stepping randomly (stuck).
  8532 | D:3      | 8532 ||| Stepping randomly (stuck).
  8534 | D:3      | 8534 ||| Stepping randomly (stuck).
  8536 | D:3      | 8536 ||| Stepping randomly (stuck).
  8538 | D:3      | 8538 ||| Stepping randomly (stuck).
  8540 | D:3      | 8540 ||| Stepping randomly (stuck).
  8542 | D:3      | 8542 ||| Stepping randomly (stuck).
  8544 | D:3      | 8544 ||| Stepping randomly (stuck).
  8546 | D:3      | 8546 ||| Stepping randomly (stuck).
  8548 | D:3      | 8548 ||| Stepping randomly (stuck).
  8550 | D:3      | 8550 ||| Stepping randomly (stuck).
  8552 | D:3      | 8552 ||| Stepping randomly (stuck).
  8554 | D:3      | 8554 ||| Stepping randomly (stuck).
  8556 | D:3      | 8556 ||| Stepping randomly (stuck).
  8558 | D:3      | 8558 ||| Stepping randomly (stuck).
  8560 | D:3      | 8560 ||| Stepping randomly (stuck).
  8562 | D:3      | 8562 ||| Stepping randomly (stuck).
  8564 | D:3      | 8564 ||| Stepping randomly (stuck).
  8566 | D:3      | 8566 ||| Stepping randomly (stuck).
  8568 | D:3      | 8568 ||| Stepping randomly (stuck).
  8570 | D:3      | 8570 ||| Stepping randomly (stuck).
  8572 | D:3      | 8572 ||| Stepping randomly (stuck).
  8574 | D:3      | 8574 ||| Stepping randomly (stuck).
  8576 | D:3      | 8576 ||| Stepping randomly (stuck).
  8578 | D:3      | 8578 ||| Stepping randomly (stuck).
  8580 | D:3      | 8580 ||| Stepping randomly (stuck).
  8582 | D:3      | 8582 ||| Stepping randomly (stuck).
  8584 | D:3      | 8584 ||| Stepping randomly (stuck).
  8586 | D:3      | 8586 ||| Stepping randomly (stuck).
  8588 | D:3      | 8588 ||| Stepping randomly (stuck).
  8590 | D:3      | 8590 ||| Stepping randomly (stuck).
  8592 | D:3      | 8592 ||| Stepping randomly (stuck).
  8594 | D:3      | 8594 ||| Stepping randomly (stuck).
  8596 | D:3      | 8596 ||| Stepping randomly (stuck).
  8598 | D:3      | 8598 ||| Stepping randomly (stuck).
  8600 | D:3      | 8600 ||| Stepping randomly (stuck).
  8602 | D:3      | 8602 ||| Stepping randomly (stuck).
  8604 | D:3      | 8604 ||| Stepping randomly (stuck).
  8606 | D:3      | 8606 ||| Stepping randomly (stuck).
  8608 | D:3      | 8608 ||| Stepping randomly (stuck).
  8610 | D:3      | 8610 ||| Stepping randomly (stuck).
  8612 | D:3      | 8612 ||| Stepping randomly (stuck).
  8614 | D:3      | 8614 ||| Stepping randomly (stuck).
  8616 | D:3      | 8616 ||| Stepping randomly (stuck).
  8618 | D:3      | 8618 ||| Stepping randomly (stuck).
  8620 | D:3      | 8620 ||| Stepping randomly (stuck).
  8622 | D:3      | 8622 ||| Stepping randomly (stuck).
  8624 | D:3      | 8624 ||| Stepping randomly (stuck).
  8626 | D:3      | 8626 ||| Stepping randomly (stuck).
  8628 | D:3      | 8628 ||| Stepping randomly (stuck).
  8630 | D:3      | 8630 ||| Stepping randomly (stuck).
  8632 | D:3      | 8632 ||| Stepping randomly (stuck).
  8634 | D:3      | 8634 ||| Stepping randomly (stuck).
  8636 | D:3      | 8636 ||| Stepping randomly (stuck).
  8638 | D:3      | 8638 ||| Stepping randomly (stuck).
  8640 | D:3      | 8640 ||| Stepping randomly (stuck).
  8642 | D:3      | 8642 ||| Stepping randomly (stuck).
  8644 | D:3      | 8644 ||| Stepping randomly (stuck).
  8646 | D:3      | 8646 ||| Stepping randomly (stuck).
  8648 | D:3      | 8648 ||| Stepping randomly (stuck).
  8650 | D:3      | 8650 ||| Stepping randomly (stuck).
  8652 | D:3      | 8652 ||| Stepping randomly (stuck).
  8654 | D:3      | 8654 ||| Stepping randomly (stuck).
  8656 | D:3      | 8656 ||| Stepping randomly (stuck).
  8658 | D:3      | 8658 ||| Stepping randomly (stuck).
  8660 | D:3      | 8660 ||| Stepping randomly (stuck).
  8662 | D:3      | 8662 ||| Stepping randomly (stuck).
  8664 | D:3      | 8664 ||| Stepping randomly (stuck).
  8666 | D:3      | 8666 ||| Stepping randomly (stuck).
  8668 | D:3      | 8668 ||| Stepping randomly (stuck).
  8670 | D:3      | 8670 ||| Stepping randomly (stuck).
  8672 | D:3      | 8672 ||| Stepping randomly (stuck).
  8674 | D:3      | 8674 ||| Stepping randomly (stuck).
  8676 | D:3      | 8676 ||| Stepping randomly (stuck).
  8678 | D:3      | 8678 ||| Stepping randomly (stuck).
  8680 | D:3      | 8680 ||| Stepping randomly (stuck).
  8682 | D:3      | 8682 ||| Stepping randomly (stuck).
  8684 | D:3      | 8684 ||| Stepping randomly (stuck).
  8686 | D:3      | 8686 ||| Stepping randomly (stuck).
  8688 | D:3      | 8688 ||| Stepping randomly (stuck).
  8690 | D:3      | 8690 ||| Stepping randomly (stuck).
  8692 | D:3      | 8692 ||| Stepping randomly (stuck).
  8694 | D:3      | 8694 ||| Stepping randomly (stuck).
  8696 | D:3      | 8696 ||| Stepping randomly (stuck).
  8698 | D:3      | 8698 ||| Stepping randomly (stuck).
  8700 | D:3      | 8700 ||| Stepping randomly (stuck).
  8702 | D:3      | 8702 ||| Stepping randomly (stuck).
  8704 | D:3      | 8704 ||| Stepping randomly (stuck).
  8706 | D:3      | 8706 ||| Stepping randomly (stuck).
  8708 | D:3      | 8708 ||| Stepping randomly (stuck).
  8710 | D:3      | 8710 ||| Stepping randomly (stuck).
  8712 | D:3      | 8712 ||| Stepping randomly (stuck).
  8714 | D:3      | 8714 ||| Stepping randomly (stuck).
  8716 | D:3      | 8716 ||| Stepping randomly (stuck).
  8718 | D:3      | 8718 ||| Stepping randomly (stuck).
  8720 | D:3      | 8720 ||| Stepping randomly (stuck).
  8722 | D:3      | 8722 ||| Stepping randomly (stuck).
  8724 | D:3      | 8724 ||| Stepping randomly (stuck).
  8726 | D:3      | 8726 ||| Stepping randomly (stuck).
  8728 | D:3      | 8728 ||| Stepping randomly (stuck).
  8730 | D:3      | 8730 ||| Stepping randomly (stuck).
  8732 | D:3      | 8732 ||| Stepping randomly (stuck).
  8734 | D:3      | 8734 ||| Stepping randomly (stuck).
  8736 | D:3      | 8736 ||| Stepping randomly (stuck).
  8738 | D:3      | 8738 ||| Stepping randomly (stuck).
  8740 | D:3      | 8740 ||| Stepping randomly (stuck).
  8742 | D:3      | 8742 ||| Stepping randomly (stuck).
  8744 | D:3      | 8744 ||| Stepping randomly (stuck).
  8746 | D:3      | 8746 ||| Stepping randomly (stuck).
  8748 | D:3      | 8748 ||| Stepping randomly (stuck).
  8750 | D:3      | 8750 ||| Stepping randomly (stuck).
  8752 | D:3      | 8752 ||| Stepping randomly (stuck).
  8754 | D:3      | 8754 ||| Stepping randomly (stuck).
  8756 | D:3      | 8756 ||| Stepping randomly (stuck).
  8758 | D:3      | 8758 ||| Stepping randomly (stuck).
  8760 | D:3      | 8760 ||| Stepping randomly (stuck).
  8762 | D:3      | 8762 ||| Stepping randomly (stuck).
  8764 | D:3      | 8764 ||| Stepping randomly (stuck).
  8766 | D:3      | 8766 ||| Stepping randomly (stuck).
  8768 | D:3      | 8768 ||| Stepping randomly (stuck).
  8770 | D:3      | 8770 ||| Stepping randomly (stuck).
  8772 | D:3      | 8772 ||| Stepping randomly (stuck).
  8774 | D:3      | 8774 ||| Stepping randomly (stuck).
  8776 | D:3      | 8776 ||| Stepping randomly (stuck).
  8778 | D:3      | 8778 ||| Stepping randomly (stuck).
  8780 | D:3      | 8780 ||| Stepping randomly (stuck).
  8782 | D:3      | 8782 ||| Stepping randomly (stuck).
  8784 | D:3      | 8784 ||| Stepping randomly (stuck).
  8786 | D:3      | 8786 ||| Stepping randomly (stuck).
  8788 | D:3      | 8788 ||| Stepping randomly (stuck).
  8790 | D:3      | 8790 ||| Stepping randomly (stuck).
  8792 | D:3      | 8792 ||| Stepping randomly (stuck).
  8794 | D:3      | 8794 ||| Stepping randomly (stuck).
  8796 | D:3      | 8796 ||| Stepping randomly (stuck).
  8798 | D:3      | 8798 ||| Stepping randomly (stuck).
  8800 | D:3      | 8800 ||| Stepping randomly (stuck).
  8802 | D:3      | 8802 ||| Stepping randomly (stuck).
  8804 | D:3      | 8804 ||| Stepping randomly (stuck).
  8806 | D:3      | 8806 ||| Stepping randomly (stuck).
  8808 | D:3      | 8808 ||| Stepping randomly (stuck).
  8810 | D:3      | 8810 ||| Stepping randomly (stuck).
  8812 | D:3      | 8812 ||| Stepping randomly (stuck).
  8814 | D:3      | 8814 ||| Stepping randomly (stuck).
  8816 | D:3      | 8816 ||| Stepping randomly (stuck).
  8818 | D:3      | 8818 ||| Stepping randomly (stuck).
  8820 | D:3      | 8820 ||| Stepping randomly (stuck).
  8822 | D:3      | 8822 ||| Stepping randomly (stuck).
  8824 | D:3      | 8824 ||| Stepping randomly (stuck).
  8826 | D:3      | 8826 ||| Stepping randomly (stuck).
  8828 | D:3      | 8828 ||| Stepping randomly (stuck).
  8830 | D:3      | 8830 ||| Stepping randomly (stuck).
  8832 | D:3      | 8832 ||| Stepping randomly (stuck).
  8834 | D:3      | 8834 ||| Stepping randomly (stuck).
  8836 | D:3      | 8836 ||| Stepping randomly (stuck).
  8838 | D:3      | 8838 ||| Stepping randomly (stuck).
  8840 | D:3      | 8840 ||| Stepping randomly (stuck).
  8842 | D:3      | 8842 ||| Stepping randomly (stuck).
  8844 | D:3      | 8844 ||| Stepping randomly (stuck).
  8846 | D:3      | 8846 ||| Stepping randomly (stuck).
  8848 | D:3      | 8848 ||| Stepping randomly (stuck).
  8850 | D:3      | 8850 ||| Stepping randomly (stuck).
  8852 | D:3      | 8852 ||| Stepping randomly (stuck).
  8854 | D:3      | 8854 ||| Stepping randomly (stuck).
  8856 | D:3      | 8856 ||| Stepping randomly (stuck).
  8858 | D:3      | 8858 ||| Stepping randomly (stuck).
  8860 | D:3      | 8860 ||| Stepping randomly (stuck).
  8862 | D:3      | 8862 ||| Stepping randomly (stuck).
  8864 | D:3      | 8864 ||| Stepping randomly (stuck).
  8866 | D:3      | 8866 ||| Stepping randomly (stuck).
  8868 | D:3      | 8868 ||| Stepping randomly (stuck).
  8870 | D:3      | 8870 ||| Stepping randomly (stuck).
  8872 | D:3      | 8872 ||| Stepping randomly (stuck).
  8874 | D:3      | 8874 ||| Stepping randomly (stuck).
  8876 | D:3      | 8876 ||| Stepping randomly (stuck).
  8878 | D:3      | 8878 ||| Stepping randomly (stuck).
  8880 | D:3      | 8880 ||| Stepping randomly (stuck).
  8882 | D:3      | 8882 ||| Stepping randomly (stuck).
  8884 | D:3      | 8884 ||| Stepping randomly (stuck).
  8886 | D:3      | 8886 ||| Stepping randomly (stuck).
  8888 | D:3      | 8888 ||| Stepping randomly (stuck).
  8890 | D:3      | 8890 ||| Stepping randomly (stuck).
  8892 | D:3      | 8892 ||| Stepping randomly (stuck).
  8894 | D:3      | 8894 ||| Stepping randomly (stuck).
  8896 | D:3      | 8896 ||| Stepping randomly (stuck).
  8898 | D:3      | 8898 ||| Stepping randomly (stuck).
  8900 | D:3      | 8900 ||| Stepping randomly (stuck).
  8902 | D:3      | 8902 ||| Stepping randomly (stuck).
  8904 | D:3      | 8904 ||| Stepping randomly (stuck).
  8906 | D:3      | 8906 ||| Stepping randomly (stuck).
  8908 | D:3      | 8908 ||| Stepping randomly (stuck).
  8910 | D:3      | 8910 ||| Stepping randomly (stuck).
  8912 | D:3      | 8912 ||| Stepping randomly (stuck).
  8914 | D:3      | 8914 ||| Stepping randomly (stuck).
  8916 | D:3      | 8916 ||| Stepping randomly (stuck).
  8918 | D:3      | 8918 ||| Stepping randomly (stuck).
  8920 | D:3      | 8920 ||| Stepping randomly (stuck).
  8922 | D:3      | 8922 ||| Stepping randomly (stuck).
  8924 | D:3      | 8924 ||| Stepping randomly (stuck).
  8926 | D:3      | 8926 ||| Stepping randomly (stuck).
  8928 | D:3      | 8928 ||| Stepping randomly (stuck).
  8930 | D:3      | 8930 ||| Stepping randomly (stuck).
  8932 | D:3      | 8932 ||| Stepping randomly (stuck).
  8934 | D:3      | 8934 ||| Stepping randomly (stuck).
  8936 | D:3      | 8936 ||| Stepping randomly (stuck).
  8938 | D:3      | 8938 ||| Stepping randomly (stuck).
  8940 | D:3      | 8940 ||| Stepping randomly (stuck).
  8942 | D:3      | 8942 ||| Stepping randomly (stuck).
  8944 | D:3      | 8944 ||| Stepping randomly (stuck).
  8946 | D:3      | 8946 ||| Stepping randomly (stuck).
  8948 | D:3      | 8948 ||| Stepping randomly (stuck).
  8950 | D:3      | 8950 ||| Stepping randomly (stuck).
  8952 | D:3      | 8952 ||| Stepping randomly (stuck).
  8954 | D:3      | 8954 ||| Stepping randomly (stuck).
  8956 | D:3      | 8956 ||| Stepping randomly (stuck).
  8958 | D:3      | 8958 ||| Stepping randomly (stuck).
  8960 | D:3      | 8960 ||| Stepping randomly (stuck).
  8962 | D:3      | 8962 ||| Stepping randomly (stuck).
  8964 | D:3      | 8964 ||| Stepping randomly (stuck).
  8966 | D:3      | 8966 ||| Stepping randomly (stuck).
  8968 | D:3      | 8968 ||| Stepping randomly (stuck).
  8970 | D:3      | 8970 ||| Stepping randomly (stuck).
  8972 | D:3      | 8972 ||| Stepping randomly (stuck).
  8974 | D:3      | 8974 ||| Stepping randomly (stuck).
  8976 | D:3      | 8976 ||| Stepping randomly (stuck).
  8978 | D:3      | 8978 ||| Stepping randomly (stuck).
  8980 | D:3      | 8980 ||| Stepping randomly (stuck).
  8982 | D:3      | 8982 ||| Stepping randomly (stuck).
  8984 | D:3      | 8984 ||| Stepping randomly (stuck).
  8986 | D:3      | 8986 ||| Stepping randomly (stuck).
  8988 | D:3      | 8988 ||| Stepping randomly (stuck).
  8990 | D:3      | 8990 ||| Stepping randomly (stuck).
  8992 | D:3      | 8992 ||| Stepping randomly (stuck).
  8994 | D:3      | 8994 ||| Stepping randomly (stuck).
  8996 | D:3      | 8996 ||| Stepping randomly (stuck).
  8998 | D:3      | 8998 ||| Stepping randomly (stuck).
  9000 | D:3      | 9000 ||| Stepping randomly (stuck).
  9002 | D:3      | 9002 ||| Stepping randomly (stuck).
  9004 | D:3      | 9004 ||| Stepping randomly (stuck).
  9006 | D:3      | 9006 ||| Stepping randomly (stuck).
  9008 | D:3      | 9008 ||| Stepping randomly (stuck).
  9010 | D:3      | 9010 ||| Stepping randomly (stuck).
  9012 | D:3      | 9012 ||| Stepping randomly (stuck).
  9014 | D:3      | 9014 ||| Stepping randomly (stuck).
  9016 | D:3      | 9016 ||| Stepping randomly (stuck).
  9018 | D:3      | 9018 ||| Stepping randomly (stuck).
  9020 | D:3      | 9020 ||| Stepping randomly (stuck).
  9022 | D:3      | 9022 ||| Stepping randomly (stuck).
  9024 | D:3      | 9024 ||| Stepping randomly (stuck).
  9026 | D:3      | 9026 ||| Stepping randomly (stuck).
  9028 | D:3      | 9028 ||| Stepping randomly (stuck).
  9030 | D:3      | 9030 ||| Stepping randomly (stuck).
  9032 | D:3      | 9032 ||| Stepping randomly (stuck).
  9034 | D:3      | 9034 ||| Stepping randomly (stuck).
  9036 | D:3      | 9036 ||| Stepping randomly (stuck).
  9038 | D:3      | 9038 ||| Stepping randomly (stuck).
  9040 | D:3      | 9040 ||| Stepping randomly (stuck).
  9042 | D:3      | 9042 ||| Stepping randomly (stuck).
  9044 | D:3      | 9044 ||| Stepping randomly (stuck).
  9046 | D:3      | 9046 ||| Stepping randomly (stuck).
  9048 | D:3      | 9048 ||| Stepping randomly (stuck).
  9050 | D:3      | 9050 ||| Stepping randomly (stuck).
  9052 | D:3      | 9052 ||| Stepping randomly (stuck).
  9054 | D:3      | 9054 ||| Stepping randomly (stuck).
  9056 | D:3      | 9056 ||| Stepping randomly (stuck).
  9058 | D:3      | 9058 ||| Stepping randomly (stuck).
  9060 | D:3      | 9060 ||| Stepping randomly (stuck).
  9062 | D:3      | 9062 ||| Stepping randomly (stuck).
  9064 | D:3      | 9064 ||| Stepping randomly (stuck).
  9066 | D:3      | 9066 ||| Stepping randomly (stuck).
  9068 | D:3      | 9068 ||| Stepping randomly (stuck).
  9070 | D:3      | 9070 ||| Stepping randomly (stuck).
  9072 | D:3      | 9072 ||| Stepping randomly (stuck).
  9074 | D:3      | 9074 ||| Stepping randomly (stuck).
  9076 | D:3      | 9076 ||| Stepping randomly (stuck).
  9078 | D:3      | 9078 ||| Stepping randomly (stuck).
  9080 | D:3      | 9080 ||| Stepping randomly (stuck).
  9082 | D:3      | 9082 ||| Stepping randomly (stuck).
  9084 | D:3      | 9084 ||| Stepping randomly (stuck).
  9086 | D:3      | 9086 ||| Stepping randomly (stuck).
  9088 | D:3      | 9088 ||| Stepping randomly (stuck).
  9090 | D:3      | 9090 ||| Stepping randomly (stuck).
  9092 | D:3      | 9092 ||| Stepping randomly (stuck).
  9094 | D:3      | 9094 ||| Stepping randomly (stuck).
  9096 | D:3      | 9096 ||| Stepping randomly (stuck).
  9098 | D:3      | 9098 ||| Stepping randomly (stuck).
  9100 | D:3      | 9100 ||| Stepping randomly (stuck).
  9102 | D:3      | 9102 ||| Stepping randomly (stuck).
  9104 | D:3      | 9104 ||| Stepping randomly (stuck).
  9106 | D:3      | 9106 ||| Stepping randomly (stuck).
  9108 | D:3      | 9108 ||| Stepping randomly (stuck).
  9110 | D:3      | 9110 ||| Stepping randomly (stuck).
  9112 | D:3      | 9112 ||| Stepping randomly (stuck).
  9114 | D:3      | 9114 ||| Stepping randomly (stuck).
  9116 | D:3      | 9116 ||| Stepping randomly (stuck).
  9118 | D:3      | 9118 ||| Stepping randomly (stuck).
  9120 | D:3      | 9120 ||| Stepping randomly (stuck).
  9122 | D:3      | 9122 ||| Stepping randomly (stuck).
  9124 | D:3      | 9124 ||| Stepping randomly (stuck).
  9126 | D:3      | 9126 ||| Stepping randomly (stuck).
  9128 | D:3      | 9128 ||| Stepping randomly (stuck).
  9130 | D:3      | 9130 ||| Stepping randomly (stuck).
  9132 | D:3      | 9132 ||| Stepping randomly (stuck).
  9134 | D:3      | 9134 ||| Stepping randomly (stuck).
  9136 | D:3      | 9136 ||| Stepping randomly (stuck).
  9138 | D:3      | 9138 ||| Stepping randomly (stuck).
  9140 | D:3      | 9140 ||| Stepping randomly (stuck).
  9142 | D:3      | 9142 ||| Stepping randomly (stuck).
  9144 | D:3      | 9144 ||| Stepping randomly (stuck).
  9146 | D:3      | 9146 ||| Stepping randomly (stuck).
  9148 | D:3      | 9148 ||| Stepping randomly (stuck).
  9150 | D:3      | 9150 ||| Stepping randomly (stuck).
  9152 | D:3      | 9152 ||| Stepping randomly (stuck).
  9154 | D:3      | 9154 ||| Stepping randomly (stuck).
  9156 | D:3      | 9156 ||| Stepping randomly (stuck).
  9158 | D:3      | 9158 ||| Stepping randomly (stuck).
  9160 | D:3      | 9160 ||| Stepping randomly (stuck).
  9162 | D:3      | 9162 ||| Stepping randomly (stuck).
  9164 | D:3      | 9164 ||| Stepping randomly (stuck).
  9166 | D:3      | 9166 ||| Stepping randomly (stuck).
  9168 | D:3      | 9168 ||| Stepping randomly (stuck).
  9170 | D:3      | 9170 ||| Stepping randomly (stuck).
  9172 | D:3      | 9172 ||| Stepping randomly (stuck).
  9174 | D:3      | 9174 ||| Stepping randomly (stuck).
  9176 | D:3      | 9176 ||| Stepping randomly (stuck).
  9178 | D:3      | 9178 ||| Stepping randomly (stuck).
  9180 | D:3      | 9180 ||| Stepping randomly (stuck).
  9182 | D:3      | 9182 ||| Stepping randomly (stuck).
  9184 | D:3      | 9184 ||| Stepping randomly (stuck).
  9186 | D:3      | 9186 ||| Stepping randomly (stuck).
  9188 | D:3      | 9188 ||| Stepping randomly (stuck).
  9190 | D:3      | 9190 ||| Stepping randomly (stuck).
  9192 | D:3      | 9192 ||| Stepping randomly (stuck).
  9194 | D:3      | 9194 ||| Stepping randomly (stuck).
  9196 | D:3      | 9196 ||| Stepping randomly (stuck).
  9198 | D:3      | 9198 ||| Stepping randomly (stuck).
  9200 | D:3      | 9200 ||| Stepping randomly (stuck).
  9202 | D:3      | 9202 ||| Stepping randomly (stuck).
  9204 | D:3      | 9204 ||| Stepping randomly (stuck).
  9206 | D:3      | 9206 ||| Stepping randomly (stuck).
  9208 | D:3      | 9208 ||| Stepping randomly (stuck).
  9210 | D:3      | 9210 ||| Stepping randomly (stuck).
  9212 | D:3      | 9212 ||| Stepping randomly (stuck).
  9214 | D:3      | 9214 ||| Stepping randomly (stuck).
  9216 | D:3      | 9216 ||| Stepping randomly (stuck).
  9218 | D:3      | 9218 ||| Stepping randomly (stuck).
  9220 | D:3      | 9220 ||| Stepping randomly (stuck).
  9222 | D:3      | 9222 ||| Stepping randomly (stuck).
  9224 | D:3      | 9224 ||| Stepping randomly (stuck).
  9226 | D:3      | 9226 ||| Stepping randomly (stuck).
  9228 | D:3      | 9228 ||| Stepping randomly (stuck).
  9230 | D:3      | 9230 ||| Stepping randomly (stuck).
  9232 | D:3      | 9232 ||| Stepping randomly (stuck).
  9234 | D:3      | 9234 ||| Stepping randomly (stuck).
  9236 | D:3      | 9236 ||| Stepping randomly (stuck).
  9238 | D:3      | 9238 ||| Stepping randomly (stuck).
  9240 | D:3      | 9240 ||| Stepping randomly (stuck).
  9242 | D:3      | 9242 ||| Stepping randomly (stuck).
  9244 | D:3      | 9244 ||| Stepping randomly (stuck).
  9246 | D:3      | 9246 ||| Stepping randomly (stuck).
  9248 | D:3      | 9248 ||| Stepping randomly (stuck).
  9250 | D:3      | 9250 ||| Stepping randomly (stuck).
  9252 | D:3      | 9252 ||| Stepping randomly (stuck).
  9254 | D:3      | 9254 ||| Stepping randomly (stuck).
  9256 | D:3      | 9256 ||| Stepping randomly (stuck).
  9258 | D:3      | 9258 ||| Stepping randomly (stuck).
  9260 | D:3      | 9260 ||| Stepping randomly (stuck).
  9262 | D:3      | 9262 ||| Stepping randomly (stuck).
  9264 | D:3      | 9264 ||| Stepping randomly (stuck).
  9266 | D:3      | 9266 ||| Stepping randomly (stuck).
  9268 | D:3      | 9268 ||| Stepping randomly (stuck).
  9270 | D:3      | 9270 ||| Stepping randomly (stuck).
  9272 | D:3      | 9272 ||| Stepping randomly (stuck).
  9274 | D:3      | 9274 ||| Stepping randomly (stuck).
  9276 | D:3      | 9276 ||| Stepping randomly (stuck).
  9278 | D:3      | 9278 ||| Stepping randomly (stuck).
  9280 | D:3      | 9280 ||| Stepping randomly (stuck).
  9282 | D:3      | 9282 ||| Stepping randomly (stuck).
  9284 | D:3      | 9284 ||| Stepping randomly (stuck).
  9286 | D:3      | 9286 ||| Stepping randomly (stuck).
  9288 | D:3      | 9288 ||| Stepping randomly (stuck).
  9290 | D:3      | 9290 ||| Stepping randomly (stuck).
  9292 | D:3      | 9292 ||| Stepping randomly (stuck).
  9294 | D:3      | 9294 ||| Stepping randomly (stuck).
  9296 | D:3      | 9296 ||| Stepping randomly (stuck).
  9298 | D:3      | 9298 ||| Stepping randomly (stuck).
  9300 | D:3      | 9300 ||| Stepping randomly (stuck).
  9302 | D:3      | 9302 ||| Stepping randomly (stuck).
  9304 | D:3      | 9304 ||| Stepping randomly (stuck).
  9306 | D:3      | 9306 ||| Stepping randomly (stuck).
  9308 | D:3      | 9308 ||| Stepping randomly (stuck).
  9310 | D:3      | 9310 ||| Stepping randomly (stuck).
  9312 | D:3      | 9312 ||| Stepping randomly (stuck).
  9314 | D:3      | 9314 ||| Stepping randomly (stuck).
  9316 | D:3      | 9316 ||| Stepping randomly (stuck).
  9318 | D:3      | 9318 ||| Stepping randomly (stuck).
  9320 | D:3      | 9320 ||| Stepping randomly (stuck).
  9322 | D:3      | 9322 ||| Stepping randomly (stuck).
  9324 | D:3      | 9324 ||| Stepping randomly (stuck).
  9326 | D:3      | 9326 ||| Stepping randomly (stuck).
  9328 | D:3      | 9328 ||| Stepping randomly (stuck).
  9330 | D:3      | 9330 ||| Stepping randomly (stuck).
  9332 | D:3      | 9332 ||| Stepping randomly (stuck).
  9334 | D:3      | 9334 ||| Stepping randomly (stuck).
  9336 | D:3      | 9336 ||| Stepping randomly (stuck).
  9338 | D:3      | 9338 ||| Stepping randomly (stuck).
  9340 | D:3      | 9340 ||| Stepping randomly (stuck).
  9342 | D:3      | 9342 ||| Stepping randomly (stuck).
  9344 | D:3      | 9344 ||| Stepping randomly (stuck).
  9346 | D:3      | 9346 ||| Stepping randomly (stuck).
  9348 | D:3      | 9348 ||| Stepping randomly (stuck).
  9350 | D:3      | 9350 ||| Stepping randomly (stuck).
  9352 | D:3      | 9352 ||| Stepping randomly (stuck).
  9354 | D:3      | 9354 ||| Stepping randomly (stuck).
  9356 | D:3      | 9356 ||| Stepping randomly (stuck).
  9358 | D:3      | 9358 ||| Stepping randomly (stuck).
  9360 | D:3      | 9360 ||| Stepping randomly (stuck).
  9362 | D:3      | 9362 ||| Stepping randomly (stuck).
  9364 | D:3      | 9364 ||| Stepping randomly (stuck).
  9366 | D:3      | 9366 ||| Stepping randomly (stuck).
  9368 | D:3      | 9368 ||| Stepping randomly (stuck).
  9370 | D:3      | 9370 ||| Stepping randomly (stuck).
  9372 | D:3      | 9372 ||| Stepping randomly (stuck).
  9374 | D:3      | 9374 ||| Stepping randomly (stuck).
  9376 | D:3      | 9376 ||| Stepping randomly (stuck).
  9378 | D:3      | 9378 ||| Stepping randomly (stuck).
  9380 | D:3      | 9380 ||| Stepping randomly (stuck).
  9382 | D:3      | 9382 ||| Stepping randomly (stuck).
  9384 | D:3      | 9384 ||| Stepping randomly (stuck).
  9386 | D:3      | 9386 ||| Stepping randomly (stuck).
  9388 | D:3      | 9388 ||| Stepping randomly (stuck).
  9390 | D:3      | 9390 ||| Stepping randomly (stuck).
  9392 | D:3      | 9392 ||| Stepping randomly (stuck).
  9394 | D:3      | 9394 ||| Stepping randomly (stuck).
  9396 | D:3      | 9396 ||| Stepping randomly (stuck).
  9398 | D:3      | 9398 ||| Stepping randomly (stuck).
  9400 | D:3      | 9400 ||| Stepping randomly (stuck).
  9402 | D:3      | 9402 ||| Stepping randomly (stuck).
  9404 | D:3      | 9404 ||| Stepping randomly (stuck).
  9406 | D:3      | 9406 ||| Stepping randomly (stuck).
  9408 | D:3      | 9408 ||| Stepping randomly (stuck).
  9410 | D:3      | 9410 ||| Stepping randomly (stuck).
  9412 | D:3      | 9412 ||| Stepping randomly (stuck).
  9414 | D:3      | 9414 ||| Stepping randomly (stuck).
  9416 | D:3      | 9416 ||| Stepping randomly (stuck).
  9418 | D:3      | 9418 ||| Stepping randomly (stuck).
  9420 | D:3      | 9420 ||| Stepping randomly (stuck).
  9422 | D:3      | 9422 ||| Stepping randomly (stuck).
  9424 | D:3      | 9424 ||| Stepping randomly (stuck).
  9426 | D:3      | 9426 ||| Stepping randomly (stuck).
  9428 | D:3      | 9428 ||| Stepping randomly (stuck).
  9430 | D:3      | 9430 ||| Stepping randomly (stuck).
  9432 | D:3      | 9432 ||| Stepping randomly (stuck).
  9434 | D:3      | 9434 ||| Stepping randomly (stuck).
  9436 | D:3      | 9436 ||| Stepping randomly (stuck).
  9438 | D:3      | 9438 ||| Stepping randomly (stuck).
  9440 | D:3      | 9440 ||| Stepping randomly (stuck).
  9442 | D:3      | 9442 ||| Stepping randomly (stuck).
  9444 | D:3      | 9444 ||| Stepping randomly (stuck).
  9446 | D:3      | 9446 ||| Stepping randomly (stuck).
  9448 | D:3      | 9448 ||| Stepping randomly (stuck).
  9450 | D:3      | 9450 ||| Stepping randomly (stuck).
  9452 | D:3      | 9452 ||| Stepping randomly (stuck).
  9454 | D:3      | 9454 ||| Stepping randomly (stuck).
  9456 | D:3      | 9456 ||| Stepping randomly (stuck).
  9458 | D:3      | 9458 ||| Stepping randomly (stuck).
  9460 | D:3      | 9460 ||| Stepping randomly (stuck).
  9462 | D:3      | 9462 ||| Stepping randomly (stuck).
  9464 | D:3      | 9464 ||| Stepping randomly (stuck).
  9466 | D:3      | 9466 ||| Stepping randomly (stuck).
  9468 | D:3      | 9468 ||| Stepping randomly (stuck).
  9470 | D:3      | 9470 ||| Stepping randomly (stuck).
  9472 | D:3      | 9472 ||| Stepping randomly (stuck).
  9474 | D:3      | 9474 ||| Stepping randomly (stuck).
  9476 | D:3      | 9476 ||| Stepping randomly (stuck).
  9478 | D:3      | 9478 ||| Stepping randomly (stuck).
  9480 | D:3      | 9480 ||| Stepping randomly (stuck).
  9482 | D:3      | 9482 ||| Stepping randomly (stuck).
  9484 | D:3      | 9484 ||| Stepping randomly (stuck).
  9486 | D:3      | 9486 ||| Stepping randomly (stuck).
  9488 | D:3      | 9488 ||| Stepping randomly (stuck).
  9490 | D:3      | 9490 ||| Stepping randomly (stuck).
  9492 | D:3      | 9492 ||| Stepping randomly (stuck).
  9494 | D:3      | 9494 ||| Stepping randomly (stuck).
  9496 | D:3      | 9496 ||| Stepping randomly (stuck).
  9498 | D:3      | 9498 ||| Stepping randomly (stuck).
  9500 | D:3      | 9500 ||| Stepping randomly (stuck).
  9502 | D:3      | 9502 ||| Stepping randomly (stuck).
  9504 | D:3      | 9504 ||| Stepping randomly (stuck).
  9506 | D:3      | 9506 ||| Stepping randomly (stuck).
  9508 | D:3      | 9508 ||| Stepping randomly (stuck).
  9510 | D:3      | 9510 ||| Stepping randomly (stuck).
  9512 | D:3      | 9512 ||| Stepping randomly (stuck).
  9514 | D:3      | 9514 ||| Stepping randomly (stuck).
  9516 | D:3      | 9516 ||| Stepping randomly (stuck).
  9518 | D:3      | 9518 ||| Stepping randomly (stuck).
  9520 | D:3      | 9520 ||| Stepping randomly (stuck).
  9522 | D:3      | 9522 ||| Stepping randomly (stuck).
  9524 | D:3      | 9524 ||| Stepping randomly (stuck).
  9526 | D:3      | 9526 ||| Stepping randomly (stuck).
  9528 | D:3      | 9528 ||| Stepping randomly (stuck).
  9530 | D:3      | 9530 ||| Stepping randomly (stuck).
  9532 | D:3      | 9532 ||| Stepping randomly (stuck).
  9534 | D:3      | 9534 ||| Stepping randomly (stuck).
  9536 | D:3      | 9536 ||| Stepping randomly (stuck).
  9538 | D:3      | 9538 ||| Stepping randomly (stuck).
  9540 | D:3      | 9540 ||| Stepping randomly (stuck).
  9542 | D:3      | 9542 ||| Stepping randomly (stuck).
  9544 | D:3      | 9544 ||| Stepping randomly (stuck).
  9546 | D:3      | 9546 ||| Stepping randomly (stuck).
  9548 | D:3      | 9548 ||| Stepping randomly (stuck).
  9550 | D:3      | 9550 ||| Stepping randomly (stuck).
  9552 | D:3      | 9552 ||| Stepping randomly (stuck).
  9554 | D:3      | 9554 ||| Stepping randomly (stuck).
  9556 | D:3      | 9556 ||| Stepping randomly (stuck).
  9558 | D:3      | 9558 ||| Stepping randomly (stuck).
  9560 | D:3      | 9560 ||| Stepping randomly (stuck).
  9562 | D:3      | 9562 ||| Stepping randomly (stuck).
  9564 | D:3      | 9564 ||| Stepping randomly (stuck).
  9566 | D:3      | 9566 ||| Stepping randomly (stuck).
  9568 | D:3      | 9568 ||| Stepping randomly (stuck).
  9570 | D:3      | 9570 ||| Stepping randomly (stuck).
  9572 | D:3      | 9572 ||| Stepping randomly (stuck).
  9574 | D:3      | 9574 ||| Stepping randomly (stuck).
  9576 | D:3      | 9576 ||| Stepping randomly (stuck).
  9578 | D:3      | 9578 ||| Stepping randomly (stuck).
  9580 | D:3      | 9580 ||| Stepping randomly (stuck).
  9582 | D:3      | 9582 ||| Stepping randomly (stuck).
  9584 | D:3      | 9584 ||| Stepping randomly (stuck).
  9586 | D:3      | 9586 ||| Stepping randomly (stuck).
  9588 | D:3      | 9588 ||| Stepping randomly (stuck).
  9590 | D:3      | 9590 ||| Stepping randomly (stuck).
  9592 | D:3      | 9592 ||| Stepping randomly (stuck).
  9594 | D:3      | 9594 ||| Stepping randomly (stuck).
  9596 | D:3      | 9596 ||| Stepping randomly (stuck).
  9598 | D:3      | 9598 ||| Stepping randomly (stuck).
  9600 | D:3      | 9600 ||| Stepping randomly (stuck).
  9602 | D:3      | 9602 ||| Stepping randomly (stuck).
  9604 | D:3      | 9604 ||| Stepping randomly (stuck).
  9606 | D:3      | 9606 ||| Stepping randomly (stuck).
  9608 | D:3      | 9608 ||| Stepping randomly (stuck).
  9610 | D:3      | 9610 ||| Stepping randomly (stuck).
  9612 | D:3      | 9612 ||| Stepping randomly (stuck).
  9614 | D:3      | 9614 ||| Stepping randomly (stuck).
  9616 | D:3      | 9616 ||| Stepping randomly (stuck).
  9618 | D:3      | 9618 ||| Stepping randomly (stuck).
  9620 | D:3      | 9620 ||| Stepping randomly (stuck).
  9622 | D:3      | 9622 ||| Stepping randomly (stuck).
  9624 | D:3      | 9624 ||| Stepping randomly (stuck).
  9626 | D:3      | 9626 ||| Stepping randomly (stuck).
  9628 | D:3      | 9628 ||| Stepping randomly (stuck).
  9630 | D:3      | 9630 ||| Stepping randomly (stuck).
  9632 | D:3      | 9632 ||| Stepping randomly (stuck).
  9634 | D:3      | 9634 ||| Stepping randomly (stuck).
  9636 | D:3      | 9636 ||| Stepping randomly (stuck).
  9638 | D:3      | 9638 ||| Stepping randomly (stuck).
  9640 | D:3      | 9640 ||| Stepping randomly (stuck).
  9642 | D:3      | 9642 ||| Stepping randomly (stuck).
  9644 | D:3      | 9644 ||| Stepping randomly (stuck).
  9646 | D:3      | 9646 ||| Stepping randomly (stuck).
  9648 | D:3      | 9648 ||| Stepping randomly (stuck).
  9650 | D:3      | 9650 ||| Stepping randomly (stuck).
  9652 | D:3      | 9652 ||| Stepping randomly (stuck).
  9654 | D:3      | 9654 ||| Stepping randomly (stuck).
  9656 | D:3      | 9656 ||| Stepping randomly (stuck).
  9658 | D:3      | 9658 ||| Stepping randomly (stuck).
  9660 | D:3      | 9660 ||| Stepping randomly (stuck).
  9662 | D:3      | 9662 ||| Stepping randomly (stuck).
  9664 | D:3      | 9664 ||| Stepping randomly (stuck).
  9666 | D:3      | 9666 ||| Stepping randomly (stuck).
  9668 | D:3      | 9668 ||| Stepping randomly (stuck).
  9670 | D:3      | 9670 ||| Stepping randomly (stuck).
  9672 | D:3      | 9672 ||| Stepping randomly (stuck).
  9674 | D:3      | 9674 ||| Stepping randomly (stuck).
  9676 | D:3      | 9676 ||| Stepping randomly (stuck).
  9678 | D:3      | 9678 ||| Stepping randomly (stuck).
  9680 | D:3      | 9680 ||| Stepping randomly (stuck).
  9682 | D:3      | 9682 ||| Stepping randomly (stuck).
  9684 | D:3      | 9684 ||| Stepping randomly (stuck).
  9686 | D:3      | 9686 ||| Stepping randomly (stuck).
  9688 | D:3      | 9688 ||| Stepping randomly (stuck).
  9690 | D:3      | 9690 ||| Stepping randomly (stuck).
  9692 | D:3      | 9692 ||| Stepping randomly (stuck).
  9694 | D:3      | 9694 ||| Stepping randomly (stuck).
  9696 | D:3      | 9696 ||| Stepping randomly (stuck).
  9698 | D:3      | 9698 ||| Stepping randomly (stuck).
  9700 | D:3      | 9700 ||| Stepping randomly (stuck).
  9702 | D:3      | 9702 ||| Stepping randomly (stuck).
  9704 | D:3      | 9704 ||| Stepping randomly (stuck).
  9706 | D:3      | 9706 ||| Stepping randomly (stuck).
  9708 | D:3      | 9708 ||| Stepping randomly (stuck).
  9710 | D:3      | 9710 ||| Stepping randomly (stuck).
  9712 | D:3      | 9712 ||| Stepping randomly (stuck).
  9714 | D:3      | 9714 ||| Stepping randomly (stuck).
  9716 | D:3      | 9716 ||| Stepping randomly (stuck).
  9718 | D:3      | 9718 ||| Stepping randomly (stuck).
  9720 | D:3      | 9720 ||| Stepping randomly (stuck).
  9722 | D:3      | 9722 ||| Stepping randomly (stuck).
  9724 | D:3      | 9724 ||| Stepping randomly (stuck).
  9726 | D:3      | 9726 ||| Stepping randomly (stuck).
  9728 | D:3      | 9728 ||| Stepping randomly (stuck).
  9730 | D:3      | 9730 ||| Stepping randomly (stuck).
  9732 | D:3      | 9732 ||| Stepping randomly (stuck).
  9734 | D:3      | 9734 ||| Stepping randomly (stuck).
  9736 | D:3      | 9736 ||| Stepping randomly (stuck).
  9738 | D:3      | 9738 ||| Stepping randomly (stuck).
  9740 | D:3      | 9740 ||| Stepping randomly (stuck).
  9742 | D:3      | 9742 ||| Stepping randomly (stuck).
  9744 | D:3      | 9744 ||| Stepping randomly (stuck).
  9746 | D:3      | 9746 ||| Stepping randomly (stuck).
  9748 | D:3      | 9748 ||| Stepping randomly (stuck).
  9750 | D:3      | 9750 ||| Stepping randomly (stuck).
  9752 | D:3      | 9752 ||| Stepping randomly (stuck).
  9754 | D:3      | 9754 ||| Stepping randomly (stuck).
  9756 | D:3      | 9756 ||| Stepping randomly (stuck).
  9758 | D:3      | 9758 ||| Stepping randomly (stuck).
  9760 | D:3      | 9760 ||| Stepping randomly (stuck).
  9762 | D:3      | 9762 ||| Stepping randomly (stuck).
  9764 | D:3      | 9764 ||| Stepping randomly (stuck).
  9766 | D:3      | 9766 ||| Stepping randomly (stuck).
  9768 | D:3      | 9768 ||| Stepping randomly (stuck).
  9770 | D:3      | 9770 ||| Stepping randomly (stuck).
  9772 | D:3      | 9772 ||| Stepping randomly (stuck).
  9774 | D:3      | 9774 ||| Stepping randomly (stuck).
  9776 | D:3      | 9776 ||| Stepping randomly (stuck).
  9778 | D:3      | 9778 ||| Stepping randomly (stuck).
  9780 | D:3      | 9780 ||| Stepping randomly (stuck).
  9782 | D:3      | 9782 ||| Stepping randomly (stuck).
  9784 | D:3      | 9784 ||| Stepping randomly (stuck).
  9786 | D:3      | 9786 ||| Stepping randomly (stuck).
  9788 | D:3      | 9788 ||| Stepping randomly (stuck).
  9790 | D:3      | 9790 ||| Stepping randomly (stuck).
  9792 | D:3      | 9792 ||| Stepping randomly (stuck).
  9794 | D:3      | 9794 ||| Stepping randomly (stuck).
  9796 | D:3      | 9796 ||| Stepping randomly (stuck).
  9798 | D:3      | 9798 ||| Stepping randomly (stuck).
  9800 | D:3      | 9800 ||| Stepping randomly (stuck).
  9802 | D:3      | 9802 ||| Stepping randomly (stuck).
  9804 | D:3      | 9804 ||| Stepping randomly (stuck).
  9806 | D:3      | 9806 ||| Stepping randomly (stuck).
  9808 | D:3      | 9808 ||| Stepping randomly (stuck).
  9810 | D:3      | 9810 ||| Stepping randomly (stuck).
  9812 | D:3      | 9812 ||| Stepping randomly (stuck).
  9814 | D:3      | 9814 ||| Stepping randomly (stuck).
  9816 | D:3      | 9816 ||| Stepping randomly (stuck).
  9818 | D:3      | 9818 ||| Stepping randomly (stuck).
  9820 | D:3      | 9820 ||| Stepping randomly (stuck).
  9822 | D:3      | 9822 ||| Stepping randomly (stuck).
  9824 | D:3      | 9824 ||| Stepping randomly (stuck).
  9826 | D:3      | 9826 ||| Stepping randomly (stuck).
  9828 | D:3      | 9828 ||| Stepping randomly (stuck).
  9830 | D:3      | 9830 ||| Stepping randomly (stuck).
  9832 | D:3      | 9832 ||| Stepping randomly (stuck).
  9834 | D:3      | 9834 ||| Stepping randomly (stuck).
  9836 | D:3      | 9836 ||| Stepping randomly (stuck).
  9838 | D:3      | 9838 ||| Stepping randomly (stuck).
  9840 | D:3      | 9840 ||| Stepping randomly (stuck).
  9842 | D:3      | 9842 ||| Stepping randomly (stuck).
  9844 | D:3      | 9844 ||| Stepping randomly (stuck).
  9846 | D:3      | 9846 ||| Stepping randomly (stuck).
  9848 | D:3      | 9848 ||| Stepping randomly (stuck).
  9850 | D:3      | 9850 ||| Stepping randomly (stuck).
  9852 | D:3      | 9852 ||| Stepping randomly (stuck).
  9854 | D:3      | 9854 ||| Stepping randomly (stuck).
  9856 | D:3      | 9856 ||| Stepping randomly (stuck).
  9858 | D:3      | 9858 ||| Stepping randomly (stuck).
  9860 | D:3      | 9860 ||| Stepping randomly (stuck).
  9862 | D:3      | 9862 ||| Stepping randomly (stuck).
  9864 | D:3      | 9864 ||| Stepping randomly (stuck).
  9866 | D:3      | 9866 ||| Stepping randomly (stuck).
  9868 | D:3      | 9868 ||| Stepping randomly (stuck).
  9870 | D:3      | 9870 ||| Stepping randomly (stuck).
  9872 | D:3      | 9872 ||| Stepping randomly (stuck).
  9874 | D:3      | 9874 ||| Stepping randomly (stuck).
  9876 | D:3      | 9876 ||| Stepping randomly (stuck).
  9878 | D:3      | 9878 ||| Stepping randomly (stuck).
  9880 | D:3      | 9880 ||| Stepping randomly (stuck).
  9882 | D:3      | 9882 ||| Stepping randomly (stuck).
  9884 | D:3      | 9884 ||| Stepping randomly (stuck).
  9886 | D:3      | 9886 ||| Stepping randomly (stuck).
  9888 | D:3      | 9888 ||| Stepping randomly (stuck).
  9890 | D:3      | 9890 ||| Stepping randomly (stuck).
  9892 | D:3      | 9892 ||| Stepping randomly (stuck).
  9894 | D:3      | 9894 ||| Stepping randomly (stuck).
  9896 | D:3      | 9896 ||| Stepping randomly (stuck).
  9898 | D:3      | 9898 ||| Stepping randomly (stuck).
  9900 | D:3      | 9900 ||| Stepping randomly (stuck).
  9902 | D:3      | 9902 ||| Stepping randomly (stuck).
  9904 | D:3      | 9904 ||| Stepping randomly (stuck).
  9906 | D:3      | 9906 ||| Stepping randomly (stuck).
  9908 | D:3      | 9908 ||| Stepping randomly (stuck).
  9910 | D:3      | 9910 ||| Stepping randomly (stuck).
  9912 | D:3      | 9912 ||| Stepping randomly (stuck).
  9914 | D:3      | 9914 ||| Stepping randomly (stuck).
  9916 | D:3      | 9916 ||| Stepping randomly (stuck).
  9918 | D:3      | 9918 ||| Stepping randomly (stuck).
  9920 | D:3      | 9920 ||| Stepping randomly (stuck).
  9922 | D:3      | 9922 ||| Stepping randomly (stuck).
  9924 | D:3      | 9924 ||| Stepping randomly (stuck).
  9926 | D:3      | 9926 ||| Stepping randomly (stuck).
  9928 | D:3      | 9928 ||| Stepping randomly (stuck).
  9930 | D:3      | 9930 ||| Stepping randomly (stuck).
  9932 | D:3      | 9932 ||| Stepping randomly (stuck).
  9934 | D:3      | 9934 ||| Stepping randomly (stuck).
  9936 | D:3      | 9936 ||| Stepping randomly (stuck).
  9938 | D:3      | 9938 ||| Stepping randomly (stuck).
  9940 | D:3      | 9940 ||| Stepping randomly (stuck).
  9942 | D:3      | 9942 ||| Stepping randomly (stuck).
  9944 | D:3      | 9944 ||| Stepping randomly (stuck).
  9946 | D:3      | 9946 ||| Stepping randomly (stuck).
  9948 | D:3      | 9948 ||| Stepping randomly (stuck).
  9950 | D:3      | 9950 ||| Stepping randomly (stuck).
  9952 | D:3      | 9952 ||| Stepping randomly (stuck).
  9954 | D:3      | 9954 ||| Stepping randomly (stuck).
  9956 | D:3      | 9956 ||| Stepping randomly (stuck).
  9958 | D:3      | 9958 ||| Stepping randomly (stuck).
  9960 | D:3      | 9960 ||| Stepping randomly (stuck).
  9962 | D:3      | 9962 ||| Stepping randomly (stuck).
  9964 | D:3      | 9964 ||| Stepping randomly (stuck).
  9966 | D:3      | 9966 ||| Stepping randomly (stuck).
  9968 | D:3      | 9968 ||| Stepping randomly (stuck).
  9970 | D:3      | 9970 ||| Stepping randomly (stuck).
  9972 | D:3      | 9972 ||| Stepping randomly (stuck).
  9974 | D:3      | 9974 ||| Stepping randomly (stuck).
  9976 | D:3      | 9976 ||| Stepping randomly (stuck).
  9978 | D:3      | 9978 ||| Stepping randomly (stuck).
  9980 | D:3      | 9980 ||| Stepping randomly (stuck).
  9982 | D:3      | 9982 ||| Stepping randomly (stuck).
  9984 | D:3      | 9984 ||| Stepping randomly (stuck).
  9986 | D:3      | 9986 ||| Stepping randomly (stuck).
  9988 | D:3      | 9988 ||| Stepping randomly (stuck).
  9990 | D:3      | 9990 ||| Stepping randomly (stuck).
  9992 | D:3      | 9992 ||| Stepping randomly (stuck).
  9994 | D:3      | 9994 ||| Stepping randomly (stuck).
  9996 | D:3      | 9996 ||| Stepping randomly (stuck).
  9998 | D:3      | 9998 ||| Stepping randomly (stuck).
 10000 | D:3      | 10000 ||| Stepping randomly (stuck).
 10002 | D:3      | 10002 ||| Stepping randomly (stuck).
 10004 | D:3      | 10004 ||| Stepping randomly (stuck).
 10006 | D:3      | 10006 ||| Stepping randomly (stuck).
 10008 | D:3      | 10008 ||| Stepping randomly (stuck).
 10010 | D:3      | 10010 ||| Stepping randomly (stuck).
 10012 | D:3      | 10012 ||| Stepping randomly (stuck).
 10014 | D:3      | 10014 ||| Stepping randomly (stuck).
 10016 | D:3      | 10016 ||| Stepping randomly (stuck).
 10018 | D:3      | 10018 ||| Stepping randomly (stuck).
 10020 | D:3      | 10020 ||| Stepping randomly (stuck).
 10022 | D:3      | 10022 ||| Stepping randomly (stuck).
 10024 | D:3      | 10024 ||| Stepping randomly (stuck).
 10026 | D:3      | 10026 ||| Stepping randomly (stuck).
 10028 | D:3      | 10028 ||| Stepping randomly (stuck).
 10030 | D:3      | 10030 ||| Stepping randomly (stuck).
 10032 | D:3      | 10032 ||| Stepping randomly (stuck).
 10034 | D:3      | 10034 ||| Stepping randomly (stuck).
 10036 | D:3      | 10036 ||| Stepping randomly (stuck).
 10038 | D:3      | 10038 ||| Stepping randomly (stuck).
 10040 | D:3      | 10040 ||| Stepping randomly (stuck).
 10042 | D:3      | 10042 ||| Stepping randomly (stuck).
 10044 | D:3      | 10044 ||| Stepping randomly (stuck).
 10046 | D:3      | 10046 ||| Stepping randomly (stuck).
 10048 | D:3      | 10048 ||| Stepping randomly (stuck).
 10050 | D:3      | 10050 ||| Stepping randomly (stuck).
 10052 | D:3      | 10052 ||| Stepping randomly (stuck).
 10054 | D:3      | 10054 ||| Stepping randomly (stuck).
 10056 | D:3      | 10056 ||| Stepping randomly (stuck).
 10058 | D:3      | 10058 ||| Stepping randomly (stuck).
 10060 | D:3      | 10060 ||| Stepping randomly (stuck).
 10062 | D:3      | 10062 ||| Stepping randomly (stuck).
 10064 | D:3      | 10064 ||| Stepping randomly (stuck).
 10066 | D:3      | 10066 ||| Stepping randomly (stuck).
 10068 | D:3      | 10068 ||| Stepping randomly (stuck).
 10070 | D:3      | 10070 ||| Stepping randomly (stuck).
 10072 | D:3      | 10072 ||| Stepping randomly (stuck).
 10074 | D:3      | 10074 ||| Stepping randomly (stuck).
 10076 | D:3      | 10076 ||| Stepping randomly (stuck).
 10078 | D:3      | 10078 ||| Stepping randomly (stuck).
 10080 | D:3      | 10080 ||| Stepping randomly (stuck).
 10082 | D:3      | 10082 ||| Stepping randomly (stuck).
 10084 | D:3      | 10084 ||| Stepping randomly (stuck).
 10086 | D:3      | 10086 ||| Stepping randomly (stuck).
 10088 | D:3      | 10088 ||| Stepping randomly (stuck).
 10090 | D:3      | 10090 ||| Stepping randomly (stuck).
 10092 | D:3      | 10092 ||| Stepping randomly (stuck).
 10094 | D:3      | 10094 ||| Stepping randomly (stuck).
 10096 | D:3      | 10096 ||| Stepping randomly (stuck).
 10098 | D:3      | 10098 ||| Stepping randomly (stuck).
 10100 | D:3      | 10100 ||| Stepping randomly (stuck).
 10102 | D:3      | 10102 ||| Stepping randomly (stuck).
 10104 | D:3      | 10104 ||| Stepping randomly (stuck).
 10106 | D:3      | 10106 ||| Stepping randomly (stuck).
 10108 | D:3      | 10108 ||| Stepping randomly (stuck).
 10110 | D:3      | 10110 ||| Stepping randomly (stuck).
 10112 | D:3      | 10112 ||| Stepping randomly (stuck).
 10114 | D:3      | 10114 ||| Stepping randomly (stuck).
 10116 | D:3      | 10116 ||| Stepping randomly (stuck).
 10118 | D:3      | 10118 ||| Stepping randomly (stuck).
 10120 | D:3      | 10120 ||| Stepping randomly (stuck).
 10122 | D:3      | 10122 ||| Stepping randomly (stuck).
 10124 | D:3      | 10124 ||| Stepping randomly (stuck).
 10126 | D:3      | 10126 ||| Stepping randomly (stuck).
 10128 | D:3      | 10128 ||| Stepping randomly (stuck).
 10130 | D:3      | 10130 ||| Stepping randomly (stuck).
 10132 | D:3      | 10132 ||| Stepping randomly (stuck).
 10134 | D:3      | 10134 ||| Stepping randomly (stuck).
 10136 | D:3      | 10136 ||| Stepping randomly (stuck).
 10138 | D:3      | 10138 ||| Stepping randomly (stuck).
 10140 | D:3      | 10140 ||| Stepping randomly (stuck).
 10142 | D:3      | 10142 ||| Stepping randomly (stuck).
 10144 | D:3      | 10144 ||| Stepping randomly (stuck).
 10146 | D:3      | 10146 ||| Stepping randomly (stuck).
 10148 | D:3      | 10148 ||| Stepping randomly (stuck).
 10150 | D:3      | 10150 ||| Stepping randomly (stuck).
 10152 | D:3      | 10152 ||| Stepping randomly (stuck).
 10154 | D:3      | 10154 ||| Stepping randomly (stuck).
 10156 | D:3      | 10156 ||| Stepping randomly (stuck).
 10158 | D:3      | 10158 ||| Stepping randomly (stuck).
 10160 | D:3      | 10160 ||| Stepping randomly (stuck).
 10162 | D:3      | 10162 ||| Stepping randomly (stuck).
 10164 | D:3      | 10164 ||| Stepping randomly (stuck).
 10166 | D:3      | 10166 ||| Stepping randomly (stuck).
 10168 | D:3      | 10168 ||| Stepping randomly (stuck).
 10170 | D:3      | 10170 ||| Stepping randomly (stuck).
 10172 | D:3      | 10172 ||| Stepping randomly (stuck).
 10174 | D:3      | 10174 ||| Stepping randomly (stuck).
 10176 | D:3      | 10176 ||| Stepping randomly (stuck).
 10178 | D:3      | 10178 ||| Stepping randomly (stuck).
 10180 | D:3      | 10180 ||| Stepping randomly (stuck).
 10182 | D:3      | 10182 ||| Stepping randomly (stuck).
 10184 | D:3      | 10184 ||| Stepping randomly (stuck).
 10186 | D:3      | 10186 ||| Stepping randomly (stuck).
 10188 | D:3      | 10188 ||| Stepping randomly (stuck).
 10190 | D:3      | 10190 ||| Stepping randomly (stuck).
 10192 | D:3      | 10192 ||| Stepping randomly (stuck).
 10194 | D:3      | 10194 ||| Stepping randomly (stuck).
 10196 | D:3      | 10196 ||| Stepping randomly (stuck).
 10198 | D:3      | 10198 ||| Stepping randomly (stuck).
 10200 | D:3      | 10200 ||| Stepping randomly (stuck).
 10202 | D:3      | 10202 ||| Stepping randomly (stuck).
 10204 | D:3      | 10204 ||| Stepping randomly (stuck).
 10206 | D:3      | 10206 ||| Stepping randomly (stuck).
 10208 | D:3      | 10208 ||| Stepping randomly (stuck).
 10210 | D:3      | 10210 ||| Stepping randomly (stuck).
 10212 | D:3      | 10212 ||| Stepping randomly (stuck).
 10214 | D:3      | 10214 ||| Stepping randomly (stuck).
 10216 | D:3      | 10216 ||| Stepping randomly (stuck).
 10218 | D:3      | 10218 ||| Stepping randomly (stuck).
 10220 | D:3      | 10220 ||| Stepping randomly (stuck).
 10222 | D:3      | 10222 ||| Stepping randomly (stuck).
 10224 | D:3      | 10224 ||| Stepping randomly (stuck).
 10226 | D:3      | 10226 ||| Stepping randomly (stuck).
 10228 | D:3      | 10228 ||| Stepping randomly (stuck).
 10230 | D:3      | 10230 ||| Stepping randomly (stuck).
 10232 | D:3      | 10232 ||| Stepping randomly (stuck).
 10234 | D:3      | 10234 ||| Stepping randomly (stuck).
 10236 | D:3      | 10236 ||| Stepping randomly (stuck).
 10238 | D:3      | 10238 ||| Stepping randomly (stuck).
 10240 | D:3      | 10240 ||| Stepping randomly (stuck).
 10242 | D:3      | 10242 ||| Stepping randomly (stuck).
 10244 | D:3      | 10244 ||| Stepping randomly (stuck).
 10246 | D:3      | 10246 ||| Stepping randomly (stuck).
 10248 | D:3      | 10248 ||| Stepping randomly (stuck).
 10250 | D:3      | 10250 ||| Stepping randomly (stuck).
 10252 | D:3      | 10252 ||| Stepping randomly (stuck).
 10254 | D:3      | 10254 ||| Stepping randomly (stuck).
 10256 | D:3      | 10256 ||| Stepping randomly (stuck).
 10258 | D:3      | 10258 ||| Stepping randomly (stuck).
 10260 | D:3      | 10260 ||| Stepping randomly (stuck).
 10262 | D:3      | 10262 ||| Stepping randomly (stuck).
 10264 | D:3      | 10264 ||| Stepping randomly (stuck).
 10266 | D:3      | 10266 ||| Stepping randomly (stuck).
 10268 | D:3      | 10268 ||| Stepping randomly (stuck).
 10270 | D:3      | 10270 ||| Stepping randomly (stuck).
 10272 | D:3      | 10272 ||| Stepping randomly (stuck).
 10274 | D:3      | 10274 ||| Stepping randomly (stuck).
 10276 | D:3      | 10276 ||| Stepping randomly (stuck).
 10278 | D:3      | 10278 ||| Stepping randomly (stuck).
 10280 | D:3      | 10280 ||| Stepping randomly (stuck).
 10282 | D:3      | 10282 ||| Stepping randomly (stuck).
 10284 | D:3      | 10284 ||| Stepping randomly (stuck).
 10286 | D:3      | 10286 ||| Stepping randomly (stuck).
 10288 | D:3      | 10288 ||| Stepping randomly (stuck).
 10290 | D:3      | 10290 ||| Stepping randomly (stuck).
 10292 | D:3      | 10292 ||| Stepping randomly (stuck).
 10294 | D:3      | 10294 ||| Stepping randomly (stuck).
 10296 | D:3      | 10296 ||| Stepping randomly (stuck).
 10298 | D:3      | 10298 ||| Stepping randomly (stuck).
 10300 | D:3      | 10300 ||| Stepping randomly (stuck).
 10302 | D:3      | 10302 ||| Stepping randomly (stuck).
 10304 | D:3      | 10304 ||| Stepping randomly (stuck).
 10306 | D:3      | 10306 ||| Stepping randomly (stuck).
 10308 | D:3      | 10308 ||| Stepping randomly (stuck).
 10310 | D:3      | 10310 ||| Stepping randomly (stuck).
 10312 | D:3      | 10312 ||| Stepping randomly (stuck).
 10314 | D:3      | 10314 ||| Stepping randomly (stuck).
 10316 | D:3      | 10316 ||| Stepping randomly (stuck).
 10318 | D:3      | 10318 ||| Stepping randomly (stuck).
 10320 | D:3      | 10320 ||| Stepping randomly (stuck).
 10322 | D:3      | 10322 ||| Stepping randomly (stuck).
 10324 | D:3      | 10324 ||| Stepping randomly (stuck).
 10326 | D:3      | 10326 ||| Stepping randomly (stuck).
 10328 | D:3      | 10328 ||| Stepping randomly (stuck).
 10330 | D:3      | 10330 ||| Stepping randomly (stuck).
 10332 | D:3      | 10332 ||| Stepping randomly (stuck).
 10334 | D:3      | 10334 ||| Stepping randomly (stuck).
 10336 | D:3      | 10336 ||| Stepping randomly (stuck).
 10338 | D:3      | 10338 ||| Stepping randomly (stuck).
 10340 | D:3      | 10340 ||| Stepping randomly (stuck).
 10342 | D:3      | 10342 ||| Stepping randomly (stuck).
 10344 | D:3      | 10344 ||| Stepping randomly (stuck).
 10346 | D:3      | 10346 ||| Stepping randomly (stuck).
 10348 | D:3      | 10348 ||| Stepping randomly (stuck).
 10350 | D:3      | 10350 ||| Stepping randomly (stuck).
 10352 | D:3      | 10352 ||| Stepping randomly (stuck).
 10354 | D:3      | 10354 ||| Stepping randomly (stuck).
 10356 | D:3      | 10356 ||| Stepping randomly (stuck).
 10358 | D:3      | 10358 ||| Stepping randomly (stuck).
 10360 | D:3      | 10360 ||| Stepping randomly (stuck).
 10362 | D:3      | 10362 ||| Stepping randomly (stuck).
 10364 | D:3      | 10364 ||| Stepping randomly (stuck).
 10366 | D:3      | 10366 ||| Stepping randomly (stuck).
 10368 | D:3      | 10368 ||| Stepping randomly (stuck).
 10370 | D:3      | 10370 ||| Stepping randomly (stuck).
 10372 | D:3      | 10372 ||| Stepping randomly (stuck).
 10374 | D:3      | 10374 ||| Stepping randomly (stuck).
 10376 | D:3      | 10376 ||| Stepping randomly (stuck).
 10378 | D:3      | 10378 ||| Stepping randomly (stuck).
 10380 | D:3      | 10380 ||| Stepping randomly (stuck).
 10382 | D:3      | 10382 ||| Stepping randomly (stuck).
 10384 | D:3      | 10384 ||| Stepping randomly (stuck).
 10386 | D:3      | 10386 ||| Stepping randomly (stuck).
 10388 | D:3      | 10388 ||| Stepping randomly (stuck).
 10390 | D:3      | 10390 ||| Stepping randomly (stuck).
 10392 | D:3      | 10392 ||| Stepping randomly (stuck).
 10394 | D:3      | 10394 ||| Stepping randomly (stuck).
 10396 | D:3      | 10396 ||| Stepping randomly (stuck).
 10398 | D:3      | 10398 ||| Stepping randomly (stuck).
 10400 | D:3      | 10400 ||| Stepping randomly (stuck).
 10402 | D:3      | 10402 ||| Stepping randomly (stuck).
 10404 | D:3      | 10404 ||| Stepping randomly (stuck).
 10406 | D:3      | 10406 ||| Stepping randomly (stuck).
 10408 | D:3      | 10408 ||| Stepping randomly (stuck).
 10410 | D:3      | 10410 ||| Stepping randomly (stuck).
 10412 | D:3      | 10412 ||| Stepping randomly (stuck).
 10414 | D:3      | 10414 ||| Stepping randomly (stuck).
 10416 | D:3      | 10416 ||| Stepping randomly (stuck).
 10418 | D:3      | 10418 ||| Stepping randomly (stuck).
 10420 | D:3      | 10420 ||| Stepping randomly (stuck).
 10422 | D:3      | 10422 ||| Stepping randomly (stuck).
 10424 | D:3      | 10424 ||| Stepping randomly (stuck).
 10426 | D:3      | 10426 ||| Stepping randomly (stuck).
 10428 | D:3      | 10428 ||| Stepping randomly (stuck).
 10430 | D:3      | 10430 ||| Stepping randomly (stuck).
 10432 | D:3      | 10432 ||| Stepping randomly (stuck).
 10434 | D:3      | 10434 ||| Stepping randomly (stuck).
 10436 | D:3      | 10436 ||| Stepping randomly (stuck).
 10438 | D:3      | 10438 ||| Stepping randomly (stuck).
 10440 | D:3      | 10440 ||| Stepping randomly (stuck).
 10442 | D:3      | 10442 ||| Stepping randomly (stuck).
 10444 | D:3      | 10444 ||| Stepping randomly (stuck).
 10446 | D:3      | 10446 ||| Stepping randomly (stuck).
 10448 | D:3      | 10448 ||| Stepping randomly (stuck).
 10450 | D:3      | 10450 ||| Stepping randomly (stuck).
 10452 | D:3      | 10452 ||| Stepping randomly (stuck).
 10454 | D:3      | 10454 ||| Stepping randomly (stuck).
 10456 | D:3      | 10456 ||| Stepping randomly (stuck).
 10458 | D:3      | 10458 ||| Stepping randomly (stuck).
 10460 | D:3      | 10460 ||| Stepping randomly (stuck).
 10462 | D:3      | 10462 ||| Stepping randomly (stuck).
 10464 | D:3      | 10464 ||| Stepping randomly (stuck).
 10466 | D:3      | 10466 ||| Stepping randomly (stuck).
 10468 | D:3      | 10468 ||| Stepping randomly (stuck).
 10470 | D:3      | 10470 ||| Stepping randomly (stuck).
 10472 | D:3      | 10472 ||| Stepping randomly (stuck).
 10474 | D:3      | 10474 ||| Stepping randomly (stuck).
 10476 | D:3      | 10476 ||| Stepping randomly (stuck).
 10478 | D:3      | 10478 ||| Stepping randomly (stuck).
 10480 | D:3      | 10480 ||| Stepping randomly (stuck).
 10482 | D:3      | 10482 ||| Stepping randomly (stuck).
 10484 | D:3      | 10484 ||| Stepping randomly (stuck).
 10486 | D:3      | 10486 ||| Stepping randomly (stuck).
 10488 | D:3      | 10488 ||| Stepping randomly (stuck).
 10490 | D:3      | 10490 ||| Stepping randomly (stuck).
 10492 | D:3      | 10492 ||| Stepping randomly (stuck).
 10494 | D:3      | 10494 ||| Stepping randomly (stuck).
 10496 | D:3      | 10496 ||| Stepping randomly (stuck).
 10498 | D:3      | 10498 ||| Stepping randomly (stuck).
 10500 | D:3      | 10500 ||| Stepping randomly (stuck).
 10502 | D:3      | 10502 ||| Stepping randomly (stuck).
 10504 | D:3      | 10504 ||| Stepping randomly (stuck).
 10506 | D:3      | 10506 ||| Stepping randomly (stuck).
 10508 | D:3      | 10508 ||| Stepping randomly (stuck).
 10510 | D:3      | 10510 ||| Stepping randomly (stuck).
 10512 | D:3      | 10512 ||| Stepping randomly (stuck).
 10514 | D:3      | 10514 ||| Stepping randomly (stuck).
 10516 | D:3      | 10516 ||| Stepping randomly (stuck).
 10518 | D:3      | 10518 ||| Stepping randomly (stuck).
 10520 | D:3      | 10520 ||| Stepping randomly (stuck).
 10522 | D:3      | 10522 ||| Stepping randomly (stuck).
 10524 | D:3      | 10524 ||| Stepping randomly (stuck).
 10526 | D:3      | 10526 ||| Stepping randomly (stuck).
 10528 | D:3      | 10528 ||| Stepping randomly (stuck).
 10530 | D:3      | 10530 ||| Stepping randomly (stuck).
 10532 | D:3      | 10532 ||| Stepping randomly (stuck).
 10534 | D:3      | 10534 ||| Stepping randomly (stuck).
 10536 | D:3      | 10536 ||| Stepping randomly (stuck).
 10538 | D:3      | 10538 ||| Stepping randomly (stuck).
 10540 | D:3      | 10540 ||| Stepping randomly (stuck).
 10542 | D:3      | 10542 ||| Stepping randomly (stuck).
 10544 | D:3      | 10544 ||| Stepping randomly (stuck).
 10546 | D:3      | 10546 ||| Stepping randomly (stuck).
 10548 | D:3      | 10548 ||| Stepping randomly (stuck).
 10550 | D:3      | 10550 ||| Stepping randomly (stuck).
 10552 | D:3      | 10552 ||| Stepping randomly (stuck).
 10554 | D:3      | 10554 ||| Stepping randomly (stuck).
 10556 | D:3      | 10556 ||| Stepping randomly (stuck).
 10558 | D:3      | 10558 ||| Stepping randomly (stuck).
 10560 | D:3      | 10560 ||| Stepping randomly (stuck).
 10562 | D:3      | 10562 ||| Stepping randomly (stuck).
 10564 | D:3      | 10564 ||| Stepping randomly (stuck).
 10566 | D:3      | 10566 ||| Stepping randomly (stuck).
 10568 | D:3      | 10568 ||| Stepping randomly (stuck).
 10570 | D:3      | 10570 ||| Stepping randomly (stuck).
 10572 | D:3      | 10572 ||| Stepping randomly (stuck).
 10574 | D:3      | 10574 ||| Stepping randomly (stuck).
 10576 | D:3      | 10576 ||| Stepping randomly (stuck).
 10578 | D:3      | 10578 ||| Stepping randomly (stuck).
 10580 | D:3      | 10580 ||| Stepping randomly (stuck).
 10582 | D:3      | 10582 ||| Stepping randomly (stuck).
 10584 | D:3      | 10584 ||| Stepping randomly (stuck).
 10586 | D:3      | 10586 ||| Stepping randomly (stuck).
 10588 | D:3      | 10588 ||| Stepping randomly (stuck).
 10590 | D:3      | 10590 ||| Stepping randomly (stuck).
 10592 | D:3      | 10592 ||| Stepping randomly (stuck).
 10594 | D:3      | 10594 ||| Stepping randomly (stuck).
 10596 | D:3      | 10596 ||| Stepping randomly (stuck).
 10598 | D:3      | 10598 ||| Stepping randomly (stuck).
 10600 | D:3      | 10600 ||| Stepping randomly (stuck).
 10602 | D:3      | 10602 ||| Stepping randomly (stuck).
 10604 | D:3      | 10604 ||| Stepping randomly (stuck).
 10606 | D:3      | 10606 ||| Stepping randomly (stuck).
 10608 | D:3      | 10608 ||| Stepping randomly (stuck).
 10610 | D:3      | 10610 ||| Stepping randomly (stuck).
 10612 | D:3      | 10612 ||| Stepping randomly (stuck).
 10614 | D:3      | 10614 ||| Stepping randomly (stuck).
 10616 | D:3      | 10616 ||| Stepping randomly (stuck).
 10618 | D:3      | 10618 ||| Stepping randomly (stuck).
 10620 | D:3      | 10620 ||| Stepping randomly (stuck).
 10622 | D:3      | 10622 ||| Stepping randomly (stuck).
 10624 | D:3      | 10624 ||| Stepping randomly (stuck).
 10626 | D:3      | 10626 ||| Stepping randomly (stuck).
 10628 | D:3      | 10628 ||| Stepping randomly (stuck).
 10630 | D:3      | 10630 ||| Stepping randomly (stuck).
 10632 | D:3      | 10632 ||| Stepping randomly (stuck).
 10634 | D:3      | 10634 ||| Stepping randomly (stuck).
 10636 | D:3      | 10636 ||| Stepping randomly (stuck).
 10638 | D:3      | 10638 ||| Stepping randomly (stuck).
 10640 | D:3      | 10640 ||| Stepping randomly (stuck).
 10642 | D:3      | 10642 ||| Stepping randomly (stuck).
 10644 | D:3      | 10644 ||| Stepping randomly (stuck).
 10646 | D:3      | 10646 ||| Stepping randomly (stuck).
 10648 | D:3      | 10648 ||| Stepping randomly (stuck).
 10650 | D:3      | 10650 ||| Stepping randomly (stuck).
 10652 | D:3      | 10652 ||| Stepping randomly (stuck).
 10654 | D:3      | 10654 ||| Stepping randomly (stuck).
 10656 | D:3      | 10656 ||| Stepping randomly (stuck).
 10658 | D:3      | 10658 ||| Stepping randomly (stuck).
 10660 | D:3      | 10660 ||| Stepping randomly (stuck).
 10662 | D:3      | 10662 ||| Stepping randomly (stuck).
 10664 | D:3      | 10664 ||| Stepping randomly (stuck).
 10666 | D:3      | 10666 ||| Stepping randomly (stuck).
 10668 | D:3      | 10668 ||| Stepping randomly (stuck).
 10670 | D:3      | 10670 ||| Stepping randomly (stuck).
 10672 | D:3      | 10672 ||| Stepping randomly (stuck).
 10674 | D:3      | 10674 ||| Stepping randomly (stuck).
 10676 | D:3      | 10676 ||| Stepping randomly (stuck).
 10678 | D:3      | 10678 ||| Stepping randomly (stuck).
 10680 | D:3      | 10680 ||| Stepping randomly (stuck).
 10682 | D:3      | 10682 ||| Stepping randomly (stuck).
 10684 | D:3      | 10684 ||| Stepping randomly (stuck).
 10686 | D:3      | 10686 ||| Stepping randomly (stuck).
 10688 | D:3      | 10688 ||| Stepping randomly (stuck).
 10690 | D:3      | 10690 ||| Stepping randomly (stuck).
 10692 | D:3      | 10692 ||| Stepping randomly (stuck).
 10694 | D:3      | 10694 ||| Stepping randomly (stuck).
 10696 | D:3      | 10696 ||| Stepping randomly (stuck).
 10698 | D:3      | 10698 ||| Stepping randomly (stuck).
 10700 | D:3      | 10700 ||| Stepping randomly (stuck).
 10702 | D:3      | 10702 ||| Stepping randomly (stuck).
 10704 | D:3      | 10704 ||| Stepping randomly (stuck).
 10706 | D:3      | 10706 ||| Stepping randomly (stuck).
 10708 | D:3      | 10708 ||| Stepping randomly (stuck).
 10710 | D:3      | 10710 ||| Stepping randomly (stuck).
 10712 | D:3      | 10712 ||| Stepping randomly (stuck).
 10714 | D:3      | 10714 ||| Stepping randomly (stuck).
 10716 | D:3      | 10716 ||| Stepping randomly (stuck).
 10718 | D:3      | 10718 ||| Stepping randomly (stuck).
 10720 | D:3      | 10720 ||| Stepping randomly (stuck).
 10722 | D:3      | 10722 ||| Stepping randomly (stuck).
 10724 | D:3      | 10724 ||| Stepping randomly (stuck).
 10726 | D:3      | 10726 ||| Stepping randomly (stuck).
 10728 | D:3      | 10728 ||| Stepping randomly (stuck).
 10730 | D:3      | 10730 ||| Stepping randomly (stuck).
 10732 | D:3      | 10732 ||| Stepping randomly (stuck).
 10734 | D:3      | 10734 ||| Stepping randomly (stuck).
 10736 | D:3      | 10736 ||| Stepping randomly (stuck).
 10738 | D:3      | 10738 ||| Stepping randomly (stuck).
 10740 | D:3      | 10740 ||| Stepping randomly (stuck).
 10742 | D:3      | 10742 ||| Stepping randomly (stuck).
 10744 | D:3      | 10744 ||| Stepping randomly (stuck).
 10746 | D:3      | 10746 ||| Stepping randomly (stuck).
 10748 | D:3      | 10748 ||| Stepping randomly (stuck).
 10750 | D:3      | 10750 ||| Stepping randomly (stuck).
 10752 | D:3      | 10752 ||| Stepping randomly (stuck).
 10754 | D:3      | 10754 ||| Stepping randomly (stuck).
 10756 | D:3      | 10756 ||| Stepping randomly (stuck).
 10758 | D:3      | 10758 ||| Stepping randomly (stuck).
 10760 | D:3      | 10760 ||| Stepping randomly (stuck).
 10762 | D:3      | 10762 ||| Stepping randomly (stuck).
 10764 | D:3      | 10764 ||| Stepping randomly (stuck).
 10766 | D:3      | 10766 ||| Stepping randomly (stuck).
 10768 | D:3      | 10768 ||| Stepping randomly (stuck).
 10770 | D:3      | 10770 ||| Stepping randomly (stuck).
 10772 | D:3      | 10772 ||| Stepping randomly (stuck).
 10774 | D:3      | 10774 ||| Stepping randomly (stuck).
 10776 | D:3      | 10776 ||| Stepping randomly (stuck).
 10778 | D:3      | 10778 ||| Stepping randomly (stuck).
 10780 | D:3      | 10780 ||| Stepping randomly (stuck).
 10782 | D:3      | 10782 ||| Stepping randomly (stuck).
 10784 | D:3      | 10784 ||| Stepping randomly (stuck).
 10786 | D:3      | 10786 ||| Stepping randomly (stuck).
 10788 | D:3      | 10788 ||| Stepping randomly (stuck).
 10790 | D:3      | 10790 ||| Stepping randomly (stuck).
 10792 | D:3      | 10792 ||| Stepping randomly (stuck).
 10794 | D:3      | 10794 ||| Stepping randomly (stuck).
 10796 | D:3      | 10796 ||| Stepping randomly (stuck).
 10798 | D:3      | 10798 ||| Stepping randomly (stuck).
 10800 | D:3      | 10800 ||| Stepping randomly (stuck).
 10802 | D:3      | 10802 ||| Stepping randomly (stuck).
 10804 | D:3      | 10804 ||| Stepping randomly (stuck).
 10806 | D:3      | 10806 ||| Stepping randomly (stuck).
 10808 | D:3      | 10808 ||| Stepping randomly (stuck).
 10810 | D:3      | 10810 ||| Stepping randomly (stuck).
 10812 | D:3      | 10812 ||| Stepping randomly (stuck).
 10814 | D:3      | 10814 ||| Stepping randomly (stuck).
 10816 | D:3      | 10816 ||| Stepping randomly (stuck).
 10818 | D:3      | 10818 ||| Stepping randomly (stuck).
 10820 | D:3      | 10820 ||| Stepping randomly (stuck).
 10822 | D:3      | 10822 ||| Stepping randomly (stuck).
 10824 | D:3      | 10824 ||| Stepping randomly (stuck).
 10826 | D:3      | 10826 ||| Stepping randomly (stuck).
 10828 | D:3      | 10828 ||| Stepping randomly (stuck).
 10830 | D:3      | 10830 ||| Stepping randomly (stuck).
 10832 | D:3      | 10832 ||| Stepping randomly (stuck).
 10834 | D:3      | 10834 ||| Stepping randomly (stuck).
 10836 | D:3      | 10836 ||| Stepping randomly (stuck).
 10838 | D:3      | 10838 ||| Stepping randomly (stuck).
 10840 | D:3      | 10840 ||| Stepping randomly (stuck).
 10842 | D:3      | 10842 ||| Stepping randomly (stuck).
 10844 | D:3      | 10844 ||| Stepping randomly (stuck).
 10846 | D:3      | 10846 ||| Stepping randomly (stuck).
 10848 | D:3      | 10848 ||| Stepping randomly (stuck).
 10850 | D:3      | 10850 ||| Stepping randomly (stuck).
 10852 | D:3      | 10852 ||| Stepping randomly (stuck).
 10854 | D:3      | 10854 ||| Stepping randomly (stuck).
 10856 | D:3      | 10856 ||| Stepping randomly (stuck).
 10858 | D:3      | 10858 ||| Stepping randomly (stuck).
 10860 | D:3      | 10860 ||| Stepping randomly (stuck).
 10862 | D:3      | 10862 ||| Stepping randomly (stuck).
 10864 | D:3      | 10864 ||| Stepping randomly (stuck).
 10866 | D:3      | 10866 ||| Stepping randomly (stuck).
 10868 | D:3      | 10868 ||| Stepping randomly (stuck).
 10870 | D:3      | 10870 ||| Stepping randomly (stuck).
 10872 | D:3      | 10872 ||| Stepping randomly (stuck).
 10874 | D:3      | 10874 ||| Stepping randomly (stuck).
 10876 | D:3      | 10876 ||| Stepping randomly (stuck).
 10878 | D:3      | 10878 ||| Stepping randomly (stuck).
 10880 | D:3      | 10880 ||| Stepping randomly (stuck).
 10882 | D:3      | 10882 ||| Stepping randomly (stuck).
 10884 | D:3      | 10884 ||| Stepping randomly (stuck).
 10886 | D:3      | 10886 ||| Stepping randomly (stuck).
 10888 | D:3      | 10888 ||| Stepping randomly (stuck).
 10890 | D:3      | 10890 ||| Stepping randomly (stuck).
 10892 | D:3      | 10892 ||| Stepping randomly (stuck).
 10894 | D:3      | 10894 ||| Stepping randomly (stuck).
 10896 | D:3      | 10896 ||| Stepping randomly (stuck).
 10898 | D:3      | 10898 ||| Stepping randomly (stuck).
 10900 | D:3      | 10900 ||| Stepping randomly (stuck).
 10902 | D:3      | 10902 ||| Stepping randomly (stuck).
 10904 | D:3      | 10904 ||| Stepping randomly (stuck).
 10906 | D:3      | 10906 ||| Stepping randomly (stuck).
 10908 | D:3      | 10908 ||| Stepping randomly (stuck).
 10910 | D:3      | 10910 ||| Stepping randomly (stuck).
 10912 | D:3      | 10912 ||| Stepping randomly (stuck).
 10914 | D:3      | 10914 ||| Stepping randomly (stuck).
 10916 | D:3      | 10916 ||| Stepping randomly (stuck).
 10918 | D:3      | 10918 ||| Stepping randomly (stuck).
 10920 | D:3      | 10920 ||| Stepping randomly (stuck).
 10922 | D:3      | 10922 ||| Stepping randomly (stuck).
 10924 | D:3      | 10924 ||| Stepping randomly (stuck).
 10926 | D:3      | 10926 ||| Stepping randomly (stuck).
 10928 | D:3      | 10928 ||| Stepping randomly (stuck).
 10930 | D:3      | 10930 ||| Stepping randomly (stuck).
 10932 | D:3      | 10932 ||| Stepping randomly (stuck).
 10934 | D:3      | 10934 ||| Stepping randomly (stuck).
 10936 | D:3      | 10936 ||| Stepping randomly (stuck).
 10938 | D:3      | 10938 ||| Stepping randomly (stuck).
 10940 | D:3      | 10940 ||| Stepping randomly (stuck).
 10942 | D:3      | 10942 ||| Stepping randomly (stuck).
 10944 | D:3      | 10944 ||| Stepping randomly (stuck).
 10946 | D:3      | 10946 ||| Stepping randomly (stuck).
 10948 | D:3      | 10948 ||| Stepping randomly (stuck).
 10950 | D:3      | 10950 ||| Stepping randomly (stuck).
 10952 | D:3      | 10952 ||| Stepping randomly (stuck).
 10954 | D:3      | 10954 ||| Stepping randomly (stuck).
 10956 | D:3      | 10956 ||| Stepping randomly (stuck).
 10958 | D:3      | 10958 ||| Stepping randomly (stuck).
 10960 | D:3      | 10960 ||| Stepping randomly (stuck).
 10962 | D:3      | 10962 ||| Stepping randomly (stuck).
 10964 | D:3      | 10964 ||| Stepping randomly (stuck).
 10966 | D:3      | 10966 ||| Stepping randomly (stuck).
 10968 | D:3      | 10968 ||| Stepping randomly (stuck).
 10970 | D:3      | 10970 ||| Stepping randomly (stuck).
 10972 | D:3      | 10972 ||| Stepping randomly (stuck).
 10974 | D:3      | 10974 ||| Stepping randomly (stuck).
 10976 | D:3      | 10976 ||| Stepping randomly (stuck).
 10978 | D:3      | 10978 ||| Stepping randomly (stuck).
 10980 | D:3      | 10980 ||| Stepping randomly (stuck).
 10982 | D:3      | 10982 ||| Stepping randomly (stuck).
 10984 | D:3      | 10984 ||| Stepping randomly (stuck).
 10986 | D:3      | 10986 ||| Stepping randomly (stuck).
 10988 | D:3      | 10988 ||| Stepping randomly (stuck).
 10990 | D:3      | 10990 ||| Stepping randomly (stuck).
 10992 | D:3      | 10992 ||| Stepping randomly (stuck).
 10994 | D:3      | 10994 ||| Stepping randomly (stuck).
 10996 | D:3      | 10996 ||| Stepping randomly (stuck).
 10998 | D:3      | 10998 ||| Stepping randomly (stuck).
 11000 | D:3      | 11000 ||| Stepping randomly (stuck).
 11002 | D:3      | 11002 ||| Stepping randomly (stuck).
 11004 | D:3      | 11004 ||| Stepping randomly (stuck).
 11006 | D:3      | 11006 ||| Stepping randomly (stuck).
 11008 | D:3      | 11008 ||| Stepping randomly (stuck).
 11010 | D:3      | 11010 ||| Stepping randomly (stuck).
 11012 | D:3      | 11012 ||| Stepping randomly (stuck).
 11014 | D:3      | 11014 ||| Stepping randomly (stuck).
 11016 | D:3      | 11016 ||| Stepping randomly (stuck).
 11018 | D:3      | 11018 ||| Stepping randomly (stuck).
 11020 | D:3      | 11020 ||| Stepping randomly (stuck).
 11022 | D:3      | 11022 ||| Stepping randomly (stuck).
 11024 | D:3      | 11024 ||| Stepping randomly (stuck).
 11026 | D:3      | 11026 ||| Stepping randomly (stuck).
 11028 | D:3      | 11028 ||| Stepping randomly (stuck).
 11030 | D:3      | 11030 ||| Stepping randomly (stuck).
 11032 | D:3      | 11032 ||| Stepping randomly (stuck).
 11034 | D:3      | 11034 ||| Stepping randomly (stuck).
 11036 | D:3      | 11036 ||| Stepping randomly (stuck).
 11038 | D:3      | 11038 ||| Stepping randomly (stuck).
 11040 | D:3      | 11040 ||| Stepping randomly (stuck).
 11042 | D:3      | 11042 ||| Stepping randomly (stuck).
 11044 | D:3      | 11044 ||| Stepping randomly (stuck).
 11046 | D:3      | 11046 ||| Stepping randomly (stuck).
 11048 | D:3      | 11048 ||| Stepping randomly (stuck).
 11050 | D:3      | 11050 ||| Stepping randomly (stuck).
 11052 | D:3      | 11052 ||| Stepping randomly (stuck).
 11054 | D:3      | 11054 ||| Stepping randomly (stuck).
 11056 | D:3      | 11056 ||| Stepping randomly (stuck).
 11058 | D:3      | 11058 ||| Stepping randomly (stuck).
 11060 | D:3      | 11060 ||| Stepping randomly (stuck).
 11062 | D:3      | 11062 ||| Stepping randomly (stuck).
 11064 | D:3      | 11064 ||| Stepping randomly (stuck).
 11066 | D:3      | 11066 ||| Stepping randomly (stuck).
 11068 | D:3      | 11068 ||| Stepping randomly (stuck).
 11070 | D:3      | 11070 ||| Stepping randomly (stuck).
 11072 | D:3      | 11072 ||| Stepping randomly (stuck).
 11074 | D:3      | 11074 ||| Stepping randomly (stuck).
 11076 | D:3      | 11076 ||| Stepping randomly (stuck).
 11078 | D:3      | 11078 ||| Stepping randomly (stuck).
 11080 | D:3      | 11080 ||| Stepping randomly (stuck).
 11082 | D:3      | 11082 ||| Stepping randomly (stuck).
 11084 | D:3      | 11084 ||| Stepping randomly (stuck).
 11086 | D:3      | 11086 ||| Stepping randomly (stuck).
 11088 | D:3      | 11088 ||| Stepping randomly (stuck).
 11090 | D:3      | 11090 ||| Stepping randomly (stuck).
 11092 | D:3      | 11092 ||| Stepping randomly (stuck).
 11094 | D:3      | 11094 ||| Stepping randomly (stuck).
 11096 | D:3      | 11096 ||| Stepping randomly (stuck).
 11098 | D:3      | 11098 ||| Stepping randomly (stuck).
 11100 | D:3      | 11100 ||| Stepping randomly (stuck).
 11102 | D:3      | 11102 ||| Stepping randomly (stuck).
 11104 | D:3      | 11104 ||| Stepping randomly (stuck).
 11106 | D:3      | 11106 ||| Stepping randomly (stuck).
 11108 | D:3      | 11108 ||| Stepping randomly (stuck).
 11110 | D:3      | 11110 ||| Stepping randomly (stuck).
 11112 | D:3      | 11112 ||| Stepping randomly (stuck).
 11114 | D:3      | 11114 ||| Stepping randomly (stuck).
 11116 | D:3      | 11116 ||| Stepping randomly (stuck).
 11118 | D:3      | 11118 ||| Stepping randomly (stuck).
 11120 | D:3      | 11120 ||| Stepping randomly (stuck).
 11122 | D:3      | 11122 ||| Stepping randomly (stuck).
 11124 | D:3      | 11124 ||| Stepping randomly (stuck).
 11126 | D:3      | 11126 ||| Stepping randomly (stuck).
 11128 | D:3      | 11128 ||| Stepping randomly (stuck).
 11130 | D:3      | 11130 ||| Stepping randomly (stuck).
 11132 | D:3      | 11132 ||| Stepping randomly (stuck).
 11134 | D:3      | 11134 ||| Stepping randomly (stuck).
 11136 | D:3      | 11136 ||| Stepping randomly (stuck).
 11138 | D:3      | 11138 ||| Stepping randomly (stuck).
 11140 | D:3      | 11140 ||| Stepping randomly (stuck).
 11142 | D:3      | 11142 ||| Stepping randomly (stuck).
 11144 | D:3      | 11144 ||| Stepping randomly (stuck).
 11146 | D:3      | 11146 ||| Stepping randomly (stuck).
 11148 | D:3      | 11148 ||| Stepping randomly (stuck).
 11150 | D:3      | 11150 ||| Stepping randomly (stuck).
 11152 | D:3      | 11152 ||| Stepping randomly (stuck).
 11154 | D:3      | 11154 ||| Stepping randomly (stuck).
 11156 | D:3      | 11156 ||| Stepping randomly (stuck).
 11158 | D:3      | 11158 ||| Stepping randomly (stuck).
 11160 | D:3      | 11160 ||| Stepping randomly (stuck).
 11162 | D:3      | 11162 ||| Stepping randomly (stuck).
 11164 | D:3      | 11164 ||| Stepping randomly (stuck).
 11166 | D:3      | 11166 ||| Stepping randomly (stuck).
 11168 | D:3      | 11168 ||| Stepping randomly (stuck).
 11170 | D:3      | 11170 ||| Stepping randomly (stuck).
 11172 | D:3      | 11172 ||| Stepping randomly (stuck).
 11174 | D:3      | 11174 ||| Stepping randomly (stuck).
 11176 | D:3      | 11176 ||| Stepping randomly (stuck).
 11178 | D:3      | 11178 ||| Stepping randomly (stuck).
 11180 | D:3      | 11180 ||| Stepping randomly (stuck).
 11182 | D:3      | 11182 ||| Stepping randomly (stuck).
 11184 | D:3      | 11184 ||| Stepping randomly (stuck).
 11186 | D:3      | 11186 ||| Stepping randomly (stuck).
 11188 | D:3      | 11188 ||| Stepping randomly (stuck).
 11190 | D:3      | 11190 ||| Stepping randomly (stuck).
 11192 | D:3      | 11192 ||| Stepping randomly (stuck).
 11194 | D:3      | 11194 ||| Stepping randomly (stuck).
 11196 | D:3      | 11196 ||| Stepping randomly (stuck).
 11198 | D:3      | 11198 ||| Stepping randomly (stuck).
 11200 | D:3      | 11200 ||| Stepping randomly (stuck).
 11202 | D:3      | 11202 ||| Stepping randomly (stuck).
 11204 | D:3      | 11204 ||| Stepping randomly (stuck).
 11206 | D:3      | 11206 ||| Stepping randomly (stuck).
 11208 | D:3      | 11208 ||| Stepping randomly (stuck).
 11210 | D:3      | 11210 ||| Stepping randomly (stuck).
 11212 | D:3      | 11212 ||| Stepping randomly (stuck).
 11214 | D:3      | 11214 ||| Stepping randomly (stuck).
 11216 | D:3      | 11216 ||| Stepping randomly (stuck).
 11218 | D:3      | 11218 ||| Stepping randomly (stuck).
 11220 | D:3      | 11220 ||| Stepping randomly (stuck).
 11222 | D:3      | 11222 ||| Stepping randomly (stuck).
 11224 | D:3      | 11224 ||| Stepping randomly (stuck).
 11226 | D:3      | 11226 ||| Stepping randomly (stuck).
 11228 | D:3      | 11228 ||| Stepping randomly (stuck).
 11230 | D:3      | 11230 ||| Stepping randomly (stuck).
 11232 | D:3      | 11232 ||| Stepping randomly (stuck).
 11234 | D:3      | 11234 ||| Stepping randomly (stuck).
 11236 | D:3      | 11236 ||| Stepping randomly (stuck).
 11238 | D:3      | 11238 ||| Stepping randomly (stuck).
 11240 | D:3      | 11240 ||| Stepping randomly (stuck).
 11242 | D:3      | 11242 ||| Stepping randomly (stuck).
 11244 | D:3      | 11244 ||| Stepping randomly (stuck).
 11246 | D:3      | 11246 ||| Stepping randomly (stuck).
 11248 | D:3      | 11248 ||| Stepping randomly (stuck).
 11250 | D:3      | 11250 ||| Stepping randomly (stuck).
 11252 | D:3      | 11252 ||| Stepping randomly (stuck).
 11254 | D:3      | 11254 ||| Stepping randomly (stuck).
 11256 | D:3      | 11256 ||| Stepping randomly (stuck).
 11258 | D:3      | 11258 ||| Stepping randomly (stuck).
 11260 | D:3      | 11260 ||| Stepping randomly (stuck).
 11262 | D:3      | 11262 ||| Stepping randomly (stuck).
 11264 | D:3      | 11264 ||| Stepping randomly (stuck).
 11266 | D:3      | 11266 ||| Stepping randomly (stuck).
 11268 | D:3      | 11268 ||| Stepping randomly (stuck).
 11270 | D:3      | 11270 ||| Stepping randomly (stuck).
 11272 | D:3      | 11272 ||| Stepping randomly (stuck).
 11274 | D:3      | 11274 ||| Stepping randomly (stuck).
 11276 | D:3      | 11276 ||| Stepping randomly (stuck).
 11278 | D:3      | 11278 ||| Stepping randomly (stuck).
 11280 | D:3      | 11280 ||| Stepping randomly (stuck).
 11282 | D:3      | 11282 ||| Stepping randomly (stuck).
 11284 | D:3      | 11284 ||| Stepping randomly (stuck).
 11286 | D:3      | 11286 ||| Stepping randomly (stuck).
 11288 | D:3      | 11288 ||| Stepping randomly (stuck).
 11290 | D:3      | 11290 ||| Stepping randomly (stuck).
 11292 | D:3      | 11292 ||| Stepping randomly (stuck).
 11294 | D:3      | 11294 ||| Stepping randomly (stuck).
 11296 | D:3      | 11296 ||| Stepping randomly (stuck).
 11298 | D:3      | 11298 ||| Stepping randomly (stuck).
 11300 | D:3      | 11300 ||| Stepping randomly (stuck).
 11302 | D:3      | 11302 ||| Stepping randomly (stuck).
 11304 | D:3      | 11304 ||| Stepping randomly (stuck).
 11306 | D:3      | 11306 ||| Stepping randomly (stuck).
 11308 | D:3      | 11308 ||| Stepping randomly (stuck).
 11310 | D:3      | 11310 ||| Stepping randomly (stuck).
 11312 | D:3      | 11312 ||| Stepping randomly (stuck).
 11314 | D:3      | 11314 ||| Stepping randomly (stuck).
 11316 | D:3      | 11316 ||| Stepping randomly (stuck).
 11318 | D:3      | 11318 ||| Stepping randomly (stuck).
 11320 | D:3      | 11320 ||| Stepping randomly (stuck).
 11322 | D:3      | 11322 ||| Stepping randomly (stuck).
 11324 | D:3      | 11324 ||| Stepping randomly (stuck).
 11326 | D:3      | 11326 ||| Stepping randomly (stuck).
 11328 | D:3      | 11328 ||| Stepping randomly (stuck).
 11330 | D:3      | 11330 ||| Stepping randomly (stuck).
 11332 | D:3      | 11332 ||| Stepping randomly (stuck).
 11334 | D:3      | 11334 ||| Stepping randomly (stuck).
 11336 | D:3      | 11336 ||| Stepping randomly (stuck).
 11338 | D:3      | 11338 ||| Stepping randomly (stuck).
 11340 | D:3      | 11340 ||| Stepping randomly (stuck).
 11342 | D:3      | 11342 ||| Stepping randomly (stuck).
 11344 | D:3      | 11344 ||| Stepping randomly (stuck).
 11346 | D:3      | 11346 ||| Stepping randomly (stuck).
 11348 | D:3      | 11348 ||| Stepping randomly (stuck).
 11350 | D:3      | 11350 ||| Stepping randomly (stuck).
 11352 | D:3      | 11352 ||| Stepping randomly (stuck).
 11354 | D:3      | 11354 ||| Stepping randomly (stuck).
 11356 | D:3      | 11356 ||| Stepping randomly (stuck).
 11358 | D:3      | 11358 ||| Stepping randomly (stuck).
 11360 | D:3      | 11360 ||| Stepping randomly (stuck).
 11362 | D:3      | 11362 ||| Stepping randomly (stuck).
 11364 | D:3      | 11364 ||| Stepping randomly (stuck).
 11366 | D:3      | 11366 ||| Stepping randomly (stuck).
 11368 | D:3      | 11368 ||| Stepping randomly (stuck).
 11370 | D:3      | 11370 ||| Stepping randomly (stuck).
 11372 | D:3      | 11372 ||| Stepping randomly (stuck).
 11374 | D:3      | 11374 ||| Stepping randomly (stuck).
 11376 | D:3      | 11376 ||| Stepping randomly (stuck).
 11378 | D:3      | 11378 ||| Stepping randomly (stuck).
 11380 | D:3      | 11380 ||| Stepping randomly (stuck).
 11382 | D:3      | 11382 ||| Stepping randomly (stuck).
 11384 | D:3      | 11384 ||| Stepping randomly (stuck).
 11386 | D:3      | 11386 ||| Stepping randomly (stuck).
 11388 | D:3      | 11388 ||| Stepping randomly (stuck).
 11390 | D:3      | 11390 ||| Stepping randomly (stuck).
 11392 | D:3      | 11392 ||| Stepping randomly (stuck).
 11394 | D:3      | 11394 ||| Stepping randomly (stuck).
 11396 | D:3      | 11396 ||| Stepping randomly (stuck).
 11398 | D:3      | 11398 ||| Stepping randomly (stuck).
 11400 | D:3      | 11400 ||| Stepping randomly (stuck).
 11402 | D:3      | 11402 ||| Stepping randomly (stuck).
 11404 | D:3      | 11404 ||| Stepping randomly (stuck).
 11406 | D:3      | 11406 ||| Stepping randomly (stuck).
 11408 | D:3      | 11408 ||| Stepping randomly (stuck).
 11410 | D:3      | 11410 ||| Stepping randomly (stuck).
 11412 | D:3      | 11412 ||| Stepping randomly (stuck).
 11414 | D:3      | 11414 ||| Stepping randomly (stuck).
 11416 | D:3      | 11416 ||| Stepping randomly (stuck).
 11418 | D:3      | 11418 ||| Stepping randomly (stuck).
 11420 | D:3      | 11420 ||| Stepping randomly (stuck).
 11422 | D:3      | 11422 ||| Stepping randomly (stuck).
 11424 | D:3      | 11424 ||| Stepping randomly (stuck).
 11426 | D:3      | 11426 ||| Stepping randomly (stuck).
 11428 | D:3      | 11428 ||| Stepping randomly (stuck).
 11430 | D:3      | 11430 ||| Stepping randomly (stuck).
 11432 | D:3      | 11432 ||| Stepping randomly (stuck).
 11434 | D:3      | 11434 ||| Stepping randomly (stuck).
 11436 | D:3      | 11436 ||| Stepping randomly (stuck).
 11438 | D:3      | 11438 ||| Stepping randomly (stuck).
 11440 | D:3      | 11440 ||| Stepping randomly (stuck).
 11442 | D:3      | 11442 ||| Stepping randomly (stuck).
 11444 | D:3      | 11444 ||| Stepping randomly (stuck).
 11446 | D:3      | 11446 ||| Stepping randomly (stuck).
 11448 | D:3      | 11448 ||| Stepping randomly (stuck).
 11450 | D:3      | 11450 ||| Stepping randomly (stuck).
 11452 | D:3      | 11452 ||| Stepping randomly (stuck).
 11454 | D:3      | 11454 ||| Stepping randomly (stuck).
 11456 | D:3      | 11456 ||| Stepping randomly (stuck).
 11458 | D:3      | 11458 ||| Stepping randomly (stuck).
 11460 | D:3      | 11460 ||| Stepping randomly (stuck).
 11462 | D:3      | 11462 ||| Stepping randomly (stuck).
 11464 | D:3      | 11464 ||| Stepping randomly (stuck).
 11466 | D:3      | 11466 ||| Stepping randomly (stuck).
 11468 | D:3      | 11468 ||| Stepping randomly (stuck).
 11470 | D:3      | 11470 ||| Stepping randomly (stuck).
 11472 | D:3      | 11472 ||| Stepping randomly (stuck).
 11474 | D:3      | 11474 ||| Stepping randomly (stuck).
 11476 | D:3      | 11476 ||| Stepping randomly (stuck).
 11478 | D:3      | 11478 ||| Stepping randomly (stuck).
 11480 | D:3      | 11480 ||| Stepping randomly (stuck).
 11482 | D:3      | 11482 ||| Stepping randomly (stuck).
 11484 | D:3      | 11484 ||| Stepping randomly (stuck).
 11486 | D:3      | 11486 ||| Stepping randomly (stuck).
 11488 | D:3      | 11488 ||| Stepping randomly (stuck).
 11490 | D:3      | 11490 ||| Stepping randomly (stuck).
 11492 | D:3      | 11492 ||| Stepping randomly (stuck).
 11494 | D:3      | 11494 ||| Stepping randomly (stuck).
 11496 | D:3      | 11496 ||| Stepping randomly (stuck).
 11498 | D:3      | 11498 ||| Stepping randomly (stuck).
 11500 | D:3      | 11500 ||| Stepping randomly (stuck).
 11502 | D:3      | 11502 ||| Stepping randomly (stuck).
 11504 | D:3      | 11504 ||| Stepping randomly (stuck).
 11506 | D:3      | 11506 ||| Stepping randomly (stuck).
 11508 | D:3      | 11508 ||| Stepping randomly (stuck).
 11510 | D:3      | 11510 ||| Stepping randomly (stuck).
 11512 | D:3      | 11512 ||| Stepping randomly (stuck).
 11514 | D:3      | 11514 ||| Stepping randomly (stuck).
 11516 | D:3      | 11516 ||| Stepping randomly (stuck).
 11518 | D:3      | 11518 ||| Stepping randomly (stuck).
 11520 | D:3      | 11520 ||| Stepping randomly (stuck).
 11522 | D:3      | 11522 ||| Stepping randomly (stuck).
 11524 | D:3      | 11524 ||| Stepping randomly (stuck).
 11526 | D:3      | 11526 ||| Stepping randomly (stuck).
 11528 | D:3      | 11528 ||| Stepping randomly (stuck).
 11530 | D:3      | 11530 ||| Stepping randomly (stuck).
 11532 | D:3      | 11532 ||| Stepping randomly (stuck).
 11534 | D:3      | 11534 ||| Stepping randomly (stuck).
 11536 | D:3      | 11536 ||| Stepping randomly (stuck).
 11538 | D:3      | 11538 ||| Stepping randomly (stuck).
 11540 | D:3      | 11540 ||| Stepping randomly (stuck).
 11542 | D:3      | 11542 ||| Stepping randomly (stuck).
 11544 | D:3      | 11544 ||| Stepping randomly (stuck).
 11546 | D:3      | 11546 ||| Stepping randomly (stuck).
 11548 | D:3      | 11548 ||| Stepping randomly (stuck).
 11550 | D:3      | 11550 ||| Stepping randomly (stuck).
 11552 | D:3      | 11552 ||| Stepping randomly (stuck).
 11554 | D:3      | 11554 ||| Stepping randomly (stuck).
 11556 | D:3      | 11556 ||| Stepping randomly (stuck).
 11558 | D:3      | 11558 ||| Stepping randomly (stuck).
 11560 | D:3      | 11560 ||| Stepping randomly (stuck).
 11562 | D:3      | 11562 ||| Stepping randomly (stuck).
 11564 | D:3      | 11564 ||| Stepping randomly (stuck).
 11566 | D:3      | 11566 ||| Stepping randomly (stuck).
 11568 | D:3      | 11568 ||| Stepping randomly (stuck).
 11570 | D:3      | 11570 ||| Stepping randomly (stuck).
 11572 | D:3      | 11572 ||| Stepping randomly (stuck).
 11574 | D:3      | 11574 ||| Stepping randomly (stuck).
 11576 | D:3      | 11576 ||| Stepping randomly (stuck).
 11578 | D:3      | 11578 ||| Stepping randomly (stuck).
 11580 | D:3      | 11580 ||| Stepping randomly (stuck).
 11582 | D:3      | 11582 ||| Stepping randomly (stuck).
 11584 | D:3      | 11584 ||| Stepping randomly (stuck).
 11586 | D:3      | 11586 ||| Stepping randomly (stuck).
 11588 | D:3      | 11588 ||| Stepping randomly (stuck).
 11590 | D:3      | 11590 ||| Stepping randomly (stuck).
 11592 | D:3      | 11592 ||| Stepping randomly (stuck).
 11594 | D:3      | 11594 ||| Stepping randomly (stuck).
 11596 | D:3      | 11596 ||| Stepping randomly (stuck).
 11598 | D:3      | 11598 ||| Stepping randomly (stuck).
 11600 | D:3      | 11600 ||| Stepping randomly (stuck).
 11602 | D:3      | 11602 ||| Stepping randomly (stuck).
 11604 | D:3      | 11604 ||| Stepping randomly (stuck).
 11606 | D:3      | 11606 ||| Stepping randomly (stuck).
 11608 | D:3      | 11608 ||| Stepping randomly (stuck).
 11610 | D:3      | 11610 ||| Stepping randomly (stuck).
 11612 | D:3      | 11612 ||| Stepping randomly (stuck).
 11614 | D:3      | 11614 ||| Stepping randomly (stuck).
 11616 | D:3      | 11616 ||| Stepping randomly (stuck).
 11618 | D:3      | 11618 ||| Stepping randomly (stuck).
 11620 | D:3      | 11620 ||| Stepping randomly (stuck).
 11622 | D:3      | 11622 ||| Stepping randomly (stuck).
 11624 | D:3      | 11624 ||| Stepping randomly (stuck).
 11626 | D:3      | 11626 ||| Stepping randomly (stuck).
 11628 | D:3      | 11628 ||| Stepping randomly (stuck).
 11630 | D:3      | 11630 ||| Stepping randomly (stuck).
 11632 | D:3      | 11632 ||| Stepping randomly (stuck).
 11634 | D:3      | 11634 ||| Stepping randomly (stuck).
 11636 | D:3      | 11636 ||| Stepping randomly (stuck).
 11638 | D:3      | 11638 ||| Stepping randomly (stuck).
 11640 | D:3      | 11640 ||| Stepping randomly (stuck).
 11642 | D:3      | 11642 ||| Stepping randomly (stuck).
 11644 | D:3      | 11644 ||| Stepping randomly (stuck).
 11646 | D:3      | 11646 ||| Stepping randomly (stuck).
 11648 | D:3      | 11648 ||| Stepping randomly (stuck).
 11650 | D:3      | 11650 ||| Stepping randomly (stuck).
 11652 | D:3      | 11652 ||| Stepping randomly (stuck).
 11654 | D:3      | 11654 ||| Stepping randomly (stuck).
 11656 | D:3      | 11656 ||| Stepping randomly (stuck).
 11658 | D:3      | 11658 ||| Stepping randomly (stuck).
 11660 | D:3      | 11660 ||| Stepping randomly (stuck).
 11662 | D:3      | 11662 ||| Stepping randomly (stuck).
 11664 | D:3      | 11664 ||| Stepping randomly (stuck).
 11666 | D:3      | 11666 ||| Stepping randomly (stuck).
 11668 | D:3      | 11668 ||| Stepping randomly (stuck).
 11670 | D:3      | 11670 ||| Stepping randomly (stuck).
 11672 | D:3      | 11672 ||| Stepping randomly (stuck).
 11674 | D:3      | 11674 ||| Stepping randomly (stuck).
 11676 | D:3      | 11676 ||| Stepping randomly (stuck).
 11678 | D:3      | 11678 ||| Stepping randomly (stuck).
 11680 | D:3      | 11680 ||| Stepping randomly (stuck).
 11682 | D:3      | 11682 ||| Stepping randomly (stuck).
 11684 | D:3      | 11684 ||| Stepping randomly (stuck).
 11686 | D:3      | 11686 ||| Stepping randomly (stuck).
 11688 | D:3      | 11688 ||| Stepping randomly (stuck).
 11690 | D:3      | 11690 ||| Stepping randomly (stuck).
 11692 | D:3      | 11692 ||| Stepping randomly (stuck).
 11694 | D:3      | 11694 ||| Stepping randomly (stuck).
 11696 | D:3      | 11696 ||| Stepping randomly (stuck).
 11698 | D:3      | 11698 ||| Stepping randomly (stuck).
 11700 | D:3      | 11700 ||| Stepping randomly (stuck).
 11702 | D:3      | 11702 ||| Stepping randomly (stuck).
 11704 | D:3      | 11704 ||| Stepping randomly (stuck).
 11706 | D:3      | 11706 ||| Stepping randomly (stuck).
 11708 | D:3      | 11708 ||| Stepping randomly (stuck).
 11710 | D:3      | 11710 ||| Stepping randomly (stuck).
 11712 | D:3      | 11712 ||| Stepping randomly (stuck).
 11714 | D:3      | 11714 ||| Stepping randomly (stuck).
 11716 | D:3      | 11716 ||| Stepping randomly (stuck).
 11718 | D:3      | 11718 ||| Stepping randomly (stuck).
 11720 | D:3      | 11720 ||| Stepping randomly (stuck).
 11722 | D:3      | 11722 ||| Stepping randomly (stuck).
 11724 | D:3      | 11724 ||| Stepping randomly (stuck).
 11726 | D:3      | 11726 ||| Stepping randomly (stuck).
 11728 | D:3      | 11728 ||| Stepping randomly (stuck).
 11730 | D:3      | 11730 ||| Stepping randomly (stuck).
 11732 | D:3      | 11732 ||| Stepping randomly (stuck).
 11734 | D:3      | 11734 ||| Stepping randomly (stuck).
 11736 | D:3      | 11736 ||| Stepping randomly (stuck).
 11738 | D:3      | 11738 ||| Stepping randomly (stuck).
 11740 | D:3      | 11740 ||| Stepping randomly (stuck).
 11742 | D:3      | 11742 ||| Stepping randomly (stuck).
 11744 | D:3      | 11744 ||| Stepping randomly (stuck).
 11746 | D:3      | 11746 ||| Stepping randomly (stuck).
 11748 | D:3      | 11748 ||| Stepping randomly (stuck).
 11750 | D:3      | 11750 ||| Stepping randomly (stuck).
 11752 | D:3      | 11752 ||| Stepping randomly (stuck).
 11754 | D:3      | 11754 ||| Stepping randomly (stuck).
 11756 | D:3      | 11756 ||| Stepping randomly (stuck).
 11758 | D:3      | 11758 ||| Stepping randomly (stuck).
 11760 | D:3      | 11760 ||| Stepping randomly (stuck).
 11762 | D:3      | 11762 ||| Stepping randomly (stuck).
 11764 | D:3      | 11764 ||| Stepping randomly (stuck).
 11766 | D:3      | 11766 ||| Stepping randomly (stuck).
 11768 | D:3      | 11768 ||| Stepping randomly (stuck).
 11770 | D:3      | 11770 ||| Stepping randomly (stuck).
 11772 | D:3      | 11772 ||| Stepping randomly (stuck).
 11774 | D:3      | 11774 ||| Stepping randomly (stuck).
 11776 | D:3      | 11776 ||| Stepping randomly (stuck).
 11778 | D:3      | 11778 ||| Stepping randomly (stuck).
 11780 | D:3      | 11780 ||| Stepping randomly (stuck).
 11782 | D:3      | 11782 ||| Stepping randomly (stuck).
 11784 | D:3      | 11784 ||| Stepping randomly (stuck).
 11786 | D:3      | 11786 ||| Stepping randomly (stuck).
 11788 | D:3      | 11788 ||| Stepping randomly (stuck).
 11790 | D:3      | 11790 ||| Stepping randomly (stuck).
 11792 | D:3      | 11792 ||| Stepping randomly (stuck).
 11794 | D:3      | 11794 ||| Stepping randomly (stuck).
 11796 | D:3      | 11796 ||| Stepping randomly (stuck).
 11798 | D:3      | 11798 ||| Stepping randomly (stuck).
 11800 | D:3      | 11800 ||| Stepping randomly (stuck).
 11802 | D:3      | 11802 ||| Stepping randomly (stuck).
 11804 | D:3      | 11804 ||| Stepping randomly (stuck).
 11806 | D:3      | 11806 ||| Stepping randomly (stuck).
 11808 | D:3      | 11808 ||| Stepping randomly (stuck).
 11810 | D:3      | 11810 ||| Stepping randomly (stuck).
 11812 | D:3      | 11812 ||| Stepping randomly (stuck).
 11814 | D:3      | 11814 ||| Stepping randomly (stuck).
 11816 | D:3      | 11816 ||| Stepping randomly (stuck).
 11818 | D:3      | 11818 ||| Stepping randomly (stuck).
 11820 | D:3      | 11820 ||| Stepping randomly (stuck).
 11822 | D:3      | 11822 ||| Stepping randomly (stuck).
 11824 | D:3      | 11824 ||| Stepping randomly (stuck).
 11826 | D:3      | 11826 ||| Stepping randomly (stuck).
 11828 | D:3      | 11828 ||| Stepping randomly (stuck).
 11830 | D:3      | 11830 ||| Stepping randomly (stuck).
 11832 | D:3      | 11832 ||| Stepping randomly (stuck).
 11834 | D:3      | 11834 ||| Stepping randomly (stuck).
 11836 | D:3      | 11836 ||| Stepping randomly (stuck).
 11838 | D:3      | 11838 ||| Stepping randomly (stuck).
 11840 | D:3      | 11840 ||| Stepping randomly (stuck).
 11842 | D:3      | 11842 ||| Stepping randomly (stuck).
 11844 | D:3      | 11844 ||| Stepping randomly (stuck).
 11846 | D:3      | 11846 ||| Stepping randomly (stuck).
 11848 | D:3      | 11848 ||| Stepping randomly (stuck).
 11850 | D:3      | 11850 ||| Stepping randomly (stuck).
 11852 | D:3      | 11852 ||| Stepping randomly (stuck).
 11854 | D:3      | 11854 ||| Stepping randomly (stuck).
 11856 | D:3      | 11856 ||| Stepping randomly (stuck).
 11858 | D:3      | 11858 ||| Stepping randomly (stuck).
 11860 | D:3      | 11860 ||| Stepping randomly (stuck).
 11862 | D:3      | 11862 ||| Stepping randomly (stuck).
 11864 | D:3      | 11864 ||| Stepping randomly (stuck).
 11866 | D:3      | 11866 ||| Stepping randomly (stuck).
 11868 | D:3      | 11868 ||| Stepping randomly (stuck).
 11870 | D:3      | 11870 ||| Stepping randomly (stuck).
 11872 | D:3      | 11872 ||| Stepping randomly (stuck).
 11874 | D:3      | 11874 ||| Stepping randomly (stuck).
 11876 | D:3      | 11876 ||| Stepping randomly (stuck).
 11878 | D:3      | 11878 ||| Stepping randomly (stuck).
 11880 | D:3      | 11880 ||| Stepping randomly (stuck).
 11882 | D:3      | 11882 ||| Stepping randomly (stuck).
 11884 | D:3      | 11884 ||| Stepping randomly (stuck).
 11886 | D:3      | 11886 ||| Stepping randomly (stuck).
 11888 | D:3      | 11888 ||| Stepping randomly (stuck).
 11890 | D:3      | 11890 ||| Stepping randomly (stuck).
 11892 | D:3      | 11892 ||| Stepping randomly (stuck).
 11894 | D:3      | 11894 ||| Stepping randomly (stuck).
 11896 | D:3      | 11896 ||| Stepping randomly (stuck).
 11898 | D:3      | 11898 ||| Stepping randomly (stuck).
 11900 | D:3      | 11900 ||| Stepping randomly (stuck).
 11902 | D:3      | 11902 ||| Stepping randomly (stuck).
 11904 | D:3      | 11904 ||| Stepping randomly (stuck).
 11906 | D:3      | 11906 ||| Stepping randomly (stuck).
 11908 | D:3      | 11908 ||| Stepping randomly (stuck).
 11910 | D:3      | 11910 ||| Stepping randomly (stuck).
 11912 | D:3      | 11912 ||| Stepping randomly (stuck).
 11914 | D:3      | 11914 ||| Stepping randomly (stuck).
 11916 | D:3      | 11916 ||| Stepping randomly (stuck).
 11918 | D:3      | 11918 ||| Stepping randomly (stuck).
 11920 | D:3      | 11920 ||| Stepping randomly (stuck).
 11922 | D:3      | 11922 ||| Stepping randomly (stuck).
 11924 | D:3      | 11924 ||| Stepping randomly (stuck).
 11926 | D:3      | 11926 ||| Stepping randomly (stuck).
 11928 | D:3      | 11928 ||| Stepping randomly (stuck).
 11930 | D:3      | 11930 ||| Stepping randomly (stuck).
 11932 | D:3      | 11932 ||| Stepping randomly (stuck).
 11934 | D:3      | 11934 ||| Stepping randomly (stuck).
 11936 | D:3      | 11936 ||| Stepping randomly (stuck).
 11938 | D:3      | 11938 ||| Stepping randomly (stuck).
 11940 | D:3      | 11940 ||| Stepping randomly (stuck).
 11942 | D:3      | 11942 ||| Stepping randomly (stuck).
 11944 | D:3      | 11944 ||| Stepping randomly (stuck).
 11946 | D:3      | 11946 ||| Stepping randomly (stuck).
 11948 | D:3      | 11948 ||| Stepping randomly (stuck).
 11950 | D:3      | 11950 ||| Stepping randomly (stuck).
 11952 | D:3      | 11952 ||| Stepping randomly (stuck).
 11954 | D:3      | 11954 ||| Stepping randomly (stuck).
 11956 | D:3      | 11956 ||| Stepping randomly (stuck).
 11958 | D:3      | 11958 ||| Stepping randomly (stuck).
 11960 | D:3      | 11960 ||| Stepping randomly (stuck).
 11962 | D:3      | 11962 ||| Stepping randomly (stuck).
 11964 | D:3      | 11964 ||| Stepping randomly (stuck).
 11966 | D:3      | 11966 ||| Stepping randomly (stuck).
 11968 | D:3      | 11968 ||| Stepping randomly (stuck).
 11970 | D:3      | 11970 ||| Stepping randomly (stuck).
 11972 | D:3      | 11972 ||| Stepping randomly (stuck).
 11974 | D:3      | 11974 ||| Stepping randomly (stuck).
 11976 | D:3      | 11976 ||| Stepping randomly (stuck).
 11978 | D:3      | 11978 ||| Stepping randomly (stuck).
 11980 | D:3      | 11980 ||| Stepping randomly (stuck).
 11982 | D:3      | 11982 ||| Stepping randomly (stuck).
 11984 | D:3      | 11984 ||| Stepping randomly (stuck).
 11986 | D:3      | 11986 ||| Stepping randomly (stuck).
 11988 | D:3      | 11988 ||| Stepping randomly (stuck).
 11990 | D:3      | 11990 ||| Stepping randomly (stuck).
 11992 | D:3      | 11992 ||| Stepping randomly (stuck).
 11994 | D:3      | 11994 ||| Stepping randomly (stuck).
 11996 | D:3      | 11996 ||| Stepping randomly (stuck).
 11998 | D:3      | 11998 ||| Stepping randomly (stuck).
 12000 | D:3      | 12000 ||| Stepping randomly (stuck).
 12002 | D:3      | 12002 ||| Stepping randomly (stuck).
 12004 | D:3      | 12004 ||| Stepping randomly (stuck).
 12006 | D:3      | 12006 ||| Stepping randomly (stuck).
 12008 | D:3      | 12008 ||| Stepping randomly (stuck).
 12010 | D:3      | 12010 ||| Stepping randomly (stuck).
 12012 | D:3      | 12012 ||| Stepping randomly (stuck).
 12014 | D:3      | 12014 ||| Stepping randomly (stuck).
 12016 | D:3      | 12016 ||| Stepping randomly (stuck).
 12018 | D:3      | 12018 ||| Stepping randomly (stuck).
 12020 | D:3      | 12020 ||| Stepping randomly (stuck).
 12022 | D:3      | 12022 ||| Stepping randomly (stuck).
 12024 | D:3      | 12024 ||| Stepping randomly (stuck).
 12026 | D:3      | 12026 ||| Stepping randomly (stuck).
 12028 | D:3      | 12028 ||| Stepping randomly (stuck).
 12030 | D:3      | 12030 ||| Stepping randomly (stuck).
 12032 | D:3      | 12032 ||| Stepping randomly (stuck).
 12034 | D:3      | 12034 ||| Stepping randomly (stuck).
 12036 | D:3      | 12036 ||| Stepping randomly (stuck).
 12038 | D:3      | 12038 ||| Stepping randomly (stuck).
 12040 | D:3      | 12040 ||| Stepping randomly (stuck).
 12042 | D:3      | 12042 ||| Stepping randomly (stuck).
 12044 | D:3      | 12044 ||| Stepping randomly (stuck).
 12046 | D:3      | 12046 ||| Stepping randomly (stuck).
 12048 | D:3      | 12048 ||| Stepping randomly (stuck).
 12050 | D:3      | 12050 ||| Stepping randomly (stuck).
 12052 | D:3      | 12052 ||| Stepping randomly (stuck).
 12054 | D:3      | 12054 ||| Stepping randomly (stuck).
 12056 | D:3      | 12056 ||| Stepping randomly (stuck).
 12058 | D:3      | 12058 ||| Stepping randomly (stuck).
 12060 | D:3      | 12060 ||| Stepping randomly (stuck).
 12062 | D:3      | 12062 ||| Stepping randomly (stuck).
 12064 | D:3      | 12064 ||| Stepping randomly (stuck).
 12066 | D:3      | 12066 ||| Stepping randomly (stuck).
 12068 | D:3      | 12068 ||| Stepping randomly (stuck).
 12070 | D:3      | 12070 ||| Stepping randomly (stuck).
 12072 | D:3      | 12072 ||| Stepping randomly (stuck).
 12074 | D:3      | 12074 ||| Stepping randomly (stuck).
 12076 | D:3      | 12076 ||| Stepping randomly (stuck).
 12078 | D:3      | 12078 ||| Stepping randomly (stuck).
 12080 | D:3      | 12080 ||| Stepping randomly (stuck).
 12082 | D:3      | 12082 ||| Stepping randomly (stuck).
 12084 | D:3      | 12084 ||| Stepping randomly (stuck).
 12086 | D:3      | 12086 ||| Stepping randomly (stuck).
 12088 | D:3      | 12088 ||| Stepping randomly (stuck).
 12090 | D:3      | 12090 ||| Stepping randomly (stuck).
 12092 | D:3      | 12092 ||| Stepping randomly (stuck).
 12094 | D:3      | 12094 ||| Stepping randomly (stuck).
 12096 | D:3      | 12096 ||| Stepping randomly (stuck).
 12098 | D:3      | 12098 ||| Stepping randomly (stuck).
 12100 | D:3      | 12100 ||| Stepping randomly (stuck).
 12102 | D:3      | 12102 ||| Stepping randomly (stuck).
 12104 | D:3      | 12104 ||| Stepping randomly (stuck).
 12106 | D:3      | 12106 ||| Stepping randomly (stuck).
 12108 | D:3      | 12108 ||| Stepping randomly (stuck).
 12110 | D:3      | 12110 ||| Stepping randomly (stuck).
 12112 | D:3      | 12112 ||| Stepping randomly (stuck).
 12114 | D:3      | 12114 ||| Stepping randomly (stuck).
 12116 | D:3      | 12116 ||| Stepping randomly (stuck).
 12118 | D:3      | 12118 ||| Stepping randomly (stuck).
 12120 | D:3      | 12120 ||| Stepping randomly (stuck).
 12122 | D:3      | 12122 ||| Stepping randomly (stuck).
 12124 | D:3      | 12124 ||| Stepping randomly (stuck).
 12126 | D:3      | 12126 ||| Stepping randomly (stuck).
 12128 | D:3      | 12128 ||| Stepping randomly (stuck).
 12130 | D:3      | 12130 ||| Stepping randomly (stuck).
 12132 | D:3      | 12132 ||| Stepping randomly (stuck).
 12134 | D:3      | 12134 ||| Stepping randomly (stuck).
 12136 | D:3      | 12136 ||| Stepping randomly (stuck).
 12138 | D:3      | 12138 ||| Stepping randomly (stuck).
 12140 | D:3      | 12140 ||| Stepping randomly (stuck).
 12142 | D:3      | 12142 ||| Stepping randomly (stuck).
 12144 | D:3      | 12144 ||| Stepping randomly (stuck).
 12146 | D:3      | 12146 ||| Stepping randomly (stuck).
 12148 | D:3      | 12148 ||| Stepping randomly (stuck).
 12150 | D:3      | 12150 ||| Stepping randomly (stuck).
 12152 | D:3      | 12152 ||| Stepping randomly (stuck).
 12154 | D:3      | 12154 ||| Stepping randomly (stuck).
 12156 | D:3      | 12156 ||| Stepping randomly (stuck).
 12158 | D:3      | 12158 ||| Stepping randomly (stuck).
 12160 | D:3      | 12160 ||| Stepping randomly (stuck).
 12162 | D:3      | 12162 ||| Stepping randomly (stuck).
 12164 | D:3      | 12164 ||| Stepping randomly (stuck).
 12166 | D:3      | 12166 ||| Stepping randomly (stuck).
 12168 | D:3      | 12168 ||| Stepping randomly (stuck).
 12170 | D:3      | 12170 ||| Stepping randomly (stuck).
 12172 | D:3      | 12172 ||| Stepping randomly (stuck).
 12174 | D:3      | 12174 ||| Stepping randomly (stuck).
 12176 | D:3      | 12176 ||| Stepping randomly (stuck).
 12178 | D:3      | 12178 ||| Stepping randomly (stuck).
 12180 | D:3      | 12180 ||| Stepping randomly (stuck).
 12182 | D:3      | 12182 ||| Stepping randomly (stuck).
 12184 | D:3      | 12184 ||| Stepping randomly (stuck).
 12186 | D:3      | 12186 ||| Stepping randomly (stuck).
 12188 | D:3      | 12188 ||| Stepping randomly (stuck).
 12190 | D:3      | 12190 ||| Stepping randomly (stuck).
 12192 | D:3      | 12192 ||| Stepping randomly (stuck).
 12194 | D:3      | 12194 ||| Stepping randomly (stuck).
 12196 | D:3      | 12196 ||| Stepping randomly (stuck).
 12198 | D:3      | 12198 ||| Stepping randomly (stuck).
 12200 | D:3      | 12200 ||| Stepping randomly (stuck).
 12202 | D:3      | 12202 ||| Stepping randomly (stuck).
 12204 | D:3      | 12204 ||| Stepping randomly (stuck).
 12206 | D:3      | 12206 ||| Stepping randomly (stuck).
 12208 | D:3      | 12208 ||| Stepping randomly (stuck).
 12210 | D:3      | 12210 ||| Stepping randomly (stuck).
 12212 | D:3      | 12212 ||| Stepping randomly (stuck).
 12214 | D:3      | 12214 ||| Stepping randomly (stuck).
 12216 | D:3      | 12216 ||| Stepping randomly (stuck).
 12218 | D:3      | 12218 ||| Stepping randomly (stuck).
 12220 | D:3      | 12220 ||| Stepping randomly (stuck).
 12222 | D:3      | 12222 ||| Stepping randomly (stuck).
 12224 | D:3      | 12224 ||| Stepping randomly (stuck).
 12226 | D:3      | 12226 ||| Stepping randomly (stuck).
 12228 | D:3      | 12228 ||| Stepping randomly (stuck).
 12230 | D:3      | 12230 ||| Stepping randomly (stuck).
 12232 | D:3      | 12232 ||| Stepping randomly (stuck).
 12234 | D:3      | 12234 ||| Stepping randomly (stuck).
 12236 | D:3      | 12236 ||| Stepping randomly (stuck).
 12238 | D:3      | 12238 ||| Stepping randomly (stuck).
 12240 | D:3      | 12240 ||| Stepping randomly (stuck).
 12242 | D:3      | 12242 ||| Stepping randomly (stuck).
 12244 | D:3      | 12244 ||| Stepping randomly (stuck).
 12246 | D:3      | 12246 ||| Stepping randomly (stuck).
 12248 | D:3      | 12248 ||| Stepping randomly (stuck).
 12250 | D:3      | 12250 ||| Stepping randomly (stuck).
 12252 | D:3      | 12252 ||| Stepping randomly (stuck).
 12254 | D:3      | 12254 ||| Stepping randomly (stuck).
 12256 | D:3      | 12256 ||| Stepping randomly (stuck).
 12258 | D:3      | 12258 ||| Stepping randomly (stuck).
 12260 | D:3      | 12260 ||| Stepping randomly (stuck).
 12262 | D:3      | 12262 ||| Stepping randomly (stuck).
 12264 | D:3      | 12264 ||| Stepping randomly (stuck).
 12266 | D:3      | 12266 ||| Stepping randomly (stuck).
 12268 | D:3      | 12268 ||| Stepping randomly (stuck).
 12270 | D:3      | 12270 ||| Stepping randomly (stuck).
 12272 | D:3      | 12272 ||| Stepping randomly (stuck).
 12274 | D:3      | 12274 ||| Stepping randomly (stuck).
 12276 | D:3      | 12276 ||| Stepping randomly (stuck).
 12278 | D:3      | 12278 ||| Stepping randomly (stuck).
 12280 | D:3      | 12280 ||| Stepping randomly (stuck).
 12282 | D:3      | 12282 ||| Stepping randomly (stuck).
 12284 | D:3      | 12284 ||| Stepping randomly (stuck).
 12286 | D:3      | 12286 ||| Stepping randomly (stuck).
 12288 | D:3      | 12288 ||| Stepping randomly (stuck).
 12290 | D:3      | 12290 ||| Stepping randomly (stuck).
 12292 | D:3      | 12292 ||| Stepping randomly (stuck).
 12294 | D:3      | 12294 ||| Stepping randomly (stuck).
 12296 | D:3      | 12296 ||| Stepping randomly (stuck).
 12298 | D:3      | 12298 ||| Stepping randomly (stuck).
 12300 | D:3      | 12300 ||| Stepping randomly (stuck).
 12302 | D:3      | 12302 ||| Stepping randomly (stuck).
 12304 | D:3      | 12304 ||| Stepping randomly (stuck).
 12306 | D:3      | 12306 ||| Stepping randomly (stuck).
 12308 | D:3      | 12308 ||| Stepping randomly (stuck).
 12310 | D:3      | 12310 ||| Stepping randomly (stuck).
 12312 | D:3      | 12312 ||| Stepping randomly (stuck).
 12314 | D:3      | 12314 ||| Stepping randomly (stuck).
 12316 | D:3      | 12316 ||| Stepping randomly (stuck).
 12318 | D:3      | 12318 ||| Stepping randomly (stuck).
 12320 | D:3      | 12320 ||| Stepping randomly (stuck).
 12322 | D:3      | 12322 ||| Stepping randomly (stuck).
 12324 | D:3      | 12324 ||| Stepping randomly (stuck).
 12326 | D:3      | 12326 ||| Stepping randomly (stuck).
 12328 | D:3      | 12328 ||| Stepping randomly (stuck).
 12330 | D:3      | 12330 ||| Stepping randomly (stuck).
 12332 | D:3      | 12332 ||| Stepping randomly (stuck).
 12334 | D:3      | 12334 ||| Stepping randomly (stuck).
 12336 | D:3      | 12336 ||| Stepping randomly (stuck).
 12338 | D:3      | 12338 ||| Stepping randomly (stuck).
 12340 | D:3      | 12340 ||| Stepping randomly (stuck).
 12342 | D:3      | 12342 ||| Stepping randomly (stuck).
 12344 | D:3      | 12344 ||| Stepping randomly (stuck).
 12346 | D:3      | 12346 ||| Stepping randomly (stuck).
 12348 | D:3      | 12348 ||| Stepping randomly (stuck).
 12350 | D:3      | 12350 ||| Stepping randomly (stuck).
 12352 | D:3      | 12352 ||| Stepping randomly (stuck).
 12354 | D:3      | 12354 ||| Stepping randomly (stuck).
 12356 | D:3      | 12356 ||| Stepping randomly (stuck).
 12358 | D:3      | 12358 ||| Stepping randomly (stuck).
 12360 | D:3      | 12360 ||| Stepping randomly (stuck).
 12362 | D:3      | 12362 ||| Stepping randomly (stuck).
 12364 | D:3      | 12364 ||| Stepping randomly (stuck).
 12366 | D:3      | 12366 ||| Stepping randomly (stuck).
 12368 | D:3      | 12368 ||| Stepping randomly (stuck).
 12370 | D:3      | 12370 ||| Stepping randomly (stuck).
 12372 | D:3      | 12372 ||| Stepping randomly (stuck).
 12374 | D:3      | 12374 ||| Stepping randomly (stuck).
 12376 | D:3      | 12376 ||| Stepping randomly (stuck).
 12378 | D:3      | 12378 ||| Stepping randomly (stuck).
 12380 | D:3      | 12380 ||| Stepping randomly (stuck).
 12382 | D:3      | 12382 ||| Stepping randomly (stuck).
 12384 | D:3      | 12384 ||| Stepping randomly (stuck).
 12386 | D:3      | 12386 ||| Stepping randomly (stuck).
 12388 | D:3      | 12388 ||| Stepping randomly (stuck).
 12390 | D:3      | 12390 ||| Stepping randomly (stuck).
 12392 | D:3      | 12392 ||| Stepping randomly (stuck).
 12394 | D:3      | 12394 ||| Stepping randomly (stuck).
 12396 | D:3      | 12396 ||| Stepping randomly (stuck).
 12398 | D:3      | 12398 ||| Stepping randomly (stuck).
 12400 | D:3      | 12400 ||| Stepping randomly (stuck).
 12402 | D:3      | 12402 ||| Stepping randomly (stuck).
 12404 | D:3      | 12404 ||| Stepping randomly (stuck).
 12406 | D:3      | 12406 ||| Stepping randomly (stuck).
 12408 | D:3      | 12408 ||| Stepping randomly (stuck).
 12410 | D:3      | 12410 ||| Stepping randomly (stuck).
 12412 | D:3      | 12412 ||| Stepping randomly (stuck).
 12414 | D:3      | 12414 ||| Stepping randomly (stuck).
 12416 | D:3      | 12416 ||| Stepping randomly (stuck).
 12418 | D:3      | 12418 ||| Stepping randomly (stuck).
 12420 | D:3      | 12420 ||| Stepping randomly (stuck).
 12422 | D:3      | 12422 ||| Stepping randomly (stuck).
 12424 | D:3      | 12424 ||| Stepping randomly (stuck).
 12426 | D:3      | 12426 ||| Stepping randomly (stuck).
 12428 | D:3      | 12428 ||| Stepping randomly (stuck).
 12430 | D:3      | 12430 ||| Stepping randomly (stuck).
 12432 | D:3      | 12432 ||| Stepping randomly (stuck).
 12434 | D:3      | 12434 ||| Stepping randomly (stuck).
 12436 | D:3      | 12436 ||| Stepping randomly (stuck).
 12438 | D:3      | 12438 ||| Stepping randomly (stuck).
 12440 | D:3      | 12440 ||| Stepping randomly (stuck).
 12442 | D:3      | 12442 ||| Stepping randomly (stuck).
 12444 | D:3      | 12444 ||| Stepping randomly (stuck).
 12446 | D:3      | 12446 ||| Stepping randomly (stuck).
 12448 | D:3      | 12448 ||| Stepping randomly (stuck).
 12450 | D:3      | 12450 ||| Stepping randomly (stuck).
 12452 | D:3      | 12452 ||| Stepping randomly (stuck).
 12454 | D:3      | 12454 ||| Stepping randomly (stuck).
 12456 | D:3      | 12456 ||| Stepping randomly (stuck).
 12458 | D:3      | 12458 ||| Stepping randomly (stuck).
 12460 | D:3      | 12460 ||| Stepping randomly (stuck).
 12462 | D:3      | 12462 ||| Stepping randomly (stuck).
 12464 | D:3      | 12464 ||| Stepping randomly (stuck).
 12466 | D:3      | 12466 ||| Stepping randomly (stuck).
 12468 | D:3      | 12468 ||| Stepping randomly (stuck).
 12470 | D:3      | 12470 ||| Stepping randomly (stuck).
 12472 | D:3      | 12472 ||| Stepping randomly (stuck).
 12474 | D:3      | 12474 ||| Stepping randomly (stuck).
 12476 | D:3      | 12476 ||| Stepping randomly (stuck).
 12478 | D:3      | 12478 ||| Stepping randomly (stuck).
 12480 | D:3      | 12480 ||| Stepping randomly (stuck).
 12482 | D:3      | 12482 ||| Stepping randomly (stuck).
 12484 | D:3      | 12484 ||| Stepping randomly (stuck).
 12486 | D:3      | 12486 ||| Stepping randomly (stuck).
 12488 | D:3      | 12488 ||| Stepping randomly (stuck).
 12490 | D:3      | 12490 ||| Stepping randomly (stuck).
 12492 | D:3      | 12492 ||| Stepping randomly (stuck).
 12494 | D:3      | 12494 ||| Stepping randomly (stuck).
 12496 | D:3      | 12496 ||| Stepping randomly (stuck).
 12498 | D:3      | 12498 ||| Stepping randomly (stuck).
 12500 | D:3      | 12500 ||| Stepping randomly (stuck).
 12502 | D:3      | 12502 ||| Stepping randomly (stuck).
 12504 | D:3      | 12504 ||| Stepping randomly (stuck).
 12506 | D:3      | 12506 ||| Stepping randomly (stuck).
 12508 | D:3      | 12508 ||| Stepping randomly (stuck).
 12510 | D:3      | 12510 ||| Stepping randomly (stuck).
 12512 | D:3      | 12512 ||| Stepping randomly (stuck).
 12514 | D:3      | 12514 ||| Stepping randomly (stuck).
 12516 | D:3      | 12516 ||| Stepping randomly (stuck).
 12518 | D:3      | 12518 ||| Stepping randomly (stuck).
 12520 | D:3      | 12520 ||| Stepping randomly (stuck).
 12522 | D:3      | 12522 ||| Stepping randomly (stuck).
 12524 | D:3      | 12524 ||| Stepping randomly (stuck).
 12526 | D:3      | 12526 ||| Stepping randomly (stuck).
 12528 | D:3      | 12528 ||| Stepping randomly (stuck).
 12530 | D:3      | 12530 ||| Stepping randomly (stuck).
 12532 | D:3      | 12532 ||| Stepping randomly (stuck).
 12534 | D:3      | 12534 ||| Stepping randomly (stuck).
 12536 | D:3      | 12536 ||| Stepping randomly (stuck).
 12538 | D:3      | 12538 ||| Stepping randomly (stuck).
 12540 | D:3      | 12540 ||| Stepping randomly (stuck).
 12542 | D:3      | 12542 ||| Stepping randomly (stuck).
 12544 | D:3      | 12544 ||| Stepping randomly (stuck).
 12546 | D:3      | 12546 ||| Stepping randomly (stuck).
 12548 | D:3      | 12548 ||| Stepping randomly (stuck).
 12550 | D:3      | 12550 ||| Stepping randomly (stuck).
 12552 | D:3      | 12552 ||| Stepping randomly (stuck).
 12554 | D:3      | 12554 ||| Stepping randomly (stuck).
 12556 | D:3      | 12556 ||| Stepping randomly (stuck).
 12558 | D:3      | 12558 ||| Stepping randomly (stuck).
 12560 | D:3      | 12560 ||| Stepping randomly (stuck).
 12562 | D:3      | 12562 ||| Stepping randomly (stuck).
 12564 | D:3      | 12564 ||| Stepping randomly (stuck).
 12566 | D:3      | 12566 ||| Stepping randomly (stuck).
 12568 | D:3      | 12568 ||| Stepping randomly (stuck).
 12570 | D:3      | 12570 ||| Stepping randomly (stuck).
 12572 | D:3      | 12572 ||| Stepping randomly (stuck).
 12574 | D:3      | 12574 ||| Stepping randomly (stuck).
 12576 | D:3      | 12576 ||| Stepping randomly (stuck).
 12578 | D:3      | 12578 ||| Stepping randomly (stuck).
 12580 | D:3      | 12580 ||| Stepping randomly (stuck).
 12582 | D:3      | 12582 ||| Stepping randomly (stuck).
 12584 | D:3      | 12584 ||| Stepping randomly (stuck).
 12586 | D:3      | 12586 ||| Stepping randomly (stuck).
 12588 | D:3      | 12588 ||| Stepping randomly (stuck).
 12590 | D:3      | 12590 ||| Stepping randomly (stuck).
 12592 | D:3      | 12592 ||| Stepping randomly (stuck).
 12594 | D:3      | 12594 ||| Stepping randomly (stuck).
 12596 | D:3      | 12596 ||| Stepping randomly (stuck).
 12598 | D:3      | 12598 ||| Stepping randomly (stuck).
 12600 | D:3      | 12600 ||| Stepping randomly (stuck).
 12602 | D:3      | 12602 ||| Stepping randomly (stuck).
 12604 | D:3      | 12604 ||| Stepping randomly (stuck).
 12606 | D:3      | 12606 ||| Stepping randomly (stuck).
 12608 | D:3      | 12608 ||| Stepping randomly (stuck).
 12610 | D:3      | 12610 ||| Stepping randomly (stuck).
 12612 | D:3      | 12612 ||| Stepping randomly (stuck).
 12614 | D:3      | 12614 ||| Stepping randomly (stuck).
 12616 | D:3      | 12616 ||| Stepping randomly (stuck).
 12618 | D:3      | 12618 ||| Stepping randomly (stuck).
 12620 | D:3      | 12620 ||| Stepping randomly (stuck).
 12622 | D:3      | 12622 ||| Stepping randomly (stuck).
 12624 | D:3      | 12624 ||| Stepping randomly (stuck).
 12626 | D:3      | 12626 ||| Stepping randomly (stuck).
 12628 | D:3      | 12628 ||| Stepping randomly (stuck).
 12630 | D:3      | 12630 ||| Stepping randomly (stuck).
 12632 | D:3      | 12632 ||| Stepping randomly (stuck).
 12634 | D:3      | 12634 ||| Stepping randomly (stuck).
 12636 | D:3      | 12636 ||| Stepping randomly (stuck).
 12638 | D:3      | 12638 ||| Stepping randomly (stuck).
 12640 | D:3      | 12640 ||| Stepping randomly (stuck).
 12642 | D:3      | 12642 ||| Stepping randomly (stuck).
 12644 | D:3      | 12644 ||| Stepping randomly (stuck).
 12646 | D:3      | 12646 ||| Stepping randomly (stuck).
 12648 | D:3      | 12648 ||| Stepping randomly (stuck).
 12650 | D:3      | 12650 ||| Stepping randomly (stuck).
 12652 | D:3      | 12652 ||| Stepping randomly (stuck).
 12654 | D:3      | 12654 ||| Stepping randomly (stuck).
 12656 | D:3      | 12656 ||| Stepping randomly (stuck).
 12658 | D:3      | 12658 ||| Stepping randomly (stuck).
 12660 | D:3      | 12660 ||| Stepping randomly (stuck).
 12662 | D:3      | 12662 ||| Stepping randomly (stuck).
 12664 | D:3      | 12664 ||| Stepping randomly (stuck).
 12666 | D:3      | 12666 ||| Stepping randomly (stuck).
 12668 | D:3      | 12668 ||| Stepping randomly (stuck).
 12670 | D:3      | 12670 ||| Stepping randomly (stuck).
 12672 | D:3      | 12672 ||| Stepping randomly (stuck).
 12674 | D:3      | 12674 ||| Stepping randomly (stuck).
 12676 | D:3      | 12676 ||| Stepping randomly (stuck).
 12678 | D:3      | 12678 ||| Stepping randomly (stuck).
 12680 | D:3      | 12680 ||| Stepping randomly (stuck).
 12682 | D:3      | 12682 ||| Stepping randomly (stuck).
 12684 | D:3      | 12684 ||| Stepping randomly (stuck).
 12686 | D:3      | 12686 ||| Stepping randomly (stuck).
 12688 | D:3      | 12688 ||| Stepping randomly (stuck).
 12690 | D:3      | 12690 ||| Stepping randomly (stuck).
 12692 | D:3      | 12692 ||| Stepping randomly (stuck).
 12694 | D:3      | 12694 ||| Stepping randomly (stuck).
 12696 | D:3      | 12696 ||| Stepping randomly (stuck).
 12698 | D:3      | 12698 ||| Stepping randomly (stuck).
 12700 | D:3      | 12700 ||| Stepping randomly (stuck).
 12702 | D:3      | 12702 ||| Stepping randomly (stuck).
 12704 | D:3      | 12704 ||| Stepping randomly (stuck).
 12706 | D:3      | 12706 ||| Stepping randomly (stuck).
 12708 | D:3      | 12708 ||| Stepping randomly (stuck).
 12710 | D:3      | 12710 ||| Stepping randomly (stuck).
 12712 | D:3      | 12712 ||| Stepping randomly (stuck).
 12714 | D:3      | 12714 ||| Stepping randomly (stuck).
 12716 | D:3      | 12716 ||| Stepping randomly (stuck).
 12718 | D:3      | 12718 ||| Stepping randomly (stuck).
 12720 | D:3      | 12720 ||| Stepping randomly (stuck).
 12722 | D:3      | 12722 ||| Stepping randomly (stuck).
 12724 | D:3      | 12724 ||| Stepping randomly (stuck).
 12726 | D:3      | 12726 ||| Stepping randomly (stuck).
 12728 | D:3      | 12728 ||| Stepping randomly (stuck).
 12730 | D:3      | 12730 ||| Stepping randomly (stuck).
 12732 | D:3      | 12732 ||| Stepping randomly (stuck).
 12734 | D:3      | 12734 ||| Stepping randomly (stuck).
 12736 | D:3      | 12736 ||| Stepping randomly (stuck).
 12738 | D:3      | 12738 ||| Stepping randomly (stuck).
 12740 | D:3      | 12740 ||| Stepping randomly (stuck).
 12742 | D:3      | 12742 ||| Stepping randomly (stuck).
 12744 | D:3      | 12744 ||| Stepping randomly (stuck).
 12746 | D:3      | 12746 ||| Stepping randomly (stuck).
 12748 | D:3      | 12748 ||| Stepping randomly (stuck).
 12750 | D:3      | 12750 ||| Stepping randomly (stuck).
 12752 | D:3      | 12752 ||| Stepping randomly (stuck).
 12754 | D:3      | 12754 ||| Stepping randomly (stuck).
 12756 | D:3      | 12756 ||| Stepping randomly (stuck).
 12758 | D:3      | 12758 ||| Stepping randomly (stuck).
 12760 | D:3      | 12760 ||| Stepping randomly (stuck).
 12762 | D:3      | 12762 ||| Stepping randomly (stuck).
 12764 | D:3      | 12764 ||| Stepping randomly (stuck).
 12766 | D:3      | 12766 ||| Stepping randomly (stuck).
 12768 | D:3      | 12768 ||| Stepping randomly (stuck).
 12770 | D:3      | 12770 ||| Stepping randomly (stuck).
 12772 | D:3      | 12772 ||| Stepping randomly (stuck).
 12774 | D:3      | 12774 ||| Stepping randomly (stuck).
 12776 | D:3      | 12776 ||| Stepping randomly (stuck).
 12778 | D:3      | 12778 ||| Stepping randomly (stuck).
 12780 | D:3      | 12780 ||| Stepping randomly (stuck).
 12782 | D:3      | 12782 ||| Stepping randomly (stuck).
 12784 | D:3      | 12784 ||| Stepping randomly (stuck).
 12786 | D:3      | 12786 ||| Stepping randomly (stuck).
 12788 | D:3      | 12788 ||| Stepping randomly (stuck).
 12790 | D:3      | 12790 ||| Stepping randomly (stuck).
 12792 | D:3      | 12792 ||| Stepping randomly (stuck).
 12794 | D:3      | 12794 ||| Stepping randomly (stuck).
 12796 | D:3      | 12796 ||| Stepping randomly (stuck).
 12798 | D:3      | 12798 ||| Stepping randomly (stuck).
 12800 | D:3      | 12800 ||| Stepping randomly (stuck).
 12802 | D:3      | 12802 ||| Stepping randomly (stuck).
 12804 | D:3      | 12804 ||| Stepping randomly (stuck).
 12806 | D:3      | 12806 ||| Stepping randomly (stuck).
 12808 | D:3      | 12808 ||| Stepping randomly (stuck).
 12810 | D:3      | 12810 ||| Stepping randomly (stuck).
 12812 | D:3      | 12812 ||| Stepping randomly (stuck).
 12814 | D:3      | 12814 ||| Stepping randomly (stuck).
 12816 | D:3      | 12816 ||| Stepping randomly (stuck).
 12818 | D:3      | 12818 ||| Stepping randomly (stuck).
 12820 | D:3      | 12820 ||| Stepping randomly (stuck).
 12822 | D:3      | 12822 ||| Stepping randomly (stuck).
 12824 | D:3      | 12824 ||| Stepping randomly (stuck).
 12826 | D:3      | 12826 ||| Stepping randomly (stuck).
 12828 | D:3      | 12828 ||| Stepping randomly (stuck).
 12830 | D:3      | 12830 ||| Stepping randomly (stuck).
 12832 | D:3      | 12832 ||| Stepping randomly (stuck).
 12834 | D:3      | 12834 ||| Stepping randomly (stuck).
 12836 | D:3      | 12836 ||| Stepping randomly (stuck).
 12838 | D:3      | 12838 ||| Stepping randomly (stuck).
 12840 | D:3      | 12840 ||| Stepping randomly (stuck).
 12842 | D:3      | 12842 ||| Stepping randomly (stuck).
 12844 | D:3      | 12844 ||| Stepping randomly (stuck).
 12846 | D:3      | 12846 ||| Stepping randomly (stuck).
 12848 | D:3      | 12848 ||| Stepping randomly (stuck).
 12850 | D:3      | 12850 ||| Stepping randomly (stuck).
 12852 | D:3      | 12852 ||| Stepping randomly (stuck).
 12854 | D:3      | 12854 ||| Stepping randomly (stuck).
 12856 | D:3      | 12856 ||| Stepping randomly (stuck).
 12858 | D:3      | 12858 ||| Stepping randomly (stuck).
 12860 | D:3      | 12860 ||| Stepping randomly (stuck).
 12862 | D:3      | 12862 ||| Stepping randomly (stuck).
 12864 | D:3      | 12864 ||| Stepping randomly (stuck).
 12866 | D:3      | 12866 ||| Stepping randomly (stuck).
 12868 | D:3      | 12868 ||| Stepping randomly (stuck).
 12870 | D:3      | 12870 ||| Stepping randomly (stuck).
 12872 | D:3      | 12872 ||| Stepping randomly (stuck).
 12874 | D:3      | 12874 ||| Stepping randomly (stuck).
 12876 | D:3      | 12876 ||| Stepping randomly (stuck).
 12878 | D:3      | 12878 ||| Stepping randomly (stuck).
 12880 | D:3      | 12880 ||| Stepping randomly (stuck).
 12882 | D:3      | 12882 ||| Stepping randomly (stuck).
 12884 | D:3      | 12884 ||| Stepping randomly (stuck).
 12886 | D:3      | 12886 ||| Stepping randomly (stuck).
 12888 | D:3      | 12888 ||| Stepping randomly (stuck).
 12890 | D:3      | 12890 ||| Stepping randomly (stuck).
 12892 | D:3      | 12892 ||| Stepping randomly (stuck).
 12894 | D:3      | 12894 ||| Stepping randomly (stuck).
 12896 | D:3      | 12896 ||| Stepping randomly (stuck).
 12898 | D:3      | 12898 ||| Stepping randomly (stuck).
 12900 | D:3      | 12900 ||| Stepping randomly (stuck).
 12902 | D:3      | 12902 ||| Stepping randomly (stuck).
 12904 | D:3      | 12904 ||| Stepping randomly (stuck).
 12906 | D:3      | 12906 ||| Stepping randomly (stuck).
 12908 | D:3      | 12908 ||| Stepping randomly (stuck).
 12910 | D:3      | 12910 ||| Stepping randomly (stuck).
 12912 | D:3      | 12912 ||| Stepping randomly (stuck).
 12914 | D:3      | 12914 ||| Stepping randomly (stuck).
 12916 | D:3      | 12916 ||| Stepping randomly (stuck).
 12918 | D:3      | 12918 ||| Stepping randomly (stuck).
 12920 | D:3      | 12920 ||| Stepping randomly (stuck).
 12922 | D:3      | 12922 ||| Stepping randomly (stuck).
 12924 | D:3      | 12924 ||| Stepping randomly (stuck).
 12926 | D:3      | 12926 ||| Stepping randomly (stuck).
 12928 | D:3      | 12928 ||| Stepping randomly (stuck).
 12930 | D:3      | 12930 ||| Stepping randomly (stuck).
 12932 | D:3      | 12932 ||| Stepping randomly (stuck).
 12934 | D:3      | 12934 ||| Stepping randomly (stuck).
 12936 | D:3      | 12936 ||| Stepping randomly (stuck).
 12938 | D:3      | 12938 ||| Stepping randomly (stuck).
 12940 | D:3      | 12940 ||| Stepping randomly (stuck).
 12942 | D:3      | 12942 ||| Stepping randomly (stuck).
 12944 | D:3      | 12944 ||| Stepping randomly (stuck).
 12946 | D:3      | 12946 ||| Stepping randomly (stuck).
 12948 | D:3      | 12948 ||| Stepping randomly (stuck).
 12950 | D:3      | 12950 ||| Stepping randomly (stuck).
 12952 | D:3      | 12952 ||| Stepping randomly (stuck).
 12954 | D:3      | 12954 ||| Stepping randomly (stuck).
 12956 | D:3      | 12956 ||| Stepping randomly (stuck).
 12958 | D:3      | 12958 ||| Stepping randomly (stuck).
 12960 | D:3      | 12960 ||| Stepping randomly (stuck).
 12962 | D:3      | 12962 ||| Stepping randomly (stuck).
 12964 | D:3      | 12964 ||| Stepping randomly (stuck).
 12966 | D:3      | 12966 ||| Stepping randomly (stuck).
 12968 | D:3      | 12968 ||| Stepping randomly (stuck).
 12970 | D:3      | 12970 ||| Stepping randomly (stuck).
 12972 | D:3      | 12972 ||| Stepping randomly (stuck).
 12974 | D:3      | 12974 ||| Stepping randomly (stuck).
 12976 | D:3      | 12976 ||| Stepping randomly (stuck).
 12978 | D:3      | 12978 ||| Stepping randomly (stuck).
 12980 | D:3      | 12980 ||| Stepping randomly (stuck).
 12982 | D:3      | 12982 ||| Stepping randomly (stuck).
 12984 | D:3      | 12984 ||| Stepping randomly (stuck).
 12986 | D:3      | 12986 ||| Stepping randomly (stuck).
 12988 | D:3      | 12988 ||| Stepping randomly (stuck).
 12990 | D:3      | 12990 ||| Stepping randomly (stuck).
 12992 | D:3      | 12992 ||| Stepping randomly (stuck).
 12994 | D:3      | 12994 ||| Stepping randomly (stuck).
 12996 | D:3      | 12996 ||| Stepping randomly (stuck).
 12998 | D:3      | 12998 ||| Stepping randomly (stuck).
 13000 | D:3      | 13000 ||| Stepping randomly (stuck).
 13002 | D:3      | 13002 ||| Stepping randomly (stuck).
 13004 | D:3      | 13004 ||| Stepping randomly (stuck).
 13006 | D:3      | 13006 ||| Stepping randomly (stuck).
 13008 | D:3      | 13008 ||| Stepping randomly (stuck).
 13010 | D:3      | 13010 ||| Stepping randomly (stuck).
 13012 | D:3      | 13012 ||| Stepping randomly (stuck).
 13014 | D:3      | 13014 ||| Stepping randomly (stuck).
 13016 | D:3      | 13016 ||| Stepping randomly (stuck).
 13018 | D:3      | 13018 ||| Stepping randomly (stuck).
 13020 | D:3      | 13020 ||| Stepping randomly (stuck).
 13022 | D:3      | 13022 ||| Stepping randomly (stuck).
 13024 | D:3      | 13024 ||| Stepping randomly (stuck).
 13026 | D:3      | 13026 ||| Stepping randomly (stuck).
 13028 | D:3      | 13028 ||| Stepping randomly (stuck).
 13030 | D:3      | 13030 ||| Stepping randomly (stuck).
 13032 | D:3      | 13032 ||| Stepping randomly (stuck).
 13034 | D:3      | 13034 ||| Stepping randomly (stuck).
 13036 | D:3      | 13036 ||| Stepping randomly (stuck).
 13038 | D:3      | 13038 ||| Stepping randomly (stuck).
 13040 | D:3      | 13040 ||| Stepping randomly (stuck).
 13042 | D:3      | 13042 ||| Stepping randomly (stuck).
 13044 | D:3      | 13044 ||| Stepping randomly (stuck).
 13046 | D:3      | 13046 ||| Stepping randomly (stuck).
 13048 | D:3      | 13048 ||| Stepping randomly (stuck).
 13050 | D:3      | 13050 ||| Stepping randomly (stuck).
 13052 | D:3      | 13052 ||| Stepping randomly (stuck).
 13054 | D:3      | 13054 ||| Stepping randomly (stuck).
 13056 | D:3      | 13056 ||| Stepping randomly (stuck).
 13058 | D:3      | 13058 ||| Stepping randomly (stuck).
 13060 | D:3      | 13060 ||| Stepping randomly (stuck).
 13062 | D:3      | 13062 ||| Stepping randomly (stuck).
 13064 | D:3      | 13064 ||| Stepping randomly (stuck).
 13066 | D:3      | 13066 ||| Stepping randomly (stuck).
 13068 | D:3      | 13068 ||| Stepping randomly (stuck).
 13070 | D:3      | 13070 ||| Stepping randomly (stuck).
 13072 | D:3      | 13072 ||| Stepping randomly (stuck).
 13074 | D:3      | 13074 ||| Stepping randomly (stuck).
 13076 | D:3      | 13076 ||| Stepping randomly (stuck).
 13078 | D:3      | 13078 ||| Stepping randomly (stuck).
 13080 | D:3      | 13080 ||| Stepping randomly (stuck).
 13082 | D:3      | 13082 ||| Stepping randomly (stuck).
 13084 | D:3      | 13084 ||| Stepping randomly (stuck).
 13086 | D:3      | 13086 ||| Stepping randomly (stuck).
 13088 | D:3      | 13088 ||| Stepping randomly (stuck).
 13090 | D:3      | 13090 ||| Stepping randomly (stuck).
 13092 | D:3      | 13092 ||| Stepping randomly (stuck).
 13094 | D:3      | 13094 ||| Stepping randomly (stuck).
 13096 | D:3      | 13096 ||| Stepping randomly (stuck).
 13098 | D:3      | 13098 ||| Stepping randomly (stuck).
 13100 | D:3      | 13100 ||| Stepping randomly (stuck).
 13102 | D:3      | 13102 ||| Stepping randomly (stuck).
 13104 | D:3      | 13104 ||| Stepping randomly (stuck).
 13106 | D:3      | 13106 ||| Stepping randomly (stuck).
 13108 | D:3      | 13108 ||| Stepping randomly (stuck).
 13110 | D:3      | 13110 ||| Stepping randomly (stuck).
 13112 | D:3      | 13112 ||| Stepping randomly (stuck).
 13114 | D:3      | 13114 ||| Stepping randomly (stuck).
 13116 | D:3      | 13116 ||| Stepping randomly (stuck).
 13118 | D:3      | 13118 ||| Stepping randomly (stuck).
 13120 | D:3      | 13120 ||| Stepping randomly (stuck).
 13122 | D:3      | 13122 ||| Stepping randomly (stuck).
 13124 | D:3      | 13124 ||| Stepping randomly (stuck).
 13126 | D:3      | 13126 ||| Stepping randomly (stuck).
 13128 | D:3      | 13128 ||| Stepping randomly (stuck).
 13130 | D:3      | 13130 ||| Stepping randomly (stuck).
 13132 | D:3      | 13132 ||| Stepping randomly (stuck).
 13134 | D:3      | 13134 ||| Stepping randomly (stuck).
 13136 | D:3      | 13136 ||| Stepping randomly (stuck).
 13138 | D:3      | 13138 ||| Stepping randomly (stuck).
 13140 | D:3      | 13140 ||| Stepping randomly (stuck).
 13142 | D:3      | 13142 ||| Stepping randomly (stuck).
 13144 | D:3      | 13144 ||| Stepping randomly (stuck).
 13146 | D:3      | 13146 ||| Stepping randomly (stuck).
 13148 | D:3      | 13148 ||| Stepping randomly (stuck).
 13150 | D:3      | 13150 ||| Stepping randomly (stuck).
 13152 | D:3      | 13152 ||| Stepping randomly (stuck).
 13154 | D:3      | 13154 ||| Stepping randomly (stuck).
 13156 | D:3      | 13156 ||| Stepping randomly (stuck).
 13158 | D:3      | 13158 ||| Stepping randomly (stuck).
 13160 | D:3      | 13160 ||| Stepping randomly (stuck).
 13162 | D:3      | 13162 ||| Stepping randomly (stuck).
 13164 | D:3      | 13164 ||| Stepping randomly (stuck).
 13166 | D:3      | 13166 ||| Stepping randomly (stuck).
 13168 | D:3      | 13168 ||| Stepping randomly (stuck).
 13170 | D:3      | 13170 ||| Stepping randomly (stuck).
 13172 | D:3      | 13172 ||| Stepping randomly (stuck).
 13174 | D:3      | 13174 ||| Stepping randomly (stuck).
 13176 | D:3      | 13176 ||| Stepping randomly (stuck).
 13178 | D:3      | 13178 ||| Stepping randomly (stuck).
 13180 | D:3      | 13180 ||| Stepping randomly (stuck).
 13182 | D:3      | 13182 ||| Stepping randomly (stuck).
 13184 | D:3      | 13184 ||| Stepping randomly (stuck).
 13186 | D:3      | 13186 ||| Stepping randomly (stuck).
 13188 | D:3      | 13188 ||| Stepping randomly (stuck).
 13190 | D:3      | 13190 ||| Stepping randomly (stuck).
 13192 | D:3      | 13192 ||| Stepping randomly (stuck).
 13194 | D:3      | 13194 ||| Stepping randomly (stuck).
 13196 | D:3      | 13196 ||| Stepping randomly (stuck).
 13198 | D:3      | 13198 ||| Stepping randomly (stuck).
 13200 | D:3      | 13200 ||| Stepping randomly (stuck).
 13202 | D:3      | 13202 ||| Stepping randomly (stuck).
 13204 | D:3      | 13204 ||| Stepping randomly (stuck).
 13206 | D:3      | 13206 ||| Stepping randomly (stuck).
 13208 | D:3      | 13208 ||| Stepping randomly (stuck).
 13210 | D:3      | 13210 ||| Stepping randomly (stuck).
 13212 | D:3      | 13212 ||| Stepping randomly (stuck).
 13214 | D:3      | 13214 ||| Stepping randomly (stuck).
 13216 | D:3      | 13216 ||| Stepping randomly (stuck).
 13218 | D:3      | 13218 ||| Stepping randomly (stuck).
 13220 | D:3      | 13220 ||| Stepping randomly (stuck).
 13222 | D:3      | 13222 ||| Stepping randomly (stuck).
 13224 | D:3      | 13224 ||| Stepping randomly (stuck).
 13226 | D:3      | 13226 ||| Stepping randomly (stuck).
 13228 | D:3      | 13228 ||| Stepping randomly (stuck).
 13230 | D:3      | 13230 ||| Stepping randomly (stuck).
 13232 | D:3      | 13232 ||| Stepping randomly (stuck).
 13234 | D:3      | 13234 ||| Stepping randomly (stuck).
 13236 | D:3      | 13236 ||| Stepping randomly (stuck).
 13238 | D:3      | 13238 ||| Stepping randomly (stuck).
 13240 | D:3      | 13240 ||| Stepping randomly (stuck).
 13242 | D:3      | 13242 ||| Stepping randomly (stuck).
 13244 | D:3      | 13244 ||| Stepping randomly (stuck).
 13246 | D:3      | 13246 ||| Stepping randomly (stuck).
 13248 | D:3      | 13248 ||| Stepping randomly (stuck).
 13250 | D:3      | 13250 ||| Stepping randomly (stuck).
 13252 | D:3      | 13252 ||| Stepping randomly (stuck).
 13254 | D:3      | 13254 ||| Stepping randomly (stuck).
 13256 | D:3      | 13256 ||| Stepping randomly (stuck).
 13258 | D:3      | 13258 ||| Stepping randomly (stuck).
 13260 | D:3      | 13260 ||| Stepping randomly (stuck).
 13262 | D:3      | 13262 ||| Stepping randomly (stuck).
 13264 | D:3      | 13264 ||| Stepping randomly (stuck).
 13266 | D:3      | 13266 ||| Stepping randomly (stuck).
 13268 | D:3      | 13268 ||| Stepping randomly (stuck).
 13270 | D:3      | 13270 ||| Stepping randomly (stuck).
 13272 | D:3      | 13272 ||| Stepping randomly (stuck).
 13274 | D:3      | 13274 ||| Stepping randomly (stuck).
 13276 | D:3      | 13276 ||| Stepping randomly (stuck).
 13278 | D:3      | 13278 ||| Stepping randomly (stuck).
 13280 | D:3      | 13280 ||| Stepping randomly (stuck).
 13282 | D:3      | 13282 ||| Stepping randomly (stuck).
 13284 | D:3      | 13284 ||| Stepping randomly (stuck).
 13286 | D:3      | 13286 ||| Stepping randomly (stuck).
 13288 | D:3      | 13288 ||| Stepping randomly (stuck).
 13290 | D:3      | 13290 ||| Stepping randomly (stuck).
 13292 | D:3      | 13292 ||| Stepping randomly (stuck).
 13294 | D:3      | 13294 ||| Stepping randomly (stuck).
 13296 | D:3      | 13296 ||| Stepping randomly (stuck).
 13298 | D:3      | 13298 ||| Stepping randomly (stuck).
 13300 | D:3      | 13300 ||| Stepping randomly (stuck).
 13302 | D:3      | 13302 ||| Stepping randomly (stuck).
 13304 | D:3      | 13304 ||| Stepping randomly (stuck).
 13306 | D:3      | 13306 ||| Stepping randomly (stuck).
 13308 | D:3      | 13308 ||| Stepping randomly (stuck).
 13310 | D:3      | 13310 ||| Stepping randomly (stuck).
 13312 | D:3      | 13312 ||| Stepping randomly (stuck).
 13314 | D:3      | 13314 ||| Stepping randomly (stuck).
 13316 | D:3      | 13316 ||| Stepping randomly (stuck).
 13318 | D:3      | 13318 ||| Stepping randomly (stuck).
 13320 | D:3      | 13320 ||| Stepping randomly (stuck).
 13322 | D:3      | 13322 ||| Stepping randomly (stuck).
 13324 | D:3      | 13324 ||| Stepping randomly (stuck).
 13326 | D:3      | 13326 ||| Stepping randomly (stuck).
 13328 | D:3      | 13328 ||| Stepping randomly (stuck).
 13330 | D:3      | 13330 ||| Stepping randomly (stuck).
 13332 | D:3      | 13332 ||| Stepping randomly (stuck).
 13334 | D:3      | 13334 ||| Stepping randomly (stuck).
 13336 | D:3      | 13336 ||| Stepping randomly (stuck).
 13338 | D:3      | 13338 ||| Stepping randomly (stuck).
 13340 | D:3      | 13340 ||| Stepping randomly (stuck).
 13342 | D:3      | 13342 ||| Stepping randomly (stuck).
 13344 | D:3      | 13344 ||| Stepping randomly (stuck).
 13346 | D:3      | 13346 ||| Stepping randomly (stuck).
 13348 | D:3      | 13348 ||| Stepping randomly (stuck).
 13350 | D:3      | 13350 ||| Stepping randomly (stuck).
 13352 | D:3      | 13352 ||| Stepping randomly (stuck).
 13354 | D:3      | 13354 ||| Stepping randomly (stuck).
 13356 | D:3      | 13356 ||| Stepping randomly (stuck).
 13358 | D:3      | 13358 ||| Stepping randomly (stuck).
 13360 | D:3      | 13360 ||| Stepping randomly (stuck).
 13362 | D:3      | 13362 ||| Stepping randomly (stuck).
 13364 | D:3      | 13364 ||| Stepping randomly (stuck).
 13366 | D:3      | 13366 ||| Stepping randomly (stuck).
 13368 | D:3      | 13368 ||| Stepping randomly (stuck).
 13370 | D:3      | 13370 ||| Stepping randomly (stuck).
 13372 | D:3      | 13372 ||| Stepping randomly (stuck).
 13374 | D:3      | 13374 ||| Stepping randomly (stuck).
 13376 | D:3      | 13376 ||| Stepping randomly (stuck).
 13378 | D:3      | 13378 ||| Stepping randomly (stuck).
 13380 | D:3      | 13380 ||| Stepping randomly (stuck).
 13382 | D:3      | 13382 ||| Stepping randomly (stuck).
 13384 | D:3      | 13384 ||| Stepping randomly (stuck).
 13386 | D:3      | 13386 ||| Stepping randomly (stuck).
 13388 | D:3      | 13388 ||| Stepping randomly (stuck).
 13390 | D:3      | 13390 ||| Stepping randomly (stuck).
 13392 | D:3      | 13392 ||| Stepping randomly (stuck).
 13394 | D:3      | 13394 ||| Stepping randomly (stuck).
 13396 | D:3      | 13396 ||| Stepping randomly (stuck).
 13398 | D:3      | 13398 ||| Stepping randomly (stuck).
 13400 | D:3      | 13400 ||| Stepping randomly (stuck).
 13402 | D:3      | 13402 ||| Stepping randomly (stuck).
 13404 | D:3      | 13404 ||| Stepping randomly (stuck).
 13406 | D:3      | 13406 ||| Stepping randomly (stuck).
 13408 | D:3      | 13408 ||| Stepping randomly (stuck).
 13410 | D:3      | 13410 ||| Stepping randomly (stuck).
 13412 | D:3      | 13412 ||| Stepping randomly (stuck).
 13414 | D:3      | 13414 ||| Stepping randomly (stuck).
 13416 | D:3      | 13416 ||| Stepping randomly (stuck).
 13418 | D:3      | 13418 ||| Stepping randomly (stuck).
 13420 | D:3      | 13420 ||| Stepping randomly (stuck).
 13422 | D:3      | 13422 ||| Stepping randomly (stuck).
 13424 | D:3      | 13424 ||| Stepping randomly (stuck).
 13426 | D:3      | 13426 ||| Stepping randomly (stuck).
 13428 | D:3      | 13428 ||| Stepping randomly (stuck).
 13430 | D:3      | 13430 ||| Stepping randomly (stuck).
 13432 | D:3      | 13432 ||| Stepping randomly (stuck).
 13434 | D:3      | 13434 ||| Stepping randomly (stuck).
 13436 | D:3      | 13436 ||| Stepping randomly (stuck).
 13438 | D:3      | 13438 ||| Stepping randomly (stuck).
 13440 | D:3      | 13440 ||| Stepping randomly (stuck).
 13442 | D:3      | 13442 ||| Stepping randomly (stuck).
 13444 | D:3      | 13444 ||| Stepping randomly (stuck).
 13446 | D:3      | 13446 ||| Stepping randomly (stuck).
 13448 | D:3      | 13448 ||| Stepping randomly (stuck).
 13450 | D:3      | 13450 ||| Stepping randomly (stuck).
 13452 | D:3      | 13452 ||| Stepping randomly (stuck).
 13454 | D:3      | 13454 ||| Stepping randomly (stuck).
 13456 | D:3      | 13456 ||| Stepping randomly (stuck).
 13458 | D:3      | 13458 ||| Stepping randomly (stuck).
 13460 | D:3      | 13460 ||| Stepping randomly (stuck).
 13462 | D:3      | 13462 ||| Stepping randomly (stuck).
 13463 | D:3      | Glimpsed the power of Zot.
 13464 | D:3      | 13464 ||| Stepping randomly (stuck).
 13466 | D:3      | 13466 ||| Stepping randomly (stuck).
 13468 | D:3      | 13468 ||| Stepping randomly (stuck).
 13470 | D:3      | 13470 ||| Stepping randomly (stuck).
 13472 | D:3      | 13472 ||| Stepping randomly (stuck).
 13474 | D:3      | 13474 ||| Stepping randomly (stuck).
 13476 | D:3      | 13476 ||| Stepping randomly (stuck).
 13478 | D:3      | 13478 ||| Stepping randomly (stuck).
 13480 | D:3      | 13480 ||| Stepping randomly (stuck).
 13482 | D:3      | 13482 ||| Stepping randomly (stuck).
 13484 | D:3      | 13484 ||| Stepping randomly (stuck).
 13486 | D:3      | 13486 ||| Stepping randomly (stuck).
 13488 | D:3      | 13488 ||| Stepping randomly (stuck).
 13490 | D:3      | 13490 ||| Stepping randomly (stuck).
 13492 | D:3      | 13492 ||| Stepping randomly (stuck).
 13494 | D:3      | 13494 ||| Stepping randomly (stuck).
 13496 | D:3      | 13496 ||| Stepping randomly (stuck).
 13498 | D:3      | 13498 ||| Stepping randomly (stuck).
 13500 | D:3      | 13500 ||| Stepping randomly (stuck).
 13502 | D:3      | 13502 ||| Stepping randomly (stuck).
 13504 | D:3      | 13504 ||| Stepping randomly (stuck).
 13506 | D:3      | 13506 ||| Stepping randomly (stuck).
 13508 | D:3      | 13508 ||| Stepping randomly (stuck).
 13510 | D:3      | 13510 ||| Stepping randomly (stuck).
 13512 | D:3      | 13512 ||| Stepping randomly (stuck).
 13514 | D:3      | 13514 ||| Stepping randomly (stuck).
 13516 | D:3      | 13516 ||| Stepping randomly (stuck).
 13518 | D:3      | 13518 ||| Stepping randomly (stuck).
 13520 | D:3      | 13520 ||| Stepping randomly (stuck).
 13522 | D:3      | 13522 ||| Stepping randomly (stuck).
 13524 | D:3      | 13524 ||| Stepping randomly (stuck).
 13526 | D:3      | 13526 ||| Stepping randomly (stuck).
 13528 | D:3      | 13528 ||| Stepping randomly (stuck).
 13530 | D:3      | 13530 ||| Stepping randomly (stuck).
 13532 | D:3      | 13532 ||| Stepping randomly (stuck).
 13534 | D:3      | 13534 ||| Stepping randomly (stuck).
 13536 | D:3      | 13536 ||| Stepping randomly (stuck).
 13538 | D:3      | 13538 ||| Stepping randomly (stuck).
 13540 | D:3      | 13540 ||| Stepping randomly (stuck).
 13542 | D:3      | 13542 ||| Stepping randomly (stuck).
 13544 | D:3      | 13544 ||| Stepping randomly (stuck).
 13546 | D:3      | 13546 ||| Stepping randomly (stuck).
 13548 | D:3      | 13548 ||| Stepping randomly (stuck).
 13550 | D:3      | 13550 ||| Stepping randomly (stuck).
 13552 | D:3      | 13552 ||| Stepping randomly (stuck).
 13554 | D:3      | 13554 ||| Stepping randomly (stuck).
 13556 | D:3      | 13556 ||| Stepping randomly (stuck).
 13558 | D:3      | 13558 ||| Stepping randomly (stuck).
 13560 | D:3      | 13560 ||| Stepping randomly (stuck).
 13562 | D:3      | 13562 ||| Stepping randomly (stuck).
 13564 | D:3      | 13564 ||| Stepping randomly (stuck).
 13566 | D:3      | 13566 ||| Stepping randomly (stuck).
 13568 | D:3      | 13568 ||| Stepping randomly (stuck).
 13570 | D:3      | 13570 ||| Stepping randomly (stuck).
 13572 | D:3      | 13572 ||| Stepping randomly (stuck).
 13574 | D:3      | 13574 ||| Stepping randomly (stuck).
 13576 | D:3      | 13576 ||| Stepping randomly (stuck).
 13578 | D:3      | 13578 ||| Stepping randomly (stuck).
 13580 | D:3      | 13580 ||| Stepping randomly (stuck).
 13582 | D:3      | 13582 ||| Stepping randomly (stuck).
 13584 | D:3      | 13584 ||| Stepping randomly (stuck).
 13586 | D:3      | 13586 ||| Stepping randomly (stuck).
 13588 | D:3      | 13588 ||| Stepping randomly (stuck).
 13590 | D:3      | 13590 ||| Stepping randomly (stuck).
 13592 | D:3      | 13592 ||| Stepping randomly (stuck).
 13594 | D:3      | 13594 ||| Stepping randomly (stuck).
 13596 | D:3      | 13596 ||| Stepping randomly (stuck).
 13598 | D:3      | 13598 ||| Stepping randomly (stuck).
 13600 | D:3      | 13600 ||| Stepping randomly (stuck).
 13602 | D:3      | 13602 ||| Stepping randomly (stuck).
 13604 | D:3      | 13604 ||| Stepping randomly (stuck).
 13606 | D:3      | 13606 ||| Stepping randomly (stuck).
 13608 | D:3      | 13608 ||| Stepping randomly (stuck).
 13610 | D:3      | 13610 ||| Stepping randomly (stuck).
 13612 | D:3      | 13612 ||| Stepping randomly (stuck).
 13614 | D:3      | 13614 ||| Stepping randomly (stuck).
 13616 | D:3      | 13616 ||| Stepping randomly (stuck).
 13618 | D:3      | 13618 ||| Stepping randomly (stuck).
 13620 | D:3      | 13620 ||| Stepping randomly (stuck).
 13622 | D:3      | 13622 ||| Stepping randomly (stuck).
 13624 | D:3      | 13624 ||| Stepping randomly (stuck).
 13626 | D:3      | 13626 ||| Stepping randomly (stuck).
 13628 | D:3      | 13628 ||| Stepping randomly (stuck).
 13630 | D:3      | 13630 ||| Stepping randomly (stuck).
 13632 | D:3      | 13632 ||| Stepping randomly (stuck).
 13634 | D:3      | 13634 ||| Stepping randomly (stuck).
 13636 | D:3      | 13636 ||| Stepping randomly (stuck).
 13638 | D:3      | 13638 ||| Stepping randomly (stuck).
 13640 | D:3      | 13640 ||| Stepping randomly (stuck).
 13642 | D:3      | 13642 ||| Stepping randomly (stuck).
 13644 | D:3      | 13644 ||| Stepping randomly (stuck).
 13646 | D:3      | 13646 ||| Stepping randomly (stuck).
 13648 | D:3      | 13648 ||| Stepping randomly (stuck).
 13650 | D:3      | 13650 ||| Stepping randomly (stuck).
 13652 | D:3      | 13652 ||| Stepping randomly (stuck).
 13654 | D:3      | 13654 ||| Stepping randomly (stuck).
 13656 | D:3      | 13656 ||| Stepping randomly (stuck).
 13658 | D:3      | 13658 ||| Stepping randomly (stuck).
 13660 | D:3      | 13660 ||| Stepping randomly (stuck).
 13662 | D:3      | 13662 ||| Stepping randomly (stuck).
 13664 | D:3      | 13664 ||| Stepping randomly (stuck).
 13666 | D:3      | 13666 ||| Stepping randomly (stuck).
 13668 | D:3      | 13668 ||| Stepping randomly (stuck).
 13670 | D:3      | 13670 ||| Stepping randomly (stuck).
 13672 | D:3      | 13672 ||| Stepping randomly (stuck).
 13674 | D:3      | 13674 ||| Stepping randomly (stuck).
 13676 | D:3      | 13676 ||| Stepping randomly (stuck).
 13678 | D:3      | 13678 ||| Stepping randomly (stuck).
 13680 | D:3      | 13680 ||| Stepping randomly (stuck).
 13682 | D:3      | 13682 ||| Stepping randomly (stuck).
 13684 | D:3      | 13684 ||| Stepping randomly (stuck).
 13686 | D:3      | 13686 ||| Stepping randomly (stuck).
 13688 | D:3      | 13688 ||| Stepping randomly (stuck).
 13690 | D:3      | 13690 ||| Stepping randomly (stuck).
 13692 | D:3      | 13692 ||| Stepping randomly (stuck).
 13694 | D:3      | 13694 ||| Stepping randomly (stuck).
 13696 | D:3      | 13696 ||| Stepping randomly (stuck).
 13698 | D:3      | 13698 ||| Stepping randomly (stuck).
 13700 | D:3      | 13700 ||| Stepping randomly (stuck).
 13702 | D:3      | 13702 ||| Stepping randomly (stuck).
 13704 | D:3      | 13704 ||| Stepping randomly (stuck).
 13706 | D:3      | 13706 ||| Stepping randomly (stuck).
 13708 | D:3      | 13708 ||| Stepping randomly (stuck).
 13710 | D:3      | 13710 ||| Stepping randomly (stuck).
 13712 | D:3      | 13712 ||| Stepping randomly (stuck).
 13714 | D:3      | 13714 ||| Stepping randomly (stuck).
 13716 | D:3      | 13716 ||| Stepping randomly (stuck).
 13718 | D:3      | 13718 ||| Stepping randomly (stuck).
 13720 | D:3      | 13720 ||| Stepping randomly (stuck).
 13722 | D:3      | 13722 ||| Stepping randomly (stuck).
 13724 | D:3      | 13724 ||| Stepping randomly (stuck).
 13726 | D:3      | 13726 ||| Stepping randomly (stuck).
 13728 | D:3      | 13728 ||| Stepping randomly (stuck).
 13730 | D:3      | 13730 ||| Stepping randomly (stuck).
 13732 | D:3      | 13732 ||| Stepping randomly (stuck).
 13734 | D:3      | 13734 ||| Stepping randomly (stuck).
 13736 | D:3      | 13736 ||| Stepping randomly (stuck).
 13738 | D:3      | 13738 ||| Stepping randomly (stuck).
 13740 | D:3      | 13740 ||| Stepping randomly (stuck).
 13742 | D:3      | 13742 ||| Stepping randomly (stuck).
 13744 | D:3      | 13744 ||| Stepping randomly (stuck).
 13746 | D:3      | 13746 ||| Stepping randomly (stuck).
 13748 | D:3      | 13748 ||| Stepping randomly (stuck).
 13750 | D:3      | 13750 ||| Stepping randomly (stuck).
 13752 | D:3      | 13752 ||| Stepping randomly (stuck).
 13754 | D:3      | 13754 ||| Stepping randomly (stuck).
 13756 | D:3      | 13756 ||| Stepping randomly (stuck).
 13758 | D:3      | 13758 ||| Stepping randomly (stuck).
 13760 | D:3      | 13760 ||| Stepping randomly (stuck).
 13762 | D:3      | 13762 ||| Stepping randomly (stuck).
 13764 | D:3      | 13764 ||| Stepping randomly (stuck).
 13766 | D:3      | 13766 ||| Stepping randomly (stuck).
 13768 | D:3      | 13768 ||| Stepping randomly (stuck).
 13770 | D:3      | 13770 ||| Stepping randomly (stuck).
 13772 | D:3      | 13772 ||| Stepping randomly (stuck).
 13774 | D:3      | 13774 ||| Stepping randomly (stuck).
 13776 | D:3      | 13776 ||| Stepping randomly (stuck).
 13778 | D:3      | 13778 ||| Stepping randomly (stuck).
 13780 | D:3      | 13780 ||| Stepping randomly (stuck).
 13782 | D:3      | 13782 ||| Stepping randomly (stuck).
 13784 | D:3      | 13784 ||| Stepping randomly (stuck).
 13786 | D:3      | 13786 ||| Stepping randomly (stuck).
 13788 | D:3      | 13788 ||| Stepping randomly (stuck).
 13790 | D:3      | 13790 ||| Stepping randomly (stuck).
 13792 | D:3      | 13792 ||| Stepping randomly (stuck).
 13794 | D:3      | 13794 ||| Stepping randomly (stuck).
 13796 | D:3      | 13796 ||| Stepping randomly (stuck).
 13798 | D:3      | 13798 ||| Stepping randomly (stuck).
 13800 | D:3      | 13800 ||| Stepping randomly (stuck).
 13802 | D:3      | 13802 ||| Stepping randomly (stuck).
 13804 | D:3      | 13804 ||| Stepping randomly (stuck).
 13806 | D:3      | 13806 ||| Stepping randomly (stuck).
 13808 | D:3      | 13808 ||| Stepping randomly (stuck).
 13810 | D:3      | 13810 ||| Stepping randomly (stuck).
 13812 | D:3      | 13812 ||| Stepping randomly (stuck).
 13814 | D:3      | 13814 ||| Stepping randomly (stuck).
 13816 | D:3      | 13816 ||| Stepping randomly (stuck).
 13818 | D:3      | 13818 ||| Stepping randomly (stuck).
 13820 | D:3      | 13820 ||| Stepping randomly (stuck).
 13822 | D:3      | 13822 ||| Stepping randomly (stuck).
 13824 | D:3      | 13824 ||| Stepping randomly (stuck).
 13826 | D:3      | 13826 ||| Stepping randomly (stuck).
 13828 | D:3      | 13828 ||| Stepping randomly (stuck).
 13830 | D:3      | 13830 ||| Stepping randomly (stuck).
 13832 | D:3      | 13832 ||| Stepping randomly (stuck).
 13834 | D:3      | 13834 ||| Stepping randomly (stuck).
 13836 | D:3      | 13836 ||| Stepping randomly (stuck).
 13838 | D:3      | 13838 ||| Stepping randomly (stuck).
 13840 | D:3      | 13840 ||| Stepping randomly (stuck).
 13842 | D:3      | 13842 ||| Stepping randomly (stuck).
 13844 | D:3      | 13844 ||| Stepping randomly (stuck).
 13846 | D:3      | 13846 ||| Stepping randomly (stuck).
 13847 | D:3      | Glimpsed the power of Zot.
 13848 | D:3      | 13848 ||| Stepping randomly (stuck).
 13850 | D:3      | 13850 ||| Stepping randomly (stuck).
 13852 | D:3      | 13852 ||| Stepping randomly (stuck).
 13854 | D:3      | 13854 ||| Stepping randomly (stuck).
 13856 | D:3      | 13856 ||| Stepping randomly (stuck).
 13858 | D:3      | 13858 ||| Stepping randomly (stuck).
 13860 | D:3      | 13860 ||| Stepping randomly (stuck).
 13862 | D:3      | 13862 ||| Stepping randomly (stuck).
 13864 | D:3      | 13864 ||| Stepping randomly (stuck).
 13866 | D:3      | 13866 ||| Stepping randomly (stuck).
 13868 | D:3      | 13868 ||| Stepping randomly (stuck).
 13870 | D:3      | 13870 ||| Stepping randomly (stuck).
 13872 | D:3      | 13872 ||| Stepping randomly (stuck).
 13874 | D:3      | 13874 ||| Stepping randomly (stuck).
 13876 | D:3      | 13876 ||| Stepping randomly (stuck).
 13878 | D:3      | 13878 ||| Stepping randomly (stuck).
 13880 | D:3      | 13880 ||| Stepping randomly (stuck).
 13882 | D:3      | 13882 ||| Stepping randomly (stuck).
 13884 | D:3      | 13884 ||| Stepping randomly (stuck).
 13886 | D:3      | 13886 ||| Stepping randomly (stuck).
 13888 | D:3      | 13888 ||| Stepping randomly (stuck).
 13890 | D:3      | 13890 ||| Stepping randomly (stuck).
 13892 | D:3      | 13892 ||| Stepping randomly (stuck).
 13894 | D:3      | 13894 ||| Stepping randomly (stuck).
 13896 | D:3      | 13896 ||| Stepping randomly (stuck).
 13898 | D:3      | 13898 ||| Stepping randomly (stuck).
 13900 | D:3      | 13900 ||| Stepping randomly (stuck).
 13902 | D:3      | 13902 ||| Stepping randomly (stuck).
 13904 | D:3      | 13904 ||| Stepping randomly (stuck).
 13906 | D:3      | 13906 ||| Stepping randomly (stuck).
 13908 | D:3      | 13908 ||| Stepping randomly (stuck).
 13910 | D:3      | 13910 ||| Stepping randomly (stuck).
 13912 | D:3      | 13912 ||| Stepping randomly (stuck).
 13914 | D:3      | 13914 ||| Stepping randomly (stuck).
 13916 | D:3      | 13916 ||| Stepping randomly (stuck).
 13918 | D:3      | 13918 ||| Stepping randomly (stuck).
 13920 | D:3      | 13920 ||| Stepping randomly (stuck).
 13922 | D:3      | 13922 ||| Stepping randomly (stuck).
 13924 | D:3      | 13924 ||| Stepping randomly (stuck).
 13926 | D:3      | 13926 ||| Stepping randomly (stuck).
 13928 | D:3      | 13928 ||| Stepping randomly (stuck).
 13930 | D:3      | 13930 ||| Stepping randomly (stuck).
 13932 | D:3      | 13932 ||| Stepping randomly (stuck).
 13934 | D:3      | 13934 ||| Stepping randomly (stuck).
 13936 | D:3      | 13936 ||| Stepping randomly (stuck).
 13938 | D:3      | 13938 ||| Stepping randomly (stuck).
 13940 | D:3      | 13940 ||| Stepping randomly (stuck).
 13942 | D:3      | 13942 ||| Stepping randomly (stuck).
 13944 | D:3      | 13944 ||| Stepping randomly (stuck).
 13946 | D:3      | 13946 ||| Stepping randomly (stuck).
 13948 | D:3      | 13948 ||| Stepping randomly (stuck).
 13950 | D:3      | 13950 ||| Stepping randomly (stuck).
 13952 | D:3      | 13952 ||| Stepping randomly (stuck).
 13954 | D:3      | 13954 ||| Stepping randomly (stuck).
 13956 | D:3      | 13956 ||| Stepping randomly (stuck).
 13958 | D:3      | 13958 ||| Stepping randomly (stuck).
 13960 | D:3      | 13960 ||| Stepping randomly (stuck).
 13962 | D:3      | 13962 ||| Stepping randomly (stuck).
 13964 | D:3      | 13964 ||| Stepping randomly (stuck).
 13966 | D:3      | 13966 ||| Stepping randomly (stuck).
 13968 | D:3      | 13968 ||| Stepping randomly (stuck).
 13970 | D:3      | 13970 ||| Stepping randomly (stuck).
 13972 | D:3      | 13972 ||| Stepping randomly (stuck).
 13974 | D:3      | 13974 ||| Stepping randomly (stuck).
 13976 | D:3      | 13976 ||| Stepping randomly (stuck).
 13978 | D:3      | 13978 ||| Stepping randomly (stuck).
 13980 | D:3      | 13980 ||| Stepping randomly (stuck).
 13982 | D:3      | 13982 ||| Stepping randomly (stuck).
 13984 | D:3      | 13984 ||| Stepping randomly (stuck).
 13986 | D:3      | 13986 ||| Stepping randomly (stuck).
 13988 | D:3      | 13988 ||| Stepping randomly (stuck).
 13990 | D:3      | 13990 ||| Stepping randomly (stuck).
 13992 | D:3      | 13992 ||| Stepping randomly (stuck).
 13994 | D:3      | 13994 ||| Stepping randomly (stuck).
 13996 | D:3      | 13996 ||| Stepping randomly (stuck).
 13998 | D:3      | 13998 ||| Stepping randomly (stuck).
 14000 | D:3      | 14000 ||| Stepping randomly (stuck).
 14002 | D:3      | 14002 ||| Stepping randomly (stuck).
 14004 | D:3      | 14004 ||| Stepping randomly (stuck).
 14006 | D:3      | 14006 ||| Stepping randomly (stuck).
 14008 | D:3      | 14008 ||| Stepping randomly (stuck).
 14010 | D:3      | 14010 ||| Stepping randomly (stuck).
 14012 | D:3      | 14012 ||| Stepping randomly (stuck).
 14014 | D:3      | 14014 ||| Stepping randomly (stuck).
 14016 | D:3      | 14016 ||| Stepping randomly (stuck).
 14018 | D:3      | 14018 ||| Stepping randomly (stuck).
 14020 | D:3      | 14020 ||| Stepping randomly (stuck).
 14022 | D:3      | 14022 ||| Stepping randomly (stuck).
 14024 | D:3      | 14024 ||| Stepping randomly (stuck).
 14026 | D:3      | 14026 ||| Stepping randomly (stuck).
 14028 | D:3      | 14028 ||| Stepping randomly (stuck).
 14030 | D:3      | 14030 ||| Stepping randomly (stuck).
 14032 | D:3      | 14032 ||| Stepping randomly (stuck).
 14034 | D:3      | 14034 ||| Stepping randomly (stuck).
 14036 | D:3      | 14036 ||| Stepping randomly (stuck).
 14038 | D:3      | 14038 ||| Stepping randomly (stuck).
 14040 | D:3      | 14040 ||| Stepping randomly (stuck).
 14042 | D:3      | 14042 ||| Stepping randomly (stuck).
 14044 | D:3      | 14044 ||| Stepping randomly (stuck).
 14046 | D:3      | 14046 ||| Stepping randomly (stuck).
 14048 | D:3      | 14048 ||| Stepping randomly (stuck).
 14050 | D:3      | 14050 ||| Stepping randomly (stuck).
 14052 | D:3      | 14052 ||| Stepping randomly (stuck).
 14054 | D:3      | 14054 ||| Stepping randomly (stuck).
 14056 | D:3      | 14056 ||| Stepping randomly (stuck).
 14058 | D:3      | 14058 ||| Stepping randomly (stuck).
 14060 | D:3      | 14060 ||| Stepping randomly (stuck).
 14062 | D:3      | 14062 ||| Stepping randomly (stuck).
 14064 | D:3      | 14064 ||| Stepping randomly (stuck).
 14066 | D:3      | 14066 ||| Stepping randomly (stuck).
 14068 | D:3      | 14068 ||| Stepping randomly (stuck).
 14070 | D:3      | 14070 ||| Stepping randomly (stuck).
 14072 | D:3      | 14072 ||| Stepping randomly (stuck).
 14074 | D:3      | 14074 ||| Stepping randomly (stuck).
 14076 | D:3      | 14076 ||| Stepping randomly (stuck).
 14078 | D:3      | 14078 ||| Stepping randomly (stuck).
 14080 | D:3      | 14080 ||| Stepping randomly (stuck).
 14082 | D:3      | 14082 ||| Stepping randomly (stuck).
 14084 | D:3      | 14084 ||| Stepping randomly (stuck).
 14086 | D:3      | 14086 ||| Stepping randomly (stuck).
 14088 | D:3      | 14088 ||| Stepping randomly (stuck).
 14090 | D:3      | 14090 ||| Stepping randomly (stuck).
 14092 | D:3      | 14092 ||| Stepping randomly (stuck).
 14094 | D:3      | 14094 ||| Stepping randomly (stuck).
 14096 | D:3      | 14096 ||| Stepping randomly (stuck).
 14098 | D:3      | 14098 ||| Stepping randomly (stuck).
 14100 | D:3      | 14100 ||| Stepping randomly (stuck).
 14102 | D:3      | 14102 ||| Stepping randomly (stuck).
 14104 | D:3      | 14104 ||| Stepping randomly (stuck).
 14106 | D:3      | 14106 ||| Stepping randomly (stuck).
 14108 | D:3      | 14108 ||| Stepping randomly (stuck).
 14110 | D:3      | 14110 ||| Stepping randomly (stuck).
 14112 | D:3      | 14112 ||| Stepping randomly (stuck).
 14114 | D:3      | 14114 ||| Stepping randomly (stuck).
 14116 | D:3      | 14116 ||| Stepping randomly (stuck).
 14118 | D:3      | 14118 ||| Stepping randomly (stuck).
 14120 | D:3      | 14120 ||| Stepping randomly (stuck).
 14122 | D:3      | 14122 ||| Stepping randomly (stuck).
 14124 | D:3      | 14124 ||| Stepping randomly (stuck).
 14126 | D:3      | 14126 ||| Stepping randomly (stuck).
 14128 | D:3      | 14128 ||| Stepping randomly (stuck).
 14130 | D:3      | 14130 ||| Stepping randomly (stuck).
 14132 | D:3      | 14132 ||| Stepping randomly (stuck).
 14134 | D:3      | 14134 ||| Stepping randomly (stuck).
 14136 | D:3      | 14136 ||| Stepping randomly (stuck).
 14138 | D:3      | 14138 ||| Stepping randomly (stuck).
 14140 | D:3      | 14140 ||| Stepping randomly (stuck).
 14142 | D:3      | 14142 ||| Stepping randomly (stuck).
 14144 | D:3      | 14144 ||| Stepping randomly (stuck).
 14146 | D:3      | 14146 ||| Stepping randomly (stuck).
 14148 | D:3      | 14148 ||| Stepping randomly (stuck).
 14150 | D:3      | 14150 ||| Stepping randomly (stuck).
 14152 | D:3      | 14152 ||| Stepping randomly (stuck).
 14154 | D:3      | 14154 ||| Stepping randomly (stuck).
 14155 | D:3      | Glimpsed the power of Zot.
 14156 | D:3      | 14156 ||| Stepping randomly (stuck).
 14158 | D:3      | 14158 ||| Stepping randomly (stuck).
 14160 | D:3      | 14160 ||| Stepping randomly (stuck).
 14162 | D:3      | 14162 ||| Stepping randomly (stuck).
 14164 | D:3      | 14164 ||| Stepping randomly (stuck).
 14166 | D:3      | 14166 ||| Stepping randomly (stuck).
 14168 | D:3      | 14168 ||| Stepping randomly (stuck).
 14170 | D:3      | 14170 ||| Stepping randomly (stuck).
 14172 | D:3      | 14172 ||| Stepping randomly (stuck).
 14174 | D:3      | 14174 ||| Stepping randomly (stuck).
 14176 | D:3      | 14176 ||| Stepping randomly (stuck).
 14178 | D:3      | 14178 ||| Stepping randomly (stuck).
 14180 | D:3      | 14180 ||| Stepping randomly (stuck).
 14182 | D:3      | 14182 ||| Stepping randomly (stuck).
 14184 | D:3      | 14184 ||| Stepping randomly (stuck).
 14186 | D:3      | 14186 ||| Stepping randomly (stuck).
 14188 | D:3      | 14188 ||| Stepping randomly (stuck).
 14190 | D:3      | 14190 ||| Stepping randomly (stuck).
 14192 | D:3      | 14192 ||| Stepping randomly (stuck).
 14194 | D:3      | 14194 ||| Stepping randomly (stuck).
 14196 | D:3      | 14196 ||| Stepping randomly (stuck).
 14198 | D:3      | 14198 ||| Stepping randomly (stuck).
 14200 | D:3      | 14200 ||| Stepping randomly (stuck).
 14202 | D:3      | 14202 ||| Stepping randomly (stuck).
 14204 | D:3      | 14204 ||| Stepping randomly (stuck).
 14206 | D:3      | 14206 ||| Stepping randomly (stuck).
 14208 | D:3      | 14208 ||| Stepping randomly (stuck).
 14210 | D:3      | 14210 ||| Stepping randomly (stuck).
 14212 | D:3      | 14212 ||| Stepping randomly (stuck).
 14214 | D:3      | 14214 ||| Stepping randomly (stuck).
 14216 | D:3      | 14216 ||| Stepping randomly (stuck).
 14218 | D:3      | 14218 ||| Stepping randomly (stuck).
 14220 | D:3      | 14220 ||| Stepping randomly (stuck).
 14222 | D:3      | 14222 ||| Stepping randomly (stuck).
 14224 | D:3      | 14224 ||| Stepping randomly (stuck).
 14226 | D:3      | 14226 ||| Stepping randomly (stuck).
 14228 | D:3      | 14228 ||| Stepping randomly (stuck).
 14230 | D:3      | 14230 ||| Stepping randomly (stuck).
 14232 | D:3      | 14232 ||| Stepping randomly (stuck).
 14232 | D:3      | Touched by the power of Zot (MHP 26 -> 19)
 14233 | D:3      | 14233 ||| RIP SEWER
 14233 | D:3      | 14233 ||| QUITTING!
 14233 | D:3      | Quit the game

Levels and vault maps discovered:
D:1:      dpeg_arrival_round_a, layout_basic, hellmonk_ecumenical_altar_blasted
D:2:      layout_loops_cross, basic_altar
D:3:      layout_loops_ring, portal_sewer_entry_d, minmay_crystal_room

Skill      XL: |  1  2 |
---------------+-------+-----
Ranged Weapons | 3 |  3.7
Fighting       | 2 |  2.2
Dodging        | |  1.5
Spellcasting   | |  1.0
Hexes          | |  2.6

Action                     |  1- 3 |  4- 6 || total
---------------------------+-------+-------++-------
   Fire: Sling             |   111 |       ||   111
    Use: Scroll            |     3 |     3 ||     6
 Armour: Robe              |    15 |       ||    15
  Dodge: Dodged            |    27 |       ||    27

Table legend:
 A = Non-vault XP
 B = Vault XP
 C = Vault XP percentage of total XP
 D = Non-vault monster count
 E = Vault monster count
 F = Vault count percentage of total count
                 A         B        C        D         E       F
            +---------+---------+-------+---------+---------+-------
      Total |      74 |      13 |  14.9 |      38 |       1 |   2.6
            +---------+---------+-------+---------+---------+-------
        D:1 |      29 |       0 |   0.0 |      19 |       0 |   0.0
        D:2 |      13 |       0 |   0.0 |       1 |       0 |   0.0
        D:3 |      32 |      13 |  28.9 |      18 |       1 |   5.3
            +---------+---------+-------+---------+---------+-------
